Workbook

Sheet 全能奖、专项奖
A1: 2024世界机器人大赛北京锦标赛-青少年机器人设计大赛-全能奖获奖名单
A2: 报名编号 | B2: 激活码 | C2: 队伍名称 | D2: 申报单位 | E2: 教练信息 | F2: 学生信息 | G2: 奖项
A3: 31302 | B3: 2B8h6ViI-94-003-ue-025-1-VI0-02-LBe | C3: 8193A | D3: 上海民办永昌学校 | E3: 张辉|徐亮 | F3: 仇子易|杨淋皓|张成乐 | G3: 全能奖
A4: 30316 | B4: 2B8h6ibd-94-003-Of-024-1-Jh2-01-7fi | C4: 希望之星 | D4: 北京市西城区青少年科学技术馆 | E4: 王昕 | F4: 余达仁|刘沐辰|李全坤|王尊 | G4: 全能奖
A5: 33916 | B5: 2B8h6VJW-94-003-7I-025-1-Man-02-lrz | C5: 兰州市三十五中学 | D5: 兰州市第三十五中学 | E5: 骆晓燕 | F5: 杨茗凯|张瑞安|黄昱恺 | G5: 全能奖
A6: 35159 | B6: 2B8h6Val-94-003-jk-025-1-kQT-03-pph | C6: 666S | D6: 西安高新第一中学 | E6: 韩恭恩 | F6: 王柯予|甘栩生|刘锦洋 | G6: 全能奖
A7: 43612 | B7: 2B8h6JXa-94-026-AV-027-1-TED-07-6DY | C7: 19705WXYZ | D7: 北京红心机器人学校 | E7: 辛悦|王冲 | F7: 杨子墨|王嘉航|晏浩洋|王冠杰|魏涵娜|仉麓豪|王欣月|汪雨哲 | G7: 全能奖
A8: 28764 | B8: 2B8h6Izg-94-044-s8-045-1-Pvx-02-al6 | C8: 智行浩清队 | D8: 唐山市路北区乐高教育培训学校 | E8: 孙博 | F8: 云奥清|李浩博 | G8: 全能奖
A9: 30166 | B9: 2B8h6IZf-94-044-HO-046-1-M6v-01-a7t | C9: BWYA-2147483648 | D9: 北京市朝阳区世青学校 | E9: 张城基 | F9: 陈乐思齐|高近庭 | G9: 全能奖
A10: 41690 | B10: 2B8h6pM5-94-020-CP-022-1-8HH-06-1yJ | C10: 小魁星一队 | D10: 吉林市松江东路小学校 | E10: 刘明良 | F10: 杜翰霖 | G10: 全能奖
A11: 2024世界机器人大赛北京锦标赛-青少年机器人设计大赛-专项奖获奖名单
A12: 报名编号 | B12: 激活码 | C12: 队伍名称 | D12: 申报单位 | E12: 教练信息 | F12: 学生信息 | G12: 奖项
C13: 1737Y | D13: International Robotics Academy | E13: THOMAS NOAH LOOME | F13: ALI ALMEN|DAVID SHMIK|YERASSYL SHALKARULY|ZHANIBEK TLEUGAZY|ALDIYAR DAULBAY | G13: 建造奖
A14: 34938 | B14: 2B8h6V6H-94-003-cC-025-1-bWm-03-MD7 | C14: TLU1 | D14: 上海市徐汇区青少年活动中心 | E14: 陆梅东 | F14: 王云嘉|黄淦云|钱子珩 | G14: 建造奖
C15: 6808X | D15: RoboPlanet | E15: Tony Liu | F15: Aiden Xu Peng|Ruoxin Ma|Jasper Yanbo Cao | G15: 惊彩奖
A16: 41460 | B16: 2B8h6Net-94-003-MC-024-1-mX7-02-AYt | C16: 台州市青少年活动中心6613B | D16: 台州市青少年活动中心 | E16: 林朝华.|童文月 | F16: 朱奕安|高玉珊|陈瑛祺 | G16: 惊彩奖
C17: 1729W | D17: International Robotics Academy | E17: THOMAS NOAH LOOME | F17: OLZHAS KUAT|ALIKHAN ABDUMALIK|BAUYRZHAN SYZDYK | G17: 创意奖
A18: 31490 | B18: 2B8h6Vfi-94-003-aB-024-1-VVo-01-AV7 | C18: 6413A | D18: 兰州市城关区静宁路小学 | E18: 杨瑞 | F18: 祝梓轩业|刘镓源|梁晋然 | G18: 创意奖
C19: MACH 3 | D19: NIRT ROBÓTICA Y TECNOLOGÍA | E19: Carlos Ocadiz González | F19: William Esteban Alvarado Castro | Isaac Alvarado Castro |Gerardo Ocampo Sánchez|Sarah Jacqueline Ocampo Sánchez|Evelyn Liliana Martínez Federico|Iván Emanuel Martínez Federico | G19: 巧思奖
A20: 41660 | B20: 2B8h6NHu-94-003-FS-025-1-LUy-03-g52 | C20: CCK Victory | D20: 廠商會蔡章閣中學 | E20: 吳爵宇|曾承乘 | F20: 龔浚軒|葉澤霖|陳亞竣 | G20: 巧思奖
A21: 43489 | B21: 2B8h6NHy-94-003-sN-024-1-7FN-01-zfn | C21: SRC 3668A | D21: 澳門人工智能教育中心 | E21: 何輝同 | F21: 呂天牧|李炫禧|吳宇軒 | G21: 活力奖
A22: 33195 | B22: 2B8h6VXn-94-003-1L-025-1-RBE-03-AQM | C22: 7925B | D22: 浙江省杭州第二中学 | E22: 戈航|赵凯 | F22: 叶宸轩|周楠渐|周墨 | G22: 活力奖
A23: 36488 | B23: 2B8h6Vna-94-016-Yh-017-1-Mhh-01-Q59 | C23: 星火、清华附小、清华附上地小学队 | D23: 星火小学、清附上地小学、清华附小 | E23: 单丹 | F23: 刘峻希|刘馨怿|龚元 | G23: 最佳创新奖
A24: 45090 | B24: 2B8h6Neo-94-003-Nz-025-1-B45-02-5ax | C24: 2333A | D24: 宁波斑马机器人 | E24: 陈燕|潘锡浩 | F24: 陆一一|张施琅|岑佳迅 | G24: 最佳创新奖
A25: 35332 | B25: 2B8h6V6p-94-003-lg-025-1-b9B-03-lPU | C25: 69960H | D25: 上海市静安区少年宫 | E25: 周勇 | F25: 窦廷灏|卢昊 | G25: 最佳创新奖
A26: 33676 | B26: 2B8h6iEl-94-026-Bs-028-1-3BO-07-yHw | C26: Iron Maple 2 | D26: 深圳（南山）中加学校 | E26: 王敏杰|宋世星 | F26: 左哲轩|刘亦然|张轩硕|李小仲|黄霄铭|刘子锐 | G26: 最佳创新奖
A27: 33768 | B27: 2B8h6iEY-94-026-WW-028-1-qbf-07-54i | C27: Iron Maple 3 | D27: 深圳（南山）中加学校 | E27: 王敏杰|宋世星 | F27: 林子宸|黄志欣|赵佳毅
A28: 33315 | B28: 2B8h6iEN-94-026-7J-028-1-Q7L-07-WEr | C28: IRON MAPLE 1 | D28: 深圳（南山）中加学校 | E28: 王敏杰|宋世星 | F28: 卢懋丰|王昱博|高宸宇|林嘉弘|李庚洋|文浩宸
A29: 43641 | B29: 2B8h6JXp-94-026-Iz-027-1-jD7-07-MGl | C29: 19577WXY | D29: 北京红心机器人学校 | E29: 辛悦|王冲 | F29: 郭明义|王彦皓|王彭旭毅|吴世昶|崔孟元|张洪瑞|李功煊 | G29: 最佳创新奖
A30: 34323 | B30: 2B8h6ILZ-94-047-RD-048-1-lwp-05-nCS | C30: 高兴第一战队 | D30: 南通市经济技术开发区星湖小学 | E30: 陆轼琦 | F30: 高浚哲|钱可岑 | G30: 最佳创新奖
A31: 45379 | B31: 2B8h6OJt-94-047-2Z-049-1-Cjh-05-Su2 | C31: AMAZING机器人1队 | D31: 广州市华颖外国语学校 广州黄广牛剑小学 | E31: 伍世广 | F31: 周祎宸|邓皓元 | G31: 最佳创新奖
A32: 38572 | B32: 2B8h6iR4-95-095-b6-096-1-2Sm-10-nDr | C32: VIET ROBOT 09 | D32: VIET ROBOT EDUCATION JOINT STOCK COMPANY | E32: Le Tran Hong Phuc | F32: Nguyen Phuc Nguyen | G32: 最佳创新奖
A33: 35342 | B33: 2B8h6VSx-94-001-8L-007-1-iW0-01-hZ9 | C33: Very Nice战队 | D33: 广州市天河区体育西路小学、华阳小学 | E33: 李伟|周淼 | F33: 邓熙潆|郑子骏 | G33: 最佳创新奖
A34: 33463 | B34: 2B8h6XbM-94-001-Mz-011-1-4lM-03-cZx | C34: 原子骑士 | D34: 深圳市新安中学（集团）第一实验学校 | E34: 李鑫 | F34: 林润龙|陈子涵|陈子贤|袁颢轩|吕文昊 | G34: 最佳设计奖
A35: 30571 | B35: 2B8h6xOH-94-110-c1-111-1-D5B-03-jE1 | C35: NK Chilli | D35: 南开大学人工智能学院 | E35: 李文宇 | F35: 谭莹|钟嘉博|孙嘉文|曹式铖|段岚心 | G35: 最佳设计奖
A36: 34562 | B36: 2B8h6aMS-95-099-AK-112-1-ypp-10-FDW | C36: Pui Va Middle School Team two | D36: Pui Va Middle School | E36: 趙起超|陳浩 | F36: TANG WENGHON|LEI HUNHOU|CHEANG CHIKIT | G36: 最佳设计奖
A37: 35654 | B37: 2B8h6JIr-94-026-30-028-1-hjj-07-WY0 | C37: 文来初中荟萃部10153 | D37: 上海市文来中学（初中部）创新荟萃部 | E37: 刘宏逸|陈家盛 | F37: 刘贤时|李林卓轩 | G37: 最佳设计奖
A38: 44450 | B38: 2B8h6JXY-94-026-9B-027-1-kGn-07-bYT | C38: 19961 | D38: 深圳湾区动力深圳湾学校 | E38: 刘良秋 | F38: 罗可晴|冯喆|苏冠又 | G38: 最佳设计奖
A39: 44830 | B39: 2B8h6N38-94-050-Os-051-1-YsG-06-2S5 | C39: 青外一队 | D39: 上海青浦区世外学校 | E39: 钱婧倩 | F39: 吴卓翀|吴卓钊|黄闳之 | G39: 最佳设计奖
A40: 41594 | B40: 2B8h6Ne9-94-003-eo-025-1-2rV-02-hME | C40: 43010A | D40: 长沙市长郡双语实验中学 | E40: 龚鑫宇 | F40: 任镜羽|谢思冯 | G40: 最佳设计奖
A41: 38753 | B41: 2B8h6oi6-95-113-b3-115-1-Y8i-11-zxM | C41: Future Vision | D41: Future University in Egypt | E41: 1.Amal Safwat Mehanna 2.Ibrahim Ayman Ibrahim Ahmed Tagen | F41: 1.Mostafa Tarek Mohamed Abdelgawad 2.Ahmed Mohamed Abdulsamea Adulsamed Youssef 3.Noureldeen Hatem Nabil Abdelhamid Mostafa 4.Malak Ahmed Mohamed Mohamed Ali Khalaf 5.Zeina Walid Asad Deiab Mousa 6.Farouk Ahmed Fawzy Lelah | G41: 最佳巧思奖
A42: 35260 | B42: 2B8h6Vn4-94-016-4M-017-1-0Cl-01-2Ma | C42: 梦想之星 | D42: 呼和浩特市赛罕区大学路小学 | E42: 苏倩 | F42: 关伊诺|孙骁|葛锦轩 | G42: 最佳巧思奖
A43: 36018 | B43: 2B8h6axa-94-026-ro-028-1-cqm-07-HgV | C43: 5449PROTOTYPEA队 | D43: 中国人民大学附属中学 | E43: 苏晓静|何旭国 | F43: 谭笑|赵文瑾|张皓辰|赵甫成|王厚之|贺子都|邓赛恩|牛梓霖 | G43: 最佳巧思奖
A44: 36171 | B44: 2B8h6iEx-94-026-Vy-028-1-7ab-07-ts0 | C44: 5449PROTOTYPEB队 | D44: 中国人民大学附属中学 | E44: 许博容|马奕阳 | F44: 赵晨曦|蒋宜珈|尚德烨|王冠杰|王浚哲|王宇哲|张景添|张希源
A45: 36201 | B45: 2B8h6iEX-94-026-ah-028-1-frn-07-8rF | C45: 5449PROTOTYPEC队 | D45: 中国人民大学附属中学 | E45: 李行健|罗静 | F45: 彭禹昕|郭展成|史书臣|FU DENNIS JIACHEN|张又瑞|刘颢霖|李昊禛|陈胤嘉
A46: 43022 | B46: 2B8h6JXF-94-026-jU-027-1-irQ-07-nwp | C46: 19759 SEEKERS | D46: 北京市西城区青少年科学技术馆 | E46: 何旭国|闫莹莹 | F46: 申浩轩|马煜涵|段济铭|张十全|康牧心|张溥博|王伯铨|刘涛宁 | G46: 最佳巧思奖
A47: 43878 | B47: 2B8h6JaP-94-026-MQ-027-1-kwl-07-OfX | C47: 19759 seekers B | D47: 北京市西城区青少年科学技术馆 | E47: 何旭国|闫莹莹 | F47: 张金泽|陈芃轩 | G47: 最佳巧思奖
A48: 35081 | B48: 2B8h6IIj-94-050-Y6-051-1-Imf-07-vgU | C48: 冰原狼 | D48: 兰州市外国语高级中学 | E48: 赵宝凤|宋小荣 | F48: 郭金泉|蔡屹立|雍浩睿|张心宇|高嘉萱|王嘉昊 | G48: 最佳巧思奖
A49: 32527 | B49: 12B8h6XbV-94-001-jh-009-1-LaT-01-tzx | C49: 红色火焰 | D49: 深圳市翻身小学 | E49: 杨志奎 | F49: 林熙舜|孙渝宸 | G49: 最佳巧思奖
A50: 36137 | B50: 2B8h6i8e-95-095-g9-096-1-ufv-10-mTf | C50: RoboNest | D50: Robonest Academy of Robotics | E50: Aleksei Kliachin | F50: Arsenii Asmankin | G50: 最佳巧思奖

Sheet VEX系列赛项
A1: 2024世界机器人大赛北京锦标赛-青少年机器人设计大赛-VEX系列赛项获奖名单
A2: 报名编号 | B2: 激活码 | C2: 赛道 | D2: 赛项 | E2: 组别 | F2: 队伍名称 | G2: 申报单位 | H2: 教练信息 | I2: 学生信息 | J2: 资格赛成绩 | K2: 资格赛排名 | L2: 奖项 | M2: 备注
A3: 36633 | B3: 2B8h6Vtr-94-003-z0-023-1-dzE-01-dGX | C3: VEX系列赛项' | D3: VEX GO城市建设' | E3: 小学组 | F3: 广州市白云区少年宫 | G3: 广州市白云区少年宫 | H3: 李红宁|莫菲 | I3: 吕沐融|李锋锐 | J3: 11.5 | K3: 5 | L3: 一等奖(冠军) | M3: 入围总决赛 | N3: 决赛
A4: 35508 | B4: 2B8h6VtG-94-003-QS-023-1-fyR-01-ZUG | C4: 'VEX系列赛项' | D4: VEX GO城市建设' | E4: 小学组 | F4: 叶云灏 王珂珏 | G4: 广东仲元中学附属学校/体育东路小学兴国学校 | H4: 赵巧玲|范皖豫 | I4: 叶云灏|王珂珏 | J4: 11.25 | K4: 6 | L4: 一等奖(冠军) | M4: 入围总决赛
A5: 34798 | B5: 2B8h6Vtj-94-003-Yn-023-1-ugi-01-ASH | C5: 'VEX系列赛项' | D5: VEX GO城市建设' | E5: 小学组 | F5: 冯宛玥 王琰烨 | G5: 东川路小学/体育东路小学兴国学校 | H5: 赵巧玲 | I5: 冯宛玥|王琰烨 | J5: 11 | K5: 7 | L5: 一等奖(亚军) | M5: 入围总决赛
A6: 34225 | B6: 2B8h6Vc5-94-003-oV-023-1-OaI-01-0mi | C6: 'VEX系列赛项' | D6: VEX GO城市建设' | E6: 小学组 | F6: 蛋仔派队 | G6: 北京第二实验小学、 北京西城区师范学校附属小学 | H6: 韩磊|秦国强 | I6: 李泽弘|李牧野 | J6: 10.75 | K6: 8 | L6: 一等奖(亚军) | M6: 入围总决赛
A7: 45040 | B7: 2B8h6Vcc-94-003-eY-023-1-3K6-01-cQ0 | C7: 'VEX系列赛项' | D7: VEX GO城市建设' | E7: 小学组 | F7: 33003M | G7: 温州市鹿城区广场路小学&amp;温州市鹿城区建设小学 | H7: 邹君|陈媚丽 | I7: 徐璟奂|胡皓博 | J7: 10.75 | K7: 11 | L7: 一等奖(季军) | M7: 入围总决赛
A8: 33790 | B8: 2B8h6Vc7-94-003-xh-023-1-GdI-01-nFK | C8: 'VEX系列赛项' | D8: VEX GO城市建设' | E8: 小学组 | F8: 领航之翼 | G8: 北京市西城区育翔小学 | H8: 王雪莹|李日 | I8: 李泽昱|夏子杭 | J8: 10.5 | K8: 12 | L8: 一等奖(季军) | M8: 入围总决赛
A9: 41708 | B9: 2B8h6VtW-94-003-yY-023-1-jE9-01-fBD | C9: 'VEX系列赛项' | D9: VEX GO城市建设' | E9: 小学组 | F9: 三小队 | G9: 北京市中关村第三小学 | H9: 安绍辉|胡海洋 | I9: 武子欣|吴元元 | J9: 12.75 | K9: 1 | L9: 二等奖
A10: 32571 | B10: 2B8h6VtD-94-003-Pi-023-1-Uoo-01-BMB | C10: 'VEX系列赛项' | D10: VEX GO城市建设' | E10: 小学组 | F10: 9702B | G10: 吉林大学附属中学高新慧谷学校 | H10: 公婷|王思淼 | I10: 姜金邑|王业勋 | J10: 11.75 | K10: 2 | L10: 二等奖
A11: 41736 | B11: 2B8h6VtK-94-003-fP-023-1-cNK-01-Pxt | C11: 'VEX系列赛项' | D11: VEX GO城市建设' | E11: 小学组 | F11: 清华附小队 | G11: 清华大学附属小学 | H11: 李强|胡海洋 | I11: 龚赫轩|代致远 | J11: 11.5 | K11: 3 | L11: 二等奖
A12: 33772 | B12: 2B8h6VtV-94-003-7N-023-1-bCQ-01-B0Z | C12: 'VEX系列赛项' | D12: VEX GO城市建设' | E12: 小学组 | F12: 领者勇士 | G12: 北京市朝阳师范学校附属小学 | H12: 张娟 | I12: 党齐祯|孙卓颢 | J12: 11.5 | K12: 4 | L12: 二等奖
A13: 34129 | B13: 2B8h6Vcz-94-003-SV-023-1-qkp-01-1pO | C13: 'VEX系列赛项' | D13: VEX GO城市建设' | E13: 小学组 | F13: 厦门金林湾实验-思明二实小联队 | G13: 厦门市金林湾实验学校 | H13: 毛盈盈 | I13: 林渲祥|王子泰 | J13: 10.75 | K13: 9 | L13: 二等奖
A14: 34627 | B14: 2B8h6Vtn-94-003-EV-023-1-pVF-01-cyM | C14: 'VEX系列赛项' | D14: VEX GO城市建设' | E14: 小学组 | F14: 深圳实验学校小学部GO赛队 | G14: 深圳实验学校小学部 | H14: 林宣武 | I14: 谭安棣|张世霖 | J14: 10.75 | K14: 10 | L14: 二等奖
A15: 32377 | B15: 2B8h6Vcv-94-003-6R-023-1-g8M-01-2aC | C15: 'VEX系列赛项' | D15: VEX GO城市建设' | E15: 小学组 | F15: 89C | G15: 东北师范大学附属小学 | H15: 许佳|公婷 | I15: 付一鸣|刘懿锋 | J15: 10 | K15: 13 | L15: 三等奖
A16: 33122 | B16: 2B8h6Vcb-94-003-T3-023-1-oOg-01-fYA | C16: 'VEX系列赛项' | D16: VEX GO城市建设' | E16: 小学组 | F16: 605555B | G16: 兰州市城关区一只船小学 | H16: 李钢 | I16: 李秉朔|王晟泽 | J16: 10 | K16: 14 | L16: 三等奖
A17: 31356 | B17: 2B8h6Vt8-94-003-WB-023-1-R99-01-aHm | C17: 'VEX系列赛项' | D17: VEX GO城市建设' | E17: 小学组 | F17: 605555A | G17: 兰州市城关区一只船小学 | H17: 祁婧 | I17: 车昊宇|雷觐瑄 | J17: 9.5 | K17: 15 | L17: 三等奖
A18: 32309 | B18: 2B8h6Vch-94-003-IE-023-1-Ar0-01-Cjo | C18: 'VEX系列赛项' | D18: VEX GO城市建设' | E18: 小学组 | F18: 89A | G18: 长春市第一零三中学 | H18: 公婷|高丽娟 | I18: 赵月祎|王子陌 | J18: 9.25 | K18: 16 | L18: 三等奖
A19: 36396 | B19: 2B8h6VtS-94-003-pR-023-1-nqt-01-Owc | C19: 'VEX系列赛项' | D19: VEX GO城市建设' | E19: 小学组 | F19: 科学馆易趣RoboticsGO | G19: 深圳市科学馆 | H19: 庄昊|黄焕翠 | I19: 林立坤|周书逸 | J19: 9 | K19: 17 | L19: 三等奖
A20: 31520 | B20: 2B8h6VtU-94-003-2H-023-1-PA3-01-WOj | C20: 'VEX系列赛项' | D20: VEX GO城市建设' | E20: 小学组 | F20: 6413C | G20: 兰州市城关区静宁路小学 | H20: 王伟毅 | I20: 王思涵|郭暨丛 | J20: 8.5 | K20: 18 | L20: 三等奖
... A26: 31556 | B26: 2B8h6Vtb-94-003-vj-023-1-Hai-01-IX6 | C26: 'VEX系列赛项' | D26: VEX GO城市建设' | E26: 小学组 | F26: 6413D | G26: 兰州市城关区静宁路小学 | H26: 王栋 | I26: 夏啟恒|陆昱翰 | J26: 4.25 | K26: 24 | L26: 三等奖
A28: 34078 | B28: 2B8h6VI5-94-003-Ov-024-1-T3U-01-RQJ | C28: 'VEX系列赛项' | D28: 'VEX IQ风驰电掣' | E28: 小学A组 | F28: 胜利吞噬者 | G28: 北京市西城区育翔小学 | H28: 王雪莹|钱超奇 | I28: 李明钖|贺圣尧|吴元铎 | J28: 144.4 | K28: 1 | L28: 一等奖(冠军) | M28: 入围总决赛 | N28: 决赛
A29: 47370 | B29: 2B8h6jw5-94-003-ns-024-1-cP0-01-Ktg | C29: 'VEX系列赛项' | D29: 'VEX IQ风驰电掣' | E29: 小学A组 | F29: 10492T | G29: 上海市虹口区红旗小学 | H29: 陈连 | I29: 孙奕辰|杉山拓海|张路晨 | J29: 141.8 | K29: 2 | L29: 一等奖(冠军) | M29: 入围总决赛
A30: 36583 | B30: 2B8h6Vfo-94-003-h1-024-1-oWq-01-mde | C30: 'VEX系列赛项' | D30: 'VEX IQ风驰电掣' | E30: 小学A组 | F30: 9006A | G30: 广州市海珠区少年宫 | H30: 李崑|蒋永辉 | I30: 杨宸睿|邵玮恒|梁子煜 | J30: 136.8 | K30: 9 | L30: 一等奖(亚军) | M30: 入围总决赛
A31: 35248 | B31: 2B8h6VIX-94-003-XY-024-1-jrk-01-I9P | C31: 'VEX系列赛项' | D31: 'VEX IQ风驰电掣' | E31: 小学A组 | F31: A人北四叶草 | G31: 北京市海淀区人北实验学校 | H31: 庄睿|刘霄 | I31: 刘科骏|宋奇锴|胡熙冉 | J31: 136.6 | K31: 10 | L31: 一等奖(亚军) | M31: 入围总决赛
A32: 31254 | B32: 2B8h6VfN-94-003-LA-024-1-6WW-01-U3C | C32: 'VEX系列赛项' | D32: 'VEX IQ风驰电掣' | E32: 小学A组 | F32: 好奇战队 | G32: 东莞市松山湖第二小学 | H32: 苟涛|邓朝慧 | I32: 曹聿灵|曾可馨|马沐晨 | J32: 129 | K32: 15 | L32: 一等奖(季军) | M32: 入围总决赛
A33: 33140 | B33: 2B8h6VfV-94-003-1p-024-1-ncO-01-KF7 | C33: 'VEX系列赛项' | D33: 'VEX IQ风驰电掣' | E33: 小学A组 | F33: 31051X | G33: 中国杭州低碳科技馆 | H33: 杨昊 | I33: 林宸屹|吴穹径|吴映瑶 | J33: 128.8 | K33: 16 | L33: 一等奖(季军) | M33: 入围总决赛
A34: 41715 | B34: 2B8h6Ng8-94-003-Hx-024-1-ELi-01-kvY | C34: 'VEX系列赛项' | D34: 'VEX IQ风驰电掣' | E34: 小学A组 | F34: 8299A | G34: 宁波市少儿活动中心 | H34: 韩宁 | I34: 舒麒臻|王骁|谢础泽 | J34: 141.8 | K34: 3 | L34: 一等奖 | M34: 入围总决赛
A35: 33110 | B35: 2B8h6Vf0-94-003-gV-024-1-dCj-01-1ZY | C35: 'VEX系列赛项' | D35: 'VEX IQ风驰电掣' | E35: 小学A组 | F35: 天津市和平区昆明路队 | G35: 天津市和平区昆明路小学 | H35: 金喆 | I35: 刘锴逸|陈子辰|杨宜骏 | J35: 141.8 | K35: 4 | L35: 二等奖
A36: 44948 | B36: 2B8h6Ne5-94-003-2S-024-1-K5N-01-oLe | C36: 'VEX系列赛项' | D36: 'VEX IQ风驰电掣' | E36: 小学A组 | F36: 种花家CHN | G36: 上海民办协和双语学校 | H36: 张鹏举 | I36: 金灏宇|龚羿旻|张知冉 | J36: 139.4 | K36: 5 | L36: 二等奖
A37: 30986 | B37: 2B8h6Vf2-94-003-yo-024-1-kjL-01-VtU | C37: 'VEX系列赛项' | D37: 'VEX IQ风驰电掣' | E37: 小学A组 | F37: All Right | G37: 上海协和双语学校 | H37: 张鹏举 | I37: 贾景杰|符渊|金方喆 | J37: 139.2 | K37: 6 | L37: 二等奖
A38: 33344 | B38: 2B8h6VfU-94-003-Ac-024-1-aRU-01-ZgX | C38: 'VEX系列赛项' | D38: 'VEX IQ风驰电掣' | E38: 小学A组 | F38: DFD-U | G38: 广州市越秀区东风东路小学 | H38: 肖献华 | I38: 贾若谷|李达楷|赵语旋 | J38: 137.2 | K38: 7 | L38: 二等奖
A39: 48988 | B39: 2B8h6j4S-94-003-Ek-024-1-CkC-01-OAr | C39: 'VEX系列赛项' | D39: 'VEX IQ风驰电掣' | E39: 小学A组 | F39: 85677A | G39: 马桥文来外国语小学 | H39: 张鹏举 | I39: 杨北辰|韩仁远|任心瑜 | J39: 137 | K39: 8 | L39: 二等奖
A40: 41885 | B40: 2B8h6VV4-94-003-In-024-1-W0Q-01-rFu | C40: 'VEX系列赛项' | D40: 'VEX IQ风驰电掣' | E40: 小学A组 | F40: 中关村第三小学A队 | G40: 北京市中关村第三小学 | H40: 安绍辉|陶谦 | I40: 朱麟晁|焦子昂|徐宜然 | J40: 134.4 | K40: 11 | L40: 二等奖
A41: 33032 | B41: 2B8h6Vx7-94-003-qb-024-1-efs-02-N2l | C41: 'VEX系列赛项' | D41: 'VEX IQ风驰电掣' | E41: 小学A组 | F41: 天津市南开区中营小学 | G41: 天津市南开区中营小学 | H41: 金喆 | I41: 金羽萱|李润松|邵嘉洋 | J41: 132 | K41: 12 | L41: 二等奖
A42: 43489 | B42: 2B8h6NHy-94-003-sN-024-1-7FN-01-zfn | C42: 'VEX系列赛项' | D42: 'VEX IQ风驰电掣' | E42: 小学A组 | F42: SRC 3668A | G42: 澳門人工智能教育中心 | H42: 何輝同 | I42: 呂天牧|李炫禧|吳宇軒 | J42: 131.6 | K42: 13 | L42: 二等奖
A43: 49560 | B43: 2B8h6j4C-94-003-Cj-024-1-7gS-01-A4d | C43: 'VEX系列赛项' | D43: 'VEX IQ风驰电掣' | E43: 小学A组 | F43: 7755S | G43: 上海乐博学习中心 | H43: 刘虎 | I43: 沈浥霏|庄云起|张凯文 | J43: 131.4 | K43: 14 | L43: 二等奖
A44: 45002 | B44: 2B8h6VVy-94-003-uE-024-1-FOf-01-jsg | C44: 'VEX系列赛项' | D44: 'VEX IQ风驰电掣' | E44: 小学A组 | F44: 8866K | G44: 上海乐博学习中心 | H44: 沈军 | I44: 孔维之|杜坤锐|王梓航 | J44: 126.2 | K44: 17 | L44: 二等奖
A45: 33104 | B45: 2B8h6Vft-94-003-jL-024-1-af5-01-fgT | C45: 'VEX系列赛项' | D45: 'VEX IQ风驰电掣' | E45: 小学A组 | F45: 31051A | G45: 中国杭州低碳科技馆 | H45: 杨昊 | I45: 王一宸|张启航|潘梓睿 | J45: 123.6 | K45: 18 | L45: 二等奖
A46: 31813 | B46: 2B8h6VVC-94-003-Rp-024-1-UNo-01-5D5 | C46: 'VEX系列赛项' | D46: 'VEX IQ风驰电掣' | E46: 小学A组 | F46: 南京市琅琊路小学1队 | G46: 南京市琅琊路小学 | H46: 纪栋栋|施剑隆 | I46: 胡屹峥|王舒满|刘品翘 | J46: 123.6 | K46: 19 | L46: 二等奖
C47: 'VEX系列赛项' | D47: 'VEX IQ风驰电掣' | E47: 小学A组 | F47: 6808X | G47: RoboPlanet | H47: Tony Liu | I47: Aiden Xu Peng|Ruoxin Ma|Jasper Yanbo Cao | J47: 123.6 | K47: 20 | L47: Second Prize
A48: 30710 | B48: 2B8h6VVR-94-003-4n-024-1-VbY-01-xtF | C48: 'VEX系列赛项' | D48: 'VEX IQ风驰电掣' | E48: 小学A组 | F48: 大连市嘉汇实验VIQRC联队 | G48: 大连市民办嘉汇阳光学校 | H48: 闻晓庆 | I48: 金荣皓|郝云峰 | J48: 123.6 | K48: 21 | L48: 二等奖
A49: 44052 | B49: 2B8h6Ng3-94-003-Sg-024-1-exm-01-lJk | C49: 'VEX系列赛项' | D49: 'VEX IQ风驰电掣' | E49: 小学A组 | F49: 20249A | G49: 杭州二中白马湖教育集团 | H49: 施艳|陈张丰 | I49: 师歌|沈弈辰|朱奕诚 | J49: 121.4 | K49: 22 | L49: 二等奖
A50: 31755 | B50: 2B8h6Vcg-94-003-Tf-024-1-1xO-01-U9m | C50: 'VEX系列赛项' | D50: 'VEX IQ风驰电掣' | E50: 小学A组 | F50: VIQ99699联合战队 | G50: 新乡市育才小学 | H50: 郭瑞敏 | I50: 刘铭轩|赵明昊|马睿辰 | J50: 121.2 | K50: 23 | L50: 二等奖
A51: 43252 | B51: 2B8h6Vc3-94-003-20-024-1-B4M-01-lGD | C51: 'VEX系列赛项' | D51: 'VEX IQ风驰电掣' | E51: 小学A组 | F51: 北京市八一学校 | G51: 北京市八一学校 | H51: 李炯|任哲学 | I51: 陈庚泽|祝培愉|王羿博 | J51: 118.4 | K51: 24 | L51: 二等奖
A52: 33118 | B52: 2B8h6Vff-94-003-2e-024-1-rBE-01-znm | C52: 'VEX系列赛项' | D52: 'VEX IQ风驰电掣' | E52: 小学A组 | F52: 33009A | G52: 智慧喵科技活动中心 | H52: 陈珏 | I52: 周梓灵|陈泽凯|陈以时 | J52: 116.4 | K52: 25 | L52: 三等奖
A53: 43270 | B53: 2B8h6Ngn-94-003-qE-024-1-u6N-01-n0Y | C53: 'VEX系列赛项' | D53: 'VEX IQ风驰电掣' | E53: 小学A组 | F53: 8299B | G53: 宁波市少儿活动中心 | H53: 韩宁 | I53: 徐睿翔|虞易暄|黄博扬 | J53: 113.2 | K53: 26 | L53: 三等奖
A54: 33130 | B54: 2B8h6Vfq-94-003-D6-024-1-Khe-01-F60 | C54: 'VEX系列赛项' | D54: 'VEX IQ风驰电掣' | E54: 小学A组 | F54: 33009X | G54: 杭州市临平第一小学 | H54: 丁婷 | I54: 徐沈睿|戴炜哲|张益铭 | J54: 112.8 | K54: 27 | L54: 三等奖
A55: 44091 | B55: 2B8h6Ngg-94-003-dQ-024-1-cPJ-01-Ym3 | C55: 'VEX系列赛项' | D55: 'VEX IQ风驰电掣' | E55: 小学A组 | F55: 20249K | G55: 杭州二中白马湖教育集团 | H55: 刘金鹏 | I55: 陈思远|王天逸|夏启元 | J55: 110.8 | K55: 28 | L55: 三等奖
A56: 34005 | B56: 2B8h6Vfv-94-003-7U-024-1-zvj-01-7i9 | C56: 'VEX系列赛项' | D56: 'VEX IQ风驰电掣' | E56: 小学A组 | F56: 小海豚战队A | G56: 泰州实验学校 | H56: 赵俊 | I56: 王沐礼|杨景云|刘欣怡 | J56: 110.6 | K56: 29 | L56: 三等奖
A57: 44987 | B57: 2B8h6Neb-94-003-wv-024-1-vT3-01-MLr | C57: 'VEX系列赛项' | D57: 'VEX IQ风驰电掣' | E57: 小学A组 | F57: 33003F | G57: 温州市鹿城区马鞍池小学&温州市鹿城区城南小学 | H57: 邹君|陈媚丽 | I57: 段博凯|万学聪|万桐宇 | J57: 108 | K57: 30 | L57: 三等奖
A58: 49217 | B58: 2B8h6jbA-94-003-Yw-024-1-JPF-01-yhb | C58: 'VEX系列赛项' | D58: 'VEX IQ风驰电掣' | E58: 小学A组 | F58: WALI | G58: 北京市西城区育翔小学 | H58: 王雪莹|高依婷 | I58: 孙振程|刘品延|张恒涛 | J58: 108 | K58: 31 | L58: 三等奖
A59: 44105 | B59: 2B8h6Nez-94-003-s0-024-1-Oi4-01-fUk | C59: 'VEX系列赛项' | D59: 'VEX IQ风驰电掣' | E59: 小学A组 | F59: 2159K | G59: 杭州市丹枫实验小学 | H59: 潘竑昱 | I59: 阮祝赫|汪秉辰|王瑾瑜 | J59: 105.4 | K59: 32 | L59: 三等奖
... A66: 35322 | B66: 2B8h6VfE-94-003-Re-024-1-glK-01-Wsh | C66: 'VEX系列赛项' | D66: 'VEX IQ风驰电掣' | E66: 小学A组 | F66: 时来运转队 | G66: 常州市华润小学 | H66: 陆丹怡 | I66: 徐婧涵|卜浩远|时熠辰 | J66: 96 | K66: 39 | L66: 三等奖
C67: 'VEX系列赛项' | D67: 'VEX IQ风驰电掣' | E67: 小学A组 | F67: 1729K | G67: International Robotics Academy | H67: THOMAS NOAH LOOME | I67: JANGIR KOKSAL|ARSLAN ISMAIL|ABDU-ALI BEKASSYL | J67: 95.2 | K67: 40 | L67: Third Prize
A68: 44171 | B68: 2B8h6NeU-94-003-zP-024-1-1ct-01-xpT | C68: 'VEX系列赛项' | D68: 'VEX IQ风驰电掣' | E68: 小学A组 | F68: 31051T | G68: 中国杭州低碳科技馆 | H68: 刘玉婷 | I68: 薛佳樱|张轩祯|温诗雅 | J68: 92.8 | K68: 41 | L68: 三等奖
A69: 34791 | B69: 2B8h6VIb-94-003-kc-024-1-2Zn-01-EI4 | C69: 'VEX系列赛项' | D69: 'VEX IQ风驰电掣' | E69: 小学A组 | F69: NEVER GIVE UP | G69: 江阴市要塞实验小学 | H69: 李彬 | I69: 徐梓瑞|邱晨煊|缪睿诚 | J69: 91 | K69: 42 | L69: 三等奖
A70: 44038 | B70: 2B8h6Ngs-94-003-u8-024-1-pgP-01-KwQ | C70: 'VEX系列赛项' | D70: 'VEX IQ风驰电掣' | E70: 小学A组 | F70: 33009K | G70: 智慧喵科技活动中心 | H70: 陈珏 | I70: 曹心何|桂族|孙旌乔 | J70: 85.8 | K70: 43 | L70: 三等奖
A71: 44150 | B71: 2B8h6NeL-94-003-Al-024-1-wJB-01-i1Q | C71: 'VEX系列赛项' | D71: 'VEX IQ风驰电掣' | E71: 小学A组 | F71: 20159K | G71: ZHM机器人实验室 | H71: 宋时利 | I71: 邵启航|朱夏函|何爵 | J71: 84.6 | K71: 44 | L71: 三等奖
C72: 'VEX系列赛项' | D72: 'VEX IQ风驰电掣' | E72: 小学A组 | F72: 1729W | G72: International Robotics Academy | H72: THOMAS NOAH LOOME | I72: OLZHAS KUAT|ALIKHAN ABDUMALIK|BAUYRZHAN SYZDYK | J72: 83.2 | K72: 45 | L72: Third Prize
C73: 'VEX系列赛项' | D73: 'VEX IQ风驰电掣' | E73: 小学A组 | F73: 6885W | G73: RoboPlanet | H73: Tony Liu | I73: Xinyue Yang|Logan Zhang|Renina N Pu|Yifei Wu|Yuxuan Lei | J73: 70.2 | K73: 46 | L73: Third Prize
A74: 44077 | B74: 2B8h6Ngr-94-003-GJ-024-1-xai-01-G1v | C74: 'VEX系列赛项' | D74: 'VEX IQ风驰电掣' | E74: 小学A组 | F74: 20249X | G74: 杭州二中白马湖教育集团 | H74: 施艳|陈张丰 | I74: 叶皓文|张楚扬|江岷羽 | J74: 61.6 | K74: 47 | L74: 三等奖
A76: 34811 | B76: 2B8h6VIM-94-003-Jl-024-1-OJe-01-aQZ | C76: 'VEX系列赛项' | D76: 'VEX IQ风驰电掣' | E76: 小学B组 | F76: 东川潘柏霖/陈冠中/培正蔡宇晟 | G76: 广州市越秀区东川路小学 | H76: 范皖豫|钟智鸿 | I76: 蔡宇晟|潘柏霖|陈冠中 | J76: 119.2 | K76: 7 | L76: 一等奖(冠军) | M76: 入围总决赛 | N76: 决赛
A77: 34797 | B77: 2B8h6VIV-94-003-x5-024-1-vRA-01-rau | C77: 'VEX系列赛项' | D77: 'VEX IQ风驰电掣' | E77: 小学B组 | F77: 执信/华阳/五羊联队 | G77: 广州市执信中学琶洲实验学校 | H77: 邹红毅 | I77: 欧阳朵夏|靳雨承|黄保鑫 | J77: 118.4 | K77: 8 | L77: 一等奖(冠军) | M77: 入围总决赛
A78: 31705 | B78: 2B8h6VVH-94-003-QR-024-1-IiD-01-SoU | C78: 'VEX系列赛项' | D78: 'VEX IQ风驰电掣' | E78: 小学B组 | F78: 科技之星 | G78: 西城科技馆 | H78: 王昕 | I78: 陈骏毅|田雨哲|陈漪芃 | J78: 116 | K78: 9 | L78: 一等奖(亚军) | M78: 入围总决赛
A79: 33891 | B79: 2B8h6VIZ-94-003-Ax-024-1-Xi1-01-SQv | C79: 'VEX系列赛项' | D79: 'VEX IQ风驰电掣' | E79: 小学B组 | F79: 兰州市城关区水车园小学 | G79: 兰州市城关区水车园小学 | H79: 李旭鹏|李惠芳 | I79: 张木子晴|魏小千|杨心悦 | J79: 116 | K79: 10 | L79: 一等奖(亚军) | M79: 入围总决赛
A80: 42630 | B80: 2B8h6NTd-94-003-Ax-024-1-qG6-01-8zr | C80: 'VEX系列赛项' | D80: 'VEX IQ风驰电掣' | E80: 小学B组 | F80: 风驰电掣组1 | G80: 中国宋庆龄青少年科技文化交流中心 | H80: 毛建康 | I80: 张羿晗|辛宇平|李卓昱 | J80: 116 | K80: 11 | L80: 一等奖(季军) | M80: 入围总决赛
A81: 33661 | B81: 2B8h6VVm-94-003-rT-024-1-lfG-01-8vk | C81: 'VEX系列赛项' | D81: 'VEX IQ风驰电掣' | E81: 小学B组 | F81: 六六大顺 | G81: 江苏省特色科学工作室 | H81: 臧余川 | I81: 尚舒骋|郭弈铭|祝响 | J81: 115.8 | K81: 12 | L81: 一等奖(季军) | M81: 入围总决赛
A82: 34133 | B82: 2B8h6VcD-94-003-NN-024-1-Adz-01-3uy | C82: 'VEX系列赛项' | D82: 'VEX IQ风驰电掣' | E82: 小学B组 | F82: Transforms | G82: 苏州市实验小学校 | H82: 宋晓彬 | I82: 陈牧聪|印俊逸|邢志宸 | J82: 129 | K82: 1 | L82: 一等奖 | M82: 入围总决赛
A83: 49506 | B83: 2B8h6j41-94-003-qA-024-1-OQ4-01-0MN | C83: 'VEX系列赛项' | D83: 'VEX IQ风驰电掣' | E83: 小学B组 | F83: 45560X | G83: 昆山市柏庐实验小学，昆山新镇学校，昆山市裕元实验学校 | H83: 胡瑞麒 | I83: 夏酣文|曹士金|罗晨杰 | J83: 126.4 | K83: 2 | L83: 二等奖
A84: 49141 | B84: 2B8h6j4E-94-003-d9-024-1-ajD-01-gWI | C84: 'VEX系列赛项' | D84: 'VEX IQ风驰电掣' | E84: 小学B组 | F84: YLZ | G84: 苏州市实验小学校、苏州市明珠学校 | H84: 宋晓彬 | I84: 刘思成|朱俊玮|杨文昊 | J84: 123.6 | K84: 3 | L84: 二等奖
A85: 49599 | B85: 2B8h6j4g-94-003-gv-024-1-Pj5-01-cci | C85: 'VEX系列赛项' | D85: 'VEX IQ风驰电掣' | E85: 小学B组 | F85: 南京市琅琊路小学-赫贤学校联队 | G85: 南京市琅琊路小学-南京赫贤学校 | H85: 纪栋栋|施剑隆 | I85: 李星辰|孙长乐|龚子贺 | J85: 121 | K85: 4 | L85: 二等奖
A86: 30316 | B86: 2B8h6ibd-94-003-Of-024-1-Jh2-01-7fi | C86: 'VEX系列赛项' | D86: 'VEX IQ风驰电掣' | E86: 小学B组 | F86: 希望之星 | G86: 北京市西城区青少年科学技术馆 | H86: 王昕 | I86: 余达仁|刘沐辰|李全坤|王尊 | J86: 121 | K86: 5 | L86: 二等奖
A87: 35728 | B87: 2B8h6VI2-94-003-9T-024-1-qfJ-01-uAJ | C87: 'VEX系列赛项' | D87: 'VEX IQ风驰电掣' | E87: 小学B组 | F87: 45560A | G87: 昆山澄峰外国语学校，昆山市柏庐实验小学，昆山昆城外国语学校 | H87: 胡瑞麒 | I87: 庄惟鈞|陈彦希|易永锟 | J87: 121 | K87: 6 | L87: 二等奖
A88: 42669 | B88: 2B8h6NTF-94-003-O5-024-1-lkR-01-9tj | C88: 'VEX系列赛项' | D88: 'VEX IQ风驰电掣' | E88: 小学B组 | F88: 风驰电掣组2 | G88: 中国宋庆龄青少年科技文化交流中心 | H88: 毛建康 | I88: 刘浩嘉|肖楚牧|吕思良 | J88: 110.8 | K88: 13 | L88: 二等奖
A89: 41439 | B89: 2B8h6Vfz-94-003-yd-024-1-aHG-01-yMB | C89: 'VEX系列赛项' | D89: 'VEX IQ风驰电掣' | E89: 小学B组 | F89: 台州市青少年活动中心6613C | G89: 台州市青少年活动中心 | H89: 林朝华 | I89: 汪淏游|曹瀚宇|郑一凡 | J89: 110.6 | K89: 14 | L89: 二等奖
A90: 32978 | B90: 2B8h6VVu-94-003-Wa-024-1-feW-01-67F | C90: 'VEX系列赛项' | D90: 'VEX IQ风驰电掣' | E90: 小学B组 | F90: 517C宇宙队 | G90: 天府第四中学校 | H90: 王兴|彭世坤 | I90: 陶凯瑞|李浩洋|黄哲旭 | J90: 110 | K90: 15 | L90: 二等奖
A91: 31360 | B91: 2B8h6VVS-94-003-C3-024-1-rPG-01-Cpx | C91: 'VEX系列赛项' | D91: 'VEX IQ风驰电掣' | E91: 小学B组 | F91: Vesibay-IQ 队 | G91: 珠海金湾区航空新城小学、珠海斗门容闳学校、天津南开区咸阳路小学 | H91: 易欣雨 | I91: 刘雨泽|麦梓轩|林一莎 | J91: 108.6 | K91: 16 | L91: 二等奖
A92: 41598 | B92: 2B8h6NgW-94-003-u0-024-1-WnM-01-HSu | C92: 'VEX系列赛项' | D92: 'VEX IQ风驰电掣' | E92: 小学B组 | F92: 青竹湖湘一/麓山二小/湘钢联队 | G92: 长沙青竹湖湘一/麓山二小/湘钢联队 | H92: 陈成|吴小磊 | I92: 刘成泽|杨牧晓|危祎 | J92: 108 | K92: 17 | L92: 二等奖
A93: 45769 | B93: 2B8h6Oak-94-003-0P-024-1-Ogp-01-z1s | C93: 'VEX系列赛项' | D93: 'VEX IQ风驰电掣' | E93: 小学B组 | F93: 江岸区汉铁小学、江岸区一元路小学 | G93: 江岸区汉铁小学、江岸区一元路小学 | H93: 魏泽禹|胡珏佩 | I93: 卢子铭|付雨沐|王荃涵 | J93: 108 | K93: 18 | L93: 二等奖
A94: 34398 | B94: 2B8h6VVE-94-003-cy-024-1-oUH-01-lms | C94: 'VEX系列赛项' | D94: 'VEX IQ风驰电掣' | E94: 小学B组 | F94: 方外A队 | G94: 南京外国语学校方山分校 | H94: 崔静怡 | I94: 王若愚|范子墨|吴金泽 | J94: 108 | K94: 19 | L94: 二等奖
... A120: 34218 | B120: 2B8h6VfT-94-003-2i-024-1-diZ-01-suR | C120: 'VEX系列赛项' | D120: 'VEX IQ风驰电掣' | E120: 小学B组 | F120: 昼更一队 | G120: 郑州市二七区幸福路小学 | H120: 王倩倩 | I120: 高晨鑫|张铮硕|刘呈洋 | J120: 82.4 | K120: 45 | L120: 三等奖
A122: 47303 | B122: 2B8h6jwc-94-003-ZY-024-1-dDT-02-ifW | C122: 'VEX系列赛项' | D122: 'VEX IQ风驰电掣' | E122: 初中组 | F122: 8666B | G122: 徐汇区教育学院附属实验中学 | H122: 朱威 | I122: 陈思言|易大力|池明哲 | J122: 175.8 | K122: 1 | L122: 一等奖(冠军) | M122: 入围总决赛 | N122: 决赛
A123: 33811 | B123: 2B8h6aMk-94-003-Cp-024-1-wZb-02-foE | C123: 'VEX系列赛项' | D123: 'VEX IQ风驰电掣' | E123: 初中组 | F123: 智学机器人 | G123: 智学机器人 | H123: 毛建康|李佳佳 | I123: 赵承泽|鲍星言|王嗣曾 | J123: 155 | K123: 2 | L123: 一等奖(冠军) | M123: 入围总决赛
A124: 43391 | B124: 2B8h6NHK-94-003-HY-024-1-TnF-02-RLx | C124: 'VEX系列赛项' | D124: 'VEX IQ风驰电掣' | E124: 初中组 | F124: SRC 3668X | G124: 澳門人工智能教育中心 | H124: 黎浩賢 | I124: 李瑞明|黎尚仁|歐柏麟 | J124: 144.4 | K124: 11 | L124: 一等奖(亚军) | M124: 入围总决赛
A125: 45025 | B125: 2B8h6VIS-94-003-ai-024-1-l46-02-IMJ | C125: 'VEX系列赛项' | D125: 'VEX IQ风驰电掣' | E125: 初中组 | F125: 7755A | G125: 上海乐博学习中心 | H125: 刘虎 | I125: 纪义梓涵|袁翌诚|周昊 | J125: 144.4 | K125: 12 | L125: 一等奖(亚军) | M125: 入围总决赛
A126: 45033 | B126: 2B8h6VIo-94-003-VV-024-1-jkl-02-d9N | C126: 'VEX系列赛项' | D126: 'VEX IQ风驰电掣' | E126: 初中组 | F126: 7755B | G126: 上海乐博学习中心 | H126: 刘虎 | I126: 虞承昊|王昕峣|陈仁豪 | J126: 147.2 | K126: 9 | L126: 一等奖(季军) | M126: 入围总决赛
A127: 32847 | B127: 2B8h6Vxu-94-003-wQ-024-1-mdD-02-s6v | C127: 'VEX系列赛项' | D127: 'VEX IQ风驰电掣' | E127: 初中组 | F127: 科创之星 | G127: 北京市西城区青少年科学技术馆 | H127: 王昕 | I127: 徐涵易|刘彦良|史康泽 | J127: 144.8 | K127: 10 | L127: 一等奖(季军) | M127: 入围总决赛
A128: 30927 | B128: 2B8h6VMU-94-003-l8-024-1-uEm-02-Ho3 | C128: 'VEX系列赛项' | D128: 'VEX IQ风驰电掣' | E128: 初中组 | F128: 南京市第二十九中学初中部玉泉1队 | G128: 南京市第二十九中学初中部 | H128: 栾富海 | I128: 陆翰驰|余宥廷|李淳晖 | J128: 152.2 | K128: 3 | L128: 一等奖 | M128: 入围总决赛
A129: 45010 | B129: 2B8h6Ne6-94-003-3a-024-1-kIt-02-Mjs | C129: 'VEX系列赛项' | D129: 'VEX IQ风驰电掣' | E129: 初中组 | F129: 8866B | G129: 上海乐博学习中心 | H129: 沈军 | I129: 陈嘉凌|李棋|徐梓鑫 | J129: 152.2 | K129: 4 | L129: 一等奖 | M129: 入围总决赛
A130: 30889 | B130: 2B8h6VIR-94-003-h3-024-1-ceN-02-4RR | C130: 'VEX系列赛项' | D130: 'VEX IQ风驰电掣' | E130: 初中组 | F130: 北京20中学1队 | G130: 北京市第二十中学 | H130: 周洪万|李黎明 | I130: 杨悦泽|陈佳明|常雯琪 | J130: 149.6 | K130: 5 | L130: 一等奖 | M130: 入围总决赛
A131: 36090 | B131: 2B8h6Vx8-94-003-CE-024-1-jLK-02-ey4 | C131: 'VEX系列赛项' | D131: 'VEX IQ风驰电掣' | E131: 初中组 | F131: 深圳市福强社区机器人战队 | G131: 福强社区党群服务中心青少年科普实践创新中心 | H131: 黄翔|庄昊 | I131: 杨钦宇|黄珀言|廖雨泽 | J131: 149.6 | K131: 6 | L131: 二等奖
A132: 33363 | B132: 2B8h6VMO-94-003-jJ-024-1-gRq-02-1dW | C132: 'VEX系列赛项' | D132: 'VEX IQ风驰电掣' | E132: 初中组 | F132: 醒狮队 | G132: 深圳实验学校 | H132: 曾繁均 | I132: 周笑|郭乐涵|朱曦瑩 | J132: 147.6 | K132: 7 | L132: 二等奖
A133: 35036 | B133: 2B8h6VMS-94-003-Vk-024-1-rYs-02-qlX | C133: 'VEX系列赛项' | D133: 'VEX IQ风驰电掣' | E133: 初中组 | F133: 外国语/汇景实验/空港实验联队 | G133: 外国语学校 | H133: 李倩 | I133: 陈璟逸|陈家锐|黄瀚霖 | J133: 147.2 | K133: 8 | L133: 二等奖
A134: 30750 | B134: 2B8h6VIF-94-003-hC-024-1-Z0i-02-swI | C134: 'VEX系列赛项' | D134: 'VEX IQ风驰电掣' | E134: 初中组 | F134: 北京师大附中E队 | G134: 北京师范大学附属中学 | H134: 尚章华 | I134: 张峻铭|张轩玮|张皓 | J134: 144.4 | K134: 13 | L134: 二等奖
A135: 32092 | B135: 2B8h6VI3-94-003-5h-024-1-FQX-02-zqY | C135: 'VEX系列赛项' | D135: 'VEX IQ风驰电掣' | E135: 初中组 | F135: 北京市第八十中学 | G135: 北京市第八十中学 | H135: 张朋 | I135: 侯奕森|于雨田|陈彦霓 | J135: 142 | K135: 14 | L135: 二等奖
A136: 34245 | B136: 2B8h6VIC-94-003-ek-024-1-phc-02-Bl0 | C136: 'VEX系列赛项' | D136: 'VEX IQ风驰电掣' | E136: 初中组 | F136: 电光火石 | G136: 云南师范大学附属中学呈贡校区 | H136: 蔡胜利 | I136: 马继良|陈洛琪|罗冠杰 | J136: 141.8 | K136: 15 | L136: 二等奖
A137: 33348 | B137: 2B8h6VMI-94-003-ln-024-1-gdV-02-rgw | C137: 'VEX系列赛项' | D137: 'VEX IQ风驰电掣' | E137: 初中组 | F137: TY-A | G137: 广州市铁一中学 | H137: 潘万洋 | I137: 车来来|刘善淇|罗以达 | J137: 139.2 | K137: 16 | L137: 二等奖
A138: 32678 | B138: 2B8h6VME-94-003-DH-024-1-huC-02-oEO | C138: 'VEX系列赛项' | D138: 'VEX IQ风驰电掣' | E138: 初中组 | F138: 西安市曲江第一学校1队 | G138: 西安市曲江第一学校 | H138: 丁辉|杨国梁 | I138: 花擎宇|曲锦煜|徐崇候 | J138: 136.8 | K138: 17 | L138: 二等奖
A139: 32518 | B139: 2B8h6VMt-94-003-10-024-1-bRe-02-0Ob | C139: 'VEX系列赛项' | D139: 'VEX IQ风驰电掣' | E139: 初中组 | F139: QZ-18186B | G139: 广州市第七中学 | H139: 谭广英 | I139: 陈裕炜|刘圣瑞|彭鹏道 | J139: 136.8 | K139: 18 | L139: 二等奖
...

Sheet ENJOY AI系列赛项
A1: 2024世界机器人大赛北京锦标赛-青少年机器人设计大赛-ENJOY AI系列赛项获奖名单
A2: 报名编号 | B2: 激活码 | C2: 赛道 | D2: 赛项 | E2: 组别 | F2: 队伍名称 | G2: 申报单位 | H2: 教练信息 | I2: 学生信息 | J2: 总分数 | K2: 总耗时(秒) | L2: 名次 | M2: 奖项 | N2: 备注
A3: 53143 | B3: 2B8h6TwS-94-012-dy-015-1-Avu-01-DtX | C3: ENJOY AI系列赛项' | D3: 'ENJOY AI飞跃太空' | E3: 小学组 | F3: 合肥南小飞跃2队 | G3: 合肥市南门小学 | H3: 武剑 | I3: 朱家亮|程宇 | J3: 880 | K3: 180 | L3: 第1名 | M3: 一等奖(冠军) | N3: 入围总决赛
A4: 53175 | B4: 2B8h6TzM-94-012-H1-015-1-FR7-01-xNQ | C4: 'ENJOY AI系列赛项' | D4: 'ENJOY AI飞跃太空' | E4: 小学组 | F4: 合肥市亳小飞跃队 | G4: 合肥市亳州路小学 | H4: 王菁 | I4: 张竣一|徐梓谦 | J4: 880 | K4: 210 | L4: 第2名 | M4: 一等奖(亚军) | N4: 入围总决赛
A5: 53099 | B5: 2B8h6Tzq-94-012-O9-015-1-Fej-01-W8b | C5: 'ENJOY AI系列赛项' | D5: 'ENJOY AI飞跃太空' | E5: 小学组 | F5: 恩成战队 | G5: 合肥市南国花园小学 | H5: 吴正勇 | I5: 唐曦恩|倪一成 | J5: 810 | K5: 304 | L5: 第3名 | M5: 一等奖(季军) | N5: 入围总决赛
A6: 53092 | B6: 2B8h6Tzy-94-012-lS-015-1-oKm-01-SmO | C6: 'ENJOY AI系列赛项' | D6: 'ENJOY AI飞跃太空' | E6: 小学组 | F6: 逸皓战队 | G6: 合肥中锐学校 | H6: 王芬 | I6: 任俊逸|赵明皓 | J6: 800 | K6: 211 | L6: 第4名 | M6: 一等奖 | N6: 入围总决赛
A7: 53150 | B7: 2B8h6Tw6-94-012-8M-015-1-wW4-01-gfI | C7: 'ENJOY AI系列赛项' | D7: 'ENJOY AI飞跃太空' | E7: 小学组 | F7: 合肥南小飞跃3队 | G7: 合肥市南门小学 | H7: 武剑 | I7: 高璞|姚红泽 | J7: 740 | K7: 138 | L7: 第5名 | M7: 一等奖 | N7: 入围总决赛
A8: 46267 | B8: 2B8h6Ojg-94-012-WW-015-1-0qK-01-UTu | C8: 'ENJOY AI系列赛项' | D8: 'ENJOY AI飞跃太空' | E8: 小学组 | F8: 西布伦四队 | G8: 上海市徐汇区建襄小学，上海市徐汇区高安路第一小学 | H8: 阚顺磊 | I8: 曾心随|高方泽 | J8: 730 | K8: 269 | L8: 第6名 | M8: 一等奖 | N8: 入围总决赛
A9: 53136 | B9: 2B8h6Twj-94-012-Pv-015-1-7mG-01-i3C | C9: 'ENJOY AI系列赛项' | D9: 'ENJOY AI飞跃太空' | E9: 小学组 | F9: 合肥南小飞跃1队 | G9: 合肥市南门小学 | H9: 武剑 | I9: 李镇旭|宣为楷 | J9: 710 | K9: 220 | L9: 第7名 | M9: 一等奖 | N9: 入围总决赛
A10: 46385 | B10: 2B8h6Oji-94-012-FT-015-1-6r7-01-C5h | C10: 'ENJOY AI系列赛项' | D10: 'ENJOY AI飞跃太空' | E10: 小学组 | F10: 乐博25队 | G10: 山西智能大数据产业技术创新研究院 | H10: 陈玥如 | I10: 申河李|谢泽宇 | J10: 620 | K10: 323 | L10: 第8名 | M10: 一等奖 | N10: 入围总决赛
A11: 53189 | B11: 2B8h6TwC-94-012-40-015-1-ONj-01-DN6 | C11: 'ENJOY AI系列赛项' | D11: 'ENJOY AI飞跃太空' | E11: 小学组 | F11: YQ轩妍战队 | G11: 宣城市实验小学梅溪校区 | H11: 彭元璟 | I11: 周欣妍|马亦轩 | J11: 600 | K11: 338 | L11: 第9名 | M11: 一等奖 | N11: 入围总决赛
A12: 46808 | B12: 2B8h6OYv-94-012-TV-015-1-qYa-01-JF2 | C12: 'ENJOY AI系列赛项' | D12: 'ENJOY AI飞跃太空' | E12: 小学组 | F12: 西布伦七队 | G12: 上海市徐汇区汇师小学，上海交通大学附属小学 | H12: 阚顺磊 | I12: 林长远|许钧翔 | J12: 560 | K12: 240 | L12: 第10名 | M12: 一等奖 | N12: 入围总决赛
A13: 46366 | B13: 2B8h6Ojy-94-012-4T-015-1-hq6-01-Kvd | C13: 'ENJOY AI系列赛项' | D13: 'ENJOY AI飞跃太空' | E13: 小学组 | F13: 乐博23队 | G13: 山西智能大数据产业技术创新研究院 | H13: 陈玥如 | I13: 曲浩辰|王昱博 | J13: 560 | K13: 331 | L13: 第11名 | M13: 一等奖 | N13: 入围总决赛
A14: 52886 | B14: 2B8h6TZ4-94-012-wu-015-1-QLE-01-baj | C14: 'ENJOY AI系列赛项' | D14: 'ENJOY AI飞跃太空' | E14: 小学组 | F14: 双涵队 | G14: 苏州市相城区蠡口实验小学 | H14: 查春 | I14: 唐芷涵|俞妙涵 | J14: 550 | K14: 325 | L14: 第12名 | M14: 一等奖 | N14: 入围总决赛
... A18: 52913 | B18: 2B8h6TwI-94-012-Wt-015-1-1vn-01-sdA | C18: 'ENJOY AI系列赛项' | D18: 'ENJOY AI飞跃太空' | E18: 小学组 | F18: 凤凰宇宙队 | G18: 黄山市屯溪现代实验学校 | H18: 程东兴 | I18: 陈沐雪|沈际云 | J18: 490 | K18: 347 | L18: 第16名 | M18: 一等奖 | N18: 入围总决赛
A19: 53129 | B19: 2B8h6Two-94-012-KN-015-1-x4e-01-IBF | C19: 'ENJOY AI系列赛项' | D19: 'ENJOY AI飞跃太空' | E19: 小学组 | F19: YQ诺华战队 | G19: 宣城市实验小学梅溪校区 | H19: 彭元璟 | I19: 杨钧诺|夏若华 | J19: 470 | K19: 280 | L19: 第17名 | M19: 二等奖
A20: 53128 | B20: 2B8h6TE4-94-012-YF-015-1-VEX-01-LFo | C20: 'ENJOY AI系列赛项' | D20: 'ENJOY AI飞跃太空' | E20: 小学组 | F20: 贝乐远洋梦想号 | G20: 天津市和平区新华南路小学 | H20: 张美晨 | I20: 毕铭轩|宫照翔 | J20: 460 | K20: 345 | L20: 第18名 | M20: 二等奖
A21: 32345 | B21: 2B8h6x0P-94-012-pE-015-1-sQT-01-39y | C21: 'ENJOY AI系列赛项' | D21: 'ENJOY AI飞跃太空' | E21: 小学组 | F21: X-源码无人机3队 | G21: 宝鸡石油小学 | H21: 贾鹏 | I21: 郭子睿|康启航 | J21: 460 | K21: 360 | L21: 第19名 | M21: 二等奖
A22: 33412 | B22: 2B8h6xpb-94-012-2N-015-1-a70-01-UVY | C22: 'ENJOY AI系列赛项' | D22: 'ENJOY AI飞跃太空' | E22: 小学组 | F22: 竞速航天梦之队 | G22: 泰安市岱岳实验中学 泰安市泰安外国语学校 | H22: 尹翠平 | I22: 张梓骁|吴钦泽 | J22: 460 | K22: 360 | L22: 第20名 | M22: 二等奖
A23: 46787 | B23: 2B8h6Oje-94-012-Mm-015-1-sCT-01-OYb | C23: 'ENJOY AI系列赛项' | D23: 'ENJOY AI飞跃太空' | E23: 小学组 | F23: 西布伦五队 | G23: 上海市徐汇区虹桥路小学 | H23: 阚顺磊 | I23: 陈至晖 | J23: 430 | K23: 234 | L23: 第21名 | M23: 二等奖
A24: 53107 | B24: 2B8h6TEy-94-012-CL-015-1-Sa6-01-OSB | C24: 'ENJOY AI系列赛项' | D24: 'ENJOY AI飞跃太空' | E24: 小学组 | F24: 贝乐远洋飞驰队 | G24: 天津市南开区五马路小学 | H24: 张美晨 | I24: 马睿芃|韩熙芃 | J24: 420 | K24: 231 | L24: 第22名 | M24: 二等奖
A25: 46135 | B25: 2B8h6Olg-94-012-kD-015-1-Cc9-01-s6Q | C25: 'ENJOY AI系列赛项' | D25: 'ENJOY AI飞跃太空' | E25: 小学组 | F25: 天际飞鹰4队 | G25: 秦皇岛市海港区泺喜创客教育培训学校 | H25: 李静 | I25: 白马林泽|朱钒赫 | J25: 420 | K25: 360 | L25: 第23名 | M25: 二等奖
A26: 53243 | B26: 2B8h6Tzo-94-012-NS-015-1-zVh-01-xOy | C26: 'ENJOY AI系列赛项' | D26: 'ENJOY AI飞跃太空' | E26: 小学组 | F26: 秦皇麦思十三队 | G26: 秦皇岛市外语实验小学 | H26: 邓冰 | I26: 吴佳骏|郭子辰 | J26: 390 | K26: 218 | L26: 第24名 | M26: 二等奖
A27: 46379 | B27: 2B8h6Ojt-94-012-eN-015-1-7Eg-01-UN2 | C27: 'ENJOY AI系列赛项' | D27: 'ENJOY AI飞跃太空' | E27: 小学组 | F27: 乐博28队 | G27: 山西智能大数据产业技术创新研究院 | H27: 王苗苗 | I27: 蔡承轩|薛皓天 | J27: 390 | K27: 303 | L27: 第25名 | M27: 二等奖
A28: 52890 | B28: 2B8h6TZb-94-012-Ng-015-1-yZf-01-t7o | C28: 'ENJOY AI系列赛项' | D28: 'ENJOY AI飞跃太空' | E28: 小学组 | F28: 霂睿队 | G28: 苏州市相城区蠡口实验小学 | H28: 查春 | I28: 杨睿博|周子霂 | J28: 390 | K28: 317 | L28: 第26名 | M28: 二等奖
A29: 46381 | B29: 2B8h6OjM-94-012-DZ-015-1-x7F-01-EZu | C29: 'ENJOY AI系列赛项' | D29: 'ENJOY AI飞跃太空' | E29: 小学组 | F29: 乐博31队 | G29: 山西智能大数据产业技术创新研究院 | H29: 王光辉 | I29: 班子皓|苏嘉航 | J29: 390 | K29: 349 | L29: 第27名 | M29: 二等奖
A30: 53457 | B30: 2B8h6Tzw-94-012-6R-015-1-MjG-01-c7I | C30: 'ENJOY AI系列赛项' | D30: 'ENJOY AI飞跃太空' | E30: 小学组 | F30: 宇泽战队 | G30: 乐博乐博机器人（临泉大润发校区） | H30: 韦新刚 | I30: 李宸宇|杨昊泽 | J30: 380 | K30: 360 | L30: 第28名 | M30: 二等奖
... A108: 52900 | B108: 2B8h6TZw-94-012-Ol-015-1-vgf-01-3NJ | C108: 'ENJOY AI系列赛项' | D108: 'ENJOY AI飞跃太空' | E108: 小学组 | F108: 市实小1队 | G108: 苏州市实验小学校 | H108: 章琛 | I108: 陈泽瑜|沈妍欣 | J108: 80 | K108: 360 | L108: 第106名 | M108: 三等奖
A110: 46260 | B110: 2B8h6OYw-94-012-dU-015-1-xbl-02-eDR | C110: 'ENJOY AI系列赛项' | D110: 'ENJOY AI飞跃太空' | E110: 初中组 | F110: 西布伦二队 | G110: 上海民办位育中学 | H110: 阚顺磊 | I110: 朱威邦 | J110: 660 | K110: 295 | L110: 第1名 | M110: 一等奖(冠军) | N110: 入围总决赛
A111: 33856 | B111: 2B8h6xOh-94-012-O0-015-1-dlz-02-EKN | C111: 'ENJOY AI系列赛项' | D111: 'ENJOY AI飞跃太空' | E111: 初中组 | F111: 乐博35队 | G111: 山西智能大数据产业技术创新研究院 | H111: 张华 | I111: 牛崇璇|李卓阳 | J111: 600 | K111: 277 | L111: 第2名 | M111: 一等奖(亚军) | N111: 入围总决赛
A112: 52928 | B112: 2B8h6Twm-94-012-VT-015-1-ihC-02-qlv | C112: 'ENJOY AI系列赛项' | D112: 'ENJOY AI飞跃太空' | E112: 初中组 | F112: 凤凰霹雳队 | G112: 黄山市屯溪区第六中学 黄山市屯溪区第四中学 | H112: 周伟 | I112: 徐振宸|黄逸轩 | J112: 600 | K112: 318 | L112: 第3名 | M112: 一等奖(季军) | N112: 入围总决赛
A113: 46107 | B113: 2B8h6OY5-94-012-Wj-015-1-zWn-02-lTf | C113: 'ENJOY AI系列赛项' | D113: 'ENJOY AI飞跃太空' | E113: 初中组 | F113: 佰斯特机器人5号 | G113: 镇江市外国语学校 | H113: 吴嘉诺 | I113: 凌培涵|包冕 | J113: 560 | K113: 341 | L113: 第4名 | M113: 一等奖 | N113: 入围总决赛
A114: 46262 | B114: 2B8h6OYZ-94-012-5K-015-1-JaK-02-xF8 | C114: 'ENJOY AI系列赛项' | D114: 'ENJOY AI飞跃太空' | E114: 初中组 | F114: 西布伦三队 | G114: 上海市实验学校 | H114: 阚顺磊 | I114: 徐毅铖 | J114: 550 | K114: 284 | L114: 第5名 | M114: 一等奖 | N114: 入围总决赛
A115: 43504 | B115: 2B8h6x08-94-012-MA-015-1-3xS-02-bZK | C115: 'ENJOY AI系列赛项' | D115: 'ENJOY AI飞跃太空' | E115: 初中组 | F115: 佰斯特机器人1号 | G115: 镇江江南学校 | H115: 吴嘉诺 | I115: 李睿 | J115: 510 | K115: 149 | L115: 第6名 | M115: 一等奖 | N115: 入围总决赛
A116: 46607 | B116: 2B8h6OYt-94-012-og-015-1-SXJ-02-niG | C116: 'ENJOY AI系列赛项' | D116: 'ENJOY AI飞跃太空' | E116: 初中组 | F116: 萝卜智造 | G116: 南京河西外国语学校 | H116: 许超俊 | I116: 喻圣媛|周骁尧 | J116: 510 | K116: 256 | L116: 第7名 | M116: 二等奖
A117: 42477 | B117: 2B8h6iGD-94-012-r0-015-1-LJg-02-YO7 | C117: 'ENJOY AI系列赛项' | D117: 'ENJOY AI飞跃太空' | E117: 初中组 | F117: 跃迁队 | G117: 北京师范大学实验华夏女子中学 | H117: 张昊宇 | I117: 娄上|杨德馨 | J117: 500 | K117: 338 | L117: 第8名 | M117: 二等奖
A118: 35612 | B118: 2B8h6x06-94-012-j8-015-1-Qcd-02-OE4 | C118: 'ENJOY AI系列赛项' | D118: 'ENJOY AI飞跃太空' | E118: 初中组 | F118: 内蒙星星战队 | G118: 科右中旗巴彦呼舒第二中学 | H118: 陈义 | I118: 陈佳鑫 | J118: 440 | K118: 111 | L118: 第9名 | M118: 二等奖
A119: 52949 | B119: 2B8h6TAt-94-012-QL-015-1-1jN-02-L2x | C119: 'ENJOY AI系列赛项' | D119: 'ENJOY AI飞跃太空' | E119: 初中组 | F119: 王者归来111 | G119: 九华初中 | H119: 耿云 | I119: 王锐|薛安麒 | J119: 420 | K119: 357 | L119: 第10名 | M119: 二等奖
A120: 35631 | B120: 2B8h6x0X-94-012-Og-015-1-PXj-02-yre | C120: 'ENJOY AI系列赛项' | D120: 'ENJOY AI飞跃太空' | E120: 初中组 | F120: 二中巅峰队 | G120: 科右中旗巴彦呼舒第二中学 | H120: 晓君 | I120: 陈韵涵 | J120: 410 | K120: 262 | L120: 第11名 | M120: 二等奖
A121: 33397 | B121: 2B8h6x0Z-94-012-md-015-1-4ME-02-83s | C121: 'ENJOY AI系列赛项' | D121: 'ENJOY AI飞跃太空' | E121: 初中组 | F121: 竞速航天一队 | G121: 肥城市桃都实验学校 泰安高新技术产业开发区第一中学 | H121: 尹翠平 | I121: 张弘烨|祁靖宇 | J121: 410 | K121: 280 | L121: 第12名 | M121: 二等奖
A122: 53180 | B122: 2B8h6Twr-94-012-lM-015-1-cis-02-FKK | C122: 'ENJOY AI系列赛项' | D122: 'ENJOY AI飞跃太空' | E122: 初中组 | F122: 秦皇麦思三队 | G122: 北戴河区实验小学 | H122: 温超 | I122: 魏硕|高毓鸿 | J122: 360 | K122: 231 | L122: 第13名 | M122: 二等奖
A123: 52859 | B123: 2B8h6Tws-94-012-N7-015-1-pzf-02-Hny | C123: 'ENJOY AI系列赛项' | D123: 'ENJOY AI飞跃太空' | E123: 初中组 | F123: 洛邑中学一队 | G123: 洛阳市洛邑初级中学 | H123: 韦英豪 | I123: 韦景天 | J123: 330 | K123: 222 | L123: 第14名 | M123: 二等奖
A124: 35009 | B124: 2B8h6x0t-94-012-HD-015-1-GKj-02-ypn | C124: 'ENJOY AI系列赛项' | D124: 'ENJOY AI飞跃太空' | E124: 初中组 | F124: 瓦力飞鹰18队 | G124: 高唐县鸿业艺术培训学校 | H124: 王春祥 | I124: 王鹏博 | J124: 330 | K124: 318 | L124: 第15名 | M124: 二等奖
A125: 36493 | B125: 2B8h6x03-94-012-Jf-015-1-zEv-02-rlC | C125: 'ENJOY AI系列赛项' | D125: 'ENJOY AI飞跃太空' | E125: 初中组 | F125: 国和无人机一队 | G125: 宁波市北仑区顾国和中学 | H125: 徐盛伟 | I125: 刘轶畅|张亦心 | J125: 310 | K125: 336 | L125: 第16名 | M125: 二等奖
A126: 52787 | B126: 2B8h6TAb-94-012-OF-015-1-fcF-02-lj0 | C126: 'ENJOY AI系列赛项' | D126: 'ENJOY AI飞跃太空' | E126: 初中组 | F126: 颜值爆表战队 | G126: 珠海市香洲广慧艺术培训中心 | H126: 罗思远 | I126: 何俊熠|吴承谦 | J126: 290 | K126: 156 | L126: 第17名 | M126: 二等奖
A127: 53208 | B127: 2B8h6TAf-94-012-cp-015-1-JWL-02-VDH | C127: 'ENJOY AI系列赛项' | D127: 'ENJOY AI飞跃太空' | E127: 初中组 | F127: 实验4队 | G127: 安庆市开发区实验学校 | H127: 方翠平 | I127: 陈翱|徐文登 | J127: 290 | K127: 173 | L127: 第18名 | M127: 二等奖
... A147: 46232 | B147: 2B8h6OYb-94-012-4q-015-1-lsG-02-6Zu | C147: 'ENJOY AI系列赛项' | D147: 'ENJOY AI飞跃太空' | E147: 初中组 | F147: 昆山少年宫九队 | G147: 昆山青少年宫 | H147: 刘志胜 | I147: 陈家强|史俊文 | J147: 80 | K147: 179 | L147: 第38名 | M147: 三等奖
A149: 报名编号 | B149: 激活码 | C149: 赛道 | D149: 赛项 | E149: 组别 | F149: 队伍名称 | G149: 申报单位 | H149: 教练信息 | I149: 学生信息 | J149: 是否晋级 | M149: 奖项
A150: 52502 | B150: 2B8h6Nop-94-012-iN-014-1-CPx-03-tWY | C150: 'ENJOY AI系列赛项' | D150: 'ENJOY AI银河攻防战' | E150: 高中组 | F150: 古代汉语常用字字典队 | G150: 安徽省滁州中学 | H150: 王子涵 | I150: 张博文|杨明轩 | J150: 冠军 | M150: 一等奖(冠军) | N150: 入围总决赛
A151: 44132 | B151: 2B8h6Nap-94-012-Ta-014-1-rHi-03-qLP | C151: 'ENJOY AI系列赛项' | D151: 'ENJOY AI银河攻防战' | E151: 高中组 | F151: 世昶监督管理局 | G151: 青少年科技创新基地 | H151: 李春蒿 | I151: 刘世霖|冯昶然 | J151: 亚军 | M151: 一等奖(亚军) | N151: 入围总决赛
A152: 43690 | B152: 2B8h6N9w-94-012-Y1-014-1-wNU-03-xZ8 | C152: 'ENJOY AI系列赛项' | D152: 'ENJOY AI银河攻防战' | E152: 高中组 | F152: 追求极致 | G152: 学乐成长中心 | H152: 苟玖 | I152: 牟麒霖|吴弈衡 | J152: 季军 | M152: 一等奖(季军) | N152: 入围总决赛
A153: 44649 | B153: 2B8h6NSr-94-012-Zp-014-1-QAb-03-TIU | C153: 'ENJOY AI系列赛项' | D153: 'ENJOY AI银河攻防战' | E153: 高中组 | F153: 运河中学1队 | G153: 北京市通州区运河中学 | H153: 杨海沙 | I153: 陈怿溪|张艺轩 | J153: 晋级决赛 | M153: 一等奖 | N153: 入围总决赛
A154: 43433 | B154: 2B8h6NSp-94-012-Nb-014-1-1pk-03-uBP | C154: 'ENJOY AI系列赛项' | D154: 'ENJOY AI银河攻防战' | E154: 高中组 | F154: 灵耀未来 | G154: 江苏省中小学生职业体验中心（时空信息职业体验中心） | H154: 王国旭 | I154: 丁品瑜|杜金戈 | J154: 晋级决赛 | M154: 一等奖 | N154: 入围总决赛
A155: 42733 | B155: 2B8h6Nam-94-012-Kx-014-1-8cn-03-SPd | C155: 'ENJOY AI系列赛项' | D155: 'ENJOY AI银河攻防战' | E155: 高中组 | F155: 阳凡启航 | G155: 重庆市铜梁区把床初级中学校 | H155: 李东华 | I155: 何小凡|李昊阳 | J155: 晋级决赛 | M155: 一等奖 | N155: 入围总决赛
A156: 46167 | B156: 2B8h6No9-94-012-qr-014-1-aNl-03-2BQ | C156: 'ENJOY AI系列赛项' | D156: 'ENJOY AI银河攻防战' | E156: 高中组 | F156: 峰凯队 | G156: 衡水市第七中学 | H156: 张玲慧 | I156: 常峰豪|靳铠嘉 | J156: 晋级决赛 | M156: 一等奖 | N156: 入围总决赛
A157: 48153 | B157: 2B8h6NoM-94-012-aU-014-1-wIU-03-fih | C157: 'ENJOY AI系列赛项' | D157: 'ENJOY AI银河攻防战' | E157: 高中组 | F157: 古冶必胜队 | G157: 唐山市古冶区第十六中学 | H157: 杨莹 | I157: 阎佳兴 | J157: 晋级决赛 | M157: 一等奖 | N157: 入围总决赛
A158: 43518 | B158: 2B8h6NaQ-94-012-OU-014-1-Irs-03-1qJ | C158: 'ENJOY AI系列赛项' | D158: 'ENJOY AI银河攻防战' | E158: 高中组 | F158: 杭高钱塘极客2队 | G158: 杭州高级中学钱塘学校 | H158: 储王伟 | I158: 钟盛晨欣|程梓航 | J158: 小组晋级 | M158: 二等奖
A159: 44712 | B159: 2B8h6NaO-94-012-G7-014-1-J4n-03-qMS | C159: 'ENJOY AI系列赛项' | D159: 'ENJOY AI银河攻防战' | E159: 高中组 | F159: 人民的名义 | G159: 青少年科技创新基地 | H159: 李春蒿 | I159: 李明懿|戚家瑞 | J159: 小组晋级 | M159: 二等奖
A160: 45459 | B160: 2B8h6NSE-94-012-85-014-1-B6R-03-gH5 | C160: 'ENJOY AI系列赛项' | D160: 'ENJOY AI银河攻防战' | E160: 高中组 | F160: 王者之姿 | G160: 徐州中学 安徽省亳州市第十八中学 | H160: 王朝 | I160: 何彦廷|陈靖康 | J160: 小组晋级 | M160: 二等奖
A161: 42093 | B161: 2B8h6NSv-94-012-XS-014-1-5Pa-03-ZAO | C161: 'ENJOY AI系列赛项' | D161: 'ENJOY AI银河攻防战' | E161: 高中组 | F161: 苏州高新区实验中学队 | G161: 苏州高新区实验初级中学 | H161: 张伟 | I161: 汤哲伦|孙淋煊 | J161: 小组晋级 | M161: 二等奖
A162: 34864 | B162: 2B8h6xNM-94-012-JR-014-1-tEi-03-psP | C162: 'ENJOY AI系列赛项' | D162: 'ENJOY AI银河攻防战' | E162: 高中组 | F162: 昌乐一中光速梦想家队 | G162: 山东省昌乐第一中学 | H162: 高雪鹏 | I162: 王明扬|李世彬 | J162: 小组晋级 | M162: 二等奖
A163: 45909 | B163: 2B8h6NSt-94-012-um-014-1-M8G-03-if8 | C163: 'ENJOY AI系列赛项' | D163: 'ENJOY AI银河攻防战' | E163: 高中组 | F163: 江苏省武进高级中学 | G163: 江苏省武进高级中学 | H163: 蒋志城 | I163: 王蔚铭|沈鲲鹏 | J163: 小组晋级 | M163: 二等奖
A164: 45907 | B164: 2B8h6NS5-94-012-K6-014-1-QIP-03-gYM | C164: 'ENJOY AI系列赛项' | D164: 'ENJOY AI银河攻防战' | E164: 高中组 | F164: 武进高级中学 常州市第一中学 | G164: 江苏省武进高级中学 常州市第一中学 | H164: 蒋志城 | I164: 邵姜昊|吴佳程 | J164: 小组晋级 | M164: 二等奖
A165: 45475 | B165: 2B8h6NSB-94-012-rF-014-1-H0j-03-zZC | C165: 'ENJOY AI系列赛项' | D165: 'ENJOY AI银河攻防战' | E165: 高中组 | F165: 梦回一剑 | G165: 宿迁市第一高级中学 广东华侨中学 | H165: 王朝 | I165: 张齐家|黄正宇 | J165: 小组晋级 | M165: 二等奖
A166: 44841 | B166: 2B8h6NoA-94-012-Zk-014-1-9Wl-03-qFM | C166: 'ENJOY AI系列赛项' | D166: 'ENJOY AI银河攻防战' | E166: 高中组 | F166: 猛壮队 | G166: 平湖市职业中等专业学校 | H166: 周旭 | I166: 郑家豪 | J166: 小组晋级 | M166: 二等奖
A167: 45895 | B167: 2B8h6NSb-94-012-kN-014-1-nAO-03-FqA | C167: 'ENJOY AI系列赛项' | D167: 'ENJOY AI银河攻防战' | E167: 高中组 | F167: 前黄高级中学 南菁高级中学 | G167: 江苏省前黄高级中学 江苏省南菁高级中学 | H167: 张丽英 | I167: 冯奕栋|汪子宸 | J167: 小组晋级 | M167: 二等奖
A168: 42693 | B168: 2B8h6N9Z-94-012-Bp-014-1-GR0-03-6H9 | C168: 'ENJOY AI系列赛项' | D168: 'ENJOY AI银河攻防战' | E168: 高中组 | F168: 启辰3队 | G168: 兰州树人学校 | H168: 芦亚丽 | I168: 李季浓|韦卓成 | J168: 小组晋级 | M168: 二等奖
A169: 36207 | B169: 2B8h6xNB-94-012-q7-014-1-Csk-03-nFJ | C169: 'ENJOY AI系列赛项' | D169: 'ENJOY AI银河攻防战' | E169: 高中组 | F169: 北中一队 | G169: 山东省北镇中学 | H169: 赵真 | I169: 马一鸣|王子峻 | J169: 小组晋级 | M169: 二等奖
... A225: 33280 | B225: 2B8h6xNr-94-012-D3-014-1-BUJ-03-w0b | C225: 'ENJOY AI系列赛项' | D225: 'ENJOY AI银河攻防战' | E225: 高中组 | F225: 仑中1队 | G225: 宁波市北仑中学 | H225: 徐晨达 | I225: 俞剀栋|杨科赢 | J225: 未晋级 | M225: 三等奖
A227: 46215 | B227: 2B8h6NXE-94-012-Yo-014-1-Q8Z-01-o3w | C227: 'ENJOY AI系列赛项' | D227: 'ENJOY AI银河攻防战' | E227: 小学组 | F227: 可心队 | G227: 衡水市和平路小学 | H227: 杨宝 | I227: 孙彭可|邹心洋 | J227: 冠军 | M227: 一等奖(冠军) | N227: 入围总决赛
A228: 33453 | B228: 2B8h6xCJ-94-012-8T-014-1-J8l-01-61X | C228: 'ENJOY AI系列赛项' | D228: 'ENJOY AI银河攻防战' | E228: 小学组 | F228: 东营瓦砾一队 | G228: 东营市垦利区第一实验小学/东营市垦利区第二实验小学 | H228: 王立栋 | I228: 郝一航|袁延然 | J228: 亚军 | M228: 一等奖(亚军) | N228: 入围总决赛
A229: 46223 | B229: 2B8h6NXB-94-012-Yb-014-1-oht-01-VmL | C229: 'ENJOY AI系列赛项' | D229: 'ENJOY AI银河攻防战' | E229: 小学组 | F229: 辰鸣队 | G229: 衡水市永兴路小学 | H229: 裴朝建 | I229: 李厚辰|田一鸣 | J229: 季军 | M229: 一等奖(季军) | N229: 入围总决赛
A230: 44979 | B230: 2B8h6NiB-94-012-GS-014-1-LHB-01-wOX | C230: 'ENJOY AI系列赛项' | D230: 'ENJOY AI银河攻防战' | E230: 小学组 | F230: 潞苑小学六队 | G230: 北京市通州区潞苑小学 | H230: 曹艾嘉 | I230: 庄静馨|谭钰雯 | J230: 晋级决赛 | M230: 一等奖 | N230: 入围总决赛
A231: 50825 | B231: 2B8h6xNz-94-012-Rv-014-1-lam-01-7Ac | C231: 'ENJOY AI系列赛项' | D231: 'ENJOY AI银河攻防战' | E231: 小学组 | F231: 书函队 | G231: 驻马店市第二十五小学 | H231: 石婉婉 | I231: 张书豪|秦宜函 | J231: 晋级决赛 | M231: 一等奖 | N231: 入围总决赛
A232: 45916 | B232: 2B8h6NX8-94-012-i4-014-1-z52-01-yuc | C232: 'ENJOY AI系列赛项' | D232: 'ENJOY AI银河攻防战' | E232: 小学组 | F232: 鸿途队 | G232: 唐山市路北区七十七号小学 唐山市路北区唐城壹零壹实验小学 | H232: 汪祖妍 | I232: 张朝阳|劳圣轩 | J232: 晋级决赛 | M232: 一等奖 | N232: 入围总决赛
A233: 43771 | B233: 2B8h6NX2-94-012-JN-014-1-UOr-01-zTy | C233: 'ENJOY AI系列赛项' | D233: 'ENJOY AI银河攻防战' | E233: 小学组 | F233: 卧龙凤雏对队 | G233: 学乐成长中心 | H233: 王力 | I233: 姚竣瀚|谷瑞杰 | J233: 晋级决赛 | M233: 一等奖 | N233: 入围总决赛
A234: 42807 | B234: 2B8h6NJg-94-012-pZ-014-1-kRW-01-P44 | C234: 'ENJOY AI系列赛项' | D234: 'ENJOY AI银河攻防战' | E234: 小学组 | F234: 金砂一队 | G234: 重庆市铜梁区金砂小学 | H234: 邹涓 | I234: 熊齐砚 | J234: 晋级决赛 | M234: 一等奖 | N234: 入围总决赛
A235: 42515 | B235: 2B8h6Nxg-94-012-nW-014-1-vlr-01-20A | C235: 'ENJOY AI系列赛项' | D235: 'ENJOY AI银河攻防战' | E235: 小学组 | F235: 智行未来队 | G235: 韵合教育培训学校 | H235: 李玉林 | I235: 王奕博|陶冠宇 | J235: 晋级决赛 | M235: 一等奖 | N235: 入围总决赛
A236: 42862 | B236: 2B8h6NiS-94-012-qJ-014-1-Ukk-01-KuF | C236: 'ENJOY AI系列赛项' | D236: 'ENJOY AI银河攻防战' | E236: 小学组 | F236: 旭日东升队 | G236: 天津岳阳道小学 | H236: 王冬青 | I236: 史旭|郑东昇 | J236: 晋级决赛 | M236: 一等奖 | N236: 入围总决赛
A237: 43593 | B237: 2B8h6N6i-94-012-RD-014-1-Oe6-01-zKC | C237: 'ENJOY AI系列赛项' | D237: 'ENJOY AI银河攻防战' | E237: 小学组 | F237: 锦绣育才极客1队 | G237: 杭州锦绣育才中学附属学校 | H237: 陈鸯鸯 | I237: 牛峻豪|孟响 | J237: 晋级决赛 | M237: 一等奖 | N237: 入围总决赛
A238: 46221 | B238: 2B8h6NX3-94-012-k1-014-1-nYm-01-UtZ | C238: 'ENJOY AI系列赛项' | D238: 'ENJOY AI银河攻防战' | E238: 小学组 | F238: 迎新队 | G238: 衡水市桃城区育才街小学 | H238: 裴朝建 | I238: 刘盈鑫|杨子宸 | J238: 晋级决赛 | M238: 一等奖 | N238: 入围总决赛
... A242: 52883 | B242: 2B8h6T70-94-012-kc-014-1-4lD-01-We4 | C242: 'ENJOY AI系列赛项' | D242: 'ENJOY AI银河攻防战' | E242: 小学组 | F242: 杰航队 | G242: 唐山市路北区唐城壹零壹实验小学 | H242: 李志国 | I242: 薄靖杰|杨梓航 | J242: 晋级决赛 | M242: 一等奖 | N242: 入围总决赛
A243: 42493 | B243: 2B8h6NiV-94-012-PB-014-1-MAv-01-jxd | C243: 'ENJOY AI系列赛项' | D243: 'ENJOY AI银河攻防战' | E243: 小学组 | F243: 贝乐远洋巅峰队 | G243: 天津市哈密道小学 | H243: 林广浩 | I243: 赵泽宇|吕梓嘉 | J243: 小组晋级 | M243: 二等奖
A244: 45450 | B244: 2B8h6N6y-94-012-4a-014-1-Az3-01-v5R | C244: 'ENJOY AI系列赛项' | D244: 'ENJOY AI银河攻防战' | E244: 小学组 | F244: 绎飞冲天 | G244: 唐山市路北区唐城壹零壹实验小学 | H244: 李志国 | I244: 赵绎逍|陈鹏飞 | J244: 小组晋级 | M244: 二等奖
A245: 42343 | B245: 2B8h6Nit-94-012-TK-014-1-3i7-01-1F5 | C245: 'ENJOY AI系列赛项' | D245: 'ENJOY AI银河攻防战' | E245: 小学组 | F245: 贝乐远洋超能队 | G245: 天津市河北区育婴里第二小学 | H245: 林广浩 | I245: 俞博然|彭一晗 | J245: 小组晋级 | M245: 二等奖
A246: 50824 | B246: 2B8h6xCs-94-012-fw-014-1-afu-01-1qh | C246: 'ENJOY AI系列赛项' | D246: 'ENJOY AI银河攻防战' | E246: 小学组 | F246: 宇辰队 | G246: 驻马店市第二十五小学 | H246: 石婉婉 | I246: 杨皓宇|张子辰 | J246: 小组晋级 | M246: 二等奖
A247: 52877 | B247: 2B8h6T7S-94-012-Ns-014-1-4Pp-01-r2G | C247: 'ENJOY AI系列赛项' | D247: 'ENJOY AI银河攻防战' | E247: 小学组 | F247: 突围小队 | G247: 唐山市路北区唐城壹零壹实验小学 | H247: 付鑫 | I247: 魏子博|王怡丹 | J247: 小组晋级 | M247: 二等奖
A248: 48156 | B248: 2B8h6NXt-94-012-tI-014-1-GeO-01-U7x | C248: 'ENJOY AI系列赛项' | D248: 'ENJOY AI银河攻防战' | E248: 小学组 | F248: 古冶必胜队123 | G248: 唐山市古冶区实验小学 | H248: 黄竞慧 | I248: 王宇皓|苏子涵 | J248: 小组晋级 | M248: 二等奖
A249: 50598 | B249: 2B8h6N6P-94-012-CP-014-1-adk-01-gO6 | C249: 'ENJOY AI系列赛项' | D249: 'ENJOY AI银河攻防战' | E249: 小学组 | F249: 不飞泽翊队 | G249: 龙华小学 | H249: 齐宝鑫 | I249: 孙熙泽|郝翊辰 | J249: 小组晋级 | M249: 二等奖
A250: 42059 | B250: 2B8h6Nii-94-012-C0-014-1-2eY-01-pqQ | C250: 'ENJOY AI系列赛项' | D250: 'ENJOY AI银河攻防战' | E250: 小学组 | F250: 蜘蛛侠战队 | G250: 天津模范小学 | H250: 王冬青 | I250: 史悦|侯沵知 | J250: 小组晋级 | M250: 二等奖
A251: 43727 | B251: 2B8h6N6D-94-012-gN-014-1-NoU-01-yXp | C251: 'ENJOY AI系列赛项' | D251: 'ENJOY AI银河攻防战' | E251: 小学组 | F251: 凌空翱翔 | G251: 学乐成长中心 | H251: 苟玖 | I251: 秦梓豪|简乐轶 | J251: 小组晋级 | M251: 二等奖
A252: 41405 | B252: 2B8h6NJy-94-012-op-014-1-6sQ-01-2Gn | C252: 'ENJOY AI系列赛项' | D252: 'ENJOY AI银河攻防战' | E252: 小学组 | F252: 东营瓦砾二队 | G252: 东营市胜利第二小学/东营市实验小学 | H252: 王立栋 | I252: 孟宣屹|巴铭杨 | J252: 小组晋级 | M252: 二等奖
A253: 41838 | B253: 2B8h6Nxo-94-012-Yz-014-1-XVB-01-MKz | C253: 'ENJOY AI系列赛项' | D253: 'ENJOY AI银河攻防战' | E253: 小学组 | F253: 智能科技队 | G253: 禹城市童臻机器人学校 | H253: 米希玉 | I253: 李舍然|李新洋 | J253: 小组晋级 | M253: 二等奖
A254: 43490 | B254: 2B8h6NxC-94-012-gI-014-1-BrD-01-Gdj | C254: 'ENJOY AI系列赛项' | D254: 'ENJOY AI银河攻防战' | E254: 小学组 | F254: 人工智能队 | G254: 禹城市童臻机器人学校 | H254: 米希玉 | I254: 李睿韬|杨政硕 | J254: 小组晋级 | M254: 二等奖
... A323: 45970 | B323: 2B8h6NXl-94-012-P4-014-1-N9U-01-Npv | C323: 'ENJOY AI系列赛项' | D323: 'ENJOY AI银河攻防战' | E323: 小学组 | F323: 杰轩战队 | G323: 五爱小学 唐山市路北区光明实验小学 | H323: 汪祖妍 | I323: 白煜杰|候皓轩 | J323: 未晋级 | M323: 三等奖
A325: 报名编号 | B325: 激活码 | C325: 赛道 | D325: 赛项 | E325: 组别 | F325: 队伍名称 | G325: 申报单位 | H325: 教练信息 | I325: 学生信息 | J325: 总分数 | K325: 总耗时(秒) | L325: 名次 | M325: 奖项
A326: 46207 | B326: 2B8h6NMz-94-012-Ed-013-1-Xrv-02-rXJ | C326: 'ENJOY AI系列赛项' | D326: 'ENJOY AI运动会闭幕式' | E326: 初中组 | F326: 樱乐机器人秦雯队 | G326: 交大附中附属嘉定德富中学 上海市民办桃李园实验学校 | H326: 赵晨越 | I326: 顾婧雯|秦浩然 | J326: 1060 | K326: 290 | L326: 第1名 | M326: 一等奖(冠军) | N326: 入围总决赛
A327: 45448 | B327: 2B8h6NId-94-012-XJ-013-1-ORv-02-xTg | C327: 'ENJOY AI系列赛项' | D327: 'ENJOY AI运动会闭幕式' | E327: 初中组 | F327: 冀器人战队滦一队 | G327: 滦州市奇咔咔创客空间 | H327: 刘同喜 | I327: 王佳兴|王梓涵 | J327: 1010 | K327: 256 | L327: 第2名 | M327: 一等奖(亚军) | N327: 入围总决赛
A328: 43935 | B328: 2B8h6Nqz-94-012-bQ-013-1-xlp-02-FEF | C328: 'ENJOY AI系列赛项' | D328: 'ENJOY AI运动会闭幕式' | E328: 初中组 | F328: 联队顺峰初级中学顺德养正学校 | G328: 佛山市顺德区大良顺峰初级中学 | H328: 麦文锋 | I328: 刘生辉|胡皓博 | J328: 1000 | K328: 268 | L328: 第3名 | M328: 一等奖(季军) | N328: 入围总决赛
A329: 44931 | B329: 2B8h6Nxi-94-012-0D-013-1-gzT-02-zNb | C329: 'ENJOY AI系列赛项' | D329: 'ENJOY AI运动会闭幕式' | E329: 初中组 | F329: 森林队4 | G329: 童趣同创智能机器人 | H329: 杨浩然 | I329: 王子昂|张竣翔 | J329: 990 | K329: 260 | L329: 第4名 | M329: 一等奖 | N329: 入围总决赛
...

Sheet MakeX系列赛项
A1: 2024世界机器人大赛北京锦标赛-青少年机器人设计大赛-MakeX系列赛项获奖名单
A2: 报名编号 | B2: 激活码 | C2: 赛道 | D2: 赛项 | E2: 组别 | F2: 队伍名称 | G2: 申报单位 | H2: 教练信息 | I2: 学生信息 | J2: 比赛分数 | K2: 比赛用时 | L2: 成绩排名 | M2: 奖项 | N2: 备注
A3: 35784 | B3: 2B8h6VNg-94-001-YJ-008-1-Lg8-01-nGC | C3: MakeX系列赛项' | D3: 'MakeX Inspire智慧物流' | E3: 小学组 | F3: 幻影战队 | G3: 北京市朝阳区实验小学 | H3: 汪硕 | I3: 杨凯文 | J3: 1000 | K3: 89.32 | L3: 1 | M3: 一等奖(冠军) | N3: 入围总决赛
A4: 35812 | B4: 2B8h6VND-94-001-9l-008-1-ud2-01-h86 | C4: 'MakeX系列赛项' | D4: 'MakeX Inspire智慧物流' | E4: 小学组 | F4: 无敌摆烂战队 | G4: 北京市大兴区德茂学校 | H4: 汪硕 | I4: 李如来 | J4: 1000 | K4: 89.35 | L4: 2 | M4: 一等奖(亚军) | N4: 入围总决赛
A5: 35730 | B5: 2B8h6VNH-94-001-DE-008-1-U8R-01-EGO | C5: 'MakeX系列赛项' | D5: 'MakeX Inspire智慧物流' | E5: 小学组 | F5: 冲锋战队 | G5: 北京市昌平区昌盛园小学南邵学校 | H5: 宋凯 | I5: 白格远 | J5: 1000 | K5: 99.17 | L5: 3 | M5: 一等奖(季军) | N5: 入围总决赛
A6: 35757 | B6: 2B8h6VN1-94-001-UM-008-1-qwu-01-bNW | C6: 'MakeX系列赛项' | D6: 'MakeX Inspire智慧物流' | E6: 小学组 | F6: 星之辰战队 | G6: 衡水市胜利小学 | H6: 何瑞平 | I6: 董齐晨熙 | J6: 1000 | K6: 99.64 | L6: 4 | M6: 一等奖 | N6: 入围总决赛
A7: 34275 | B7: 2B8h6V0N-94-001-LJ-008-1-ivF-01-Mbi | C7: 'MakeX系列赛项' | D7: 'MakeX Inspire智慧物流' | E7: 小学组 | F7: 疾风战影 | G7: 北京市海淀区科技活动服务协会 | H7: 尹培阳 | I7: 褚奕辰 | J7: 1000 | K7: 108.34 | L7: 5 | M7: 一等奖 | N7: 入围总决赛
A8: 33514 | B8: 2B8h6VCi-94-001-rK-008-1-1VK-01-u30 | C8: 'MakeX系列赛项' | D8: 'MakeX Inspire智慧物流' | E8: 小学组 | F8: 超级飞侠队 | G8: 海淀区科技活动服务协会 | H8: 杨涛 | I8: 刘江川 | J8: 1000 | K8: 111.7 | L8: 6 | M8: 一等奖 | N8: 入围总决赛
A9: 33515 | B9: 2B8h6VpG-94-001-lO-008-1-mTH-01-X70 | C9: 'MakeX系列赛项' | D9: 'MakeX Inspire智慧物流' | E9: 小学组 | F9: HABA科创2队 | G9: 武汉经开外国语学校 | H9: 卢炜昌 | I9: 唐羽墨 | J9: 1000 | K9: 111.89 | L9: 7 | M9: 一等奖 | N9: 入围总决赛
A10: 35746 | B10: 2B8h6VNn-94-001-18-008-1-B30-01-3Cf | C10: 'MakeX系列赛项' | D10: 'MakeX Inspire智慧物流' | E10: 小学组 | F10: 无量空处 | G10: 武汉市江岸区长春街第二小学 | H10: 何瑞平 | I10: 赵亦远 | J10: 1000 | K10: 113.46 | L10: 8 | M10: 一等奖 | N10: 入围总决赛
A11: 33168 | B11: 2B8h6VNS-94-001-fb-008-1-IxC-01-ZsC | C11: 'MakeX系列赛项' | D11: 'MakeX Inspire智慧物流' | E11: 小学组 | F11: 杨梓晨 | G11: 烟台黄渤海新区古现第二小学 | H11: 苏亚君 | I11: 杨梓晨 | J11: 1000 | K11: 116.51 | L11: 9 | M11: 一等奖 | N11: 入围总决赛
A12: 36029 | B12: 2B8h6VpP-94-001-7D-008-1-v0u-01-P6K | C12: 'MakeX系列赛项' | D12: 'MakeX Inspire智慧物流' | E12: 小学组 | F12: 卓卓战队 | G12: 牡丹江市向阳小学 | H12: 冯海靖 | I12: 王熙卓 | J12: 1000 | K12: 117.74 | L12: 10 | M12: 一等奖 | N12: 入围总决赛
A13: 33342 | B13: 2B8h6VCR-94-001-aF-008-1-azL-01-hHt | C13: 'MakeX系列赛项' | D13: 'MakeX Inspire智慧物流' | E13: 小学组 | F13: 解放区实验学校1队 | G13: 焦作市解放区实验小学 | H13: 秦跃跃 | I13: 王重阳 | J13: 1000 | K13: 118.46 | L13: 11 | M13: 二等奖
A14: 31377 | B14: 2B8h6Vpa-94-001-Gy-008-1-hte-01-V3A | C14: 'MakeX系列赛项' | D14: 'MakeX Inspire智慧物流' | E14: 小学组 | F14: 云逸队 | G14: 威海市青岛路小学 | H14: 李红彦 | I14: 崔盛博 | J14: 1000 | K14: 118.97 | L14: 12 | M14: 二等奖
A15: 36199 | B15: 2B8h6VpJ-94-001-z9-008-1-Vjf-01-pIG | C15: 'MakeX系列赛项' | D15: 'MakeX Inspire智慧物流' | E15: 小学组 | F15: 蓬莱侠客 | G15: 北京市海淀区科技活动服务协会 | H15: 尹培阳 | I15: 孙浩然 | J15: 1000 | K15: 123.39 | L15: 13 | M15: 二等奖
A16: 35656 | B16: 2B8h6VNW-94-001-Eh-008-1-pWo-01-upA | C16: 'MakeX系列赛项' | D16: 'MakeX Inspire智慧物流' | E16: 小学组 | F16: 龙鳞 | G16: 石家庄市北新街小学 | H16: 宋凯 | I16: 董载熙 | J16: 1000 | K16: 125.99 | L16: 14 | M16: 二等奖
A17: 30979 | B17: 2B8h6VNy-94-001-hl-008-1-8U6-01-3ux | C17: 'MakeX系列赛项' | D17: 'MakeX Inspire智慧物流' | E17: 小学组 | F17: 玉峰战队 | G17: 青岛市李沧区工大科技培训学校 | H17: 孙小媚 | I17: 刘思阔 | J17: 1000 | K17: 126.34 | L17: 15 | M17: 二等奖
A18: 32681 | B18: 2B8h6VCX-94-001-I3-008-1-7DJ-01-s46 | C18: 'MakeX系列赛项' | D18: 'MakeX Inspire智慧物流' | E18: 小学组 | F18: 枫度翩翩 | G18: 海淀区科技活动服务协会 | H18: 杨涛 | I18: 蔡朗枫 | J18: 1000 | K18: 128.63 | L18: 16 | M18: 二等奖
A19: 33271 | B19: 2B8h6VpE-94-001-ys-008-1-sA6-01-8qU | C19: 'MakeX系列赛项' | D19: 'MakeX Inspire智慧物流' | E19: 小学组 | F19: Dora-GGBond队 | G19: 深圳市南山为明学校 | H19: 张启繁 | I19: 严明煜 | J19: 1000 | K19: 131.31 | L19: 17 | M19: 二等奖
A20: 31417 | B20: 2B8h6VpK-94-001-6r-008-1-5Ru-01-lb4 | C20: 'MakeX系列赛项' | D20: 'MakeX Inspire智慧物流' | E20: 小学组 | F20: 一身正气战队 | G20: 威海市南山小学 | H20: 王泳川 | I20: 刘正浩 | J20: 1000 | K20: 131.63 | L20: 18 | M20: 二等奖
A21: 35197 | B21: 2B8h6Vpn-94-001-I8-008-1-lwh-01-2sy | C21: 'MakeX系列赛项' | D21: 'MakeX Inspire智慧物流' | E21: 小学组 | F21: Dora-超级赛亚人队 | G21: 深圳市宝安区海港小学 | H21: 蔡行明 | I21: 王启诺 | J21: 1000 | K21: 136.47 | L21: 19 | M21: 二等奖
A22: 33309 | B22: 2B8h6VNV-94-001-rl-008-1-KQy-01-4R8 | C22: 'MakeX系列赛项' | D22: 'MakeX Inspire智慧物流' | E22: 小学组 | F22: HABA霹雳队 | G22: 武汉市江岸区长春街小学 | H22: 张雪 | I22: 刘潇宇 | J22: 1000 | K22: 137.7 | L22: 20 | M22: 二等奖
A23: 31100 | B23: 2B8h6VNZ-94-001-aM-008-1-P9G-01-Lg7 | C23: 'MakeX系列赛项' | D23: 'MakeX Inspire智慧物流' | E23: 小学组 | F23: 尚阳至美-逆行者 | G23: 成都高新区尚阳小学 | H23: 王宁 | I23: 韩杨咏絮 | J23: 1000 | K23: 143.36 | L23: 21 | M23: 二等奖
A24: 31491 | B24: 2B8h6Vpp-94-001-Em-008-1-nOG-01-CSx | C24: 'MakeX系列赛项' | D24: 'MakeX Inspire智慧物流' | E24: 小学组 | F24: 泽江战队 | G24: 威海市皇冠中学北校区 | H24: 肖军好 | I24: 李泽江 | J24: 1000 | K24: 144.13 | L24: 22 | M24: 二等奖
... A66: 34350 | B66: 2B8h6VNo-94-001-BA-008-1-V5l-01-AZE | C66: 'MakeX系列赛项' | D66: 'MakeX Inspire智慧物流' | E66: 小学组 | F66: 竹石战队 | G66: 重庆市江津滨江四牌坊小学校 | H66: 张世锦 | I66: 张泽筠 | J66: 300 | K66: 275.87 | L66: 64 | M66: 三等奖
A68: 35346 | B68: 2B8h6VS6-94-001-Tl-007-1-DLt-01-PAO | C68: 'MakeX系列赛项' | D68: 'MakeX Spark梦想家园' | E68: 小学组 | F68: 未来创客 | G68: 北京市东城区和平里第四小学 | H68: 李伟 | I68: 王子墨 | J68: 32.3 | L68: 1 | M68: 一等奖(冠军) | N68: 入围总决赛
A69: 35469 | B69: 2B8h6VSw-94-001-U4-007-1-2i8-01-FPh | C69: 'MakeX系列赛项' | D69: 'MakeX Spark梦想家园' | E69: 小学组 | F69: 彩虹战队 | G69: 北京市海淀区小学 | H69: 周淼|李伟 | I69: 金蔓辰|何艾航 | J69: 32 | L69: 2 | M69: 一等奖(亚军) | N69: 入围总决赛
A70: 35507 | B70: 2B8h6VSq-94-001-Ct-007-1-jH5-01-5oB | C70: 'MakeX系列赛项' | D70: 'MakeX Spark梦想家园' | E70: 小学组 | F70: X猛虎战队 | G70: 北京市宣武师范学校附属第一小学、北京市丰台区东高地第三小学 | H70: 高鑫|陆慧玲 | I70: 周至|王斓馨 | J70: 30.3 | L70: 3 | M70: 一等奖(季军) | N70: 入围总决赛
A71: 35504 | B71: 2B8h6VSt-94-001-j0-007-1-7O0-01-pGL | C71: 'MakeX系列赛项' | D71: 'MakeX Spark梦想家园' | E71: 小学组 | F71: 勇敢小队 | G71: 成都外国语学校、深圳市宝安中学实验学校 | H71: 周淼|李伟 | I71: 邱逸垚|司嘉屹 | J71: 29 | L71: 4 | M71: 二等奖
A72: 35470 | B72: 2B8h6VSy-94-001-Oz-007-1-G97-01-OE6 | C72: 'MakeX系列赛项' | D72: 'MakeX Spark梦想家园' | E72: 小学组 | F72: 梦幻战队 | G72: 首都师范大学实验小学、北京医科大学附属小学 | H72: 周淼|李伟 | I72: 刘承穆|朱瑾瑜 | J72: 28.6 | L72: 5 | M72: 二等奖
A73: 32563 | B73: 2B8h6VSQ-94-001-BR-007-1-UlO-01-ibn | C73: 'MakeX系列赛项' | D73: 'MakeX Spark梦想家园' | E73: 小学组 | F73: 武汉经开外国语学校 | G73: 武汉经开外国语学校 | H73: 李鸿翱 | I73: 胡钱辰|王泰尔 | J73: 26.6 | L73: 6 | M73: 二等奖
A74: 35342 | B74: 2B8h6VSx-94-001-8L-007-1-iW0-01-hZ9 | C74: 'MakeX系列赛项' | D74: 'MakeX Spark梦想家园' | E74: 小学组 | F74: Very Nice战队 | G74: 广州市天河区体育西路小学、华阳小学 | H74: 李伟|周淼 | I74: 邓熙潆|郑子骏 | J74: 26.6 | L74: 7 | M74: 二等奖
A75: 33133 | B75: 2B8h6VSE-94-001-T9-007-1-em9-01-QBt | C75: 'MakeX系列赛项' | D75: 'MakeX Spark梦想家园' | E75: 小学组 | F75: 武汉英中学校 | G75: 武汉英中学校 | H75: 程俊 | I75: 李嘉懿|周骏熙 | J75: 26.3 | L75: 8 | M75: 二等奖
A76: 35467 | B76: 2B8h6VS7-94-001-hB-007-1-JcS-01-Wfu | C76: 'MakeX系列赛项' | D76: 'MakeX Spark梦想家园' | E76: 小学组 | F76: 阳光繁星战队 | G76: 北京市丰台区第五小学科丰分校、北京市五一小学 | H76: 高鑫|周淼 | I76: 陈彦伟|尹子潇 | J76: 26 | L76: 9 | M76: 三等奖
A77: 36655 | B77: 2B8h6VSc-94-001-Tu-007-1-b22-01-QhV | C77: 'MakeX系列赛项' | D77: 'MakeX Spark梦想家园' | E77: 小学组 | F77: 月月大有战队 | G77: 镇江市红旗小学 | H77: 李伟|周淼 | I77: 蔡大有|张轩瑞 | J77: 25.6 | L77: 10 | M77: 三等奖
A78: 36594 | B78: 2B8h6VSB-94-001-Am-007-1-IPn-01-OL9 | C78: 'MakeX系列赛项' | D78: 'MakeX Spark梦想家园' | E78: 小学组 | F78: 湖北武昌实验战队 | G78: 湖北省武昌实验小学 | H78: 刘莉 | I78: 戴煜哲 | J78: 23.3 | L78: 11 | M78: 三等奖
A79: 31268 | B79: 2B8h6VSo-94-001-9N-007-1-b3E-01-hcA | C79: 'MakeX系列赛项' | D79: 'MakeX Spark梦想家园' | E79: 小学组 | F79: 乐易悠悠 | G79: 北京市海淀区崛起实验学校 | H79: 王若旭 | I79: 黄乐易 | J79: 23 | L79: 12 | M79: 三等奖
A80: 31549 | B80: 2B8h6VSX-94-001-ux-007-1-adA-01-EJW | C80: 'MakeX系列赛项' | D80: 'MakeX Spark梦想家园' | E80: 小学组 | F80: 卓梦远航 | G80: 北京市第一零九中学小学部 | H80: 张秋丽 | I80: 章僖宸 | J80: 22.3 | K80: 、 | L80: 13 | M80: 三等奖
A81: 32164 | B81: 2B8h6VSW-94-001-PI-007-1-0Bq-01-PCM | C81: 'MakeX系列赛项' | D81: 'MakeX Spark梦想家园' | E81: 小学组 | F81: 智能旋风 | G81: 北京市朝阳区垂杨柳中心小学金都分校 | H81: 袁佳悦 | I81: 刘瀚泽 | J81: 20 | L81: 14 | M81: 三等奖
A82: 32014 | B82: 2B8h6VS0-94-001-aA-007-1-pvO-01-4xa | C82: 'MakeX系列赛项' | D82: 'MakeX Spark梦想家园' | E82: 小学组 | F82: BARRET战队 | G82: 九莲小学 | H82: 朱瑞畅 | I82: 陈北 | J82: 19.3 | L82: 15 | M82: 三等奖
A83: 31713 | B83: 2B8h6VSK-94-001-h7-007-1-hVN-01-si7 | C83: 'MakeX系列赛项' | D83: 'MakeX Spark梦想家园' | E83: 小学组 | F83: 未来之光 | G83: 南京市五老村小学 | H83: 卜晓磊 | I83: 张耀嘉 | J83: 17.3 | L83: 16 | M83: 三等奖
A85: 报名编号 | B85: 激活码 | C85: 赛道 | D85: 赛项 | E85: 组别 | F85: 队伍名称 | G85: 申报单位 | H85: 教练信息 | I85: 学生信息 | J85: 比赛分数 | L85: 成绩排名 | M85: 奖项
A86: 32066 | B86: =VLOOKUP(A86,[1]Explorer赛项报名数据!$A$1:$P$86,2,FALSE) -> 2B8h6VTd-94-001-TZ-010-1-bdd-02-RuE | C86: 'MakeX系列赛项' | D86: 'MakeX Explorer数智先锋' | E86: 初中组 | F86: =VLOOKUP(A86,[1]Explorer赛项报名数据!$A$1:$P$86,6,FALSE) -> 灵泽战队 | G86: =VLOOKUP(A86,[1]Explorer赛项报名数据!$A$1:$P$86,10,FALSE) -> 青岛市李沧区工大科技培训学校 | H86: =VLOOKUP(A86,[1]Explorer赛项报名数据!$A$1:$P$86,14,FALSE) -> 曹伟铭|蒋爽 | I86: =VLOOKUP(A86,[1]Explorer赛项报名数据!$A$1:$P$86,16,FALSE) -> 李浩宇|吕明泽|臧人昊|朱恩泽 | J86: 晋级决赛 | L86: 1 | M86: 一等奖(冠军) | N86: 入围总决赛
A87: 32072 | B87: =VLOOKUP(A87,[1]Explorer赛项报名数据!$A$1:$P$86,2,FALSE) -> 2B8h6VQP-94-001-WN-010-1-4NS-02-m6u | C87: 'MakeX系列赛项' | D87: 'MakeX Explorer数智先锋' | E87: 初中组 | F87: =VLOOKUP(A87,[1]Explorer赛项报名数据!$A$1:$P$86,6,FALSE) -> 图南战队 | G87: =VLOOKUP(A87,[1]Explorer赛项报名数据!$A$1:$P$86,10,FALSE) -> 青岛市李沧区工大科技培训学校 | H87: =VLOOKUP(A87,[1]Explorer赛项报名数据!$A$1:$P$86,14,FALSE) -> 曹伟铭|蒋爽 | I87: =VLOOKUP(A87,[1]Explorer赛项报名数据!$A$1:$P$86,16,FALSE) -> 罗子皓|刘禹良|杨昊辰|薛雁英 | J87: 晋级决赛 | L87: 2 | M87: 一等奖(冠军) | N87: 入围总决赛
A88: 30856 | B88: =VLOOKUP(A88,[1]Explorer赛项报名数据!$A$1:$P$86,2,FALSE) -> 2B8h6VYS-94-001-OU-010-1-HN5-02-VwT | C88: 'MakeX系列赛项' | D88: 'MakeX Explorer数智先锋' | E88: 初中组 | F88: =VLOOKUP(A88,[1]Explorer赛项报名数据!$A$1:$P$86,6,FALSE) -> 有bear来 | G88: =VLOOKUP(A88,[1]Explorer赛项报名数据!$A$1:$P$86,10,FALSE) -> 南通迈创机器人编程中心 | H88: =VLOOKUP(A88,[1]Explorer赛项报名数据!$A$1:$P$86,14,FALSE) -> 许杰|李佳城 | I88: =VLOOKUP(A88,[1]Explorer赛项报名数据!$A$1:$P$86,16,FALSE) -> 陈宣亦|梅炳升 | J88: 晋级决赛 | L88: 3 | M88: 一等奖(亚军) | N88: 入围总决赛
A89: 32048 | B89: =VLOOKUP(A89,[1]Explorer赛项报名数据!$A$1:$P$86,2,FALSE) -> 2B8h6VjC-94-001-UR-010-1-IZo-02-Ykh | C89: 'MakeX系列赛项' | D89: 'MakeX Explorer数智先锋' | E89: 初中组 | F89: =VLOOKUP(A89,[1]Explorer赛项报名数据!$A$1:$P$86,6,FALSE) -> 天狼战队 | G89: =VLOOKUP(A89,[1]Explorer赛项报名数据!$A$1:$P$86,10,FALSE) -> 青岛市李沧区工大科技培训学校 | H89: =VLOOKUP(A89,[1]Explorer赛项报名数据!$A$1:$P$86,14,FALSE) -> 曹伟铭|蒋爽 | I89: =VLOOKUP(A89,[1]Explorer赛项报名数据!$A$1:$P$86,16,FALSE) -> 丁启洋|李灏辰|李译涵|王子辰 | J89: 晋级决赛 | L89: 4 | M89: 一等奖(亚军) | N89: 入围总决赛
A90: 32063 | B90: =VLOOKUP(A90,[1]Explorer赛项报名数据!$A$1:$P$86,2,FALSE) -> 2B8h6VTX-94-001-NF-010-1-yCe-02-5JC | C90: 'MakeX系列赛项' | D90: 'MakeX Explorer数智先锋' | E90: 初中组 | F90: =VLOOKUP(A90,[1]Explorer赛项报名数据!$A$1:$P$86,6,FALSE) -> 扶摇战队 | G90: =VLOOKUP(A90,[1]Explorer赛项报名数据!$A$1:$P$86,10,FALSE) -> 青岛市李沧区工大科技培训学校 | H90: =VLOOKUP(A90,[1]Explorer赛项报名数据!$A$1:$P$86,14,FALSE) -> 曹伟铭|蒋爽 | I90: =VLOOKUP(A90,[1]Explorer赛项报名数据!$A$1:$P$86,16,FALSE) -> 于旖涵|李明哲|赵奕博|金子诺 | J90: 晋级半决赛 | L90: 5 | M90: 一等奖(季军) | N90: 入围总决赛
A91: 32082 | B91: =VLOOKUP(A91,[1]Explorer赛项报名数据!$A$1:$P$86,2,FALSE) -> 2B8h6VQw-94-001-5Q-010-1-U3U-02-4jw | C91: 'MakeX系列赛项' | D91: 'MakeX Explorer数智先锋' | E91: 初中组 | F91: =VLOOKUP(A91,[1]Explorer赛项报名数据!$A$1:$P$86,6,FALSE) -> 猎豹战队 | G91: =VLOOKUP(A91,[1]Explorer赛项报名数据!$A$1:$P$86,10,FALSE) -> 青岛市李沧区工大科技培训学校 | H91: =VLOOKUP(A91,[1]Explorer赛项报名数据!$A$1:$P$86,14,FALSE) -> 曹伟铭|蒋爽 | I91: =VLOOKUP(A91,[1]Explorer赛项报名数据!$A$1:$P$86,16,FALSE) -> 石镕嘉|栾鑫丞|张恪铭 | J91: 晋级半决赛 | L91: 6 | M91: 一等奖(季军) | N91: 入围总决赛
A92: 31334 | B92: =VLOOKUP(A92,[1]Explorer赛项报名数据!$A$1:$P$86,2,FALSE) -> 2B8h6VHe-94-001-rm-010-1-IQK-02-mDr | C92: 'MakeX系列赛项' | D92: 'MakeX Explorer数智先锋' | E92: 初中组 | F92: =VLOOKUP(A92,[1]Explorer赛项报名数据!$A$1:$P$86,6,FALSE) -> 华彩蚩尤 | G92: =VLOOKUP(A92,[1]Explorer赛项报名数据!$A$1:$P$86,10,FALSE) -> 兰州市城关区华侨实验学校 | H92: =VLOOKUP(A92,[1]Explorer赛项报名数据!$A$1:$P$86,14,FALSE) -> 文龙 | I92: =VLOOKUP(A92,[1]Explorer赛项报名数据!$A$1:$P$86,16,FALSE) -> 魏义宸|李金宇|徐一菡 | J92: 晋级半决赛 | L92: 7 | M92: 一等奖 | N92: 入围总决赛
A93: 32837 | B93: =VLOOKUP(A93,[1]Explorer赛项报名数据!$A$1:$P$86,2,FALSE) -> 2B8h6VTp-94-001-k8-010-1-ZV4-02-G7d | C93: 'MakeX系列赛项' | D93: 'MakeX Explorer数智先锋' | E93: 初中组 | F93: =VLOOKUP(A93,[1]Explorer赛项报名数据!$A$1:$P$86,6,FALSE) -> jy-锐特少年队 | G93: =VLOOKUP(A93,[1]Explorer赛项报名数据!$A$1:$P$86,10,FALSE) -> 镇江市第三中学 | H93: =VLOOKUP(A93,[1]Explorer赛项报名数据!$A$1:$P$86,14,FALSE) -> 贾仪健|孔祥飞 | I93: =VLOOKUP(A93,[1]Explorer赛项报名数据!$A$1:$P$86,16,FALSE) -> 缪雨泽|戴熙童|王沐欢 | J93: 晋级半决赛 | L93: 8 | M93: 一等奖 | N93: 入围总决赛
A94: 33053 | B94: =VLOOKUP(A94,[1]Explorer赛项报名数据!$A$1:$P$86,2,FALSE) -> 2B8h6Vju-94-001-EF-010-1-fkR-02-dQk | C94: 'MakeX系列赛项' | D94: 'MakeX Explorer数智先锋' | E94: 初中组 | F94: =VLOOKUP(A94,[1]Explorer赛项报名数据!$A$1:$P$86,6,FALSE) -> 童小程丨LED | G94: =VLOOKUP(A94,[1]Explorer赛项报名数据!$A$1:$P$86,10,FALSE) -> 华师大运学校 罗外实验学校 螺外实验学校 联队 | H94: =VLOOKUP(A94,[1]Explorer赛项报名数据!$A$1:$P$86,14,FALSE) -> 冯程辉|郑微花 | I94: =VLOOKUP(A94,[1]Explorer赛项报名数据!$A$1:$P$86,16,FALSE) -> 赵悦言|林恩弘|关竣友|欧阳睿谦 | J94: 晋级16进8 | L94: 9 | M94: 一等奖 | N94: 入围总决赛
A95: 31796 | B95: =VLOOKUP(A95,[1]Explorer赛项报名数据!$A$1:$P$86,2,FALSE) -> 2B8h6VjI-94-001-O4-010-1-PBQ-02-dNu | C95: 'MakeX系列赛项' | D95: 'MakeX Explorer数智先锋' | E95: 初中组 | F95: =VLOOKUP(A95,[1]Explorer赛项报名数据!$A$1:$P$86,6,FALSE) -> 鸿鹄 | G95: =VLOOKUP(A95,[1]Explorer赛项报名数据!$A$1:$P$86,10,FALSE) -> 深圳市龙岗区龙岗街道南联学校 | H95: =VLOOKUP(A95,[1]Explorer赛项报名数据!$A$1:$P$86,14,FALSE) -> 邱明华 | I95: =VLOOKUP(A95,[1]Explorer赛项报名数据!$A$1:$P$86,16,FALSE) -> 陈润之|罗毅朗 | J95: 晋级16进8 | L95: 10 | M95: 一等奖 | N95: 入围总决赛
A96: 31797 | B96: =VLOOKUP(A96,[1]Explorer赛项报名数据!$A$1:$P$86,2,FALSE) -> 2B8h6VjS-94-001-aa-010-1-Rks-02-NrC | C96: 'MakeX系列赛项' | D96: 'MakeX Explorer数智先锋' | E96: 初中组 | F96: =VLOOKUP(A96,[1]Explorer赛项报名数据!$A$1:$P$86,6,FALSE) -> 幻影-战队 | G96: =VLOOKUP(A96,[1]Explorer赛项报名数据!$A$1:$P$86,10,FALSE) -> 深圳市龙岗区深圳中学龙岗学校 | H96: =VLOOKUP(A96,[1]Explorer赛项报名数据!$A$1:$P$86,14,FALSE) -> 陈璐 | I96: =VLOOKUP(A96,[1]Explorer赛项报名数据!$A$1:$P$86,16,FALSE) -> 罗晟峰|方子瑞 | J96: 晋级16进8 | L96: 11 | M96: 一等奖 | N96: 入围总决赛
A97: 32149 | B97: =VLOOKUP(A97,[1]Explorer赛项报名数据!$A$1:$P$86,2,FALSE) -> 2B8h6VjT-94-001-vd-010-1-wT0-02-bga | C97: 'MakeX系列赛项' | D97: 'MakeX Explorer数智先锋' | E97: 初中组 | F97: =VLOOKUP(A97,[1]Explorer赛项报名数据!$A$1:$P$86,6,FALSE) -> 不姓崔的老崔 | G97: =VLOOKUP(A97,[1]Explorer赛项报名数据!$A$1:$P$86,10,FALSE) -> 青岛大学附属中学、青岛第五十九中学、青岛榉园学校 | H97: =VLOOKUP(A97,[1]Explorer赛项报名数据!$A$1:$P$86,14,FALSE) -> 管良辰|牛延庆 | I97: =VLOOKUP(A97,[1]Explorer赛项报名数据!$A$1:$P$86,16,FALSE) -> 管明轩|段宇昊|石瑾熙 | J97: 晋级16进8 | L97: 12 | M97: 一等奖 | N97: 入围总决赛
A98: 32669 | B98: =VLOOKUP(A98,[1]Explorer赛项报名数据!$A$1:$P$86,2,FALSE) -> 2B8h6Vj6-94-001-Ws-010-1-gbe-02-sm7 | C98: 'MakeX系列赛项' | D98: 'MakeX Explorer数智先锋' | E98: 初中组 | F98: =VLOOKUP(A98,[1]Explorer赛项报名数据!$A$1:$P$86,6,FALSE) -> 科睿猎刃战队 | G98: =VLOOKUP(A98,[1]Explorer赛项报名数据!$A$1:$P$86,10,FALSE) -> 卓雅小学 | H98: =VLOOKUP(A98,[1]Explorer赛项报名数据!$A$1:$P$86,14,FALSE) -> 张威 | I98: =VLOOKUP(A98,[1]Explorer赛项报名数据!$A$1:$P$86,16,FALSE) -> 叶宇翔|李忠明 | J98: 晋级16进8 | L98: 13 | M98: 二等奖
A99: 34026 | B99: =VLOOKUP(A99,[1]Explorer赛项报名数据!$A$1:$P$86,2,FALSE) -> 2B8h6VHs-94-001-Ad-010-1-nRE-02-Pjl | C99: 'MakeX系列赛项' | D99: 'MakeX Explorer数智先锋' | E99: 初中组 | F99: =VLOOKUP(A99,[1]Explorer赛项报名数据!$A$1:$P$86,6,FALSE) -> 云霄鲲鹏 | G99: =VLOOKUP(A99,[1]Explorer赛项报名数据!$A$1:$P$86,10,FALSE) -> 北京市海淀区科技活动服务协会 | H99: =VLOOKUP(A99,[1]Explorer赛项报名数据!$A$1:$P$86,14,FALSE) -> 尹培阳 | I99: =VLOOKUP(A99,[1]Explorer赛项报名数据!$A$1:$P$86,16,FALSE) -> 王嘉瑞|Jasper Mason Shi | J99: 晋级16进8 | L99: 14 | M99: 二等奖
A100: 34795 | B100: =VLOOKUP(A100,[1]Explorer赛项报名数据!$A$1:$P$86,2,FALSE) -> 2B8h6VHO-94-001-eA-010-1-uMc-02-cZ6 | C100: 'MakeX系列赛项' | D100: 'MakeX Explorer数智先锋' | E100: 初中组 | F100: =VLOOKUP(A100,[1]Explorer赛项报名数据!$A$1:$P$86,6,FALSE) -> “派”队 | G100: =VLOOKUP(A100,[1]Explorer赛项报名数据!$A$1:$P$86,10,FALSE) -> 青岛国开中学 青岛镇江路小学 | H100: =VLOOKUP(A100,[1]Explorer赛项报名数据!$A$1:$P$86,14,FALSE) -> 管良辰|牛延庆 | I100: =VLOOKUP(A100,[1]Explorer赛项报名数据!$A$1:$P$86,16,FALSE) -> 孙熙贺|管逸尘 | J100: 晋级16进8 | L100: 15 | M100: 二等奖
A101: 34427 | B101: =VLOOKUP(A101,[1]Explorer赛项报名数据!$A$1:$P$86,2,FALSE) -> 2B8h6Vjd-94-001-Dl-010-1-hhd-02-Lbf | C101: 'MakeX系列赛项' | D101: 'MakeX Explorer数智先锋' | E101: 初中组 | F101: =VLOOKUP(A101,[1]Explorer赛项报名数据!$A$1:$P$86,6,FALSE) -> 智慧河星执一队 | G101: =VLOOKUP(A101,[1]Explorer赛项报名数据!$A$1:$P$86,10,FALSE) -> 广州市星执学校 | H101: =VLOOKUP(A101,[1]Explorer赛项报名数据!$A$1:$P$86,14,FALSE) -> 聂小清|陈梓杰 | I101: =VLOOKUP(A101,[1]Explorer赛项报名数据!$A$1:$P$86,16,FALSE) -> 刘洋舟|张瑞航屹 | J101: 晋级16进8 | L101: 16 | M101: 二等奖
A102: 34794 | B102: =VLOOKUP(A102,[1]Explorer赛项报名数据!$A$1:$P$86,2,FALSE) -> 2B8h6VH9-94-001-jp-010-1-2mS-02-n8d | C102: 'MakeX系列赛项' | D102: 'MakeX Explorer数智先锋' | E102: 初中组 | F102: =VLOOKUP(A102,[1]Explorer赛项报名数据!$A$1:$P$86,6,FALSE) -> 鹰隼 | G102: =VLOOKUP(A102,[1]Explorer赛项报名数据!$A$1:$P$86,10,FALSE) -> 青岛第四实验初级中学 青岛第39中学 青岛第59中学 | H102: =VLOOKUP(A102,[1]Explorer赛项报名数据!$A$1:$P$86,14,FALSE) -> 管良辰|王茹佳 | I102: =VLOOKUP(A102,[1]Explorer赛项报名数据!$A$1:$P$86,16,FALSE) -> 张耀元|所睿东|高琴君 | J102: 晋级32进16 | L102: 17 | M102: 二等奖
A103: 31343 | B103: =VLOOKUP(A103,[1]Explorer赛项报名数据!$A$1:$P$86,2,FALSE) -> 2B8h6VH6-94-001-xP-010-1-udL-02-1ih | C103: 'MakeX系列赛项' | D103: 'MakeX Explorer数智先锋' | E103: 初中组 | F103: =VLOOKUP(A103,[1]Explorer赛项报名数据!$A$1:$P$86,6,FALSE) -> 百科自然选择 | G103: =VLOOKUP(A103,[1]Explorer赛项报名数据!$A$1:$P$86,10,FALSE) -> 潍坊高新技术产业开发区北海学校 | H103: =VLOOKUP(A103,[1]Explorer赛项报名数据!$A$1:$P$86,14,FALSE) -> 马宁 | I103: =VLOOKUP(A103,[1]Explorer赛项报名数据!$A$1:$P$86,16,FALSE) -> 吴锦昊|于启航 | J103: 晋级32进16 | L103: 18 | M103: 二等奖
A104: 32786 | B104: =VLOOKUP(A104,[1]Explorer赛项报名数据!$A$1:$P$86,2,FALSE) -> 2B8h6VTl-94-001-zf-010-1-k5b-02-aKs | C104: 'MakeX系列赛项' | D104: 'MakeX Explorer数智先锋' | E104: 初中组 | F104: =VLOOKUP(A104,[1]Explorer赛项报名数据!$A$1:$P$86,6,FALSE) -> 北京市第五十七中学 | G104: =VLOOKUP(A104,[1]Explorer赛项报名数据!$A$1:$P$86,10,FALSE) -> 北京市第五十七中学 | H104: =VLOOKUP(A104,[1]Explorer赛项报名数据!$A$1:$P$86,14,FALSE) -> 果志 | I104: =VLOOKUP(A104,[1]Explorer赛项报名数据!$A$1:$P$86,16,FALSE) -> 杨玥婷|左浩博|马天瑞|孔维之 | J104: 晋级32进16 | L104: 19 | M104: 二等奖
A105: 32380 | B105: =VLOOKUP(A105,[1]Explorer赛项报名数据!$A$1:$P$86,2,FALSE) -> 2B8h6VYK-94-001-6d-010-1-8oO-02-zN8 | C105: 'MakeX系列赛项' | D105: 'MakeX Explorer数智先锋' | E105: 初中组 | F105: =VLOOKUP(A105,[1]Explorer赛项报名数据!$A$1:$P$86,6,FALSE) -> 未来战士Pro | G105: =VLOOKUP(A105,[1]Explorer赛项报名数据!$A$1:$P$86,10,FALSE) -> 海淀区科技活动服务协会 | H105: =VLOOKUP(A105,[1]Explorer赛项报名数据!$A$1:$P$86,14,FALSE) -> 张悦|钟俊健 | I105: =VLOOKUP(A105,[1]Explorer赛项报名数据!$A$1:$P$86,16,FALSE) -> 张泽熙|赵柏恺 | J105: 晋级32进16 | L105: 20 | M105: 二等奖
A106: 32442 | B106: =VLOOKUP(A106,[1]Explorer赛项报名数据!$A$1:$P$86,2,FALSE) -> 2B8h6VYq-94-001-oQ-010-1-Q0S-02-xSQ | C106: 'MakeX系列赛项' | D106: 'MakeX Explorer数智先锋' | E106: 初中组 | F106: =VLOOKUP(A106,[1]Explorer赛项报名数据!$A$1:$P$86,6,FALSE) -> 甜蜜的死神 | G106: =VLOOKUP(A106,[1]Explorer赛项报名数据!$A$1:$P$86,10,FALSE) -> 洛阳市天津路小学 | H106: =VLOOKUP(A106,[1]Explorer赛项报名数据!$A$1:$P$86,14,FALSE) -> 马程辉 | I106: =VLOOKUP(A106,[1]Explorer赛项报名数据!$A$1:$P$86,16,FALSE) -> 陶毅翔|孙有邻 | J106: 晋级32进16 | L106: 21 | M106: 二等奖
A107: 32168 | B107: =VLOOKUP(A107,[1]Explorer赛项报名数据!$A$1:$P$86,2,FALSE) -> 2B8h6VYl-94-001-BF-010-1-KTd-02-vbf | C107: 'MakeX系列赛项' | D107: 'MakeX Explorer数智先锋' | E107: 初中组 | F107: =VLOOKUP(A107,[1]Explorer赛项报名数据!$A$1:$P$86,6,FALSE) -> 沱江源1队 | G107: =VLOOKUP(A107,[1]Explorer赛项报名数据!$A$1:$P$86,10,FALSE) -> 金堂外国语学校 | H107: =VLOOKUP(A107,[1]Explorer赛项报名数据!$A$1:$P$86,14,FALSE) -> 廖俊 | I107: =VLOOKUP(A107,[1]Explorer赛项报名数据!$A$1:$P$86,16,FALSE) -> 曹瑞城|邓为杰|邱明皓 | J107: 晋级32进16 | L107: 22 | M107: 二等奖
A108: 35942 | B108: =VLOOKUP(A108,[1]Explorer赛项报名数据!$A$1:$P$86,2,FALSE) -> 2B8h6VQU-94-001-7l-010-1-ZJH-02-cHR | C108: 'MakeX系列赛项' | D108: 'MakeX Explorer数智先锋' | E108: 初中组 | F108: =VLOOKUP(A108,[1]Explorer赛项报名数据!$A$1:$P$86,6,FALSE) -> 真我·人之律者 | G108: =VLOOKUP(A108,[1]Explorer赛项报名数据!$A$1:$P$86,10,FALSE) -> 智辰创客教育培训学校 | H108: =VLOOKUP(A108,[1]Explorer赛项报名数据!$A$1:$P$86,14,FALSE) -> 马闯|邱振琨 | I108: =VLOOKUP(A108,[1]Explorer赛项报名数据!$A$1:$P$86,16,FALSE) -> 庞凡淇|邢子毅 | J108: 晋级32进16 | L108: 23 | M108: 二等奖
A109: 33095 | B109: =VLOOKUP(A109,[1]Explorer赛项报名数据!$A$1:$P$86,2,FALSE) -> 2B8h6VYF-94-001-fh-010-1-Cru-02-MHD | C109: 'MakeX系列赛项' | D109: 'MakeX Explorer数智先锋' | E109: 初中组 | F109: =VLOOKUP(A109,[1]Explorer赛项报名数据!$A$1:$P$86,6,FALSE) -> 极客侠猛虎战队 | G109: =VLOOKUP(A109,[1]Explorer赛项报名数据!$A$1:$P$86,10,FALSE) -> 青岛泽园文化艺术培训学校 | H109: =VLOOKUP(A109,[1]Explorer赛项报名数据!$A$1:$P$86,14,FALSE) -> 刘骁飞 | I109: =VLOOKUP(A109,[1]Explorer赛项报名数据!$A$1:$P$86,16,FALSE) -> 亓玺珺|朱子宸 | J109: 晋级32进16 | L109: 24 | M109: 二等奖
... A166: 41577 | B166: =VLOOKUP(A166,[1]Explorer赛项报名数据!$A$1:$P$86,2,FALSE) -> 2B8h69nx-94-001-p7-010-1-Hsz-02-r7b | C166: 'MakeX系列赛项' | D166: 'MakeX Explorer数智先锋' | E166: 初中组 | F166: =VLOOKUP(A166,[1]Explorer赛项报名数据!$A$1:$P$86,6,FALSE) -> 大发明家队 | G166: =VLOOKUP(A166,[1]Explorer赛项报名数据!$A$1:$P$86,10,FALSE) -> 大发明家机器人 | H166: =VLOOKUP(A166,[1]Explorer赛项报名数据!$A$1:$P$86,14,FALSE) -> 蒋余强 | I166: =VLOOKUP(A166,[1]Explorer赛项报名数据!$A$1:$P$86,16,FALSE) -> 吴昊天|吴泓毅|詹奥平|王俞舜 | J166: 未晋级淘汰赛 | L166: 81 | M166: 三等奖
A168: 34030 | B168: 2B8h6VWU-94-001-0S-009-1-N9S-01-tjT | C168: 'MakeX系列赛项' | D168: 'MakeX Starter全芯征途' | E168: 小学组 | F168: 星空问天 | G168: 育贤学校 | H168: 黄利涛 | I168: 萧子涵|邓培浩 | J168: 晋级冠军 争夺战 | L168: 1 | M168: 一等奖(冠军) | N168: 入围总决赛
A169: 36509 | B169: 2B8h6Vl9-94-001-s5-009-1-0ox-01-FWq | C169: 'MakeX系列赛项' | D169: 'MakeX Starter全芯征途' | E169: 小学组 | F169: 大师之剑 | G169: 深圳市龙华区清泉外国语学校 | H169: 周瑞|黄利涛 | I169: 郭昊霆|李希彧 | J169: 晋级冠军 争夺战 | L169: 2 | M169: 一等奖(冠军) | N169: 入围总决赛
A170: 34180 | B170: 2B8h6VOa-94-001-jE-009-1-xNZ-01-Kz7 | C170: 'MakeX系列赛项' | D170: 'MakeX Starter全芯征途' | E170: 小学组 | F170: 哈工致远创梦战队 | G170: 昆山市青少年宫 | H170: 王桂花|朱星宇 | I170: 吴睦涵|徐浩轩 | J170: 晋级冠军 争夺战 | L170: 3 | M170: 一等奖(亚军) | N170: 入围总决赛
A171: 34167 | B171: 2B8h6VO3-94-001-tJ-009-1-RtY-01-B8V | C171: 'MakeX系列赛项' | D171: 'MakeX Starter全芯征途' | E171: 小学组 | F171: 哈工致远火箭战队 | G171: 昆山市青少年宫 | H171: 王桂花|朱星宇 | I171: 周皓成|唐邦瑞 | J171: 晋级冠军 争夺战 | L171: 4 | M171: 一等奖(亚军) | N171: 入围总决赛
A172: 32161 | B172: 2B8h6V0j-94-001-LX-009-1-OHi-01-W98 | C172: 'MakeX系列赛项' | D172: 'MakeX Starter全芯征途' | E172: 小学组 | F172: 射手战队 | G172: 深圳市南山外国语学校（集团）科苑小学 | H172: 黄兴 | I172: 王子轩|安梓墨 | J172: 晋级冠军 争夺战 | L172: 5 | M172: 一等奖(季军) | N172: 入围总决赛
A173: 32421 | B173: 2B8h6V03-94-001-a2-009-1-ICH-01-z96 | C173: 'MakeX系列赛项' | D173: 'MakeX Starter全芯征途' | E173: 小学组 | F173: 神龙 | G173: 深圳市福田区外国语小学（景秀） | H173: 范永帅 | I173: 韩宗儒|李昀笑 | J173: 晋级冠军 争夺战 | L173: 6 | M173: 一等奖(季军) | N173: 入围总决赛
A174: 29557 | B174: 2B8h6VlZ-94-001-gO-009-1-VQG-01-A1x | C174: 'MakeX系列赛项' | D174: 'MakeX Starter全芯征途' | E174: 小学组 | F174: jy-宝马王子 | G174: 镇江市中山路小学 | H174: 王明|左文艳 | I174: 王浩宇|马睿辰 | J174: 晋级冠军 争夺战 | L174: 7 | M174: 一等奖 | N174: 入围总决赛
A175: 32831 | B175: 2B8h6Vlt-94-001-dF-009-1-7IS-01-0Rk | C175: 'MakeX系列赛项' | D175: 'MakeX Starter全芯征途' | E175: 小学组 | F175: jy-鲲鹏 | G175: 镇江第一外国语学校小学部 | H175: 孙庭轩|张星 | I175: 柳传敏|许睿余 | J175: 晋级冠军 争夺战 | L175: 8 | M175: 一等奖 | N175: 入围总决赛
A176: 34127 | B176: 2B8h6VOt-94-001-zJ-009-1-65A-01-MlU | C176: 'MakeX系列赛项' | D176: 'MakeX Starter全芯征途' | E176: 小学组 | F176: 派队 | G176: 深圳市蛇口育才教育集团育才二小 | H176: 刘亚念 | I176: 刘一默|杨宇森 | J176: 晋级冠军 争夺战 | L176: 9 | M176: 一等奖 | N176: 入围总决赛
A177: 32044 | B177: 2B8h6VW0-94-001-fm-009-1-vHH-01-opN | C177: 'MakeX系列赛项' | D177: 'MakeX Starter全芯征途' | E177: 小学组 | F177: 飞衡战队 | G177: 青岛市李沧区工大科技培训学校 | H177: 力传强 | I177: 刘畅林|伍梓浩 | J177: 晋级冠军 争夺战 | L177: 10 | M177: 一等奖 | N177: 入围总决赛
A178: 33750 | B178: 2B8h6VW1-94-001-dA-009-1-jZB-01-0qs | C178: 'MakeX系列赛项' | D178: 'MakeX Starter全芯征途' | E178: 小学组 | F178: jy-团结小队 | G178: 镇江第一外国语学校附属小学 | H178: 张星|邵洵钰 | I178: 李彦萱|祁诺 | J178: 晋级冠军 争夺战 | L178: 11 | M178: 一等奖 | N178: 入围总决赛
A179: 30419 | B179: 2B8h6Vly-94-001-tL-009-1-BZc-01-yOx | C179: 'MakeX系列赛项' | D179: 'MakeX Starter全芯征途' | E179: 小学组 | F179: JY-智慧洛豆 | G179: 镇江第一外国语学校附属小学 | H179: 张星|邵洵钰 | I179: 张博轩|江王晨 | J179: 晋级冠军 争夺战 | L179: 12 | M179: 一等奖 | N179: 入围总决赛
A180: 31942 | B180: 2B8h6V0T-94-001-DY-009-1-AKZ-01-lKL | C180: 'MakeX系列赛项' | D180: 'MakeX Starter全芯征途' | E180: 小学组 | F180: 侦查者战队 | G180: 深圳市宝安区坪洲小学 | H180: 梁记凯 | I180: 吕穆泽|程浩正 | J180: 晋级冠军 争夺战 | L180: 13 | M180: 二等奖
A181: 31891 | B181: 2B8h6V08-94-001-vG-009-1-qLy-01-7CD | C181: 'MakeX系列赛项' | D181: 'MakeX Starter全芯征途' | E181: 小学组 | F181: KR旋风战队 | G181: 深圳市宝安区坪洲小学 | H181: 梁记凯 | I181: 陈彦圳|胡斯轩 | J181: 晋级冠军 争夺战 | L181: 14 | M181: 二等奖
A182: 31525 | B182: 2B8h6VWY-94-001-8k-009-1-035-01-Oj1 | C182: 'MakeX系列赛项' | D182: 'MakeX Starter全芯征途' | E182: 小学组 | F182: DIEN-白泽队 | G182: 泰州市青少年活动中心 | H182: 杨小蓉 | I182: 王子旭|魏梓涵 | J182: 晋级冠军 争夺战 | L182: 15 | M182: 二等奖
A183: 31513 | B183: 2B8h6VWZ-94-001-MM-009-1-9yo-01-iw0 | C183: 'MakeX系列赛项' | D183: 'MakeX Starter全芯征途' | E183: 小学组 | F183: DIEN-银狐队 | G183: 泰州市青少年活动中心 | H183: 杨小蓉 | I183: 刘佑晔|徐曼婷 | J183: 晋级冠军 争夺战 | L183: 16 | M183: 二等奖
A184: 36696 | B184: 2B8h6VOh-94-001-tJ-009-1-Nmk-01-dJo | C184: 'MakeX系列赛项' | D184: 'MakeX Starter全芯征途' | E184: 小学组 | F184: K-飞龙战队 | G184: 深圳市美中学校 | H184: 覃德屿 | I184: 傅灏然|邓子航 | J184: 晋级冠军 争夺战 | L184: 17 | M184: 二等奖
A185: 31751 | B185: 2B8h6Vl1-94-001-L7-009-1-rR8-01-6QO | C185: 'MakeX系列赛项' | D185: 'MakeX Starter全芯征途' | E185: 小学组 | F185: 朱雀烈焰之心战队 | G185: 新乡市科学技术协会 | H185: 李鑫 | I185: 李金泽|王骏杭 | J185: 晋级冠军 争夺战 | L185: 18 | M185: 二等奖
A186: 32919 | B186: 2B8h6Vj2-94-001-fX-009-1-EJq-01-Gee | C186: 'MakeX系列赛项' | D186: 'MakeX Starter全芯征途' | E186: 小学组 | F186: 致远利剑战队 | G186: 上海健生成长汇培训学校 | H186: 杨飞 | I186: 黄喆哲|骆廷敬 | J186: 晋级冠军 争夺战 | L186: 19 | M186: 二等奖
A187: 31978 | B187: 2B8h6V0g-94-001-FH-009-1-te4-01-VbF | C187: 'MakeX系列赛项' | D187: 'MakeX Starter全芯征途' | E187: 小学组 | F187: 开阳战队 | G187: 青岛市李沧区工大科技培训学校 | H187: 力传强 | I187: 房昀熠|付楷 | J187: 晋级冠军 争夺战 | L187: 20 | M187: 二等奖
A188: 34620 | B188: 2B8h6Vj4-94-001-Wh-009-1-p7c-01-a6e | C188: 'MakeX系列赛项' | D188: 'MakeX Starter全芯征途' | E188: 小学组 | F188: 原子能量 | G188: 深圳市宝安区第二外国语学校 | H188: 张孙传 | I188: 陈沐白|魏文皓 | J188: 晋级冠军 争夺战 | L188: 21 | M188: 二等奖
A189: 34159 | B189: 2B8h6VOI-94-001-zr-009-1-IOe-01-nM7 | C189: 'MakeX系列赛项' | D189: 'MakeX Starter全芯征途' | E189: 小学组 | F189: 圆周率 | G189: 深圳市蛇口育才教育集团育才二中 | H189: 吴晓茜 | I189: 周圣泽|谭浩航 | J189: 晋级冠军 争夺战 | L189: 22 | M189: 二等奖
A190: 31914 | B190: 2B8h6VlI-94-001-FK-009-1-j5N-01-t5c | C190: 'MakeX系列赛项' | D190: 'MakeX Starter全芯征途' | E190: 小学组 | F190: 云丰ZZ终结者 | G190: 吉林省机器人学会 | H190: 夏德金 | I190: 张佳伦|章惟新 | J190: 晋级冠军 争夺战 | L190: 23 | M190: 二等奖
A191: 31684 | B191: 2B8h6VWk-94-001-ui-009-1-9ld-01-pBZ | C191: 'MakeX系列赛项' | D191: 'MakeX Starter全芯征途' | E191: 小学组 | F191: 苏州吴中区郭巷实验小学12队 | G191: 苏州市吴中区郭巷实验小学 | H191: 于瑜 | I191: 伍锐翔|陈意姾 | J191: 晋级冠军 争夺战 | L191: 24 | M191: 二等奖
... A246: 34329 | B246: 2B8h6VWn-94-001-QY-009-1-mbh-01-jCz | C246: 'MakeX系列赛项' | D246: 'MakeX Starter全芯征途' | E246: 小学组 | F246: HAHA科创6队 | G246: 三角湖小学博学校区 | H246: 季明 | I246: 邹心尘|邱静妍 | J246: 未晋级 | L246: 79 | M246: 三等奖
A248: 32491 | B248: 2B8h6VQ1-94-001-44-011-1-wrZ-03-VMH | C248: 'MakeX系列赛项' | D248: 'MakeX Challenge乘胜追机' | E248: 高中组 | F248: 苍穹利剑 | G248: 青岛市李沧区工大科技培训学校 | H248: 孙洪涛|刘晗 | I248: 杨昊嘉|吕睿宸|隋燃|高启皓|张梓暄|邹奕嘉|蒋砾锋|曹竞轩 | J248: 晋级决赛 | L248: 1 | M248: 一等奖(冠军) | N248: 入围总决赛
A249: 32459 | B249: 2B8h6VQT-94-001-Ui-011-1-q4U-03-Jse | C249: 'MakeX系列赛项' | D249: 'MakeX Challenge乘胜追机' | E249: 高中组 | F249: 鹰隼战队 | G249: 青岛市李沧区工大科技培训学校 | H249: 孙洪涛|刘晗 | I249: 周子航|刘隽睿|于跃|李修潼|金相烨|潘羽恬|侯旻熠|刘芮旭 | J249: 晋级决赛 | L249: 2 | M249: 一等奖(冠军) | N249: 入围总决赛
A250: 33350 | B250: 2B8h6V8T-94-001-6A-011-1-bYK-03-O3z | C250: 'MakeX系列赛项' | D250: 'MakeX Challenge乘胜追机' | E250: 高中组 | F250: 原子行星 | G250: 深圳市蛇口育才教育集团育才二中 | H250: 吴晓茜 | I250: 肖梓燚|黄坤|杨杰|邓扬|肖庭轩 | J250: 晋级决赛 | L250: 3 | M250: 一等奖(亚军) | N250: 入围总决赛
A251: 33366 | B251: 2B8h6V89-94-001-oB-011-1-zsa-03-TFL | C251: MakeX系列赛项' | D251: MakeX Challenge乘胜追机' | E251: 高中组 | F251: 原子之心 | G251: 深圳市罗湖外语初中学校 | H251: 李鑫 | I251: 林浩轩|谢宗辰|于知礼 | J251: 晋级决赛 | L251: 4 | M251: 一等奖(亚军) | N251: 入围总决赛
A252: 33409 | B252: 2B8h6VRI-94-001-Oe-011-1-kpH-03-7ER | C252: 'MakeX系列赛项' | D252: 'MakeX Challenge乘胜追机' | E252: 高中组 | F252: 南顿战队 | G252: 青岛市李沧区工大科技培训学校 | H252: 孙洪涛|刘晗 | I252: 胡作勋|张荣轩|赵轩|逢涵清|宋家齐 | J252: 晋级半决赛 | L252: 5 | M252: 一等奖(季军) | N252: 入围总决赛
A253: 32532 | B253: 2B8h6V8e-94-001-2n-011-1-gVI-03-Sow | C253: 'MakeX系列赛项' | D253: 'MakeX Challenge乘胜追机' | E253: 高中组 | F253: 龙焱战队 | G253: 青岛市李沧区工大科技培训学校 | H253: 孙洪涛|刘晗 | I253: 闫浩然|任浩源|杨程博|权容滨|张蔚林|路皓翔|龚舒娴|王子天 | J253: 晋级半决赛 | L253: 6 | M253: 一等奖(季军) | N253: 入围总决赛
A254: 33783 | B254: 2B8h6V81-94-001-FS-011-1-fiy-03-WDr | C254: 'MakeX系列赛项' | D254: 'MakeX Challenge乘胜追机' | E254: 高中组 | F254: 雷神战队 | G254: 青岛市李沧区工大科技培训学校 | H254: 孙洪涛|刘晗 | I254: 滕轩邑|杨梓秀|刘佳玉 | J254: 晋级半决赛 | L254: 7 | M254: 一等奖 | N254: 入围总决赛
A255: 33992 | B255: 2B8h6V8w-94-001-8h-011-1-UYC-03-Yu9 | C255: 'MakeX系列赛项' | D255: 'MakeX Challenge乘胜追机' | E255: 高中组 | F255: 超音速 | G255: 北京市海淀区科技活动服务协会 | H255: 甄珍 | I255: 陈丽婷|李梓涵|崔征明|方睿程 | J255: 晋级半决赛 | L255: 8 | M255: 二等奖
...

Sheet NeuroMaster 脑科学人工智能挑战赛项
A1: 2024世界机器人大赛北京锦标赛-青少年机器人设计大赛-NeuroMaster 脑科学人工智能挑战赛项获奖名单
A2: 报名编号 | B2: 激活码 | C2: 赛道 | D2: 赛项 | E2: 组别 | F2: 队伍名称 | G2: 申报单位 | H2: 教练信息 | I2: 学生信息 | J2: 比赛分数 | K2: 成绩排名 | L2: 奖项 | M2: 备注
A3: 43356 | B3: 2B8h6VE2-94-016-Nj-017-1-lJ1-01-cUs | C3: NeuroMaster 脑科学人工智能挑战赛项' | D3: 'NeuroMaster火星救援-重返地球' | E3: 小学组 | F3: 阜阳市实验小学 | G3: 阜阳市实验小学 | H3: 周超|张晓蕾 | I3: 周明熙|陈市博|张铭洋 | J3: 2152 | K3: 冠军 | L3: 一等奖(冠军) | M3: 入围总决赛
A4: 35362 | B4: 2B8h6Vnv-94-016-eJ-017-1-TJf-01-SUQ | C4: 'NeuroMaster 脑科学人工智能挑战赛项' | D4: 'NeuroMaster火星救援-重返地球' | E4: 小学组 | F4: 时代少年 | G4: 万锦学校 | H4: 梁宵宇|辛亮 | I4: 刘君辰|杨笑笑|哈尼 | J4: 2133 | K4: 亚军 | L4: 一等奖(亚军) | M4: 入围总决赛
A5: 34478 | B5: 2B8h6VRQ-94-016-rK-017-1-rlE-01-Xyb | C5: 'NeuroMaster 脑科学人工智能挑战赛项' | D5: 'NeuroMaster火星救援-重返地球' | E5: 小学组 | F5: 奇点创想 | G5: 北京市朝阳区芳草地国际学校富力分校 | H5: zhenghuiying | I5: 张熙哲|于雯熙|刘雨辰 | J5: 1772 | K5: 季军 | L5: 一等奖(季军) | M5: 入围总决赛
A6: 33814 | B6: 2B8h6VEA-94-016-Ag-017-1-vjf-01-UDa | C6: 'NeuroMaster 脑科学人工智能挑战赛项' | D6: 'NeuroMaster火星救援-重返地球' | E6: 小学组 | F6: 锦绣二队-星火队 | G6: 安阳市龙安区锦绣学校 | H6: 李宏霞 | I6: 纪陶宁|翟骐筠|郭博宇 | J6: 1683 | K6: 4 | L6: 一等奖 | M6: 入围总决赛
A7: 34040 | B7: 2B8h6Vnl-94-016-vM-017-1-TNi-01-xwC | C7: 'NeuroMaster 脑科学人工智能挑战赛项' | D7: 'NeuroMaster火星救援-重返地球' | E7: 小学组 | F7: 卓越队！ | G7: 北京经济技术开发区第一小学 | H7: 韩玉梅|魏爱民 | I7: 袁晨轩|翟一凡|李骐彧 | J7: 1679 | K7: 5 | L7: 一等奖 | M7: 入围总决赛
A8: 35220 | B8: 2B8h6Vng-94-016-fP-017-1-hKH-01-TT1 | C8: 'NeuroMaster 脑科学人工智能挑战赛项' | D8: 'NeuroMaster火星救援-重返地球' | E8: 小学组 | F8: 永乐盛世 | G8: 呼和浩特市赛罕区万锦学校 | H8: 成腊梅 | I8: 云熙坤|刘佩易岩|王炳越 | J8: 1677 | K8: 6 | L8: 一等奖 | M8: 入围总决赛
A9: 31080 | B9: 2B8h6VEL-94-016-UO-017-1-cVc-01-as2 | C9: 'NeuroMaster 脑科学人工智能挑战赛项' | D9: 'NeuroMaster火星救援-重返地球' | E9: 小学组 | F9: 石家庄桥西实验队 | G9: 石家庄市桥西实验小学 | H9: 马天浩|王璇 | I9: 赵泽尘|宋佳航|范禹涵 | J9: 1675 | K9: 7 | L9: 二等奖
A10: 34658 | B10: 2B8h6VEp-94-016-Nu-017-1-SCP-01-rX2 | C10: 'NeuroMaster 脑科学人工智能挑战赛项' | D10: 'NeuroMaster火星救援-重返地球' | E10: 小学组 | F10: 西安明睿远达2队 | G10: 西安市曲江第三小学 | H10: 王薇|乔蕾 | I10: 查一凡|雒楚石|刘一聪 | J10: 1640 | K10: 8 | L10: 二等奖
A11: 35260 | B11: 2B8h6Vn4-94-016-4M-017-1-0Cl-01-2Ma | C11: 'NeuroMaster 脑科学人工智能挑战赛项' | D11: 'NeuroMaster火星救援-重返地球' | E11: 小学组 | F11: 梦想之星 | G11: 呼和浩特市赛罕区大学路小学 | H11: 苏倩 | I11: 关伊诺|孙骁|葛锦轩 | J11: 1522 | K11: 9 | L11: 二等奖
A12: 34289 | B12: 2B8h6VRm-94-016-2w-017-1-Fiu-01-fag | C12: 'NeuroMaster 脑科学人工智能挑战赛项' | D12: 'NeuroMaster火星救援-重返地球' | E12: 小学组 | F12: 【鸦儿胡同、石油附小队】 | G12: 鸦儿胡同小学、石油学院附属小学 | H12: 李凤波 | I12: 张泽恺|冯悦瑶|刘霁洵 | J12: 1395 | K12: 10 | L12: 二等奖
A13: 35564 | B13: 2B8h6Vnt-94-016-eK-017-1-FcA-01-goG | C13: 'NeuroMaster 脑科学人工智能挑战赛项' | D13: 'NeuroMaster火星救援-重返地球' | E13: 小学组 | F13: 头脑特工 | G13: 呼和浩特市赛罕区万锦学校 | H13: 辛亮|李彬 | I13: 毛南丁|张家畅|马浩宇 | J13: 1377 | K13: 11 | L13: 二等奖
A14: 35311 | B14: 2B8h6Vn5-94-016-Gq-017-1-1Jx-01-AmD | C14: 'NeuroMaster 脑科学人工智能挑战赛项' | D14: 'NeuroMaster火星救援-重返地球' | E14: 小学组 | F14: 头脑风暴 | G14: 呼和浩特赛罕区万锦学校 | H14: 辛亮|牛晓宇 | I14: 李邦博|陈渺|薛博 | J14: 1370 | K14: 12 | L14: 二等奖
A15: 32798 | B15: 2B8h6VRS-94-016-e7-017-1-K0d-01-3Ml | C15: 'NeuroMaster 脑科学人工智能挑战赛项' | D15: 'NeuroMaster火星救援-重返地球' | E15: 小学组 | F15: 火星战队 | G15: 鲁山河滨小学 | H15: 徐欣欣 | I15: 徐英洋|燕昱帆|周则翰 | J15: 1320 | K15: 13 | L15: 二等奖
A16: 32951 | B16: 2B8h6VRN-94-016-OV-017-1-5uF-01-anV | C16: 'NeuroMaster 脑科学人工智能挑战赛项' | D16: 'NeuroMaster火星救援-重返地球' | E16: 小学组 | F16: 超级战队 | G16: 花园路小学 | H16: 徐欣欣 | I16: 代桐瑜|尚家禾|裴梓言 | J16: 1220 | K16: 14 | L16: 二等奖
A17: 34776 | B17: 2B8h6VR3-94-016-x6-017-1-vBV-01-9ij | C17: 'NeuroMaster 脑科学人工智能挑战赛项' | D17: 'NeuroMaster火星救援-重返地球' | E17: 小学组 | F17: 宏庙、黑芝麻胡同、皇城根小学联队 | G17: 北京市西城区宏庙小学、东城区黑芝麻胡同小学、皇城根小学 | H17: 李凤波 | I17: 孔令新|白熙喆|王乐其 | J17: 1220 | K17: 15 | L17: 二等奖
A18: 35414 | B18: 2B8h6VRg-94-016-jO-017-1-T9N-01-BF6 | C18: 'NeuroMaster 脑科学人工智能挑战赛项' | D18: 'NeuroMaster火星救援-重返地球' | E18: 小学组 | F18: 复外十三莱阳实验队 | G18: 复外一小十三中附小莱山实验小学 | H18: 单丹 | I18: 谭皓文|沈祺烁|刘睿洵 | J18: 1220 | K18: 15 | L18: 二等奖
A19: 33222 | B19: 2B8h6VEz-94-016-Vj-017-1-Tdt-01-OLh | C19: 'NeuroMaster 脑科学人工智能挑战赛项' | D19: 'NeuroMaster火星救援-重返地球' | E19: 小学组 | F19: 王屋队 | G19: 济源市宇华实验学校 | H19: 赵芮缘|宋利芳 | I19: 韦辰钰|赵泽宇|李佳隽 | J19: 1220 | K19: 17 | L19: 二等奖
A20: 33804 | B20: 2B8h6VRp-94-016-HP-017-1-NLv-01-BrN | C20: 'NeuroMaster 脑科学人工智能挑战赛项' | D20: 'NeuroMaster火星救援-重返地球' | E20: 小学组 | F20: 锦绣一队-雄鹰队 | G20: 安阳市龙安区锦绣学校 | H20: 党晓海 | I20: 王艺珂|段奕涵|党傲翔 | J20: 1220 | K20: 17 | L20: 二等奖
... A40: 33637 | B40: 2B8h6VRd-94-016-vU-017-1-vzK-01-y9U | C40: 'NeuroMaster 脑科学人工智能挑战赛项' | D40: 'NeuroMaster火星救援-重返地球' | E40: 小学组 | F40: 大脑王国梦想队 | G40: 通辽市实验小学 | H40: 韩梅 | I40: 范书宁|董芳菲|宋雨宸 | J40: 425 | K40: 38 | L40: 三等奖
A42: 44818 | B42: 2B8h6VuG-94-016-7L-017-1-Ubn-02-m34 | C42: 'NeuroMaster 脑科学人工智能挑战赛项' | D42: 'NeuroMaster火星救援-重返地球' | E42: 初中组 | F42: 云南安宁中学嵩华学校 | G42: 安宁中学嵩华学校 | H42: 普彪 | I42: 武奕轩|王梓涵|奎文博 | J42: 2451 | K42: 冠军 | L42: 一等奖(冠军) | M42: 入围总决赛
A43: 33357 | B43: 2B8h6Vmg-94-016-4r-017-1-E9C-02-aPq | C43: 'NeuroMaster 脑科学人工智能挑战赛项' | D43: 'NeuroMaster火星救援-重返地球' | E43: 初中组 | F43: 通辽二中 | G43: 通辽市科尔沁区第二中学 | H43: 包金昌|黄晓雪 | I43: 刘文泽|白伟萱|白伟悦 | J43: 2018 | K43: 亚军 | L43: 一等奖(亚军) | M43: 入围总决赛
A44: 33231 | B44: 2B8h6VmG-94-016-cY-017-1-XE9-02-Qh1 | C44: 'NeuroMaster 脑科学人工智能挑战赛项' | D44: 'NeuroMaster火星救援-重返地球' | E44: 初中组 | F44: 宇华队 | G44: 济源市宇华学校 | H44: 宋利芳|刘伟 | I44: 宋朝阳|靳羽茜|徐佳慧 | J44: 1829 | K44: 季军 | L44: 一等奖(季军) | M44: 入围总决赛
A45: 35208 | B45: 2B8h6VmK-94-016-B0-017-1-gPP-02-KQp | C45: 'NeuroMaster 脑科学人工智能挑战赛项' | D45: 'NeuroMaster火星救援-重返地球' | E45: 初中组 | F45: 济南外国语1组 | G45: 济南外国语学校 | H45: 张兆伟 | I45: 李海若|张一帆|江韵琦 | J45: 1689 | K45: 4 | L45: 二等奖
A46: 36435 | B46: 2B8h6Vu0-94-016-qL-017-1-5ID-02-uDu | C46: 'NeuroMaster 脑科学人工智能挑战赛项' | D46: 'NeuroMaster火星救援-重返地球' | E46: 初中组 | F46: 爱我中华 | G46: 呼和浩特市实验中学 | H46: 谢湘淼 | I46: 奥达木|高小媛|赵文博 | J46: 1670 | K46: 5 | L46: 二等奖
A47: 32794 | B47: 2B8h6Vmy-94-016-97-017-1-tJe-02-Mqt | C47: 'NeuroMaster 脑科学人工智能挑战赛项' | D47: 'NeuroMaster火星救援-重返地球' | E47: 初中组 | F47: 益起逐梦队 | G47: 大连开发区童牛岭小学 | H47: 郭婷 | I47: 刘禹彤|岳子惠|云博睿 | J47: 1632 | K47: 6 | L47: 二等奖
A48: 33381 | B48: 2B8h6VmV-94-016-b5-017-1-6Nm-02-O55 | C48: 'NeuroMaster 脑科学人工智能挑战赛项' | D48: 'NeuroMaster火星救援-重返地球' | E48: 初中组 | F48: 优脑先锋队 | G48: 鄞州外国语中学、义乌群星外国语学校、华茂外国语学校联队 | H48: 王磊|毛佳浩 | I48: 王绍恒|俞嘉晨|谢周廷 | J48: 1630 | K48: 7 | L48: 二等奖
A49: 35950 | B49: 2B8h6Vu7-94-016-96-017-1-6In-02-58s | C49: 'NeuroMaster 脑科学人工智能挑战赛项' | D49: 'NeuroMaster火星救援-重返地球' | E49: 初中组 | F49: 康乾盛世 | G49: 呼和浩特市实验中学 | H49: 谢湘淼 | I49: 李欣瑶|刘明川|李亚霖 | J49: 1470 | K49: 8 | L49: 二等奖
A50: 35848 | B50: 2B8h6Vup-94-016-k2-017-1-mdW-02-awi | C50: 'NeuroMaster 脑科学人工智能挑战赛项' | D50: 'NeuroMaster火星救援-重返地球' | E50: 初中组 | F50: 大唐盛世 | G50: 呼和浩特市实验中学 | H50: 谢湘淼 | I50: 薛智元|贺一赫|张赫 | J50: 1320 | K50: 9 | L50: 二等奖
A51: 35971 | B51: 2B8h6VuZ-94-016-ci-017-1-ipo-02-zHz | C51: 'NeuroMaster 脑科学人工智能挑战赛项' | D51: 'NeuroMaster火星救援-重返地球' | E51: 初中组 | F51: 司空见惯 | G51: 呼和浩特市实验中学 | H51: 谢湘淼 | I51: 刘子轩|徐怀山|王麒凯 | J51: 1270 | K51: 10 | L51: 二等奖
A52: 41869 | B52: 2B8h6Vuy-94-016-2L-017-1-zHG-02-jT3 | C52: 'NeuroMaster 脑科学人工智能挑战赛项' | D52: 'NeuroMaster火星救援-重返地球' | E52: 初中组 | F52: 这不队 | G52: 安宁市昆钢第一中学 | H52: 罗红萍|李梦厅 | I52: 周欣|姚海源|彭博 | J52: 1220 | K52: 11 | L52: 三等奖
A53: 36693 | B53: 2B8h6VuA-94-016-ox-017-1-3uO-02-b97 | C53: 'NeuroMaster 脑科学人工智能挑战赛项' | D53: 'NeuroMaster火星救援-重返地球' | E53: 初中组 | F53: 五中、康巴什未来、伊金霍洛旗联队 | G53: 北京五中、康巴什未来学校、伊金霍洛旗学校 | H53: 单丹 | I53: 朱恒霆|哈斯达|薛宜 | J53: 1220 | K53: 11 | L53: 三等奖
A54: 32012 | B54: 2B8h6Vm8-94-016-CW-017-1-vjc-02-N3P | C54: 'NeuroMaster 脑科学人工智能挑战赛项' | D54: 'NeuroMaster火星救援-重返地球' | E54: 初中组 | F54: 云中脑控1队 | G54: 首都师范大学附属云岗中学 | H54: 李永松 | I54: 王俊涛|李宇潇|许桐 | J54: 1220 | K54: 11 | L54: 三等奖
A55: 41897 | B55: 2B8h6Vuf-94-016-bh-017-1-krx-02-j8S | C55: 'NeuroMaster 脑科学人工智能挑战赛项' | D55: 'NeuroMaster火星救援-重返地球' | E55: 初中组 | F55: 拐点W | G55: 安宁市昆钢第一中学 | H55: 聂正艳|王丽华 | I55: 罗林|王声睿|杨雯竹 | J55: 1220 | K55: 11 | L55: 三等奖
A56: 34551 | B56: 2B8h6aMM-95-099-fW-100-1-F36-10-7TB | C56: 'NeuroMaster BrainAI' | D56: 'NeuroMaster BrainAI-Martian Rescue' | E56: Middle school | F56: Pui Va Middle School Team one | G56: Pui Va Middle School | H56: 趙起超|陳浩 | I56: HOI WENG IN|HUANG QIJUN|CHEONG INLAM | J56: 1179 | K56: 15 | L56: Third Prize
... A62: 35441 | B62: 2B8h6Vmk-94-016-0D-017-1-2SO-02-3kf | C62: 'NeuroMaster 脑科学人工智能挑战赛项' | D62: 'NeuroMaster火星救援-重返地球' | E62: 初中组 | F62: 空空空 | G62: 准民中 | H62: 高海霞|李永贵 | I62: 蔺宇航|聂雪峰|贾沛谕 | J62: 573 | K62: 21 | L62: 三等奖
A64: 35277 | B64: 2B8h6Vrd-94-016-3B-019-1-MPk-01-8v6 | C64: 'NeuroMaster 脑科学人工智能挑战赛项' | D64: 'NeuroMaster脑机星球' | E64: 小学组 | F64: 圣涵队 | G64: 昆明西南联大研究院附属学校 | H64: 杨可强 | I64: 李杫涵|季和圣 | J64: 1530 | K64: 冠军 | L64: 一等奖(冠军) | M64: 入围总决赛
A65: 35156 | B65: 2B8h6Vd3-94-016-Ei-019-1-3Ki-01-jkA | C65: 'NeuroMaster 脑科学人工智能挑战赛项' | D65: 'NeuroMaster脑机星球' | E65: 小学组 | F65: 仓小梦想之星队 | G65: 杭州市余杭区仓前中心小学 | H65: 曹国鹏|蔡依萍 | I65: 罗飞|魏海权 | J65: 1520 | K65: 亚军 | L65: 一等奖(亚军) | M65: 入围总决赛
A66: 35302 | B66: 2B8h6VdB-94-016-nS-019-1-GQv-01-491 | C66: 'NeuroMaster 脑科学人工智能挑战赛项' | D66: 'NeuroMaster脑机星球' | E66: 小学组 | F66: 龙沛队 | G66: 云南师范大学附属小学呈贡校区 | H66: 杨可强 | I66: 陈沛|朱少龙 | J66: 1435 | K66: 季军 | L66: 一等奖(季军) | M66: 入围总决赛
A67: 35304 | B67: 2B8h6Vde-94-016-hm-019-1-AOs-01-Tw6 | C67: 'NeuroMaster 脑科学人工智能挑战赛项' | D67: 'NeuroMaster脑机星球' | E67: 小学组 | F67: 仁硕队 | G67: 昆明市中华小学 | H67: 杨可强 | I67: 田硕|徐一仁 | J67: 1229 | K67: 4 | L67: 二等奖
A68: 36811 | B68: 2B8h6VdT-94-016-yd-019-1-Ho5-01-vN2 | C68: 'NeuroMaster 脑科学人工智能挑战赛项' | D68: 'NeuroMaster脑机星球' | E68: 小学组 | F68: 希麦3队 | G68: 临沂市兰山区创客科技服务中心 | H68: 程嘉 | I68: 季凡熙|曲奕帆 | J68: 1120 | K68: 5 | L68: 二等奖
A69: 35316 | B69: 2B8h6VdD-94-016-pG-019-1-B8v-01-dIU | C69: 'NeuroMaster 脑科学人工智能挑战赛项' | D69: 'NeuroMaster脑机星球' | E69: 小学组 | F69: 博程队 | G69: 昆明市中华小学 | H69: 杨可强 | I69: 沈郭博轩|郑易程 | J69: 1042 | K69: 6 | L69: 三等奖
A70: 35297 | B70: 2B8h6Vd1-94-016-Wp-019-1-2Dp-01-73A | C70: 'NeuroMaster 脑科学人工智能挑战赛项' | D70: 'NeuroMaster脑机星球' | E70: 小学组 | F70: 峻和队 | G70: 云南师范大学附属小学呈贡校区 | H70: 杨可强 | I70: 孙和杨|李林峻 | J70: 925 | K70: 7 | L70: 三等奖
A71: 35290 | B71: 2B8h6VrD-94-016-IK-019-1-CDn-01-T7O | C71: 'NeuroMaster 脑科学人工智能挑战赛项' | D71: 'NeuroMaster脑机星球' | E71: 小学组 | F71: 博弈队 | G71: 云南师范大学附属小学呈贡校区 | H71: 杨可强 | I71: 李宇博|郑弈希 | J71: 828 | K71: 8 | L71: 三等奖
A72: 36792 | B72: 2B8h6VdH-94-016-d4-019-1-THF-01-tdr | C72: 'NeuroMaster 脑科学人工智能挑战赛项' | D72: 'NeuroMaster脑机星球' | E72: 小学组 | F72: 希麦2队 | G72: 临沂市兰山区创客科技服务中心 | H72: 程嘉 | I72: 刘竣峄|张继元 | J72: 726 | K72: 9 | L72: 三等奖
A73: 36777 | B73: 2B8h6VdE-94-016-k3-019-1-vT6-01-tUU | C73: 'NeuroMaster 脑科学人工智能挑战赛项' | D73: 'NeuroMaster脑机星球' | E73: 小学组 | F73: 希麦1队 | G73: 临沂市兰山区创客科技服务中心 | H73: 程嘉 | I73: 秦雨煊|郁万烨 | J73: 325 | K73: 10 | L73: 三等奖
A75: 33298 | B75: 2B8h6Vgt-94-016-pf-019-1-bKs-02-DbC | C75: 'NeuroMaster 脑科学人工智能挑战赛项' | D75: 'NeuroMaster脑机星球' | E75: 初中组 | F75: 仓中脑机二队 | G75: 杭州市余杭区仓前中学 | H75: 袁海平|叶群波 | I75: 章昊诚|姜鸣天 | J75: 1709 | K75: 冠军 | L75: 一等奖(冠军) | M75: 入围总决赛
A76: 36857 | B76: 2B8h6VgA-94-016-IA-019-1-Tqg-02-xvs | C76: 'NeuroMaster 脑科学人工智能挑战赛项' | D76: 'NeuroMaster脑机星球' | E76: 初中组 | F76: 小天才2队 | G76: 聊城市机器人运动协会 | H76: 张圆圆 | I76: 徐德瑞|孔楚涵 | J76: 1626 | K76: 亚军 | L76: 一等奖(亚军) | M76: 入围总决赛
A77: 33299 | B77: 2B8h6VgI-94-016-j3-019-1-OEh-02-Kjb | C77: 'NeuroMaster 脑科学人工智能挑战赛项' | D77: 'NeuroMaster脑机星球' | E77: 初中组 | F77: 仓中脑机三队 | G77: 杭州市余杭区仓前中学 | H77: 仲灵美|袁海平 | I77: 吴张屹|张圣颖 | J77: 1620 | K77: 季军 | L77: 一等奖(季军) | M77: 入围总决赛
A78: 36850 | B78: 2B8h6Vgh-94-016-os-019-1-L9B-02-h4r | C78: 'NeuroMaster 脑科学人工智能挑战赛项' | D78: 'NeuroMaster脑机星球' | E78: 初中组 | F78: 小天才1队 | G78: 聊城市机器人运动协会 | H78: 张圆圆 | I78: 张芮伊|赵紫淋 | J78: 1320 | K78: 4 | L78: 二等奖
A79: 33293 | B79: 2B8h6Vgb-94-016-6v-019-1-5JL-02-cVI | C79: 'NeuroMaster 脑科学人工智能挑战赛项' | D79: 'NeuroMaster脑机星球' | E79: 初中组 | F79: 仓中脑机一队 | G79: 杭州市余杭区仓前中学 | H79: 张昊岚|仲灵美 | I79: 姚睿晗|鲁振皓 | J79: 1120 | K79: 5 | L79: 二等奖
A80: 36814 | B80: 2B8h6Vdk-94-016-39-019-1-mc6-02-AV0 | C80: 'NeuroMaster 脑科学人工智能挑战赛项' | D80: 'NeuroMaster脑机星球' | E80: 初中组 | F80: 琅琊勇者 | G80: 临沂市兰山区创客科技服务中心 | H80: 程嘉 | I80: 孙晨然|孙昌赫 | J80: 733 | K80: 6 | L80: 二等奖
A81: 36823 | B81: 2B8h6Vds-94-016-S3-019-1-XVb-02-yhu | C81: 'NeuroMaster 脑科学人工智能挑战赛项' | D81: 'NeuroMaster脑机星球' | E81: 初中组 | F81: 希麦6队 | G81: 临沂市兰山区创客科技服务中心 | H81: 程嘉 | I81: 姜胜皓|夏子峻 | J81: 620 | K81: 7 | L81: 三等奖
A82: 34523 | B82: 2B8h6VgO-94-016-Gt-019-1-riS-02-OxB | C82: 'NeuroMaster 脑科学人工智能挑战赛项' | D82: 'NeuroMaster脑机星球' | E82: 初中组 | F82: 你说的都队 | G82: 北京师范大学附属实验中学 | H82: 刘曜杨 | I82: 邵冰冰|黄文涛 | J82: 322 | K82: 8 | L82: 三等奖
A83: 34474 | B83: 2B8h6Vgu-94-016-OL-019-1-23N-02-WVP | C83: 'NeuroMaster 脑科学人工智能挑战赛项' | D83: 'NeuroMaster脑机星球' | E83: 初中组 | F83: 比奇堡战队 | G83: 北京师范大学附属实验中学 | H83: 范斌城 | I83: 林子凡|谢燕文 | J83: 320 | K83: 9 | L83: 三等奖
A84: 34519 | B84: 2B8h6VgT-94-016-Zr-019-1-vzW-02-LOe | C84: 'NeuroMaster 脑科学人工智能挑战赛项' | D84: 'NeuroMaster脑机星球' | E84: 初中组 | F84: 蜡笔小新战队 | G84: 北京师范大学附属实验中学 | H84: 范斌城 | I84: 刘化峰|徐心怡 | J84: 220 | K84: 10 | L84: 三等奖
A85: 34529 | B85: 2B8h6Vg9-94-016-81-019-1-Ctg-02-seF | C85: 'NeuroMaster 脑科学人工智能挑战赛项' | D85: 'NeuroMaster脑机星球' | E85: 初中组 | F85: 春日部防卫队 | G85: 北京师范大学附属实验中学 | H85: 刘曜杨 | I85: 张文长|张威霆 | J85: 120 | K85: 11 | L85: 三等奖
A86: 34503 | B86: 2B8h6VgE-94-016-0I-019-1-CMN-02-x9b | C86: 'NeuroMaster 脑科学人工智能挑战赛项' | D86: 'NeuroMaster脑机星球' | E86: 初中组 | F86: 史迪仔护卫队 | G86: 北京师范大学附属实验中学 | H86: 范斌城 | I86: 陈时恩|陈壤明 | J86: 20 | K86: 12 | L86: 三等奖
A88: 32880 | B88: 2B8h6V1b-94-016-qV-018-1-6ju-01-sTu | C88: 'NeuroMaster 脑科学人工智能挑战赛项' | D88: 'NeuroMaster未来之城' | E88: 小学组 | F88: 思南凤仪先锋队 | G88: 思南县第一小学 | H88: 旷江华|冯茂书 | I88: 蒲思岑|王睿民|谭泽宁 | J88: 2757 | K88: 冠军 | L88: 一等奖(冠军) | M88: 入围总决赛
A89: 36555 | B89: 2B8h6V3r-94-016-8z-018-1-VkX-01-EOr | C89: 'NeuroMaster 脑科学人工智能挑战赛项' | D89: 'NeuroMaster未来之城' | E89: 小学组 | F89: 乐智1队 | G89: 孝义市青少年科技教育协会 | H89: 范芙宾 | I89: 李晨珲|任添翼|张梓硕 | J89: 2409 | K89: 亚军 | L89: 一等奖(亚军) | M89: 入围总决赛
A90: 34395 | B90: 2B8h6V1a-94-016-L4-018-1-wKD-01-ZK0 | C90: 'NeuroMaster 脑科学人工智能挑战赛项' | D90: 'NeuroMaster未来之城' | E90: 小学组 | F90: 兰州新区实验小学-极炫战队 | G90: 兰州新区实验小学 | H90: 田春雷|刘霞 | I90: 刘昶力|常心怡 | J90: 2287 | K90: 季军 | L90: 一等奖(季军) | M90: 入围总决赛
A91: 32843 | B91: 2B8h6V1L-94-016-4e-018-1-J9O-01-yUU | C91: 'NeuroMaster 脑科学人工智能挑战赛项' | D91: 'NeuroMaster未来之城' | E91: 小学组 | F91: 博派B队 | G91: 淄博博思明道科技培训学校 | H91: 赵成 | I91: 吴梓烁|刘一暄 | J91: 2171 | K91: 4 | L91: 一等奖 | M91: 入围总决赛
A92: 36193 | B92: 2B8h6V3K-94-016-Gg-018-1-mg5-01-SSu | C92: 'NeuroMaster 脑科学人工智能挑战赛项' | D92: 'NeuroMaster未来之城' | E92: 小学组 | F92: 重庆市万州区钟鼓楼小学 | G92: 重庆市万州区钟鼓楼小学 | H92: 易小东 | I92: 何垚蒨|易兴垚 | J92: 2086 | K92: 5 | L92: 一等奖 | M92: 入围总决赛
A93: 33867 | B93: 2B8h6V1I-94-016-uc-018-1-T2X-01-cYO | C93: 'NeuroMaster 脑科学人工智能挑战赛项' | D93: 'NeuroMaster未来之城' | E93: 小学组 | F93: 科技与未来 | G93: 平凉市崆峒区上寺台小学 | H93: 马亚平|杨青 | I93: 沙世睿|张瑾 | J93: 1915 | K93: 6 | L93: 二等奖
A94: 36492 | B94: 2B8h6V3m-94-016-JX-018-1-a2b-01-qXz | C94: 'NeuroMaster 脑科学人工智能挑战赛项' | D94: 'NeuroMaster未来之城' | E94: 小学组 | F94: 崇文街小学1队 | G94: 孝义市崇文街小学 | H94: 李贵青 | I94: 裴羿博|田雨鹏|任宸磊 | J94: 1870 | K94: 7 | L94: 二等奖
A95: 33859 | B95: 2B8h6V15-94-016-Oy-018-1-bcN-01-6kd | C95: 'NeuroMaster 脑科学人工智能挑战赛项' | D95: 'NeuroMaster未来之城' | E95: 小学组 | F95: 创新向未来 | G95: 平凉市崆峒区上寺台小学 | H95: 马秀琴|史越 | I95: 史瑞杰|李桐桐 | J95: 1843 | K95: 8 | L95: 二等奖
A96: 34755 | B96: 2B8h6V17-94-016-nG-018-1-wpI-01-ISp | C96: 'NeuroMaster 脑科学人工智能挑战赛项' | D96: 'NeuroMaster未来之城' | E96: 小学组 | F96: 机智小蜗梦想队 | G96: 泰安市第一实验学校 | H96: 陈奇贤 | I96: 马梓宸|么春至|朱嘉艺|左佳朔 | J96: 1830 | K96: 9 | L96: 二等奖
A97: 34516 | B97: 2B8h6V1C-94-016-zQ-018-1-U7R-01-EfS | C97: 'NeuroMaster 脑科学人工智能挑战赛项' | D97: 'NeuroMaster未来之城' | E97: 小学组 | F97: 兰州新区实验小学-梦幻战队 | G97: 兰州新区实验小学 | H97: 田春雷|刘霞 | I97: 铁睿宝|李昊然 | J97: 1828 | K97: 10 | L97: 二等奖
A98: 36527 | B98: 2B8h6V33-94-016-PM-018-1-lah-01-6uI | C98: 'NeuroMaster 脑科学人工智能挑战赛项' | D98: 'NeuroMaster未来之城' | E98: 小学组 | F98: 崇文街小学2队 | G98: 孝义市崇文街小学 | H98: 李贵青 | I98: 王政淏|李禹翰|何堉玮 | J98: 1701 | K98: 11 | L98: 二等奖
A99: 33065 | B99: 2B8h6Vuu-94-016-6O-018-1-TaS-01-ZNv | C99: 'NeuroMaster 脑科学人工智能挑战赛项' | D99: 'NeuroMaster未来之城' | E99: 小学组 | F99: 北京大学附属小学海口学校 | G99: 北京大学附属小学海口学校 | H99: 张锦 | I99: 朱明轩|朱景鸿 | J99: 1449 | K99: 12 | L99: 二等奖
A100: 36083 | B100: 2B8h6V3e-94-016-UT-018-1-JOD-01-wCJ | C100: 'NeuroMaster 脑科学人工智能挑战赛项' | D100: 'NeuroMaster未来之城' | E100: 小学组 | F100: 机智小蜗万里长城队 | G100: 泰安市实验学校 | H100: 陈奇贤 | I100: 袁晟邦|安雅鹤|徐晓宇|徐梓雯 | J100: 1427 | K100: 13 | L100: 二等奖
A101: 36122 | B101: 2B8h6V3k-94-016-gG-018-1-BCs-01-70N | C101: 'NeuroMaster 脑科学人工智能挑战赛项' | D101: 'NeuroMaster未来之城' | E101: 小学组 | F101: 机智小蜗晨光队 | G101: 泰安市实验学校 | H101: 陈奇贤 | I101: 王兆昕|邢一晨|李宸宇|高柏楷 | J101: 1425 | K101: 14 | L101: 二等奖
A102: 34772 | B102: 2B8h6V3s-94-016-kv-018-1-OwL-01-uy7 | C102: 'NeuroMaster 脑科学人工智能挑战赛项' | D102: 'NeuroMaster未来之城' | E102: 小学组 | F102: 机智小蜗飞翔队 | G102: 泰安市第一实验学校 | H102: 陈奇贤 | I102: 王一晗|张靖玺|张溪芮|张云茜 | J102: 1422 | K102: 15 | L102: 二等奖
A103: 36302 | B103: 2B8h6V3X-94-016-Eu-018-1-VrW-01-1Mn | C103: 'NeuroMaster 脑科学人工智能挑战赛项' | D103: 'NeuroMaster未来之城' | E103: 小学组 | F103: 秋硕未来一队 | G103: 深圳市光明区秋硕小学 | H103: 涂超|林烈铮 | I103: 郑楚骁|王瑾瑜|罗奕卓|雷子轩 | J103: 1416 | K103: 16 | L103: 二等奖
A104: 36581 | B104: 2B8h6V3I-94-016-cI-018-1-eBu-01-8fG | C104: 'NeuroMaster 脑科学人工智能挑战赛项' | D104: 'NeuroMaster未来之城' | E104: 小学组 | F104: 文水乐高1队 | G104: 文水县兴华路小学 | H104: 马丽娟 | I104: 贾家鸿|杨烨轩 | J104: 1392 | K104: 17 | L104: 二等奖
... A120: 34733 | B120: 2B8h6V1h-94-016-U7-018-1-CHT-01-GYh | C120: 'NeuroMaster 脑科学人工智能挑战赛项' | D120: 'NeuroMaster未来之城' | E120: 小学组 | F120: 机智小蜗星空队 | G120: 山东省泰安市实验学校 | H120: 陈奇贤 | I120: 刘昱楹|赵桐萱|梁嘉倪|朱博睿 | J120: 320 | K120: 33 | L120: 三等奖
A122: 44885 | B122: 2B8h6VBS-94-016-tK-018-1-hzk-07-jqq | C122: 'NeuroMaster 脑科学人工智能挑战赛项' | D122: 'NeuroMaster未来之城' | E122: 中学组 | F122: 齐鲁智聚 | G122: 临沂第四中学 | H122: 吕海涛 | I122: 徐铭浩|吕昶旭|董文硕 | J122: 3993 | K122: 冠军 | L122: 一等奖(冠军) | M122: 入围总决赛
A123: 36875 | B123: 2B8h6VBL-94-016-jp-018-1-Stw-07-ljD | C123: 'NeuroMaster 脑科学人工智能挑战赛项' | D123: 'NeuroMaster未来之城' | E123: 中学组 | F123: 希麦4队 | G123: 临沂市兰山区创客科技服务中心 | H123: 程嘉 | I123: 赵子华|王骏睿|张铭朔|周宬汛 | J123: 3991 | K123: 亚军 | L123: 一等奖(亚军) | M123: 入围总决赛
A124: 32854 | B124: 2B8h6Vrz-94-016-Yt-018-1-uX7-07-5ph | C124: 'NeuroMaster 脑科学人工智能挑战赛项' | D124: 'NeuroMaster未来之城' | E124: 中学组 | F124: 思南凤仪队 | G124: 思南县第一小学 | H124: 陈小玲|安江 | I124: 旷志成|刘人萌|安思燃 | J124: 3830 | K124: 季军 | L124: 一等奖(季军) | M124: 入围总决赛
A125: 44895 | B125: 2B8h6VBi-94-016-3J-018-1-ftO-07-1Kf | C125: 'NeuroMaster 脑科学人工智能挑战赛项' | D125: 'NeuroMaster未来之城' | E125: 中学组 | F125: 齐鲁领智 | G125: 临沂第四中学 | H125: 吕海涛 | I125: 杜政瑾|王珑锦|高志赵威 | J125: 3812 | K125: 4 | L125: 一等奖 | M125: 入围总决赛
A126: 36886 | B126: 2B8h6VBU-94-016-M1-018-1-3b3-07-CkL | C126: 'NeuroMaster 脑科学人工智能挑战赛项' | D126: 'NeuroMaster未来之城' | E126: 中学组 | F126: 封狼居胥 | G126: 临沂市兰山区创客科技服务中心 | H126: 吕海涛 | I126: 黄传恩|梁育齐|周子迪 | J126: 3803 | K126: 5 | L126: 二等奖
A127: 36119 | B127: 2B8h6Vr6-94-016-QR-018-1-mYO-07-ijq | C127: 'NeuroMaster 脑科学人工智能挑战赛项' | D127: 'NeuroMaster未来之城' | E127: 中学组 | F127: 未来之城一队 | G127: 国科英才科创学院 | H127: 周玲玲 | I127: 王孝钧|林朔豪|李佳倪 | J127: 3662 | K127: 6 | L127: 二等奖
A128: 36167 | B128: 2B8h6Vr9-94-016-2n-018-1-UGx-07-heZ | C128: 'NeuroMaster 脑科学人工智能挑战赛项' | D128: 'NeuroMaster未来之城' | E128: 中学组 | F128: 未来之城三队 | G128: 国科英才科创学院 | H128: 周玲玲 | I128: 叶川诚|程嘉鸿|董思睿 | J128: 3549 | K128: 7 | L128: 二等奖
A129: 31783 | B129: 2B8h6VBD-94-016-om-018-1-08D-07-2zv | C129: 'NeuroMaster 脑科学人工智能挑战赛项' | D129: 'NeuroMaster未来之城' | E129: 中学组 | F129: 南京逐梦未来队 | G129: 南京市浦口区江浦高级中学 南京市玄武外国语学校 南京市第十二中学 | H129: 刘祺|金凯 | I129: 赵君尚|马树昱|贾亦真|徐子函 | J129: 3470 | K129: 8 | L129: 二等奖
A130: 34918 | B130: 2B8h6VBp-94-016-r9-018-1-hXU-07-VeL | C130: 'NeuroMaster 脑科学人工智能挑战赛项' | D130: 'NeuroMaster未来之城' | E130: 中学组 | F130: 巨灵队 | G130: 莱西市博凡机器人俱乐部 | H130: 吴英新 | I130: 黄悦晨|杨子昊 | J130: 3351 | K130: 9 | L130: 二等奖
A131: 34939 | B131: 2B8h6VBl-94-016-2O-018-1-B1p-07-S4S | C131: 'NeuroMaster 脑科学人工智能挑战赛项' | D131: 'NeuroMaster未来之城' | E131: 中学组 | F131: 登峰队 | G131: 莱西市博凡机器人俱乐部 | H131: 李泽坤 | I131: 徐浩峰|郑佳和 | J131: 3337 | K131: 10 | L131: 二等奖
A132: 31782 | B132: 2B8h6VBd-94-016-x3-018-1-jBp-07-Sgd | C132: 'NeuroMaster 脑科学人工智能挑战赛项' | D132: 'NeuroMaster未来之城' | E132: 中学组 | F132: 南京市第二十九中学二队 | G132: 南京市第二十九中学 | H132: 孙春艳|仝皓晨 | I132: 姜云瀚|王从熙|陈少铭|袁铭泽 | J132: 3068 | K132: 11 | L132: 二等奖
A133: 36745 | B133: 2B8h6VBZ-94-016-WV-018-1-lIw-07-dun | C133: 'NeuroMaster 脑科学人工智能挑战赛项' | D133: 'NeuroMaster未来之城' | E133: 中学组 | F133: 希麦5队 | G133: 临沂市兰山区创客科技服务中心 | H133: 程嘉 | I133: 潘政宇|宋赫|王茂舜|苏跃然 | J133: 3026 | K133: 12 | L133: 二等奖
A134: 31780 | B134: 2B8h6VBu-94-016-IE-018-1-zOi-07-IwI | C134: 'NeuroMaster 脑科学人工智能挑战赛项' | D134: 'NeuroMaster未来之城' | E134: 中学组 | F134: 南京市第二十九中学一队 | G134: 南京市第二十九中学 | H134: 张宏亮|袁京莉 | I134: 王子涵|张津笛|吴苏杭|谢广宇 | J134: 2966 | K134: 13 | L134: 二等奖
A135: 32160 | B135: 2B8h6VBT-94-016-mb-018-1-qu5-07-BsF | C135: 'NeuroMaster 脑科学人工智能挑战赛项' | D135: 'NeuroMaster未来之城' | E135: 中学组 | F135: 博派A队 | G135: 淄博博思明道科技培训学校 | H135: 赵成 | I135: 庄昊锟|吴天佑 | J135: 2850 | K135: 14 | L135: 二等奖
A136: 36154 | B136: 2B8h6VrX-94-016-9x-018-1-q16-07-Jin | C136: 'NeuroMaster 脑科学人工智能挑战赛项' | D136: 'NeuroMaster未来之城' | E136: 中学组 | F136: 未来之城二队 | G136: 国科英才科创学院 | H136: 周玲玲 | I136: 许冠文|陈陈|吴梓玉 | J136: 2709 | K136: 15 | L136: 三等奖
A137: 34066 | B137: 2B8h6VBE-94-016-id-018-1-g7O-07-vy9 | C137: 'NeuroMaster 脑科学人工智能挑战赛项' | D137: 'NeuroMaster未来之城' | E137: 中学组 | F137: 哈里脑控初中组 | G137: 淄博哈里科技培训学校 | H137: 张谦 | I137: 张开昊宸|董泊然|杨昊轩 | J137: 2632 | K137: 16 | L137: 三等奖
... A149: 36239 | B149: 2B8h6VBK-94-016-g2-018-1-8NH-07-Su2 | C149: 'NeuroMaster 脑科学人工智能挑战赛项' | D149: 'NeuroMaster未来之城' | E149: 中学组 | F149: 机智小蜗胜利队 | G149: 山东省泰山双语学校 | H149: 陈奇贤 | I149: 孙康朔|关雨泽|代清扬|范坤 | J149: 923 | K149: 28 | L149: 三等奖

Sheet Super AI超级轨迹赛项
A1: 2024世界机器人大赛北京锦标赛-青少年机器人设计大赛-Super AI超级轨迹赛项获奖名单
A2: 报名编号 | B2: 激活码 | C2: 赛道 | D2: 赛项 | E2: 组别 | F2: 队伍名称 | G2: 申报单位 | H2: 教练信息 | I2: 学生信息 | J2: 比赛分数 | K2: 比赛用时 | L2: 成绩排名 | M2: 奖项 | N2: 备注
A3: 41774 | B3: 2B8h6p4Q-94-020-QO-022-1-1nj-05-eeS | C3: Super AI超级轨迹赛项' | D3: 'Super AI超级轨迹赛-星际穿越' | E3: 小学低年级A组 | F3: 明光逸夫小学先锋队 | G3: 明光市逸夫小学 | H3: 赵巧龙 | I3: 张恒希 | J3: 798 | K3: 62.51 | L3: 1 | M3: 一等奖(冠军) | N3: 入围总决赛
A4: 42179 | B4: 2B8h6p5c-94-020-qB-022-1-tNL-05-JwM | C4: 'Super AI超级轨迹赛项' | D4: 'Super AI超级轨迹赛-星际穿越' | E4: 小学低年级A组 | F4: 高景行 | G4: 中关村一小（党校校区） | H4: 郑华欣 | I4: 高景行 | J4: 795 | K4: 64.44 | L4: 2 | M4: 一等奖(亚军) | N4: 入围总决赛
A5: 41733 | B5: 2B8h6p4Y-94-020-U5-022-1-vv7-05-Glq | C5: 'Super AI超级轨迹赛项' | D5: 'Super AI超级轨迹赛-星际穿越' | E5: 小学低年级A组 | F5: 明光逸夫小学阳光队 | G5: 明光市逸夫小学 | H5: 赵巧龙 | I5: 查帧溯 | J5: 795 | K5: 65.5 | L5: 3 | M5: 一等奖(季军) | N5: 入围总决赛
A6: 41759 | B6: 2B8h6p5z-94-020-LS-022-1-LBH-05-ti6 | C6: 'Super AI超级轨迹赛项' | D6: 'Super AI超级轨迹赛-星际穿越' | E6: 小学低年级A组 | F6: 于梓跃 | G6: 上地实验小学 | H6: 李华尧 | I6: 于梓跃 | J6: 794 | K6: 65.13 | L6: 4 | M6: 一等奖 | N6: 入围总决赛
A7: 41413 | B7: 2B8h6pUu-94-020-cw-022-1-SQA-05-119 | C7: 'Super AI超级轨迹赛项' | D7: 'Super AI超级轨迹赛-星际穿越' | E7: 小学低年级A组 | F7: 天扬战队 | G7: 芜湖市凤鸣实验小学 | H7: 林林 | I7: 章天扬 | J7: 794 | K7: 65.64 | L7: 5 | M7: 一等奖 | N7: 入围总决赛
A8: 27631 | B8: 2B8h6fhU-94-020-bu-022-1-vZ9-05-9yF | C8: 'Super AI超级轨迹赛项' | D8: 'Super AI超级轨迹赛-星际穿越' | E8: 小学低年级A组 | F8: 萍乡城区小学1队 | G8: 江西省萍乡市安源区城区小学 | H8: 邓志华 | I8: 刘鸿志 | J8: 794 | K8: 65.65 | L8: 6 | M8: 一等奖 | N8: 入围总决赛
A9: 41691 | B9: 2B8h6pG8-94-020-nz-022-1-rlP-05-hUh | C9: 'Super AI超级轨迹赛项' | D9: 'Super AI超级轨迹赛-星际穿越' | E9: 小学低年级A组 | F9: 志远战队 | G9: 凤鸣实验小学 | H9: 杨祥 | I9: 王志远 | J9: 794 | K9: 65.77 | L9: 7 | M9: 一等奖 | N9: 入围总决赛
A10: 27639 | B10: 2B8h6fhb-94-020-dW-022-1-q9a-05-8yq | C10: 'Super AI超级轨迹赛项' | D10: 'Super AI超级轨迹赛-星际穿越' | E10: 小学低年级A组 | F10: 萍乡城区小学A队 | G10: 江西省萍乡市安源区城区小学 | H10: 邓志华 | I10: 邓博鑫 | J10: 792 | K10: 67.98 | L10: 8 | M10: 一等奖 | N10: 入围总决赛
A11: 41934 | B11: 2B8h6pUV-94-020-O9-022-1-X37-05-cd4 | C11: 'Super AI超级轨迹赛项' | D11: 'Super AI超级轨迹赛-星际穿越' | E11: 小学低年级A组 | F11: 易公园-零零五 | G11: 科创思维馆 | H11: 白晨星 | I11: 赵宇琪 | J11: 791 | K11: 68.67 | L11: 9 | M11: 一等奖 | N11: 入围总决赛
A12: 41867 | B12: 2B8h6p5b-94-020-jm-022-1-cbW-05-U2o | C12: 'Super AI超级轨迹赛项' | D12: 'Super AI超级轨迹赛-星际穿越' | E12: 小学低年级A组 | F12: 王伊宁 | G12: 中国人民大学附属中学实验小学 | H12: 赵焕振 | I12: 王伊宁 | J12: 791 | K12: 69.71 | L12: 10 | M12: 一等奖 | N12: 入围总决赛
A13: 27670 | B13: 2B8h6fPR-94-020-4W-022-1-OhI-05-Hyk | C13: 'Super AI超级轨迹赛项' | D13: 'Super AI超级轨迹赛-星际穿越' | E13: 小学低年级A组 | F13: 睿趣小天鹅2队 | G13: 合肥睿趣科技培训学校 | H13: 李健 | I13: 石丰宇 | J13: 790 | K13: 69.2 | L13: 11 | M13: 一等奖 | N13: 入围总决赛
A14: 42175 | B14: 2B8h6pUd-94-020-tA-022-1-7Xp-05-VzN | C14: 'Super AI超级轨迹赛项' | D14: 'Super AI超级轨迹赛-星际穿越' | E14: 小学低年级A组 | F14: 睿趣滨湖3队 | G14: 合肥睿趣科技培训学校 | H14: 徐人杰 | I14: 孟成浩 | J14: 790 | K14: 70.07 | L14: 12 | M14: 一等奖 | N14: 入围总决赛
... A21: 41785 | B21: 2B8h6p49-94-020-8Z-022-1-H9z-05-OOR | C21: 'Super AI超级轨迹赛项' | D21: 'Super AI超级轨迹赛-星际穿越' | E21: 小学低年级A组 | F21: 合肥市西园新村小学北校1队 | G21: 合肥市西园新村小学北校安大校区 | H21: 杨结宝 | I21: 李思齐 | J21: 788 | K21: 72.25 | L21: 19 | M21: 一等奖 | N21: 入围总决赛
A22: 42281 | B22: 2B8h6pUk-94-020-Ks-022-1-uSq-05-PiT | C22: 'Super AI超级轨迹赛项' | D22: 'Super AI超级轨迹赛-星际穿越' | E22: 小学低年级A组 | F22: 睿趣花园城3队 | G22: 合肥睿趣科技培训学校 | H22: 宫宇晨 | I22: 曹思源 | J22: 788 | K22: 72.49 | L22: 20 | M22: 二等奖
A23: 28595 | B23: 2B8h6fPg-94-020-HL-022-1-qzG-05-tk7 | C23: 'Super AI超级轨迹赛项' | D23: 'Super AI超级轨迹赛-星际穿越' | E23: 小学低年级A组 | F23: 常州市实验小学 | G23: 常州市爱萝卜机器人科普教育基地 | H23: 唐宁 | I23: 高莯 | J23: 787 | K23: 73.19 | L23: 21 | M23: 二等奖
A24: 27738 | B24: 2B8h6fPm-94-020-Gy-022-1-5uI-05-DL3 | C24: 'Super AI超级轨迹赛项' | D24: 'Super AI超级轨迹赛-星际穿越' | E24: 小学低年级A组 | F24: 睿趣小天鹅3队 | G24: 合肥睿趣科技培训学校 | H24: 贾志成 | I24: 马恩典 | J24: 787 | K24: 73.24 | L24: 22 | M24: 二等奖
A25: 30407 | B25: 2B8h6f7q-94-020-XS-022-1-nGx-05-KqR | C25: 'Super AI超级轨迹赛项' | D25: 'Super AI超级轨迹赛-星际穿越' | E25: 小学低年级A组 | F25: 周鼎晨 | G25: 深中南山创新学校 | H25: 周嘉华 | I25: 周鼎晨 | J25: 787 | K25: 73.71 | L25: 23 | M25: 二等奖
A26: 41925 | B26: 2B8h6pUG-94-020-u5-022-1-Kn7-05-MPO | C26: 'Super AI超级轨迹赛项' | D26: 'Super AI超级轨迹赛-星际穿越' | E26: 小学低年级A组 | F26: 易公园-零零四 | G26: 科创思维馆 | H26: 白晨星 | I26: 李岳杭 | J26: 787 | K26: 73.81 | L26: 24 | M26: 二等奖
A27: 28153 | B27: 2B8h6fPB-94-020-I7-022-1-86t-05-Mkq | C27: 'Super AI超级轨迹赛项' | D27: 'Super AI超级轨迹赛-星际穿越' | E27: 小学低年级A组 | F27: 合肥市奥体小学3队 | G27: 合肥市奥体小学 | H27: 田玉莲 | I27: 王梓荏 | J27: 786 | K27: 73.37 | L27: 25 | M27: 二等奖
A28: 28531 | B28: 2B8h6fPd-94-020-o2-022-1-jTT-05-W3K | C28: 'Super AI超级轨迹赛项' | D28: 'Super AI超级轨迹赛-星际穿越' | E28: 小学低年级A组 | F28: 常州市局前街小学 | G28: 常州市爱萝卜机器人科普教育基地 | H28: 杨健 | I28: 张采怡 | J28: 786 | K28: 74.14 | L28: 26 | M28: 二等奖
A29: 34991 | B29: 2B8h6iGt-94-020-jd-022-1-5O6-05-ElJ | C29: 'Super AI超级轨迹赛项' | D29: 'Super AI超级轨迹赛-星际穿越' | E29: 小学低年级A组 | F29: 星辰队1 | G29: 中国宋庆龄青少年科技文化交流中心 | H29: 程瑞敏 | I29: 张添策 | J29: 786 | K29: 74.17 | L29: 27 | M29: 二等奖
A30: 29958 | B30: 2B8h6fv8-94-020-zk-022-1-lWd-05-FgX | C30: 'Super AI超级轨迹赛项' | D30: 'Super AI超级轨迹赛-星际穿越' | E30: 小学低年级A组 | F30: 孟涵队 | G30: 天津汇智创科课外培训学校 | H30: 孟雅 | I30: 李孟涵 | J30: 786 | K30: 74.52 | L30: 28 | M30: 二等奖
A31: 41775 | B31: 2B8h6p4X-94-020-tR-022-1-mbL-05-AU1 | C31: 'Super AI超级轨迹赛项' | D31: 'Super AI超级轨迹赛-星际穿越' | E31: 小学低年级A组 | F31: 合肥市奥体小学2队 | G31: 合肥市奥体小学 | H31: 田玉莲 | I31: 钱孟琦 | J31: 785 | K31: 74.67 | L31: 29 | M31: 二等奖
A32: 35443 | B32: 2B8h6iGK-94-020-iv-022-1-wbj-05-K0w | C32: 'Super AI超级轨迹赛项' | D32: 'Super AI超级轨迹赛-星际穿越' | E32: 小学低年级A组 | F32: 水果队 | G32: 中国宋庆龄青少年科技文化交流中心 | H32: 王勇睿 | I32: 谭斯怀 | J32: 784 | K32: 75.78 | L32: 30 | M32: 二等奖
A33: 35087 | B33: 2B8h6iGX-94-020-kK-022-1-OXh-05-WqQ | C33: 'Super AI超级轨迹赛项' | D33: 'Super AI超级轨迹赛-星际穿越' | E33: 小学低年级A组 | F33: 熊猫队 | G33: 中国宋庆龄青少年科技文化交流中心 | H33: 冯欣然 | I33: 汤鸣谦 | J33: 783 | K33: 76.82 | L33: 31 | M33: 二等奖
... A129: 27443 | B129: 2B8h6fho-94-020-FT-022-1-3Sy-05-992 | C129: 'Super AI超级轨迹赛项' | D129: 'Super AI超级轨迹赛-星际穿越' | E129: 小学低年级A组 | F129: 史莱克4队 | G129: 史莱克机器人编程中心 | H129: 吕鹤祥 | I129: 刘佳欣 | J129: 100 | K129: 20 | L129: 128 | M129: 三等奖
A131: 43137 | B131: 2B8h6pG4-94-020-Qp-022-1-YsV-05-nIV | C131: 'Super AI超级轨迹赛项' | D131: 'Super AI超级轨迹赛-星际穿越' | E131: 小学低年级B组 | F131: 薛家岛小学6队 | G131: 青岛西海岸新区薛家岛小学 | H131: 闫东 | I131: 贾浩然 | J131: 801 | K131: 58.95 | L131: 1 | M131: 一等奖(冠军) | N131: 入围总决赛
A132: 43868 | B132: 2B8h6pGb-94-020-Fk-022-1-O2W-05-QHV | C132: 'Super AI超级轨迹赛项' | D132: 'Super AI超级轨迹赛-星际穿越' | E132: 小学低年级B组 | F132: 井冈山2队 | G132: 青岛西海岸新区井冈山路小学 | H132: 宋晓龙 | I132: 孙齐 | J132: 797 | K132: 62.89 | L132: 2 | M132: 一等奖(亚军) | N132: 入围总决赛
A133: 43011 | B133: 2B8h6ptj-94-020-e9-022-1-gvv-05-skU | C133: 'Super AI超级轨迹赛项' | D133: 'Super AI超级轨迹赛-星际穿越' | E133: 小学低年级B组 | F133: 嘉定小低九号 | G133: 上海市嘉定区第一中学附属小学 | H133: 蒲思妤 | I133: 隋天怡 | J133: 795 | K133: 65.22 | L133: 3 | M133: 一等奖(季军) | N133: 入围总决赛
A134: 29654 | B134: 2B8h6fvQ-94-020-Wz-022-1-1GY-05-iIw | C134: 'Super AI超级轨迹赛项' | D134: 'Super AI超级轨迹赛-星际穿越' | E134: 小学低年级B组 | F134: 杰瑞六队 | G134: 沈阳市铁西区雏鹰实验小学 | H134: 郭斌 | I134: 韩宸旭 | J134: 790 | K134: 70.48 | L134: 4 | M134: 一等奖 | N134: 入围总决赛
A135: 42751 | B135: 2B8h6pGr-94-020-pF-022-1-yxl-05-gTn | C135: 'Super AI超级轨迹赛项' | D135: 'Super AI超级轨迹赛-星际穿越' | E135: 小学低年级B组 | F135: 虎门图灵2队 | G135: Vipcode少儿编程虎门校区 | H135: 常英杰 | I135: 赖子扬 | J135: 788 | K135: 72.04 | L135: 5 | M135: 一等奖 | N135: 入围总决赛
A136: 42875 | B136: 2B8h6pqP-94-020-ek-022-1-GGQ-05-yKb | C136: 'Super AI超级轨迹赛项' | D136: 'Super AI超级轨迹赛-星际穿越' | E136: 小学低年级B组 | F136: 虎门图灵4队 | G136: Vipcode少儿编程虎门校区 | H136: 常英杰 | I136: 郑倬霖 | J136: 787 | K136: 73.21 | L136: 6 | M136: 一等奖 | N136: 入围总决赛
A137: 43824 | B137: 2B8h6p2i-94-020-ii-022-1-qNw-05-R97 | C137: 'Super AI超级轨迹赛项' | D137: 'Super AI超级轨迹赛-星际穿越' | E137: 小学低年级B组 | F137: 骄阳队 | G137: VIPCODE少儿编程亦庄校区 | H137: 杜臣臣 | I137: 王浩然 | J137: 785 | K137: 75.35 | L137: 7 | M137: 一等奖 | N137: 入围总决赛
A138: 43499 | B138: 2B8h6pAs-94-020-i9-022-1-mer-05-LPv | C138: 'Super AI超级轨迹赛项' | D138: 'Super AI超级轨迹赛-星际穿越' | E138: 小学低年级B组 | F138: VIPCODE大石桥市六队 | G138: 大石桥市钢都中心小学 | H138: 于希峒 | I138: 吕永鑫 | J138: 784 | K138: 76.43 | L138: 8 | M138: 一等奖 | N138: 入围总决赛
A139: 44117 | B139: 2B8h6p29-94-020-Oo-022-1-OfW-05-mfK | C139: 'Super AI超级轨迹赛项' | D139: 'Super AI超级轨迹赛-星际穿越' | E139: 小学低年级B组 | F139: 星辰大海队 | G139: VIPCODE少儿编程亦庄校区 | H139: 杜臣臣 | I139: 齐洲振 | J139: 782 | K139: 77.62 | L139: 9 | M139: 一等奖 | N139: 入围总决赛
A140: 44191 | B140: 2B8h6p2G-94-020-RO-022-1-VYG-05-Gya | C140: 'Super AI超级轨迹赛项' | D140: 'Super AI超级轨迹赛-星际穿越' | E140: 小学低年级B组 | F140: 百育七队 | G140: 临沂市兰山区百育信息技术培训学校 | H140: 黄占杰 | I140: 郝聚俊 | J140: 780 | K140: 79.92 | L140: 10 | M140: 一等奖 | N140: 入围总决赛
A141: 42939 | B141: 2B8h6pL0-94-020-mR-022-1-ZfQ-05-Out | C141: 'Super AI超级轨迹赛项' | D141: 'Super AI超级轨迹赛-星际穿越' | E141: 小学低年级B组 | F141: 小荷才露 | G141: 双鸭山市逸夫小学 | H141: 李潇寒 | I141: 马浩然 | J141: 779 | K141: 80.71 | L141: 11 | M141: 一等奖 | N141: 入围总决赛
A142: 41449 | B142: 2B8h6pqL-94-020-ls-022-1-KOI-05-PMP | C142: 'Super AI超级轨迹赛项' | D142: 'Super AI超级轨迹赛-星际穿越' | E142: 小学低年级B组 | F142: 正宁县科技馆2队 | G142: 正宁县科技馆 | H142: 曹成林 | I142: 曹启玄 | J142: 779 | K142: 81.28 | L142: 12 | M142: 一等奖 | N142: 入围总决赛
... A150: 43291 | B150: 2B8h6pGY-94-020-ei-022-1-Yeg-05-T5I | C150: 'Super AI超级轨迹赛项' | D150: 'Super AI超级轨迹赛-星际穿越' | E150: 小学低年级B组 | F150: 卧龙 | G150: 湖南永州玛酷机器人编程中心 | H150: 李春花 | I150: 周林峰 | J150: 768 | K150: 91.49 | L150: 20 | M150: 一等奖 | N150: 入围总决赛
A151: 42752 | B151: 2B8h6pbQ-94-020-nw-022-1-tjh-05-ZgK | C151: 'Super AI超级轨迹赛项' | D151: 'Super AI超级轨迹赛-星际穿越' | E151: 小学低年级B组 | F151: 杜锦程 | G151: 济宁北湖省级旅游度假区玛酷创客文化艺术培训学校 | H151: 倪福栋 | I151: 杜锦程 | J151: 766 | K151: 94.4 | L151: 21 | M151: 二等奖
A152: 42906 | B152: 2B8h6pbu-94-020-Er-022-1-Lgt-05-ZW5 | C152: 'Super AI超级轨迹赛项' | D152: 'Super AI超级轨迹赛-星际穿越' | E152: 小学低年级B组 | F152: 倪子墨 | G152: 济宁北湖省级旅游度假区玛酷创客文化艺术培训学校 | H152: 倪福栋 | I152: 倪子墨 | J152: 763 | K152: 96.64 | L152: 22 | M152: 二等奖
A153: 43999 | B153: 2B8h6p2X-94-020-z2-022-1-Imm-05-VsI | C153: 'Super AI超级轨迹赛项' | D153: 'Super AI超级轨迹赛-星际穿越' | E153: 小学低年级B组 | F153: 机器历险队 | G153: VIPCODE少儿编程亦庄校区 | H153: 张凤亚 | I153: 刘予 | J153: 752 | K153: 102.56 | L153: 23 | M153: 二等奖
A154: 42826 | B154: 2B8h6ptI-94-020-NV-022-1-fEJ-05-3GH | C154: 'Super AI超级轨迹赛项' | D154: 'Super AI超级轨迹赛-星际穿越' | E154: 小学低年级B组 | F154: 嘉定小低二号 | G154: 上海市嘉定区迎园小学 | H154: 蒲思妤 | I154: 周熙诺 | J154: 739 | K154: 116.03 | L154: 24 | M154: 二等奖
A155: 42553 | B155: 2B8h6pL6-94-020-BZ-022-1-6ym-05-Twr | C155: 'Super AI超级轨迹赛项' | D155: 'Super AI超级轨迹赛-星际穿越' | E155: 小学低年级B组 | F155: 长白山一队 | G155: 长白山池北区第二小学 | H155: 吴玉霞 | I155: 李奕辰 | J155: 737 | K155: 118.16 | L155: 25 | M155: 二等奖
A156: 44653 | B156: 2B8h6Nrw-94-020-FB-022-1-yQY-05-V1G | C156: 'Super AI超级轨迹赛项' | D156: 'Super AI超级轨迹赛-星际穿越' | E156: 小学低年级B组 | F156: QYM | G156: 清华附中郑州学校 | H156: 李锋 | I156: 乔钇茗 | J156: 727 | K156: 133.25 | L156: 26 | M156: 二等奖
A157: 42102 | B157: 2B8h6pbe-94-020-lJ-022-1-C6x-05-PJp | C157: 'Super AI超级轨迹赛项' | D157: 'Super AI超级轨迹赛-星际穿越' | E157: 小学低年级B组 | F157: 嘉祥一队 | G157: 济宁北湖省级旅游度假区玛酷创客文化艺术培训学校 | H157: 倪福显 | I157: 金峻贤 | J157: 708 | K157: 146.79 | L157: 27 | M157: 二等奖
A158: 41500 | B158: 2B8h6p2r-94-020-0z-022-1-tCu-05-JJT | C158: 'Super AI超级轨迹赛项' | D158: 'Super AI超级轨迹赛-星际穿越' | E158: 小学低年级B组 | F158: 正宁县科技馆3队 | G158: 正宁县科技馆 | H158: 曹成林 | I158: 赵盈泊 | J158: 703 | K158: 147.2 | L158: 28 | M158: 二等奖
A159: 42304 | B159: 2B8h6ptQ-94-020-Ej-022-1-3Ph-05-o6Y | C159: 'Super AI超级轨迹赛项' | D159: 'Super AI超级轨迹赛-星际穿越' | E159: 小学低年级B组 | F159: 正宁县科技馆6队 | G159: 正宁县科技馆 | H159: 曹成林 | I159: 温若翔 | J159: 702 | K159: 148.05 | L159: 29 | M159: 二等奖
A160: 43590 | B160: 2B8h6p2V-94-020-X2-022-1-acA-05-dd6 | C160: 'Super AI超级轨迹赛项' | D160: 'Super AI超级轨迹赛-星际穿越' | E160: 小学低年级B组 | F160: 凤凰 | G160: VIPCODE 少儿编程亦庄校区 | H160: 张凤亚 | I160: 丹铭 | J160: 701 | K160: 144.75 | L160: 30 | M160: 二等奖
A161: 42773 | B161: 2B8h6pGk-94-020-F0-022-1-JMf-05-JoO | C161: 'Super AI超级轨迹赛项' | D161: 'Super AI超级轨迹赛-星际穿越' | E161: 小学低年级B组 | F161: 虎门图灵3队 | G161: Vipcode少儿编程虎门校区 | H161: 常英杰 | I161: 徐子欣 | J161: 697 | K161: 152.63 | L161: 31 | M161: 二等奖
A162: 42484 | B162: 2B8h6pbW-94-020-Hm-022-1-l6y-05-7yT | C162: 'Super AI超级轨迹赛项' | D162: 'Super AI超级轨迹赛-星际穿越' | E162: 小学低年级B组 | F162: 史莱克14队 | G162: 史莱克机器人编程中心 | H162: 吕鹤祥 | I162: 肖晨芃 | J162: 686 | K162: 164.45 | L162: 32 | M162: 二等奖
... A260: 44514 | B260: 2B8h6pAq-94-020-EA-022-1-tXD-05-yHF | C260: 'Super AI超级轨迹赛项' | D260: 'Super AI超级轨迹赛-星际穿越' | E260: 小学低年级B组 | F260: 嘉祥五队 | G260: 济宁北湖省级旅游度假区玛酷创客文化艺术培训学校 | H260: 倪福显 | I260: 屈俊宇 | J260: 100 | K260: 20 | L260: 130 | M260: 三等奖
A262: 27648 | B262: 2B8h6fAD-94-020-Oi-022-1-9HW-06-XOA | C262: 'Super AI超级轨迹赛项' | D262: 'Super AI超级轨迹赛-星际穿越' | E262: 小学高年级A组 | F262: 萍乡城区小学AI队 | G262: 江西省萍乡市安源区城区小学 | H262: 邓志华 | I262: 易鸣清 | J262: 816 | K262: 44.48 | L262: 1 | M262: 一等奖(冠军) | N262: 入围总决赛
A263: 28159 | B263: 2B8h6fwY-94-020-nr-022-1-u4q-06-O4A | C263: 'Super AI超级轨迹赛项' | D263: 'Super AI超级轨迹赛-星际穿越' | E263: 小学高年级A组 | F263: 晨旭战队 | G263: 芜湖市凤鸣实验小学 | H263: 林林 | I263: 夏晨旭 | J263: 815 | K263: 45.83 | L263: 2 | M263: 一等奖(亚军) | N263: 入围总决赛
A264: 27594 | B264: 2B8h6fw0-94-020-1B-022-1-y7y-06-cUp | C264: 'Super AI超级轨迹赛项' | D264: 'Super AI超级轨迹赛-星际穿越' | E264: 小学高年级A组 | F264: 韩佳泽 | G264: 吉林市船营区第二十五小学校 | H264: 吕怀宇 | I264: 韩佳泽 | J264: 814 | K264: 46.78 | L264: 3 | M264: 一等奖(季军) | N264: 入围总决赛
A265: 27655 | B265: 2B8h6fAk-94-020-uC-022-1-FS9-06-iml | C265: 'Super AI超级轨迹赛项' | D265: 'Super AI超级轨迹赛-星际穿越' | E265: 小学高年级A组 | F265: 萍乡城区小学A1队 | G265: 江西省萍乡市安源区城区小学 | H265: 邓勇 | I265: 乔良 | J265: 812 | K265: 48.53 | L265: 4 | M265: 一等奖 | N265: 入围总决赛
A266: 27572 | B266: 2B8h6fw9-94-020-SQ-022-1-eMB-06-ady | C266: 'Super AI超级轨迹赛项' | D266: 'Super AI超级轨迹赛-星际穿越' | E266: 小学高年级A组 | F266: 恒山一队 | G266: 吉林高新区恒山路学校 | H266: 李俊 | I266: 张君瑞 | J266: 810 | K266: 49.8 | L266: 5 | M266: 一等奖 | N266: 入围总决赛
A267: 41383 | B267: 2B8h6pSV-94-020-5f-022-1-OVL-06-dek | C267: 'Super AI超级轨迹赛项' | D267: 'Super AI超级轨迹赛-星际穿越' | E267: 小学高年级A组 | F267: 昊樽战队 | G267: 芜湖市凤鸣实验小学 | H267: 林林 | I267: 谢昊樽 | J267: 810 | K267: 50.26 | L267: 6 | M267: 一等奖 | N267: 入围总决赛
A268: 42389 | B268: 2B8h6p6O-94-020-HN-022-1-aQg-06-bHU | C268: 'Super AI超级轨迹赛项' | D268: 'Super AI超级轨迹赛-星际穿越' | E268: 小学高年级A组 | F268: 凡恩理工大pro | G268: 太原市尖草坪区凡恩培训学校 | H268: 李志英 | I268: 康晧炀 | J268: 808 | K268: 51.67 | L268: 7 | M268: 一等奖 | N268: 入围总决赛
A269: 42373 | B269: 2B8h6p69-94-020-wF-022-1-jPO-06-mbV | C269: 'Super AI超级轨迹赛项' | D269: 'Super AI超级轨迹赛-星际穿越' | E269: 小学高年级A组 | F269: 凡理工大战队 | G269: 太原市尖草坪区凡恩培训学校 | H269: 李志英 | I269: 韵麒轩 | J269: 805 | K269: 55.29 | L269: 8 | M269: 一等奖 | N269: 入围总决赛
A270: 27558 | B270: 2B8h6fL8-94-020-uQ-022-1-rO4-06-dXH | C270: 'Super AI超级轨迹赛项' | D270: 'Super AI超级轨迹赛-星际穿越' | E270: 小学高年级A组 | F270: 北海市海城区第八小学 | G270: 北海市海城区第八小学 | H270: 陈乐园 | I270: 庞文昊 | J270: 805 | K270: 55.45 | L270: 9 | M270: 一等奖 | N270: 入围总决赛
A271: 27511 | B271: 2B8h6fLl-94-020-16-022-1-n7z-06-gng | C271: 'Super AI超级轨迹赛项' | D271: 'Super AI超级轨迹赛-星际穿越' | E271: 小学高年级A组 | F271: 北海市海城区第九小学 | G271: 北海市海城区第九小学 | H271: 陈婷婷 | I271: 黄迪 | J271: 805 | K271: 55.48 | L271: 10 | M271: 一等奖 | N271: 入围总决赛
A272: 27538 | B272: 2B8h6fLj-94-020-DI-022-1-kGk-06-NPr | C272: 'Super AI超级轨迹赛项' | D272: 'Super AI超级轨迹赛-星际穿越' | E272: 小学高年级A组 | F272: 北海市海城区逸夫小学 | G272: 北海市海城区逸夫小学 | H272: 陈梅 | I272: 孙智尧 | J272: 804 | K272: 55.32 | L272: 11 | M272: 一等奖 | N272: 入围总决赛
A273: 27599 | B273: 2B8h6fwl-94-020-L6-022-1-tm3-06-PrO | C273: 'Super AI超级轨迹赛项' | D273: 'Super AI超级轨迹赛-星际穿越' | E273: 小学高年级A组 | F273: 雏鹰一队 | G273: 吉林市第一实验小学 | H273: 刘平安 | I273: 韩昕芮 | J273: 804 | K273: 55.4 | L273: 12 | M273: 一等奖 | N273: 入围总决赛
... A285: 43307 | B285: 2B8h6pfJ-94-020-9g-022-1-mCg-06-N9p | C285: 'Super AI超级轨迹赛项' | D285: 'Super AI超级轨迹赛-星际穿越' | E285: 小学高年级A组 | F285: VIPCODE大石桥市四队 | G285: 大石桥市南街小学 | H285: 于希峒 | I285: 赵一阳 | J285: 798 | K285: 62.07 | L285: 24 | M285: 一等奖 | N285: 入围总决赛
A286: 28206 | B286: 2B8h6f2o-94-020-aA-022-1-cOl-06-eU4 | C286: 'Super AI超级轨迹赛项' | D286: 'Super AI超级轨迹赛-星际穿越' | E286: 小学高年级A组 | F286: 燕山小学1队 | G286: 济南市历下区燕山小学 | H286: 高红燕 | I286: 马增行 | J286: 798 | K286: 62.65 | L286: 25 | M286: 二等奖
A287: 42952 | B287: 2B8h6pK1-94-020-BO-022-1-6EO-06-4H3 | C287: 'Super AI超级轨迹赛项' | D287: 'Super AI超级轨迹赛-星际穿越' | E287: 小学高年级A组 | F287: 历城区少年宫6队 | G287: 历城区少年宫 | H287: 宋政 | I287: 纪舒豪 | J287: 797 | K287: 62.67 | L287: 26 | M287: 二等奖
A288: 27759 | B288: 2B8h6fAM-94-020-yQ-022-1-MBO-06-o1x | C288: 'Super AI超级轨迹赛项' | D288: 'Super AI超级轨迹赛-星际穿越' | E288: 小学高年级A组 | F288: 大丰AI机器人战队超轨A | G288: 盐城市大丰区实验小学 | H288: 丁涛峰 | I288: 任沐昊 | J288: 797 | K288: 63.26 | L288: 27 | M288: 二等奖
A289: 28195 | B289: 2B8h6fwc-94-020-Jg-022-1-Y3M-06-6Dp | C289: 'Super AI超级轨迹赛项' | D289: 'Super AI超级轨迹赛-星际穿越' | E289: 小学高年级A组 | F289: 精灵小队 | G289: 内蒙古乌海市海勃湾区第六完全小学 | H289: 张伟· | I289: 奚嘉俊 | J289: 797 | K289: 63.48 | L289: 28 | M289: 二等奖
A290: 27821 | B290: 2B8h6f2S-94-020-Li-022-1-5d8-06-M8x | C290: 'Super AI超级轨迹赛项' | D290: 'Super AI超级轨迹赛-星际穿越' | E290: 小学高年级A组 | F290: 薛家岛小学一队 | G290: 青岛西海岸新区薛家岛小学 | H290: 王俊杰 | I290: 陈嘉禾 | J290: 797 | K290: 63.52 | L290: 29 | M290: 二等奖
A291: 28049 | B291: 2B8h6fLy-94-020-5e-022-1-xVT-06-iLH | C291: 'Super AI超级轨迹赛项' | D291: 'Super AI超级轨迹赛-星际穿越' | E291: 小学高年级A组 | F291: 奇客摩克疾如风 | G291: 宁夏银川市兴庆区实验第二小学 | H291: 李文婧 | I291: 党培文 | J291: 796 | K291: 63.98 | L291: 30 | M291: 二等奖
A292: 27684 | B292: 2B8h6f28-94-020-9N-022-1-GJi-06-TPj | C292: 'Super AI超级轨迹赛项' | D292: 'Super AI超级轨迹赛-星际穿越' | E292: 小学高年级A组 | F292: YBY | G292: 漳浦县第五实验小学 | H292: 张碧凤 | I292: 杨博壹 | J292: 796 | K292: 64.92 | L292: 31 | M292: 二等奖
A293: 29275 | B293: 2B8h6fyc-94-020-oS-022-1-Lyp-06-naw | C293: 'Super AI超级轨迹赛项' | D293: 'Super AI超级轨迹赛-星际穿越' | E293: 小学高年级A组 | F293: 郑州乐博金中环1队 | G293: 郑州市中原区伊河路小学 | H293: 罗亚光 | I293: 周彦霖 | J293: 795 | K293: 64.4 | L293: 32 | M293: 二等奖
A294: 27611 | B294: 2B8h6fwe-94-020-cV-022-1-zZa-06-io8 | C294: 'Super AI超级轨迹赛项' | D294: 'Super AI超级轨迹赛-星际穿越' | E294: 小学高年级A组 | F294: 睿趣天鹅湖2队 | G294: 合肥睿趣科技培训学校 | H294: 李健 | I294: 常方旭 | J294: 795 | K294: 64.77 | L294: 33 | M294: 二等奖
A295: 27468 | B295: 2B8h6fAi-94-020-Ot-022-1-0cL-06-8PI | C295: 'Super AI超级轨迹赛项' | D295: 'Super AI超级轨迹赛-星际穿越' | E295: 小学高年级A组 | F295: 龙湖2队 | G295: 南京市金陵中学龙湖分校小学 | H295: 朱想想 | I295: 于铄 | J295: 795 | K295: 65.01 | L295: 34 | M295: 二等奖
A296: 29724 | B296: 2B8h6f70-94-020-ah-022-1-TaP-06-OKo | C296: 'Super AI超级轨迹赛项' | D296: 'Super AI超级轨迹赛-星际穿越' | E296: 小学高年级A组 | F296: 挑战者2队 | G296: 昌平区城北小学教育集团 | H296: 杨亚军 | I296: 陈喆林 | J296: 794 | K296: 65.77 | L296: 35 | M296: 二等奖
A297: 43075 | B297: 2B8h6pMW-94-020-7r-022-1-zI5-06-AK1 | C297: 'Super AI超级轨迹赛项' | D297: 'Super AI超级轨迹赛-星际穿越' | E297: 小学高年级A组 | F297: 大连市沙河口区格致新校代表队 | G297: 大连市沙河口区格致新校 | H297: 李云集 | I297: 田子凡 | J297: 794 | K297: 66.31 | L297: 36 | M297: 二等奖
... A424: 42611 | B424: 2B8h6pMy-94-020-6K-022-1-rfS-06-t2Y | C424: 'Super AI超级轨迹赛项' | D424: 'Super AI超级轨迹赛-星际穿越' | E424: 小学高年级A组 | F424: 实验小学super队 | G424: 大连市金州区实验小学 | H424: 邢潭 | I424: 陶俊逸 | J424: 200 | K424: 6.37 | L424: 163 | M424: 三等奖
A426: 41462 | B426: 2B8h6pS5-94-020-Ja-022-1-MpT-06-5Wz | C426: 'Super AI超级轨迹赛项' | D426: 'Super AI超级轨迹赛-星际穿越' | E426: 小学高年级B组 | F426: 1st-1 | G426: 上海市向明初级中学 | H426: 顾彦康 | I426: 钱朝林 | J426: 816 | K426: 43.15 | L426: 1 | M426: 一等奖(冠军) | N426: 入围总决赛
A427: 29454 | B427: 2B8h6fZq-94-020-Xb-022-1-CpR-06-V9M | C427: 'Super AI超级轨迹赛项' | D427: 'Super AI超级轨迹赛-星际穿越' | E427: 小学高年级B组 | F427: 大唐屠龙队 | G427: 晋中市榆次区大唐现代双语小学 | H427: 李冰 | I427: 郝一宁 | J427: 816 | K427: 44.26 | L427: 2 | M427: 一等奖(亚军) | N427: 入围总决赛
A428: 41458 | B428: 2B8h6pSq-94-020-Fd-022-1-Uhh-06-rX4 | C428: 'Super AI超级轨迹赛项' | D428: 'Super AI超级轨迹赛-星际穿越' | E428: 小学高年级B组 | F428: 云间8队 | G428: 上海外国语大学附属外国语学校松江云间小学东部分校 | H428: 丁薇 | I428: 张子昂 | J428: 816 | K428: 44.29 | L428: 3 | M428: 一等奖(季军) | N428: 入围总决赛
A429: 41718 | B429: 2B8h6pfe-94-020-7m-022-1-5Rd-06-4Ii | C429: 'Super AI超级轨迹赛项' | D429: 'Super AI超级轨迹赛-星际穿越' | E429: 小学高年级B组 | F429: 恒山路二队 | G429: 吉林高新区恒山路学校 | H429: 李俊 | I429: 傅侯安之 | J429: 814 | K429: 46.39 | L429: 4 | M429: 一等奖 | N429: 入围总决赛
A430: 41974 | B430: 2B8h6p0j-94-020-ER-022-1-8NV-06-3jH | C430: 'Super AI超级轨迹赛项' | D430: 'Super AI超级轨迹赛-星际穿越' | E430: 小学高年级B组 | F430: 思南凤仪科技阳光队 | G430: 思南县第一小学 | H430: 徐克曼 | I430: 杜宏伟 | J430: 813 | K430: 47.24 | L430: 5 | M430: 一等奖 | N430: 入围总决赛
A431: 41476 | B431: 2B8h6pSc-94-020-bI-022-1-Pl4-06-WTD | C431: 'Super AI超级轨迹赛项' | D431: 'Super AI超级轨迹赛-星际穿越' | E431: 小学高年级B组 | F431: 东滩1队 | G431: 上海市崇明区东滩实验学校 | H431: 肖磊 | I431: 张彤 | J431: 812 | K431: 47.95 | L431: 6 | M431: 一等奖 | N431: 入围总决赛
A432: 41436 | B432: 2B8h6pas-94-020-0x-022-1-iKM-06-VUe | C432: 'Super AI超级轨迹赛项' | D432: 'Super AI超级轨迹赛-星际穿越' | E432: 小学高年级B组 | F432: 云间4队 | G432: 上海外国语大学附属外国语学校松江云间小学东部分校 | H432: 丁薇 | I432: 梁云青 | J432: 812 | K432: 47.96 | L432: 7 | M432: 一等奖 | N432: 入围总决赛
A433: 41956 | B433: 2B8h6pST-94-020-Sv-022-1-zz3-06-dj8 | C433: 'Super AI超级轨迹赛项' | D433: 'Super AI超级轨迹赛-星际穿越' | E433: 小学高年级B组 | F433: 合肥红小超轨4队 | G433: 合肥市红星路小学 | H433: 彭玉峰 | I433: 潘锦程 | J433: 812 | K433: 48.35 | L433: 8 | M433: 一等奖 | N433: 入围总决赛
A434: 41433 | B434: 2B8h6paF-94-020-nX-022-1-EOq-06-K61 | C434: 'Super AI超级轨迹赛项' | D434: 'Super AI超级轨迹赛-星际穿越' | E434: 小学高年级B组 | F434: 云间3队 | G434: 上海外国语大学附属外国语学校松江云间小学东部分校 | H434: 丁薇 | I434: 刘宸翰 | J434: 812 | K434: 48.61 | L434: 9 | M434: 一等奖 | N434: 入围总决赛
A435: 44536 | B435: 2B8h6pC4-94-020-O3-022-1-rcL-06-rAR | C435: 'Super AI超级轨迹赛项' | D435: 'Super AI超级轨迹赛-星际穿越' | E435: 小学高年级B组 | F435: 安子3队 | G435: 青岛西海岸新区安子小学 | H435: 郑超 | I435: 赵梓程 | J435: 811 | K435: 48.99 | L435: 10 | M435: 一等奖 | N435: 入围总决赛
A436: 41999 | B436: 2B8h6poc-94-020-M3-022-1-Ylu-06-MNV | C436: 'Super AI超级轨迹赛项' | D436: 'Super AI超级轨迹赛-星际穿越' | E436: 小学高年级B组 | F436: 合肥市包河区协和双语学校1队 | G436: 合肥市包河区协和双语学校 | H436: 骆天辰 | I436: 史书恒 | J436: 811 | K436: 49.16 | L436: 11 | M436: 一等奖 | N436: 入围总决赛
A437: 41690 | B437: 2B8h6pM5-94-020-CP-022-1-8HH-06-1yJ | C437: 'Super AI超级轨迹赛项' | D437: 'Super AI超级轨迹赛-星际穿越' | E437: 小学高年级B组 | F437: 小魁星一队 | G437: 吉林市松江东路小学校 | H437: 刘明良 | I437: 杜翰霖 | J437: 809 | K437: 50.66 | L437: 12 | M437: 一等奖 | N437: 入围总决赛
... A449: 41633 | B449: 2B8h6pKI-94-020-FK-022-1-uTm-06-HQp | C449: 'Super AI超级轨迹赛项' | D449: 'Super AI超级轨迹赛-星际穿越' | E449: 小学高年级B组 | F449: 金雀山一队 | G449: 临沂金雀山小学 | H449: 刘士华 | I449: 马铭聪 | J449: 803 | K449: 57.15 | L449: 24 | M449: 一等奖 | N449: 入围总决赛
A450: 41645 | B450: 2B8h6pfB-94-020-qJ-022-1-NJo-06-fNK | C450: 'Super AI超级轨迹赛项' | D450: 'Super AI超级轨迹赛-星际穿越' | E450: 小学高年级B组 | F450: 爱迪尔科技特长精英队 | G450: 阜新市细河区民族街小学 | H450: 李博 | I450: 周禹辰 | J450: 803 | K450: 57.21 | L450: 25 | M450: 二等奖
A451: 41653 | B451: 2B8h6pK5-94-020-8g-022-1-pRc-06-V5o | C451: 'Super AI超级轨迹赛项' | D451: 'Super AI超级轨迹赛-星际穿越' | E451: 小学高年级B组 | F451: 金雀山二队 | G451: 临沂金雀山小学 | H451: 李瑶瑶 | I451: 付子轩 | J451: 802 | K451: 57.25 | L451: 26 | M451: 二等奖
A452: 41755 | B452: 2B8h6pWU-94-020-3j-022-1-wdN-06-Qy6 | C452: 'Super AI超级轨迹赛项' | D452: 'Super AI超级轨迹赛-星际穿越' | E452: 小学高年级B组 | F452: 虎门超越战队一队 | G452: Vipcode虎门校区 | H452: 王斯宇 | I452: 邓涵文 | J452: 801 | K452: 58.72 | L452: 27 | M452: 二等奖
A453: 29345 | B453: 2B8h6fZz-94-020-2W-022-1-9PJ-06-bT8 | C453: 'Super AI超级轨迹赛项' | D453: 'Super AI超级轨迹赛-星际穿越' | E453: 小学高年级B组 | F453: 梦想二队 | G453: 榆次区太行小学 | H453: 王秉军 | I453: 霍彦恺 | J453: 801 | K453: 58.73 | L453: 28 | M453: 二等奖
A454: 41673 | B454: 2B8h6p0W-94-020-IH-022-1-txq-06-iIh | C454: 'Super AI超级轨迹赛项' | D454: 'Super AI超级轨迹赛-星际穿越' | E454: 小学高年级B组 | F454: 双小队 | G454: 华蓥市双河小学 | H454: 骆华 | I454: 蒋泉毅 | J454: 801 | K454: 58.93 | L454: 29 | M454: 二等奖
A455: 35420 | B455: 2B8h6iGQ-94-020-1O-022-1-GOD-06-nfH | C455: 'Super AI超级轨迹赛项' | D455: 'Super AI超级轨迹赛-星际穿越' | E455: 小学高年级B组 | F455: 北极星队 | G455: 中国宋庆龄青少年科技文化交流中心 | H455: 程瑞敏 | I455: 寇煜林 | J455: 801 | K455: 59.1 | L455: 30 | M455: 二等奖
A456: 41858 | B456: 2B8h6pSp-94-020-dX-022-1-DDS-06-4EW | C456: 'Super AI超级轨迹赛项' | D456: 'Super AI超级轨迹赛-星际穿越' | E456: 小学高年级B组 | F456: 合肥长二小6队 | G456: 合肥市长江路第二小学 | H456: 晏娟 | I456: 向若天 | J456: 801 | K456: 59.23 | L456: 31 | M456: 二等奖
...

Sheet AI WILL太空服务机器人挑战赛项
A1: 2024世界机器人大赛北京锦标赛-青少年机器人设计大赛-AI WILL太空服务机器人挑战赛项获奖名单
A2: 报名编号 | B2: 激活码 | C2: 赛道 | D2: 赛项 | E2: 组别 | F2: 队伍名称 | G2: 申报单位 | H2: 教练信息 | I2: 学生信息 | J2: 比赛成绩 | K2: 创意赛成绩 | L2: 成绩排名 | M2: 奖项
A3: 28144 | B3: 2B8h6xOp-94-110-gp-111-1-syg-03-xmp | C3: AI WILL太空服务机器人挑战赛项 | D3: AI WILL太空服务机器人挑战赛 | E3: 高中组 | F3: Robocompass | G3: 南开大学人工智能学院 | H3: 李文宇|段峰 | I3: 孙乃川|尹心雨|郑欣然|史书浚|贾京蕊|王樯 | J3: 1900 | K3: 56 | L3: 1 | M3: 一等奖(冠军)
A4: 28165 | B4: 2B8h6xOW-94-110-L0-111-1-wgh-03-jqj | C4: AI WILL太空服务机器人挑战赛项 | D4: AI WILL太空服务机器人挑战赛 | E4: 高中组 | F4: 津门逐梦 | G4: 南开大学人工智能学院 | H4: 李文宇|段峰 | I4: 王雪辰|陈青骏|徐杨|朱辰涛|茹翔宇|李昂然 | J4: 1800 | K4: 59 | L4: 2 | M4: 一等奖(亚军)
A5: 35993 | B5: 2B8h6axG-94-110-qT-111-1-mPf-03-au5 | C5: AI WILL太空服务机器人挑战赛项 | D5: AI WILL太空服务机器人挑战赛 | E5: 高中组 | F5: 大连八中 | G5: 大连市第八中学 | H5: 孙雨安 | I5: 陈思羽|单琰|潘佳琦|岳欣怡 | J5: 1700 | K5: 69 | L5: 3 | M5: 一等奖(季军)
A6: 28536 | B6: 2B8h6xOZ-94-110-tz-111-1-ZCu-03-RDs | C6: AI WILL太空服务机器人挑战赛项 | D6: AI WILL太空服务机器人挑战赛 | E6: 高中组 | F6: 智胜先锋队 | G6: 嘉兴市青少年机器人协会 | H6: 周涵宇 | I6: 许乐凯|方子宇 | J6: 1600 | K6: 14 | L6: 4 | M6: 二等奖
A7: 35294 | B7: 2B8h6iH2-94-110-1B-111-1-qO3-03-tkp | C7: AI WILL太空服务机器人挑战赛项 | D7: AI WILL太空服务机器人挑战赛 | E7: 高中组 | F7: 智行太空队 | G7: 杭州外国语学校 | H7: 万春彬|吴锦 | I7: 彭立早|褚奕辰|杨赡|周梓翊|华子谦|富宇涵 | J7: 1550 | K7: 74 | L7: 5 | M7: 二等奖
A8: 32172 | B8: 2B8h6xOy-94-110-nb-111-1-8FJ-03-DuZ | C8: AI WILL太空服务机器人挑战赛项 | D8: AI WILL太空服务机器人挑战赛 | E8: 高中组 | F8: 傲世机器人纵队 | G8: 嘉兴市青少年机器人协会 | H8: 周涵宇 | I8: 陈彦皓|张新楠|任颢 | J8: 1500 | K8: 46 | L8: 6 | M8: 二等奖
A9: 30033 | B9: 2B8h6xOc-94-110-Un-111-1-USn-03-A4x | C9: AI WILL太空服务机器人挑战赛项 | D9: AI WILL太空服务机器人挑战赛 | E9: 高中组 | F9: 高新侠1队 | G9: 西安高新第一中学 | H9: 王增怀 | I9: 王子臻|刘怡汝|胡馨月|张馨艺 | J9: 1450 | K9: 59 | L9: 7 | M9: 二等奖
A10: 30146 | B10: 2B8h6xOa-94-110-er-111-1-Pz1-03-VEo | C10: AI WILL太空服务机器人挑战赛项 | D10: AI WILL太空服务机器人挑战赛 | E10: 高中组 | F10: 嘉善技师学院1队 | G10: 嘉善县中等专业学校 | H10: 裘浙东|戴跃江 | I10: 计海亮|王奕辰|钱亿晨 | J10: 1450 | K10: 弃权 | L10: 8 | M10: 二等奖
A11: 30148 | B11: 2B8h6xO9-94-110-tn-111-1-HcO-03-RzC | C11: AI WILL太空服务机器人挑战赛项 | D11: AI WILL太空服务机器人挑战赛 | E11: 高中组 | F11: 嘉善技师学院2队 | G11: 嘉善县中等专业学校 | H11: 裘浙东|冯军 | I11: 芮宇洋|朱笑天|徐佳乐 | J11: 1375 | K11: 弃权 | L11: 9 | M11: 二等奖
A12: 32461 | B12: 2B8h6iH4-94-110-gb-111-1-oO3-03-78S | C12: AI WILL太空服务机器人挑战赛项 | D12: AI WILL太空服务机器人挑战赛 | E12: 高中组 | F12: 破浪队 | G12: 长兴技师学院 | H12: 施晨|马文瑞 | I12: 宫奥|谈佳程|丁柏瑞 | J12: 1175 | K12: 弃权 | L12: 10 | M12: 二等奖
A13: 30571 | B13: 2B8h6xOH-94-110-c1-111-1-D5B-03-jE1 | C13: AI WILL太空服务机器人挑战赛项 | D13: AI WILL太空服务机器人挑战赛 | E13: 高中组 | F13: NK Chilli | G13: 南开大学人工智能学院 | H13: 李文宇 | I13: 谭莹|钟嘉博|孙嘉文|曹式铖|段岚心 | J13: 1050 | K13: 83 | L13: 11 | M13: 二等奖
A14: 30575 | B14: 2B8h6xOQ-94-110-x0-111-1-yZr-03-d8x | C14: AI WILL太空服务机器人挑战赛项 | D14: AI WILL太空服务机器人挑战赛 | E14: 高中组 | F14: 天行者 | G14: 南开大学人工智能学院 | H14: 李文宇 | I14: 陈俊林|胡佳煜|刘浩刚|杜国强|李猛|康宇蘅 | J14: 925 | K14: 63 | L14: 12 | M14: 三等奖
A15: 30110 | B15: 2B8h6xOx-94-110-xm-111-1-qmr-03-CMq | C15: AI WILL太空服务机器人挑战赛项 | D15: AI WILL太空服务机器人挑战赛 | E15: 高中组 | F15: 高新侠2队 | G15: 西安高新第一中学 | H15: 王增怀|韩恭恩 | I15: 夏子渊|杨存轩|刘边锦天 | J15: 775 | K15: 53 | L15: 13 | M15: 三等奖
A16: 32540 | B16: 2B8h6iHG-94-110-tm-111-1-dXT-03-Qvg | C16: AI WILL太空服务机器人挑战赛项 | D16: AI WILL太空服务机器人挑战赛 | E16: 高中组 | F16: 风队 | G16: 长兴技师学院 | H16: 施晨|马文瑞 | I16: 韩佳辉|皇佳豪|卢锦佳 | J16: 750 | K16: 弃权 | L16: 14 | M16: 三等奖
A17: 38753 | B17: 2B8h6oi6-95-113-b3-115-1-Y8i-11-zxM | C17: AI WILL太空服务机器人挑战赛项 | D17: AI WILL太空服务机器人挑战赛 | E17: 高中组 | F17: Future Vision | G17: Future University in Egypt | H17: 1.Amal Safwat Mehanna 2.Ibrahim Ayman Ibrahim Ahmed Tagen | I17: 1.Mostafa Tarek Mohamed Abdelgawad 2.Ahmed Mohamed Abdulsamea Adulsamed Youssef 3.Noureldeen Hatem Nabil Abdelhamid Mostafa 4.Malak Ahmed Mohamed Mohamed Ali Khalaf 5.Zeina Walid Asad Deiab Mousa 6.Farouk Ahmed Fawzy Lelah | J17: 650 | K17: 40 | L17: 15 | M17: Third Prize
A18: 30920 | B18: 2B8h6xOn-94-110-RK-111-1-4ck-03-gpJ | C18: AI WILL太空服务机器人挑战赛项 | D18: AI WILL太空服务机器人挑战赛 | E18: 高中组 | F18: 魔都尚德HISIX | G18: 上海市民办尚德实验学校 | H18: 张静 | I18: 朱冠宇|张兆瑞|苏正昊|李金霏|岳宗光|兰欣卉 | J18: 600 | K18: 49 | L18: 16 | M18: 三等奖
A19: 32385 | B19: 2B8h6xOE-94-110-dV-111-1-OGw-03-bdn | C19: AI WILL太空服务机器人挑战赛项 | D19: AI WILL太空服务机器人挑战赛 | E19: 高中组 | F19: ZUFE | G19: 浙江财经大学 | H19: 张翔 | I19: 王钰|陈正|陈泽慧|姚佳炜|张亿通|童凌霄 | J19: 600 | K19: 63 | L19: 17 | M19: 三等奖
A20: 31828 | B20: 2B8h6iH7-94-110-Ow-111-1-uKH-03-DfB | C20: AI WILL太空服务机器人挑战赛项 | D20: AI WILL太空服务机器人挑战赛 | E20: 高中组 | F20: 博文有礼 | G20: 衢州博文中学 | H20: 张志强 | I20: 李炫斌|胡皓宸 | J20: 500 | K20: 50 | L20: 18 | M20: 三等奖
A21: 36471 | B21: 2B8h6xOG-94-110-24-111-1-LPs-03-StR | C21: AI WILL太空服务机器人挑战赛项 | D21: AI WILL太空服务机器人挑战赛 | E21: 高中组 | F21: 禹航战队 | G21: 杭州市余杭区禹航实验学校 | H21: 邵睿敏|陈春娟 | I21: 连佳睿|杨志坚 | J21: 450 | K21: 30 | L21: 19 | M21: 三等奖
A22: 29232 | B22: 2B8h6xOj-94-110-I0-111-1-TBL-03-zP6 | C22: AI WILL太空服务机器人挑战赛项 | D22: AI WILL太空服务机器人挑战赛 | E22: 高中组 | F22: 凌云战队 | G22: 山东商业职业技术学院 | H22: 刘洋 | I22: 林俊斌|王奕琳 | J22: 375 | K22: 33 | L22: 20 | M22: 三等奖
A23: 31771 | B23: 2B8h6iHh-94-110-Xs-111-1-gNf-03-juY | C23: AI WILL太空服务机器人挑战赛项 | D23: AI WILL太空服务机器人挑战赛 | E23: 高中组 | F23: 张宇队 | G23: 浙江省衢州第二中学 | H23: 张志强 | I23: 张宇 | J23: 350 | K23: 51 | L23: 21 | M23: 三等奖
A24: 35457 | B24: 2B8h6xOB-94-110-kP-111-1-zUZ-03-zrP | C24: AI WILL太空服务机器人挑战赛项 | D24: AI WILL太空服务机器人挑战赛 | E24: 高中组 | F24: 禹航少年 | G24: 杭州市余杭区禹航实验学校 | H24: 邵睿敏|陈春娟 | I24: 南懿轩|杨林娜|江文轩|周墨|吴其睿 | J24: 225 | K24: 54 | L24: 22 | M24: 三等奖

Sheet FIRST系列赛项
A1: 2024世界机器人大赛北京锦标赛-青少年机器人设计大赛-FIRST系列赛项获奖名单
A2: 报名编号 | B2: 激活码 | C2: 赛道 | D2: 赛项 | E2: 组别 | F2: 队伍名称 | G2: 申报单位 | H2: 教练信息 | I2: 学生信息 | J2: 资格赛排名 | K2: 奖项
A3: 35144 | B3: 2B8h6JME-94-026-84-028-1-7Eu-07-kaj | C3: FIRST系列赛项' | D3: 'FIRST国际机器人竞赛-响彻舞台' | E3: 中学组 | F3: Eltynien | G3: UWC USA | H3: 李炳良|邝鸿 | I3: 蔡欣泽|黄敏达|陈益羽|吕宇宸|谭雯心 | J3: 7 | K3: 冠军联盟 | L3: 决 赛
A4: 35472 | B4: 2B8h6JMW-94-026-ha-028-1-qnA-07-KzW | C4: 'FIRST系列赛项' | D4: 'FIRST国际机器人竞赛-响彻舞台' | E4: 中学组 | F4: IronPulse-A队 | G4: 上海市民办平和学校 | H4: 武书昆|金石飞 | I4: 王启丞|司维|董咏麟|周瞳|张思远|周子渊|葛懿泽|王康哲 | J4: 16 | K4: 冠军联盟
A5: 35534 | B5: 2B8h6JMT-94-026-6j-028-1-GQU-07-iZZ | C5: 'FIRST系列赛项' | D5: 'FIRST国际机器人竞赛-响彻舞台' | E5: 中学组 | F5: IronPulse-B队 | G5: 上海市民办平和学校 | H5: 廖梓乐|顾如开 | I5: 吴宥齐|韩依依|夏钟轩|李子晗|汪亭锫|赵紫伊|蒋俊甫 | J5: 16
A6: 34788 | B6: 2B8h6axf-94-026-TJ-028-1-i0z-07-VxN | C6: 'FIRST系列赛项' | D6: 'FIRST国际机器人竞赛-响彻舞台' | E6: 中学组 | F6: 10131 拔萃男书院 B | G6: 拔萃男书院 | H6: 李志刚|吴家明 | I6: 馮朗耀|楊泓韜|彭翊俊|周卓南|鍾健朗|林天鉞 | J6: 24 | K6: 冠军联盟
A7: 34671 | B7: 2B8h6axV-94-026-q6-028-1-Nfy-07-0OT | C7: 'FIRST系列赛项' | D7: 'FIRST国际机器人竞赛-响彻舞台' | E7: 中学组 | F7: 10131 拔萃男书院 A | G7: 拔萃男書院 | H7: 杜恩碩|冯灏一 | I7: 謝易陶|霍柏亨|曾厚熙|胡曉楠|李彥諄|吳昊璋|譚浩瀚 | J7: 24
A8: 34804 | B8: 2B8h6axJ-94-026-Y3-028-1-72k-07-yV9 | C8: 'FIRST系列赛项' | D8: 'FIRST国际机器人竞赛-响彻舞台' | E8: 中学组 | F8: Royal Turtles C | G8: 拔萃男書院 | H8: 邓炽煌|李志刚 | I8: 彭翊俊|譚浩瀚|楊泓韜|周卓南|黃熙程|曾厚熙|王浩灃 | J8: 24
A9: 31287 | B9: 2B8h6Jfc-94-026-4O-028-1-ZZT-07-iFi | C9: 'FIRST系列赛项' | D9: 'FIRST国际机器人竞赛-响彻舞台' | E9: 中学组 | F9: 镇江高职校A队 | G9: 镇江高等职业技术学校 | H9: 季青|张星亮 | I9: 李子昊|苏杨瑞|吴欣原|杜燕翔|宋亚明|纪冉|韩秋实|孙前开 | J9: 21 | K9: 亚军联盟
A10: 31316 | B10: 2B8h6Jff-94-026-LC-028-1-zRz-07-aFL | C10: 'FIRST系列赛项' | D10: 'FIRST国际机器人竞赛-响彻舞台' | E10: 中学组 | F10: 镇江高职校B队 | G10: 镇江高等职业技术学校 | H10: 党丽峰|左文艳 | I10: 邵苏彤|魏兆言|王政扬|高亮琪|张厚一|欧东升|王誉竣|庄明杨 | J10: 21
A11: 33787 | B11: 2B8h6Jfi-94-026-Od-028-1-Gpf-07-MSw | C11: 'FIRST系列赛项' | D11: 'FIRST国际机器人竞赛-响彻舞台' | E11: 中学组 | F11: 镇江高职校C队 | G11: 镇江高等职业技术学校 | H11: 史银花|陆弘宇 | I11: 朱子正|颜铭轩|云献豪|王子旭 | J11: 21
A12: 31389 | B12: 2B8h6Jfv-94-026-3T-028-1-t7X-07-ftl | C12: 'FIRST系列赛项' | D12: 'FIRST国际机器人竞赛-响彻舞台' | E12: 中学组 | F12: 造个机器人-A队 | G12: 造个机器人科普活动中心 | H12: 乔凯|周君 | I12: 游智丞|谢宇轩|周曜阳|李和锦|张骏轩|黄裕纶|王可欣|朱盈佳 | J12: 30 | K12: 亚军联盟
A13: 31413 | B13: 2B8h6Jfh-94-026-nj-028-1-dgo-07-xOm | C13: FIRST系列赛项' | D13: 'FIRST国际机器人竞赛-响彻舞台' | E13: 中学组 | F13: 造个机器人-B队 | G13: 造个机器人科普活动中心 | H13: 林黎 | I13: 庄智宬|赵维元|吴嘉浩|陆子越|刘禹垚|袁语琪|张子姈|张梓裕翔 | J13: 30
A14: 34634 | B14: 2B8h6JfA-94-026-pu-028-1-SQq-07-wlH | C14: 'FIRST系列赛项' | D14: 'FIRST国际机器人竞赛-响彻舞台' | E14: 中学组 | F14: 造个机器人-C队 | G14: 造个机器人科普活动中心 | H14: 谢蒙 | I14: 于淼|傅俊凯|严舒宜|孙康致|唐梓涵|房芊芊|卢飞潼|曹子涵 | J14: 30
A15: 34526 | B15: 2B8h6Jf4-94-026-Bo-028-1-j3R-07-nVH | C15: 'FIRST系列赛项' | D15: 'FIRST国际机器人竞赛-响彻舞台' | E15: 中学组 | F15: Golem 6706 | G15: 深圳市高级中学 | H15: 吴志君 | I15: 丁之雅|秦翊恺|杨凯然|肖辅成|孙梦林|贺子墨 | J15: 1 | K15: 一等奖
A16: 36676 | B16: 2B8h6Jfd-94-026-tB-028-1-uLQ-07-hqj | C16: 'FIRST系列赛项' | D16: 'FIRST国际机器人竞赛-响彻舞台' | E16: 中学组 | F16: 8583 | G16: 深圳市英诺威迅科技教育学校 | H16: 阮富钧|邓城峰 | I16: 胡毅镔|符瑋博|庞羿|赵徐华扬|易堂堂 | J16: 2 | K16: 一等奖
A17: 36229 | B17: 2B8h6iES-94-026-L8-028-1-IWV-07-Ea9 | C17: 'FIRST系列赛项' | D17: 'FIRST国际机器人竞赛-响彻舞台' | E17: 中学组 | F17: 10214A队 | G17: 中国人民大学附属中学 | H17: 苏晓静|何旭国 | I17: 邓昊轩|陈苏韬|叶朝宇|穆一袡|王钰栋|谭起 | J17: 3 | K17: 一等奖
A18: 36242 | B18: 2B8h6JVD-94-026-F0-028-1-dSH-07-u1j | C18: 'FIRST系列赛项' | D18: 'FIRST国际机器人竞赛-响彻舞台' | E18: 中学组 | F18: 10214B队 | G18: 中国人民大学附属中学 | H18: 闫云利|张桃红 | I18: 吕张至珺|郭公耀|刘京琦|宋沛言|曹之睿|张震轩 | J18: 3
A19: 31858 | B19: 2B8h6JIz-94-026-Pl-028-1-qCW-07-e29 | C19: 'FIRST系列赛项' | D19: 'FIRST国际机器人竞赛-响彻舞台' | E19: 中学组 | F19: 9635 - A队 | G19: 广州南沙民心港人子弟学校 | H19: 高升恒 | I19: 褚砚清|陈子洋|郭志谦|何梓毅|赵承锐|林枫|陈辛菲|刘晞彤 | J19: 5 | K19: 一等奖
A20: 31874 | B20: 2B8h6JI2-94-026-6E-028-1-LAe-07-kxB | C20: 'FIRST系列赛项' | D20: 'FIRST国际机器人竞赛-响彻舞台' | E20: 中学组 | F20: 9635 - B队 | G20: 广州南沙民心港人子弟学校 | H20: 高升恒 | I20: 宁嘉和|杨灏珹|刘显龙|林殷彤|梁严匀 | J20: 5
A21: 34765 | B21: 2B8h6Jfn-94-026-Sk-028-1-miO-07-9tr | C21: 'FIRST系列赛项' | D21: 'FIRST国际机器人竞赛-响彻舞台' | E21: 中学组 | F21: FRC5515 蓝色动力 | G21: 上海交通大学附属中学 | H21: 朱乔荣 | I21: 潘依睿|赵浦淑|吴嘉彤|江汇|张嘉欢|吴金鸿|孙晨宸|徐逸达 | J21: 6 | K21: 一等奖
A22: 34780 | B22: 2B8h6Jfm-94-026-kN-028-1-95O-07-vLM | C22: 'FIRST系列赛项' | D22: 'FIRST国际机器人竞赛-响彻舞台' | E22: 中学组 | F22: FRC5515 蓝色动力机器人 | G22: 上海交通大学附属中学 | H22: 朱乔荣 | I22: 陈贞希|吴馨雨|沈誉轩|沈天扬|潘文渊|陈雨桐|苏龚成|朱迁浔 | J22: 6
A23: 36730 | B23: 2B8h6Jfu-94-026-St-028-1-j92-07-DdK | C23: 'FIRST系列赛项' | D23: 'FIRST国际机器人竞赛-响彻舞台' | E23: 中学组 | F23: FRC5515蓝色动力机器人 | G23: 上海交通大学附属中学 | H23: 朱乔荣 | I23: 宋美旺|汤子询|陈清韵|华漪朵|苏疆懿|廖恩泽 | J23: 6
A24: 35144 | B24: 2B8h6JME-94-026-84-028-1-7Eu-07-kaj | C24: FIRST系列赛项' | D24: 'FIRST国际机器人竞赛-响彻舞台' | E24: 中学组 | F24: Eltynien | G24: UWC USA | H24: 李炳良|邝鸿 | I24: 蔡欣泽|黄敏达|陈益羽|吕宇宸|谭雯心 | J24: 7 | K24: 一等奖
A25: 34655 | B25: 2B8h6JMu-94-026-Qx-028-1-lLt-07-ojW | C25: 'FIRST系列赛项' | D25: 'FIRST国际机器人竞赛-响彻舞台' | E25: 中学组 | F25: 复旦附中FRC6907-A | G25: 复旦大学附属中学 | H25: 刘烨|龚泽睿 | I25: 田想|胡新明|陈逸峰|杨竣博|王慕尧|娄铭宸 | J25: 8 | K25: 二等奖
A26: 35904 | B26: 2B8h6JM1-94-026-mw-028-1-AHS-07-hHH | C26: 'FIRST系列赛项' | D26: 'FIRST国际机器人竞赛-响彻舞台' | E26: 中学组 | F26: 复旦附中FRC6907-B | G26: 复旦大学附属中学 | H26: 桑志豪|辛晨东 | I26: 曾品元|杨馨淳|侯越森|赵嘉怡|韩佳欣|戴菡悦 | J26: 8
A27: 35945 | B27: 2B8h6JMB-94-026-qA-028-1-BLj-07-Z5w | C27: 'FIRST系列赛项' | D27: 'FIRST国际机器人竞赛-响彻舞台' | E27: 中学组 | F27: 复旦附中FRC6907-C | G27: 复旦大学附属中学 | H27: 徐子杰|孙忻怡 | I27: 张沛涵|孔彧|胡荻|宓孝同|孙浩然|田第 | J27: 8
A28: 35958 | B28: 2B8h6JMD-94-026-Dp-028-1-RGZ-07-TjT | C28: 'FIRST系列赛项' | D28: 'FIRST国际机器人竞赛-响彻舞台' | E28: 中学组 | F28: 复旦附中FRC6907-D | G28: 复旦大学附属中学 | H28: 吴越|孙迦羽 | I28: 潘欣和|伍嘉义|许仪青|陈丹诏|周欣雨|王若岚 | J28: 8
A29: 35968 | B29: 2B8h6axK-94-026-05-028-1-DsL-07-rNr | C29: 'FIRST系列赛项' | D29: 'FIRST国际机器人竞赛-响彻舞台' | E29: 中学组 | F29: 复旦附中FRC6907-E | G29: 复旦大学附属中学 | H29: 李雨璇|张子程 | I29: 王鹏泽|姚奕宸|吕钰霖 | J29: 8
A30: 29744 | B30: 2B8h6JVR-94-026-7a-028-1-Q98-07-osv | C30: 'FIRST系列赛项' | D30: 'FIRST国际机器人竞赛-响彻舞台' | E30: 中学组 | F30: 上外附中-6487-A队 | G30: 上海外国语大学附属外国语学校 | H30: 宋玉洁|王树杰 | I30: 赵以诺|陈李雍|邓以涵|丁融|龚叶诚|马宇飞|彭子萱|蔡子乐 | J30: 9 | K30: 二等奖
A31: 29862 | B31: 2B8h6JVm-94-026-IU-028-1-Jdb-07-CdX | C31: 'FIRST系列赛项' | D31: 'FIRST国际机器人竞赛-响彻舞台' | E31: 中学组 | F31: 上外附中-6487-B队 | G31: 上海外国语大学附属外国语学校 | H31: 朱皓斌|徐蔚伟 | I31: 贺子程|季浩楠|王孜恒|郑淇匀|张乐源|黄逸霖|顾一洋|朱梦然 | J31: 9
A32: 34054 | B32: 2B8h6inP-94-026-A5-028-1-QI1-07-pjR | C32: 'FIRST系列赛项' | D32: 'FIRST国际机器人竞赛-响彻舞台' | E32: 中学组 | F32: FRC5823 A队 | G32: 深圳中学生联队 | H32: 黎锐权|谌楚羽 | I32: 徐睿铭|徐启宸|容子棋|梁若一|陈李梓妍|雷哲夫 | J32: 10 | K32: 二等奖
A33: 34628 | B33: 2B8h6inw-94-026-OB-028-1-bN7-07-Tua | C33: 'FIRST系列赛项' | D33: 'FIRST国际机器人竞赛-响彻舞台' | E33: 中学组 | F33: FRC5823 B队 | G33: 深圳中学生联队 | H33: 马龙|伍彪 | I33: 胡旭初|何睿钦|朱冠麟|陈晨瑞|李昊轩 | J33: 10
A34: 36789 | B34: 2B8h6JIv-94-026-BT-028-1-Cdv-07-b46 | C34: 'FIRST系列赛项' | D34: 'FIRST国际机器人竞赛-响彻舞台' | E34: 中学组 | F34: Cyber Unicorn-C队 | G34: 深圳市英诺威迅科技教育学校 | H34: 陈衍|梁君榆 | I34: 皮嘉晟|马英桐|吴昱纬|张墨晗|白贺元|张艺腾|杨予同 | J34: 11 | K34: 二等奖
A35: 36700 | B35: 2B8h6Jfs-94-026-h9-028-1-IXO-07-1Gn | C35: 'FIRST系列赛项' | D35: 'FIRST国际机器人竞赛-响彻舞台' | E35: 中学组 | F35: Cyber Unicorn-A队 | G35: 深圳市英诺威迅科技教育学校 | H35: 张国瑞|张松楠 | I35: 欧阳晨言|温家琪|栾梓萌|梁晋嘉|辛集思|黄钰婧|汪怡辰|闻博宇 | J35: 11
A36: 36763 | B36: 2B8h6JfF-94-026-HW-028-1-asU-07-EL7 | C36: 'FIRST系列赛项' | D36: 'FIRST国际机器人竞赛-响彻舞台' | E36: 中学组 | F36: Cyber Unicorn-B队 | G36: 深圳市英诺威迅科技教育学校 | H36: 许若琪|江海云 | I36: 吴家炜|王达鸿|毛可文|于小轩|赵家阳|曹伟垚|李明哲|杨谨泽 | J36: 11
A37: 32963 | B37: 2B8h6JVM-94-026-c2-028-1-Ymh-07-W6H | C37: 'FIRST系列赛项' | D37: 'FIRST国际机器人竞赛-响彻舞台' | E37: 中学组 | F37: Colorful Panda | G37: 北京市二十一世纪国际学校 | H37: 刘康|赵义通 | I37: 田桐竹|张应麒|沈育粼|姚钧博|叶欣语|姜雯月|叶宸宇|徐一皓 | J37: 12 | K37: 二等奖
A38: 31380 | B38: 2B8h6JVl-94-026-SX-028-1-wW0-07-PGG | C38: 'FIRST系列赛项' | D38: 'FIRST国际机器人竞赛-响彻舞台' | E38: 中学组 | F38: RED OWL-A | G38: IvyMaker常青藤科创学校 | H38: 刘洁|唐赵洋 | I38: 于欣辰|姚瑞轩|DU ZHAOYUAN|刘旭杰|舒奕陶|王镜博|孙乐斌 | J38: 13 | K38: 二等奖
A39: 32427 | B39: 2B8h6JVH-94-026-8L-028-1-vRO-07-tIL | C39: 'FIRST系列赛项' | D39: 'FIRST国际机器人竞赛-响彻舞台' | E39: 中学组 | F39: RED OWL-B | G39: IvyMaker常青藤科创学校 | H39: 薛子豪 | I39: 张铭元|刁辰昊|Rex Wang|罗善媛|丁镛|Betty Pai | J39: 13
A40: 34125 | B40: 2B8h6iED-94-026-5b-028-1-1w0-07-Qq0 | C40: 'FIRST系列赛项' | D40: 'FIRST国际机器人竞赛-响彻舞台' | E40: 中学组 | F40: RED OWL- C | G40: IvyMaker常青藤科创学校 | H40: 杨雪|孙宇童 | I40: 刘子龙|蔡沅欣|TED RICHARD GU | J40: 13
A41: 34979 | B41: 2B8h6JIx-94-026-3Q-028-1-mCJ-07-tfi | C41: 'FIRST系列赛项' | D41: 'FIRST国际机器人竞赛-响彻舞台' | E41: 中学组 | F41: AtomStorm Alpha | G41: ShenZhen AtomSTEM School | H41: 李鑫|刘树波 | I41: 刘麓宽|刘棪宁|陈子轩|姚澈|耿语声|王柏良|张容刚 | J41: 14 | K41: 二等奖
A42: 35259 | B42: 2B8h6JIi-94-026-4f-028-1-E8S-07-dmI | C42: 'FIRST系列赛项' | D42: 'FIRST国际机器人竞赛-响彻舞台' | E42: 中学组 | F42: AtomStorm Beta | G42: ShenZhen AtomSTEM School | H42: 郑炜|陈思琪 | I42: 郭洵伸|汤璨宇|宋卓轩|杨文曦|闫威仲|黎宇轩|李行知 | J42: 14
A43: 35833 | B43: 2B8h6JIo-94-026-ew-028-1-CS9-07-YXx | C43: 'FIRST系列赛项' | D43: 'FIRST国际机器人竞赛-响彻舞台' | E43: 中学组 | F43: AtomStorm Gamma | G43: ShenZhen AtomSTEM School | H43: 王苇航|李昱昊 | I43: 郑咏欣|张家铭|王云龙|邝希睿|杨思瀚 | J43: 14
A44: 31163 | B44: 2B8h6JMM-94-026-Hn-028-1-ApL-07-RRg | C44: 'FIRST系列赛项' | D44: 'FIRST国际机器人竞赛-响彻舞台' | E44: 中学组 | F44: 5522-A | G44: 深圳科学高中 | H44: 李春霖|李现霞 | I44: 梁博韬|王贝尔|朱弈臣|曾楚婳|黄浩哲|王元赫|赵俊霖|任志浩 | J44: 15 | K44: 二等奖
A45: 36809 | B45: 2B8h6JM6-94-026-9h-028-1-0kh-07-y3e | C45: 'FIRST系列赛项' | D45: 'FIRST国际机器人竞赛-响彻舞台' | E45: 中学组 | F45: 5522-B | G45: 深圳科学高中 | H45: 李春霖|李现霞 | I45: 万方舟|张闻起|余浩语 | J45: 15
A46: 35472 | B46: 2B8h6JMW-94-026-ha-028-1-qnA-07-KzW | C46: 'FIRST系列赛项' | D46: 'FIRST国际机器人竞赛-响彻舞台' | E46: 中学组 | F46: IronPulse-A队 | G46: 上海市民办平和学校 | H46: 武书昆|金石飞 | I46: 王启丞|司维|董咏麟|周瞳|张思远|周子渊|葛懿泽|王康哲 | J46: 16 | K46: 二等奖
A47: 35534 | B47: 2B8h6JMT-94-026-6j-028-1-GQU-07-iZZ | C47: 'FIRST系列赛项' | D47: 'FIRST国际机器人竞赛-响彻舞台' | E47: 中学组 | F47: IronPulse-B队 | G47: 上海市民办平和学校 | H47: 廖梓乐|顾如开 | I47: 吴宥齐|韩依依|夏钟轩|李子晗|汪亭锫|赵紫伊|蒋俊甫 | J47: 16
A48: 33676 | B48: 2B8h6iEl-94-026-Bs-028-1-3BO-07-yHw | C48: 'FIRST系列赛项' | D48: 'FIRST国际机器人竞赛-响彻舞台' | E48: 中学组 | F48: Iron Maple 2 | G48: 深圳（南山）中加学校 | H48: 王敏杰|宋世星 | I48: 左哲轩|刘亦然|张轩硕|李小仲|黄霄铭|刘子锐 | J48: 17 | K48: 二等奖
A49: 33768 | B49: 2B8h6iEY-94-026-WW-028-1-qbf-07-54i | C49: 'FIRST系列赛项' | D49: 'FIRST国际机器人竞赛-响彻舞台' | E49: 中学组 | F49: Iron Maple 3 | G49: 深圳（南山）中加学校 | H49: 王敏杰|宋世星 | I49: 林子宸|黄志欣|赵佳毅 | J49: 17
A50: 33315 | B50: 2B8h6iEN-94-026-7J-028-1-Q7L-07-WEr | C50: 'FIRST系列赛项' | D50: 'FIRST国际机器人竞赛-响彻舞台' | E50: 中学组 | F50: IRON MAPLE 1 | G50: 深圳（南山）中加学校 | H50: 王敏杰|宋世星 | I50: 卢懋丰|王昱博|高宸宇|林嘉弘|李庚洋|文浩宸 | J50: 17
A51: 33915 | B51: 2B8h6JM2-94-026-zZ-028-1-2t9-07-2SF | C51: 'FIRST系列赛项' | D51: 'FIRST国际机器人竞赛-响彻舞台' | E51: 中学组 | F51: 河南省实验中学A队 | G51: 河南省实验中学 | H51: 叶永轩|陈党庆 | I51: 杨明宇|宋兴涵|曹熙雨|程金阳|闫林泽 | J51: 18 | K51: 二等奖
A52: 34996 | B52: 2B8h6JM4-94-026-0a-028-1-uLO-07-Odd | C52: FIRST系列赛项' | D52: 'FIRST国际机器人竞赛-响彻舞台' | E52: 中学组 | F52: 河南省实验中学B队 | G52: 河南省实验中学 | H52: 叶永轩|陈党庆 | I52: 李昕宜|乔元堃|代昕桐|聂圣轩 | J52: 18
A53: 31728 | B53: 2B8h6JfO-94-026-36-028-1-P0Z-07-B2P | C53: 'FIRST系列赛项' | D53: 'FIRST国际机器人竞赛-响彻舞台' | E53: 中学组 | F53: FRCTeam7002-A队 | G53: 山西省青少年机器人教育协会 | H53: 闫晶晶 | I53: 常睿栖|王晟威|范宇轩|杨承谕|郭孝康|李承宪|高旌文 | J53: 19 | K53: 二等奖
A54: 31757 | B54: 2B8h6JfY-94-026-Pj-028-1-FT7-07-Rew | C54: 'FIRST系列赛项' | D54: 'FIRST国际机器人竞赛-响彻舞台' | E54: 中学组 | F54: FRCTeam7002-B队 | G54: 山西省青少年机器人教育协会 | H54: 闫晶晶 | I54: 李峻熙|李雯嘉|代子桢|杨宝翔|白宸煜|贾定江|徐彦博 | J54: 19
A55: 31767 | B55: 2B8h6JfQ-94-026-wU-028-1-gBN-07-cBa | C55: 'FIRST系列赛项' | D55: 'FIRST国际机器人竞赛-响彻舞台' | E55: 中学组 | F55: FRCTeam7002-C队 | G55: 山西省青少年机器人教育协会 | H55: 闫晶晶 | I55: 马嘉禾|毛钰天|李浩民|付璟冉|赵庭德|杨昊泽|张舒阳 | J55: 19
A56: 34575 | B56: 2B8h6JIg-94-026-jh-028-1-ss1-07-r11 | C56: 'FIRST系列赛项' | D56: 'FIRST国际机器人竞赛-响彻舞台' | E56: 中学组 | F56: VioletZ TeamA | G56: 华东师范大学第二附属中学闵行紫竹分校 | H56: 宋金阳|林晨昱 | I56: 李沛轩|郭雪|龙一菲|徐天远|陈杰隆|陈韬勋|张毅帆|徐毅睿 | J56: 20 | K56: 二等奖
A57: 34591 | B57: 2B8h6JIs-94-026-tS-028-1-LJi-07-UqS | C57: 'FIRST系列赛项' | D57: 'FIRST国际机器人竞赛-响彻舞台' | E57: 中学组 | F57: VioletZ TeamB | G57: 华东师范大学第二附属中学闵行紫竹分校 | H57: 宋金阳|林晨昱 | I57: 张子瑄|王笑天|张子晨|项天娇|韩蒙|唐英瑛|袁骁尧|周末 | J57: 20
A58: 34601 | B58: 2B8h6JMz-94-026-We-028-1-srd-07-ta1 | C58: 'FIRST系列赛项' | D58: 'FIRST国际机器人竞赛-响彻舞台' | E58: 中学组 | F58: VioletZ TeamC | G58: 华东师范大学第二附属中学闵行紫竹分校 | H58: 宋金阳|姜宇宸 | I58: 张家铭|吴德祥|杜镜舟 | J58: 20
A59: 31287 | B59: 2B8h6Jfc-94-026-4O-028-1-ZZT-07-iFi | C59: 'FIRST系列赛项' | D59: 'FIRST国际机器人竞赛-响彻舞台' | E59: 中学组 | F59: 镇江高职校A队 | G59: 镇江高等职业技术学校 | H59: 季青|张星亮 | I59: 李子昊|苏杨瑞|吴欣原|杜燕翔|宋亚明|纪冉|韩秋实|孙前开 | J59: 21 | K59: 二等奖
A60: 31316 | B60: 2B8h6Jff-94-026-LC-028-1-zRz-07-aFL | C60: 'FIRST系列赛项' | D60: 'FIRST国际机器人竞赛-响彻舞台' | E60: 中学组 | F60: 镇江高职校B队 | G60: 镇江高等职业技术学校 | H60: 党丽峰|左文艳 | I60: 邵苏彤|魏兆言|王政扬|高亮琪|张厚一|欧东升|王誉竣|庄明杨 | J60: 21
A61: 33787 | B61: 2B8h6Jfi-94-026-Od-028-1-Gpf-07-MSw | C61: 'FIRST系列赛项' | D61: 'FIRST国际机器人竞赛-响彻舞台' | E61: 中学组 | F61: 镇江高职校C队 | G61: 镇江高等职业技术学校 | H61: 史银花|陆弘宇 | I61: 朱子正|颜铭轩|云献豪|王子旭 | J61: 21
A62: 29228 | B62: 2B8h6JV2-94-026-ot-028-1-yzD-07-Gna | C62: 'FIRST系列赛项' | D62: 'FIRST国际机器人竞赛-响彻舞台' | E62: 中学组 | F62: 上海市建平中学6494-A队 | G62: 上海市建平中学 | H62: 丁丰|张思远 | I62: 丁逸诚|刘仁语|李汉卿|张易|严李涵|顾悦|顾佳|卢汪洋 | J62: 22 | K62: 三等奖
A63: 30152 | B63: 2B8h6JVy-94-026-gp-028-1-wVe-07-gX2 | C63: 'FIRST系列赛项' | D63: 'FIRST国际机器人竞赛-响彻舞台' | E63: 中学组 | F63: 上海市建平中学6494-B队 | G63: 上海市建平中学 | H63: 丁丰|潘亦心 | I63: 沈飞扬|崔宸浩|开立文 | J63: 22
A64: 36018 | B64: 2B8h6axa-94-026-ro-028-1-cqm-07-HgV | C64: 'FIRST系列赛项' | D64: 'FIRST国际机器人竞赛-响彻舞台' | E64: 中学组 | F64: 5449PROTOTYPEA队 | G64: 中国人民大学附属中学 | H64: 苏晓静|何旭国 | I64: 谭笑|赵文瑾|张皓辰|赵甫成|王厚之|贺子都|邓赛恩|牛梓霖 | J64: 23 | K64: 三等奖
A65: 36171 | B65: 2B8h6iEx-94-026-Vy-028-1-7ab-07-ts0 | C65: 'FIRST系列赛项' | D65: 'FIRST国际机器人竞赛-响彻舞台' | E65: 中学组 | F65: 5449PROTOTYPEB队 | G65: 中国人民大学附属中学 | H65: 许博容|马奕阳 | I65: 赵晨曦|蒋宜珈|尚德烨|王冠杰|王浚哲|王宇哲|张景添|张希源 | J65: 23
A66: 36201 | B66: 2B8h6iEX-94-026-ah-028-1-frn-07-8rF | C66: 'FIRST系列赛项' | D66: 'FIRST国际机器人竞赛-响彻舞台' | E66: 中学组 | F66: 5449PROTOTYPEC队 | G66: 中国人民大学附属中学 | H66: 李行健|罗静 | I66: 彭禹昕|郭展成|史书臣|FU DENNIS JIACHEN|张又瑞|刘颢霖|李昊禛|陈胤嘉 | J66: 23
A67: 34788 | B67: 2B8h6axf-94-026-TJ-028-1-i0z-07-VxN | C67: 'FIRST系列赛项' | D67: 'FIRST国际机器人竞赛-响彻舞台' | E67: 中学组 | F67: 10131 拔萃男书院 B | G67: 拔萃男书院 | H67: 李志刚|吴家明 | I67: 馮朗耀|楊泓韜|彭翊俊|周卓南|鍾健朗|林天鉞 | J67: 24 | K67: 三等奖
A68: 34671 | B68: 2B8h6axV-94-026-q6-028-1-Nfy-07-0OT | C68: 'FIRST系列赛项' | D68: 'FIRST国际机器人竞赛-响彻舞台' | E68: 中学组 | F68: 10131 拔萃男书院 A | G68: 拔萃男書院 | H68: 杜恩碩|冯灏一 | I68: 謝易陶|霍柏亨|曾厚熙|胡曉楠|李彥諄|吳昊璋|譚浩瀚 | J68: 24
A69: 34804 | B69: 2B8h6axJ-94-026-Y3-028-1-72k-07-yV9 | C69: 'FIRST系列赛项' | D69: 'FIRST国际机器人竞赛-响彻舞台' | E69: 中学组 | F69: Royal Turtles C | G69: 拔萃男書院 | H69: 邓炽煌|李志刚 | I69: 彭翊俊|譚浩瀚|楊泓韜|周卓南|黃熙程|曾厚熙|王浩灃 | J69: 24
A70: 35142 | B70: 2B8h6JMa-94-026-X9-028-1-4ot-07-Wru | C70: 'FIRST系列赛项' | D70: 'FIRST国际机器人竞赛-响彻舞台' | E70: 中学组 | F70: PhoeniXtreme-A | G70: 润思学校 | H70: 吴斌|吴欣扬 | I70: 谢宣霖|胡壹杭|程宝璟|张峻滔|ERICWENFEILIUJIANG|张凌洲|刘非相|鲍振浩 | J70: 25 | K70: 三等奖
A71: 35315 | B71: 2B8h6JMS-94-026-fc-028-1-NbN-07-zpH | C71: 'FIRST系列赛项' | D71: 'FIRST国际机器人竞赛-响彻舞台' | E71: 中学组 | F71: PhoeniXtreme-B | G71: 润思学校 | H71: 梁梅勤|朱心怡 | I71: 张倍宁|冯歌笑|何威廉|刘昱辰|乐九然 | J71: 25
A72: 31747 | B72: 2B8h6JVc-94-026-VT-028-1-gOp-07-l46 | C72: 'FIRST系列赛项' | D72: 'FIRST国际机器人竞赛-响彻舞台' | E72: 中学组 | F72: Wulfa the Wolf-A | G72: 上海市民办万源城协和双语学校 | H72: 倪红梅|吕文卿 | I72: 韩涵|张淳钧|马小雅|杨欣予|孙羽桐|胡云飞|朱羿萌|于泉 | J72: 26 | K72: 三等奖
A73: 31754 | B73: 2B8h6JV6-94-026-EE-028-1-siX-07-gRu | C73: 'FIRST系列赛项' | D73: 'FIRST国际机器人竞赛-响彻舞台' | E73: 中学组 | F73: Wulfa the Wolf-B | G73: 上海市民办万源城协和双语学校 | H73: 水榕|杨海燕 | I73: 徐希涵|缪梓昂|李昶俊昊 | J73: 26
A74: 31077 | B74: 2B8h6inU-94-026-PL-028-1-Hch-07-uDe | C74: 'FIRST系列赛项' | D74: 'FIRST国际机器人竞赛-响彻舞台' | E74: 中学组 | F74: 机械狂想曲-X队 | G74: 义乌市晶菁电子商务学校 | H74: 杨津 | I74: 马泽楷|胡竞文|刘澈|王珺淏|戴钰然 | J74: 27 | K74: 三等奖
A75: 31437 | B75: 2B8h6inb-94-026-i3-028-1-ASU-07-Ux0 | C75: 'FIRST系列赛项' | D75: 'FIRST国际机器人竞赛-响彻舞台' | E75: 中学组 | F75: 机械狂想曲-Y队 | G75: 义乌市晶菁电子商务学校 | H75: 杨津 | I75: 张允齐|周明飞|龙毅宽|赵嘉彤|王一伊|韩致知 | J75: 27
A76: 30525 | B76: 2B8h6JVe-94-026-0w-028-1-sF0-07-SKl | C76: 'FIRST系列赛项' | D76: 'FIRST国际机器人竞赛-响彻舞台' | E76: 中学组 | F76: HZ4Z-B | G76: 浙江省杭州第四中学国际部 | H76: 俞文周 | I76: 高若水|李博涵|刘宇浩|许景和|薛知行|李泉|周子涵|朱义恒 | J76: 28 | K76: 三等奖
A77: 31309 | B77: 2B8h6JVB-94-026-dS-028-1-DBz-07-rCm | C77: 'FIRST系列赛项' | D77: 'FIRST国际机器人竞赛-响彻舞台' | E77: 中学组 | F77: HZ4Z | G77: 浙江省杭州第四中学国际部 | H77: 俞文周 | I77: 马行健|温佳翰|王博铱|赵一鸣|侯宇青|陈楷瑞|周子杰|赵一左 | J77: 28
A78: 34808 | B78: 2B8h6inG-94-026-kV-028-1-tm5-07-mns | C78: 'FIRST系列赛项' | D78: 'FIRST国际机器人竞赛-响彻舞台' | E78: 中学组 | F78: VOYAGER航海家-1队 | G78: 深圳外国语学校 | H78: 宋世星|蔡涛 | I78: 黄鸿博|曾睿宸|林雨晴|魏嘉麒|王俊轩 | J78: 29 | K78: 三等奖
A79: 34816 | B79: 2B8h6inV-94-026-1T-028-1-f4x-07-Lu9 | C79: 'FIRST系列赛项' | D79: 'FIRST国际机器人竞赛-响彻舞台' | E79: 中学组 | F79: VOYAGER 航海家- 2 队 | G79: 深圳外国语学校 | H79: 宋世星|蔡涛 | I79: 冯晨鹏|汪旭航|闫俪馨|赵炜皓 | J79: 29
A80: 31389 | B80: 2B8h6Jfv-94-026-3T-028-1-t7X-07-ftl | C80: 'FIRST系列赛项' | D80: 'FIRST国际机器人竞赛-响彻舞台' | E80: 中学组 | F80: 造个机器人-A队 | G80: 造个机器人科普活动中心 | H80: 乔凯|周君 | I80: 游智丞|谢宇轩|周曜阳|李和锦|张骏轩|黄裕纶|王可欣|朱盈佳 | J80: 30 | K80: 三等奖
A81: 31413 | B81: 2B8h6Jfh-94-026-nj-028-1-dgo-07-xOm | C81: FIRST系列赛项' | D81: 'FIRST国际机器人竞赛-响彻舞台' | E81: 中学组 | F81: 造个机器人-B队 | G81: 造个机器人科普活动中心 | H81: 林黎 | I81: 庄智宬|赵维元|吴嘉浩|陆子越|刘禹垚|袁语琪|张子姈|张梓裕翔 | J81: 30
A82: 34634 | B82: 2B8h6JfA-94-026-pu-028-1-SQq-07-wlH | C82: 'FIRST系列赛项' | D82: 'FIRST国际机器人竞赛-响彻舞台' | E82: 中学组 | F82: 造个机器人-C队 | G82: 造个机器人科普活动中心 | H82: 谢蒙 | I82: 于淼|傅俊凯|严舒宜|孙康致|唐梓涵|房芊芊|卢飞潼|曹子涵 | J82: 30
A83: 31552 | B83: 2B8h6JIO-94-026-Cz-028-1-Xap-07-clW | C83: 'FIRST系列赛项' | D83: 'FIRST国际机器人竞赛-响彻舞台' | E83: 中学组 | F83: Defiant-A队 | G83: 济南外国语学校 | H83: 张子睿|赵展浩 | I83: 范舜文|石洋铭|姚雨辰|郑天承|杨云晞|李杰霖|李秋睿|谢佳静 | J83: 31 | K83: 三等奖
A84: 32473 | B84: 2B8h6JI9-94-026-DJ-028-1-eY9-07-bFV | C84: 'FIRST系列赛项' | D84: 'FIRST国际机器人竞赛-响彻舞台' | E84: 中学组 | F84: Defiant-B队 | G84: 济南外国语学校 | H84: 韦琪 | I84: 熊奂雨|吕子宁|刘昂桦|吴昭轩|谢佳霖|王宣霖|孔聃 | J84: 31
A85: 32828 | B85: 2B8h6JVG-94-026-HG-028-1-xaQ-07-7X7 | C85: 'FIRST系列赛项' | D85: 'FIRST国际机器人竞赛-响彻舞台' | E85: 中学组 | F85: Cephalopod | G85: 常熟世联高级中学 | H85: 李炳良|郝朋飞 | I85: 黎宇萱|金晅宁|刘佳媛|苏浩哲|陈国毅|陈若琳 | J85: 32 | K85: 三等奖
A86: 31164 | B86: 2B8h6JMK-94-026-tY-028-1-lnV-07-tFw | C86: 'FIRST系列赛项' | D86: 'FIRST国际机器人竞赛-响彻舞台' | E86: 中学组 | F86: 华东师范大学第二附属中学A队 | G86: 华东师范大学第二附属中学 | H86: 陈向东|曲耀 | I86: 蒋心悦|欧嘉欢|朱芳娴|贺致远|Emma Claire Zhi|张亮亮|罗宇宸|郭岘筠 | J86: 33 | K86: 三等奖
A87: 31181 | B87: 2B8h6JM9-94-026-Zc-028-1-nWV-07-saJ | C87: 'FIRST系列赛项' | D87: 'FIRST国际机器人竞赛-响彻舞台' | E87: 中学组 | F87: 华东师范大学第二附属中学B队 | G87: 华东师范大学第二附属中学 | H87: 陈向东|曲耀 | I87: 张馨月|余康杰|刘星雨|林熙人|苏健坤|周玥迪 | J87: 33
A88: 30784 | B88: 2B8h6JVa-94-026-gm-028-1-vZy-07-pOC | C88: 'FIRST系列赛项' | D88: 'FIRST国际机器人竞赛-响彻舞台' | E88: 中学组 | F88: PPTBots | G88: 南京市第一中学 | H88: 陈钟|顾晓春 | I88: 孙舜博|李希冉|罗钧|王尧|秦领|潘耀辉|赵雨杨|王千越 | J88: 34 | K88: 三等奖
A89: 30791 | B89: 2B8h6JVC-94-026-04-028-1-3vv-07-EcS | C89: 'FIRST系列赛项' | D89: 'FIRST国际机器人竞赛-响彻舞台' | E89: 中学组 | F89: PPTBots-B | G89: 南京市第一中学 | H89: 王文杰|顾晓春 | I89: 昌宇鹏|成思宇|李书娴|陈心怡|滕俊豪|华思睿|宋昊宇|邱梓轩 | J89: 34
A90: 30795 | B90: 2B8h6JVN-94-026-jK-028-1-Lik-07-3xF | C90: 'FIRST系列赛项' | D90: 'FIRST国际机器人竞赛-响彻舞台' | E90: 中学组 | F90: PPTBots-C | G90: 南京市第一中学 | H90: 顾晓春|侯春伟 | I90: 邓一泽|陈质文|李怡瑾|程柏翔|孟飞阳|巫汤栩|黄思宇|吕见长 | J90: 34
A91: 30796 | B91: 2B8h6JVO-94-026-pd-028-1-1ci-07-sUi | C91: 'FIRST系列赛项' | D91: 'FIRST国际机器人竞赛-响彻舞台' | E91: 中学组 | F91: PPTBots-D | G91: 南京市第一中学 | H91: 陈钟|顾晓春 | I91: 曹嘉昱|刘宸赫|王阡陌|郭海川|匡璟珠|姚懿珊|尹子昂 | J91: 34
A92: 35217 | B92: 2B8h6JM5-94-026-2P-028-1-RkR-07-lIy | C92: 'FIRST系列赛项' | D92: 'FIRST国际机器人竞赛-响彻舞台' | E92: 中学组 | F92: MITO-A队 | G92: 江苏省苏州中学校 | H92: 蒋晓东|梅杰 | I92: 张悦轩|徐熠澄|吕雯涵|陈奕凡|李秉坤|季泽锴|戴立潇|张家瑞 | J92: 35 | K92: 三等奖
A93: 35236 | B93: 2B8h6JMt-94-026-Ti-028-1-rPc-07-44T | C93: 'FIRST系列赛项' | D93: 'FIRST国际机器人竞赛-响彻舞台' | E93: 中学组 | F93: MITO-B队 | G93: 江苏省苏州中学校 | H93: 李振廷|施涵睿 | I93: 程嘉懿|唐若稀|陈泓先|周再同|侯书恬|张添翼 | J93: 35
A94: 33211 | B94: 2B8h6iET-94-026-4s-028-1-5VW-07-4l0 | C94: 'FIRST系列赛项' | D94: 'FIRST国际机器人竞赛-响彻舞台' | E94: 中学组 | F94: 广州哇一A队 | G94: 广州哇一机器人学校 | H94: 王伟航|王义林 | I94: 黄君若|李方璐|张一霖|丁李珑玉|郑悦海|林翔臻|龚思檀|李嘉兴 | J94: 36 | K94: 三等奖
A95: 33252 | B95: 2B8h6iER-94-026-mI-028-1-kbR-07-b4p | C95: 'FIRST系列赛项' | D95: 'FIRST国际机器人竞赛-响彻舞台' | E95: 中学组 | F95: 广州哇一B队 | G95: 广州哇一机器人学校 | H95: 王伟航|王义林 | I95: 李展越|李展卓|李明皓|胡子霁|庄钧然|张皓宸|谭天章 | J95: 36
A96: 35432 | B96: 2B8h6iEm-94-026-lX-028-1-mZZ-07-uOi | C96: 'FIRST系列赛项' | D96: 'FIRST国际机器人竞赛-响彻舞台' | E96: 中学组 | F96: 广州哇一C队 | G96: 广州哇一机器人学校 | H96: 王义林|李科嘉 | I96: 陈梓寒|李崇境|武和文|廖坤栋|张瑾钰|陈企派 | J96: 36
A97: 33313 | B97: 2B8h6JIH-94-026-zQ-028-1-lua-07-0aJ | C97: 'FIRST系列赛项' | D97: 'FIRST国际机器人竞赛-响彻舞台' | E97: 中学组 | F97: 上海七宝德怀特中学8015-A | G97: 上海市七宝德怀特高级中学 | H97: 刘宏逸|陈家盛 | I97: 关茜月|郭子宸|夏小雨|杨蔚然|林禹樵|姜然 | J97: 37 | K97: 三等奖
A98: 33554 | B98: 2B8h6JI8-94-026-JQ-028-1-A9w-07-OXA | C98: 'FIRST系列赛项' | D98: 'FIRST国际机器人竞赛-响彻舞台' | E98: 中学组 | F98: 上海七宝德怀特中学8015-B | G98: 上海市七宝德怀特高级中学 | H98: 刘冠廷|邓皓曦 | I98: 高安妮|余万鑫|陈乐萱|吴睿杰|金依芸|诸颐宁|刘济榕|周一航 | J98: 37
A99: 35481 | B99: 2B8h6JIn-94-026-5O-028-1-9dJ-07-J3y | C99: 'FIRST系列赛项' | D99: 'FIRST国际机器人竞赛-响彻舞台' | E99: 中学组 | F99: 上海七宝德怀特高中8015-C | G99: 上海市七宝德怀特高级中学 | H99: 陈禹乐|王弭翔 | I99: 赵俊雅|毛一淇|陈可容 | J99: 37
A100: 35515 | B100: 2B8h6JI3-94-026-ku-028-1-BcX-07-laB | C100: 'FIRST系列赛项' | D100: 'FIRST国际机器人竞赛-响彻舞台' | E100: 中学组 | F100: 上海七宝德怀特高中8015-D | G100: 上海市七宝德怀特高级中学 | H100: 黄奕然|邵憧 | I100: 冷艾纾|赵卓尔 | J100: 37
...

Sheet 扣叮机器人赛项
A1: 2024世界机器人大赛北京锦标赛-青少年机器人设计大赛-扣叮机器人赛项获奖名单
A2: 报名编号 | B2: 激活码 | C2: 赛道 | D2: 赛项 | E2: 组别 | F2: 队伍名称 | G2: 申报单位 | H2: 教练信息 | I2: 学生信息 | J2: 比赛分数 | K2: 比赛用时 | L2: 成绩排名 | M2: 奖项 | N2: 备注
A3: 33286 | B3: 2B8h6xQC-94-029-da-032-1-7HU-01-p27 | C3: 扣叮机器人赛项' | D3: '扣叮AI智能挑战赛' | E3: 小学组 | F3: 深圳市龙华区观澜第二小学 | G3: 深圳市龙华区观澜第二小学 | H3: 谢华 | I3: 石志程 | J3: 100 | K3: 16分19秒 | L3: 1 | M3: 一等奖(冠军) | N3: 入围总决赛
A4: 27601 | B4: 2B8h6xYF-94-029-gd-032-1-FH3-01-MI2 | C4: '扣叮机器人赛项' | D4: '扣叮AI智能挑战赛' | E4: 小学组 | F4: 输不起就别玩 | G4: 深圳市南山实验教育集团荔湾小学 | H4: 闫海亮 | I4: 杨子 | J4: 100 | K4: 22分46秒 | L4: 2 | M4: 一等奖(亚军) | N4: 入围总决赛
A5: 27706 | B5: 2B8h6xHa-94-029-qH-032-1-wbA-01-gSw | C5: '扣叮机器人赛项' | D5: '扣叮AI智能挑战赛' | E5: 小学组 | F5: 鹭湖小队 | G5: 深圳市龙华区鹭湖外国语小学 | H5: 沈佳敏 | I5: 曹智昊 | J5: 100 | K5: 28分12秒 | L5: 3 | M5: 一等奖(季军) | N5: 入围总决赛
A6: 31245 | B6: 2B8h6xQh-94-029-X4-032-1-CpM-01-68I | C6: '扣叮机器人赛项' | D6: '扣叮AI智能挑战赛' | E6: 小学组 | F6: 建安芯火 | G6: 深圳市宝安区建安小学 | H6: 郝淑珍 | I6: 杨翌 | J6: 100 | K6: 46分05秒 | L6: 4 | M6: 一等奖 | N6: 入围总决赛
A7: 28843 | B7: 2B8h6xQx-94-029-l6-032-1-msX-01-27Z | C7: '扣叮机器人赛项' | D7: '扣叮AI智能挑战赛' | E7: 小学组 | F7: 平阳县水头镇实验小学1 | G7: 平阳县水头镇实验小学 | H7: 王云平 | I7: 吴立国 | J7: 100 | K7: 59分48秒 | L7: 5 | M7: 一等奖 | N7: 入围总决赛
A8: 28201 | B8: 2B8h6xQ4-94-029-Kt-032-1-NPv-01-mXx | C8: '扣叮机器人赛项' | D8: '扣叮AI智能挑战赛' | E8: 小学组 | F8: 创新实验 安然 | G8: 深圳市龙华区创新实验学校 | H8: 张敏 | I8: 陶安然 | J8: 97 | K8: 30分44秒 | L8: 6 | M8: 一等奖 | N8: 入围总决赛
A9: 28879 | B9: 2B8h6xQJ-94-029-sK-032-1-4p9-01-74h | C9: '扣叮机器人赛项' | D9: '扣叮AI智能挑战赛' | E9: 小学组 | F9: 平阳县水头镇实验小学2 | G9: 平阳县水头镇实验小学 | H9: 王云平 | I9: 洪辉彬 | J9: 97 | K9: 32分35秒 | L9: 7 | M9: 一等奖 | N9: 入围总决赛
A10: 28424 | B10: 2B8h6xHC-94-029-dS-032-1-Dek-01-LT0 | C10: '扣叮机器人赛项' | D10: '扣叮AI智能挑战赛' | E10: 小学组 | F10: 郑州锦艺小学 | G10: 郑州锦艺小学 | H10: 胡加利 | I10: 闫翎轩 | J10: 97 | K10: 36分04秒 | L10: 8 | M10: 一等奖 | N10: 入围总决赛
A11: 28357 | B11: 2B8h6xl8-94-029-Rg-032-1-ErK-01-aMm | C11: '扣叮机器人赛项' | D11: '扣叮AI智能挑战赛' | E11: 小学组 | F11: 李金根 | G11: 吉安县海尔希望小学 | H11: 李金根 | I11: 龙嘉洛 | J11: 97 | K11: 53分19秒 | L11: 9 | M11: 一等奖 | N11: 入围总决赛
A12: 32829 | B12: 2B8h6xQg-94-029-VP-032-1-Dei-01-yrN | C12: '扣叮机器人赛项' | D12: '扣叮AI智能挑战赛' | E12: 小学组 | F12: 麒麟小学小分队二 | G12: 深圳市南山实验教育集团麒麟小学 | H12: 占茹玉 | I12: 徐如琳 | J12: 97 | K12: 53分43秒 | L12: 10 | M12: 一等奖 | N12: 入围总决赛
A13: 27649 | B13: 2B8h6xYa-94-029-px-032-1-ueA-01-P1P | C13: '扣叮机器人赛项' | D13: '扣叮AI智能挑战赛' | E13: 小学组 | F13: 超能巅峰队 | G13: 深圳中学龙岗学校 | H13: 刘琴 | I13: 王晟睿 | J13: 95 | K13: 14分46秒 | L13: 11 | M13: 一等奖 | N13: 入围总决赛
A14: 31346 | B14: 2B8h6xjI-94-029-OK-032-1-jCM-01-3Oc | C14: '扣叮机器人赛项' | D14: '扣叮AI智能挑战赛' | E14: 小学组 | F14: 文欣 | G14: 深圳明德实验学校（集团）碧海校区 | H14: 陈碧荣 | I14: 文欣 | J14: 95 | K14: 18分19秒 | L14: 12 | M14: 一等奖 | N14: 入围总决赛
... A20: 27525 | B20: 2B8h6xjt-94-029-8V-032-1-RFI-01-vjc | C20: '扣叮机器人赛项' | D20: '扣叮AI智能挑战赛' | E20: 小学组 | F20: 龙华附实一队 | G20: 深圳市龙华区教育科学研究院附属实验学校 | H20: 阳熹 | I20: 杨卓立 | J20: 92 | K20: 14分29秒 | L20: 18 | M20: 一等奖 | N20: 入围总决赛
A21: 30527 | B21: 2B8h6xjb-94-029-ly-032-1-W8r-01-BcD | C21: '扣叮机器人赛项' | D21: '扣叮AI智能挑战赛' | E21: 小学组 | F21: 深圳大学附属教育集团后海小学1队 | G21: 深圳大学附属教育集团后海小学 | H21: 龙凤莲 | I21: 沈博恩 | J21: 92 | K21: 17分13秒 | L21: 19 | M21: 二等奖
A22: 28017 | B22: 2B8h6xHs-94-029-gl-032-1-fOd-01-M6A | C22: '扣叮机器人赛项' | D22: '扣叮AI智能挑战赛' | E22: 小学组 | F22: 贤义信息社团 | G22: 深圳市龙岗区布吉贤义外国语学校 | H22: 邓阳俊 | I22: 张子川 | J22: 92 | K22: 22分59秒 | L22: 20 | M22: 二等奖
A23: 30712 | B23: 2B8h6xQa-94-029-0R-032-1-kRm-01-2x3 | C23: '扣叮机器人赛项' | D23: '扣叮AI智能挑战赛' | E23: 小学组 | F23: 华南师范大学附属龙岗大运学校 | G23: 深圳市龙岗区华南师范大学附属龙岗大运学校 | H23: 黄国华 | I23: 张家治 | J23: 92 | K23: 23分25秒 | L23: 21 | M23: 二等奖
A24: 27686 | B24: 2B8h6xTu-94-029-VA-032-1-kOe-01-4v4 | C24: '扣叮机器人赛项' | D24: '扣叮AI智能挑战赛' | E24: 小学组 | F24: 荔园通新岭 | G24: 深圳市福田区荔园小学（荔园教育集团）通新岭校区 | H24: 莫妙丽 | I24: 李衍成 | J24: 92 | K24: 23分50秒 | L24: 22 | M24: 二等奖
A25: 31539 | B25: 2B8h6xWE-94-029-BL-032-1-Zxd-01-pGa | C25: '扣叮机器人赛项' | D25: '扣叮AI智能挑战赛' | E25: 小学组 | F25: 实验小学爱创1队 | G25: 新乡市实验小学 | H25: 宋薇 | I25: 史耀森 | J25: 92 | K25: 40分47秒 | L25: 23 | M25: 二等奖
A26: 27698 | B26: 2B8h6xYj-94-029-ER-032-1-tzv-01-LOB | C26: '扣叮机器人赛项' | D26: '扣叮AI智能挑战赛' | E26: 小学组 | F26: 海豚 | G26: 深圳市南山区南油小学 | H26: 戴媛 | I26: 韩雨辰 | J26: 92 | K26: 47分04秒 | L26: 24 | M26: 二等奖
A27: 31934 | B27: 2B8h6xHW-94-029-xH-032-1-Gdd-01-stG | C27: '扣叮机器人赛项' | D27: '扣叮AI智能挑战赛' | E27: 小学组 | F27: 勇攀高峰 | G27: 河南省实验学校郑东小学 | H27: 胡阳春 | I27: 田恩泽 | J27: 92 | K27: 49分59秒 | L27: 25 | M27: 二等奖
A28: 27549 | B28: 2B8h6xjh-94-029-0o-032-1-ZXg-01-WnE | C28: '扣叮机器人赛项' | D28: '扣叮AI智能挑战赛' | E28: 小学组 | F28: 荔林小学AI-1队 | G28: 深圳市南山实验教育集团荔林小学 | H28: 牛海燕 | I28: 刘栩彤 | J28: 90 | K28: 16分43秒 | L28: 26 | M28: 二等奖
A29: 27519 | B29: 2B8h6xlF-94-029-vF-032-1-Ter-01-NQ5 | C29: '扣叮机器人赛项' | D29: '扣叮AI智能挑战赛' | E29: 小学组 | F29: 金湾少先队 | G29: 汕头市华侨试验区金湾学校 | H29: 谢桂 | I29: 陈余然 | J29: 90 | K29: 32分40秒 | L29: 27 | M29: 二等奖
A30: 27605 | B30: 2B8h6xT4-94-029-PK-032-1-eBJ-01-kl6 | C30: '扣叮机器人赛项' | D30: '扣叮AI智能挑战赛' | E30: 小学组 | F30: 龙岗区平湖实验学校人工智能挑战队 | G30: 深圳市龙岗区平湖实验学校 | H30: 肖梅兰 | I30: 邓舒豪 | J30: 90 | K30: 44分23秒 | L30: 28 | M30: 二等奖
A31: 27570 | B31: 2B8h6xWi-94-029-ce-032-1-WMN-01-lyE | C31: '扣叮机器人赛项' | D31: '扣叮AI智能挑战赛' | E31: 小学组 | F31: 大磡大磡 | G31: 深圳市南山区大磡小学 | H31: 张秀慧 | I31: 江春霆 | J31: 89 | K31: 22分42秒 | L31: 29 | M31: 二等奖
A32: 27591 | B32: 2B8h6xTh-94-029-Re-032-1-orp-01-qdQ | C32: '扣叮机器人赛项' | D32: '扣叮AI智能挑战赛' | E32: 小学组 | F32: 平湖实验学校科创队 | G32: 深圳市龙岗区平湖实验学校 | H32: 肖梅兰 | I32: 罗子朝 | J32: 89 | K32: 27分58秒 | L32: 30 | M32: 二等奖
... A123: 28334 | B123: 2B8h6xWJ-94-029-5I-032-1-9SV-01-Ryp | C123: '扣叮机器人赛项' | D123: '扣叮AI智能挑战赛' | E123: 小学组 | F123: 深圳市南山区松坪学校 | G123: 深圳市南山区松坪学校 | H123: 彭瑾 | I123: 王雪倩 | J123: 36 | K123: 17分46秒 | L123: 121 | M123: 三等奖
A125: 报名编号 | B125: 激活码 | C125: 赛道 | D125: 赛项 | E125: 组别 | F125: 队伍名称 | G125: 申报单位 | H125: 教练信息 | I125: 学生信息 | J125: 比赛分数 | K125: 比赛用时 | L125: 成绩排名 | M125: 奖项
A126: 28023 | B126: 2B8h6JvE-94-029-LB-030-1-SY2-01-kDV | C126: '扣叮机器人赛项' | D126: '扣叮火星开发' | E126: 小学组 | F126: 创新领航队 | G126: 深圳市龙华区创新实验学校 | H126: 刘旭 | I126: 王俊哲 | J126: 1116 | K126: 0.066875 | L126: 1 | M126: 一等奖(冠军) | N126: 入围总决赛
A127: 27543 | B127: 2B8h6xsG-94-029-IH-030-1-BwV-01-Hq8 | C127: '扣叮机器人赛项' | D127: '扣叮火星开发' | E127: 小学组 | F127: 深外龙-陈辰 | G127: 深圳外国语学校龙华学校 | H127: 吴灿豪 | I127: 陈辰 | J127: 1026 | K127: 0.06931713 | L127: 2 | M127: 一等奖(亚军) | N127: 入围总决赛
A128: 28188 | B128: 2B8h6xsQ-94-029-nu-030-1-TDM-01-KJO | C128: '扣叮机器人赛项' | D128: '扣叮火星开发' | E128: 小学组 | F128: 创新实验 安阳 | G128: 深圳市龙华区创新实验学校 | H128: 张敏 | I128: 陶安阳 | J128: 1010 | K128: 0.056400463 | L128: 3 | M128: 一等奖(季军) | N128: 入围总决赛
A129: 27545 | B129: 2B8h6xss-94-029-59-030-1-j1N-01-3hO | C129: '扣叮机器人赛项' | D129: '扣叮火星开发' | E129: 小学组 | F129: 荔林小学火星2队 | G129: 深圳市南山实验教育集团荔林小学 | H129: 牛海燕 | I129: 黄子益 | J129: 1010 | K129: 0.063842593 | L129: 4 | M129: 一等奖 | N129: 入围总决赛
A130: 30339 | B130: 2B8h6J72-94-029-cT-030-1-l9q-01-pJq | C130: '扣叮机器人赛项' | D130: '扣叮火星开发' | E130: 小学组 | F130: 皖松科教之光11队 | G130: 宿松县松兹小学 | H130: 余顺亮 | I130: 朱张辰阳 | J130: 934 | K130: 0.058344907 | L130: 5 | M130: 一等奖 | N130: 入围总决赛
A131: 30021 | B131: 2B8h6xsa-94-029-22-030-1-Yf5-01-Geq | C131: '扣叮机器人赛项' | D131: '扣叮火星开发' | E131: 小学组 | F131: 皖松科教之光2队 | G131: 宿松县松兹小学 | H131: 齐洁宝 | I131: 邓益言 | J131: 931 | K131: 0.071550926 | L131: 6 | M131: 一等奖 | N131: 入围总决赛
A132: 30929 | B132: 2B8h6JhC-94-029-BE-030-1-ZUG-01-FFO | C132: '扣叮机器人赛项' | D132: '扣叮火星开发' | E132: 小学组 | F132: 侯雅书 | G132: 深圳市宝安区滨海小学 | H132: 林伊玲 | I132: 侯雅书 | J132: 922 | K132: 0.055960648 | L132: 7 | M132: 一等奖 | N132: 入围总决赛
A133: 30241 | B133: 2B8h6xsr-94-029-6C-030-1-JCg-01-g6v | C133: '扣叮机器人赛项' | D133: '扣叮火星开发' | E133: 小学组 | F133: 红树林珊瑚战队 | G133: 深圳市宝安区红树林外国语小学 | H133: 潘宇炜 | I133: 江沂霖 | J133: 920 | K133: 0.059108796 | L133: 8 | M133: 一等奖 | N133: 入围总决赛
A134: 30925 | B134: 2B8h6xsx-94-029-0b-030-1-Ych-01-Xd4 | C134: '扣叮机器人赛项' | D134: '扣叮火星开发' | E134: 小学组 | F134: 欧伟仁 | G134: 深圳市宝安区滨海小学 | H134: 林伊玲 | I134: 欧伟仁 | J134: 920 | K134: 0.06837963 | L134: 9 | M134: 一等奖 | N134: 入围总决赛
A135: 30935 | B135: 2B8h6Jh8-94-029-b1-030-1-CFK-01-rMm | C135: '扣叮机器人赛项' | D135: '扣叮火星开发' | E135: 小学组 | F135: 朱浩天 | G135: 深圳市宝安区滨海小学 | H135: 林伊玲 | I135: 朱浩天 | J135: 920 | K135: 0.07224537 | L135: 10 | M135: 一等奖 | N135: 入围总决赛
A136: 30993 | B136: 2B8h6Jhm-94-029-6D-030-1-Y4K-01-LN2 | C136: '扣叮机器人赛项' | D136: '扣叮火星开发' | E136: 小学组 | F136: 林瑞阳 | G136: 深圳市宝安区滨海小学 | H136: 林伊玲 | I136: 林瑞阳 | J136: 920 | K136: 0.072916667 | L136: 11 | M136: 一等奖 | N136: 入围总决赛
A137: 32400 | B137: 2B8h6xFN-94-029-o0-030-1-0NN-01-qfm | C137: '扣叮机器人赛项' | D137: '扣叮火星开发' | E137: 小学组 | F137: 杰瑞4队 | G137: 铁岭县凡河中心小学 | H137: 郎帅 | I137: 汝紫钰 | J137: 911 | K137: 0.058530093 | L137: 12 | M137: 一等奖 | N137: 入围总决赛
... A150: 27477 | B150: 2B8h6Jv6-94-029-gA-030-1-6k5-01-FQx | C150: '扣叮机器人赛项' | D150: '扣叮火星开发' | E150: 小学组 | F150: 深圳市龙岗区科技城外国语学校 | G150: 深圳市龙岗区科技城外国语学校 | H150: 余丹丹 | I150: 唐海翔 | J150: 816 | K150: 0.059976852 | L150: 25 | M150: 一等奖 | N150: 入围总决赛
A151: 36042 | B151: 2B8h6JZc-94-029-DB-030-1-d5h-01-bBa | C151: '扣叮机器人赛项' | D151: '扣叮火星开发' | E151: 小学组 | F151: 智育谷2队 | G151: 济南市东方双语实验学校 | H151: 徐文硕 | I151: 纪雨则 | J151: 814 | K151: 0.068784722 | L151: 26 | M151: 二等奖
A152: 30932 | B152: 2B8h6JhW-94-029-sW-030-1-uzL-01-eMv | C152: '扣叮机器人赛项' | D152: '扣叮火星开发' | E152: 小学组 | F152: 严浩升 | G152: 深圳市宝安区滨海小学 | H152: 林伊玲 | I152: 严浩升 | J152: 810 | K152: 0.048541667 | L152: 27 | M152: 二等奖
A153: 33406 | B153: 2B8h6J7X-94-029-16-030-1-jvV-01-grp | C153: '扣叮机器人赛项' | D153: '扣叮火星开发' | E153: 小学组 | F153: 杰瑞7队 | G153: 铁岭市实验学校 | H153: 郎帅 | I153: 王天丛 | J153: 810 | K153: 0.05056713 | L153: 28 | M153: 二等奖
A154: 27650 | B154: 2B8h6xsj-94-029-pS-030-1-VB0-01-hQk | C154: '扣叮机器人赛项' | D154: '扣叮火星开发' | E154: 小学组 | F154: 炎龙战神 | G154: 深圳市龙华区第二实验学校教育集团华仁校区 | H154: 许萌 | I154: 谢龙文 | J154: 810 | K154: 0.057268519 | L154: 29 | M154: 二等奖
A155: 31463 | B155: 2B8h6J7O-94-029-Ex-030-1-Ljz-01-VKQ | C155: '扣叮机器人赛项' | D155: '扣叮火星开发' | E155: 小学组 | F155: AI起航1 | G155: 深圳市龙华区龙华中心小学 | H155: 程学莲 | I155: 林昕睿 | J155: 810 | K155: 0.057696759 | L155: 30 | M155: 二等奖
A156: 44791 | B156: 2B8h6J2n-94-029-vR-030-1-6ib-01-lTL | C156: '扣叮机器人赛项' | D156: '扣叮火星开发' | E156: 小学组 | F156: 红色慧星 | G156: 北京小学丰台万年花城分校 | H156: 赵智超 | I156: 杨恩泽 | J156: 810 | K156: 0.059976852 | L156: 31 | M156: 二等奖
A157: 32580 | B157: 2B8h6xF9-94-029-yD-030-1-Ozb-01-g3d | C157: '扣叮机器人赛项' | D157: '扣叮火星开发' | E157: 小学组 | F157: 杰瑞3队 | G157: 银州区实验小学 | H157: 郎帅 | I157: 邢礼涵 | J157: 810 | K157: 0.062326389 | L157: 32 | M157: 二等奖
A158: 27968 | B158: 2B8h6JPG-94-029-ME-030-1-aGX-01-VvU | C158: '扣叮机器人赛项' | D158: '扣叮火星开发' | E158: 小学组 | F158: 云麓尚美队 | G158: 兰州市城关区云麓山学校 | H158: 郝瑞捷 | I158: 赵研 | J158: 810 | K158: 0.06287037 | L158: 33 | M158: 二等奖
A159: 31135 | B159: 2B8h6Jhs-94-029-dF-030-1-2Qb-01-GHp | C159: '扣叮机器人赛项' | D159: '扣叮火星开发' | E159: 小学组 | F159: 东湾火星 | G159: 深圳市南山区东湾小学 | H159: 张志雄 | I159: 黄灿伟 | J159: 810 | K159: 0.070150463 | L159: 34 | M159: 二等奖
A160: 27657 | B160: 2B8h6xsT-94-029-Ef-030-1-p6A-01-qQj | C160: '扣叮机器人赛项' | D160: '扣叮火星开发' | E160: 小学组 | F160: 一铭惊人 | G160: 深圳市龙华区第二实验学校教育集团华仁校区 | H160: 许萌 | I160: 李铭轩 | J160: 762 | K160: 0.064606481 | L160: 35 | M160: 二等奖
A161: 43582 | B161: 2B8h6JAm-94-029-wX-030-1-cq0-01-mSR | C161: '扣叮机器人赛项' | D161: '扣叮火星开发' | E161: 小学组 | F161: 动力猫2队 | G161: 濮阳市油田第十中学 | H161: 李欣怡 | I161: 魏子恒 | J161: 756 | K161: 0.061944444 | L161: 36 | M161: 二等奖
A162: 33546 | B162: 2B8h6xFT-94-029-it-030-1-Bl2-01-auY | C162: '扣叮机器人赛项' | D162: '扣叮火星开发' | E162: 小学组 | F162: 杰瑞9队 | G162: 铁岭市实验学校 | H162: 郎帅 | I162: 张匀彦 | J162: 754 | K162: 0.048993056 | L162: 37 | M162: 二等奖
... A286: 35244 | B286: 2B8h6JZU-94-029-ax-030-1-76K-01-C87 | C286: '扣叮机器人赛项' | D286: '扣叮火星开发' | E286: 小学组 | F286: 中铁1队 | G286: 山东师范大学齐鲁实验学校 | H286: 张涛 | I286: 单歆茹 | J286: 10 | K286: 0.0353125 | L286: 161 | M286: 三等奖
A288: 29639 | B288: 2B8h6JUV-94-029-lz-030-1-PjH-02-Tgf | C288: '扣叮机器人赛项' | D288: '扣叮火星开发' | E288: 初中组 | F288: 康艺梦之队. | G288: 深圳市龙岗区康艺学校 | H288: 艾攀华 | I288: 肖智仁 | J288: 1088 | K288: 0.060729167 | L288: 1 | M288: 一等奖(冠军) | N288: 入围总决赛
A289: 29675 | B289: 2B8h6JU9-94-029-Jp-030-1-BnT-02-V2H | C289: '扣叮机器人赛项' | D289: '扣叮火星开发' | E289: 初中组 | F289: 龙岗康艺学校梦之队. | G289: 深圳市龙岗区康艺学校 | H289: 艾攀华 | I289: 吴盛潮 | J289: 1079 | K289: 0.061898148 | L289: 2 | M289: 一等奖(亚军) | N289: 入围总决赛
A290: 29619 | B290: 2B8h6JUc-94-029-S7-030-1-KfF-02-GE1 | C290: '扣叮机器人赛项' | D290: '扣叮火星开发' | E290: 初中组 | F290: 康艺梦之队 | G290: 深圳市龙岗区康艺学校 | H290: 艾攀华 | I290: 王昊轩 | J290: 1072 | K290: 0.065648148 | L290: 3 | M290: 一等奖(季军) | N290: 入围总决赛
A291: 30169 | B291: 2B8h6J47-94-029-BH-030-1-8JT-02-Jxr | C291: '扣叮机器人赛项' | D291: '扣叮火星开发' | E291: 初中组 | F291: 皖松科教之光13队 | G291: 宿松县城关初级中学 | H291: 叶凡钦 | I291: 郭子轩 | J291: 1070 | K291: 0.072430556 | L291: 4 | M291: 一等奖 | N291: 入围总决赛
A292: 28002 | B292: 2B8h6JUq-94-029-zM-030-1-kNi-02-jCZ | C292: '扣叮机器人赛项' | D292: '扣叮火星开发' | E292: 初中组 | F292: 龙高观澜 | G292: 深圳市龙华高级中学教育集团观澜校区 | H292: 王伊宁 | I292: 郭东阳 | J292: 1065 | K292: 0.045625 | L292: 5 | M292: 一等奖 | N292: 入围总决赛
A293: 30084 | B293: 2B8h6JyD-94-029-AZ-030-1-rbX-02-ow3 | C293: '扣叮机器人赛项' | D293: '扣叮火星开发' | E293: 初中组 | F293: 皖松科教之光18队 | G293: 宿松县五里初级中学 | H293: 余顺亮 | I293: 方齐 | J293: 1060 | K293: 0.068009259 | L293: 6 | M293: 一等奖 | N293: 入围总决赛
A294: 30197 | B294: 2B8h6J4c-94-029-Eo-030-1-OhI-02-mwd | C294: '扣叮机器人赛项' | D294: '扣叮火星开发' | E294: 初中组 | F294: 深圳市新华中学 | G294: 深圳市新华中学教育集团 | H294: 何泽鑫 | I294: 陈嘉铭 | J294: 1059 | K294: 0.067407407 | L294: 7 | M294: 二等奖
A295: 29708 | B295: 2B8h6JUX-94-029-F9-030-1-bjH-02-fqR | C295: '扣叮机器人赛项' | D295: '扣叮火星开发' | E295: 初中组 | F295: 康艺梦想队 | G295: 深圳市龙岗区康艺学校 | H295: 艾攀华 | I295: 廖荣州 | J295: 1056 | K295: 0.043715278 | L295: 8 | M295: 二等奖
A296: 27582 | B296: 2B8h6JUP-94-029-P2-030-1-BCf-02-q4Z | C296: '扣叮机器人赛项' | D296: '扣叮火星开发' | E296: 初中组 | F296: 深圳明德香蜜龙官鸿 | G296: 深圳明德实验学校（集团）香蜜校区初中部 | H296: 蓝子君 | I296: 龙官鸿 | J296: 1052 | K296: 0.068321759 | L296: 9 | M296: 二等奖
A297: 30180 | B297: 2B8h6JyF-94-029-iG-030-1-nK1-02-eO0 | C297: '扣叮机器人赛项' | D297: '扣叮火星开发' | E297: 初中组 | F297: 皖松科教之光19队 | G297: 宿松县城关初级中学 | H297: 张良玉 | I297: 周子睿 | J297: 1048 | K297: 0.061527778 | L297: 10 | M297: 二等奖
A298: 28125 | B298: 2B8h6JU2-94-029-3K-030-1-UBT-02-7dp | C298: '扣叮机器人赛项' | D298: '扣叮火星开发' | E298: 初中组 | F298: 深圳明德香蜜朱明涛 | G298: 深圳明德实验学校（集团）香蜜初中部 | H298: 蓝子君 | I298: 朱明涛 | J298: 1040 | K298: 0.060532407 | L298: 11 | M298: 二等奖
A299: 27419 | B299: 2B8h6Jyp-94-029-EM-030-1-x9D-02-M3M | C299: '扣叮机器人赛项' | D299: '扣叮火星开发' | E299: 初中组 | F299: 火星之巅 | G299: 深圳市福田区实验教育集团侨香学校 | H299: 郎帅 | I299: 陈政旭 | J299: 1035 | K299: 0.066770833 | L299: 12 | M299: 二等奖
A300: 27665 | B300: 2B8h6JUO-94-029-10-030-1-sfS-02-V5m | C300: '扣叮机器人赛项' | D300: '扣叮火星开发' | E300: 初中组 | F300: 火星队 | G300: 深圳市龙华区虔贞学校 | H300: 裴晓旭 | I300: 侯正睿 | J300: 1032 | K300: 0.056388889 | L300: 13 | M300: 二等奖
A301: 27481 | B301: 2B8h6JU0-94-029-HW-030-1-EPE-02-NJz | C301: '扣叮机器人赛项' | D301: '扣叮火星开发' | E301: 初中组 | F301: 龙华附实队 | G301: 深圳市龙华区教育科学研究院附属实验学校 | H301: 李丹恒 | I301: 吴宸熙 | J301: 1032 | K301: 0.067824074 | L301: 14 | M301: 二等奖
A302: 27385 | B302: 2B8h6JyW-94-029-js-030-1-a4N-02-spK | C302: '扣叮机器人赛项' | D302: '扣叮火星开发' | E302: 初中组 | F302: 上外龙附挑战队 | G302: 深圳市龙岗区上海外国语大学附属龙岗学校 | H302: 周兴权 | I302: 眭涛 | J302: 1031 | K302: 0.042893519 | L302: 15 | M302: 二等奖
A303: 30173 | B303: 2B8h6Jy8-94-029-ZI-030-1-9ut-02-f3g | C303: '扣叮机器人赛项' | D303: '扣叮火星开发' | E303: 初中组 | F303: 皖松科教之光15队 | G303: 宿松县城关初级中学 | H303: 齐新娣 | I303: 吴汉卿 | J303: 1031 | K303: 0.046412037 | L303: 16 | M303: 二等奖
A304: 30179 | B304: 2B8h6Jyr-94-029-KZ-030-1-vTV-02-qrF | C304: '扣叮机器人赛项' | D304: '扣叮火星开发' | E304: 初中组 | F304: 皖松科教之光17队 | G304: 宿松县城关初级中学 | H304: 石志芳 | I304: 邓雨钦 | J304: 1022 | K304: 0.067303241 | L304: 17 | M304: 二等奖
A305: 30971 | B305: 2B8h6J44-94-029-td-030-1-Prc-02-1sg | C305: '扣叮机器人赛项' | D305: '扣叮火星开发' | E305: 初中组 | F305: 启辰 | G305: 兰州市第十一中学 | H305: 周玉群 | I305: 刘恩江 | J305: 994 | K305: 0.049583333 | L305: 18 | M305: 二等奖
... A329: 27437 | B329: 2B8h6JUy-94-029-Xg-030-1-nrb-02-wKJ | C329: '扣叮机器人赛项' | D329: '扣叮火星开发' | E329: 初中组 | F329: 超越队 | G329: 深圳市龙岗区平湖中心学校 | H329: 姜雨薇 | I329: 王炯鸣 | J329: 310 | K329: 0.072916667 | L329: 42 | M329: 三等奖
A331: 报名编号 | B331: 激活码 | C331: 赛道 | D331: 赛项 | E331: 组别 | F331: 队伍名称 | G331: 申报单位 | H331: 教练信息 | I331: 学生信息 | J331: 比赛分数 | K331: 比赛用时 | L331: 成绩排名 | M331: 奖项
A332: 42721 | B332: 2B8h6JtZ-94-029-7f-031-1-3nj-01-wDn | C332: '扣叮机器人赛项' | D332: 扣叮火星智造' | E332: 小学组 | F332: 中华路小学2队 | G332: 定西市安定区中华路小学 | H332: 郑晓燕 | I332: 范伟强|李昱泓 | J332: 1260 | L332: 1 | M332: 一等奖(冠军) | N332: 入围总决赛
A333: 36858 | B333: 2b8h6j5k-94-029-oc-031-1-pwt-01-6q0 | C333: '扣叮机器人赛项' | D333: 扣叮火星智造' | E333: 小学组 | F333: WuxiCodingNo.1 | G333: 无锡市梁溪区少年宫 | H333: 时旭龙 | I333: 刘天逸|李希辰 | J333: 1245 | L333: 2 | M333: 一等奖(亚军) | N333: 入围总决赛
A334: 36861 | B334: 2B8h6aJ7-94-029-uR-031-1-oxr-01-2oL | C334: '扣叮机器人赛项' | D334: 扣叮火星智造' | E334: 小学组 | F334: WuxiCodingNo.2 | G334: 无锡市梁溪区少年宫 | H334: 时旭龙 | I334: 芮翊涵|孔俊尧 | J334: 1230 | L334: 3 | M334: 一等奖(季军) | N334: 入围总决赛
A335: 42647 | B335: 2B8h6Jtz-94-029-hz-031-1-N4l-01-s8Z | C335: '扣叮机器人赛项' | D335: 扣叮火星智造' | E335: 小学组 | F335: 中华路1队 | G335: 定西市安定区中华路小学 | H335: 张万成 | I335: 张铭一|丁凯钰 | J335: 1200 | L335: 4 | M335: 一等奖 | N335: 入围总决赛
A336: 42559 | B336: 2B8h6Jtv-94-029-lX-031-1-VE1-01-cA3 | C336: '扣叮机器人赛项' | D336: 扣叮火星智造' | E336: 小学组 | F336: 无锡coding1队 | G336: 无锡市梁溪区少年宫 | H336: 时旭龙 | I336: 杨皓天|贾芷语 | J336: 1120 | L336: 5 | M336: 一等奖 | N336: 入围总决赛
A337: 35726 | B337: 2B8h6J5Q-94-029-tG-031-1-uyv-01-ect | C337: '扣叮机器人赛项' | D337: 扣叮火星智造' | E337: 小学组 | F337: 编智一队 | G337: 南山外国语（集团）香山里小学 | H337: 蒋亚杰 | I337: 钟洛熙|白辰旭 | J337: 1090 | L337: 6 | M337: 二等奖
A338: 35835 | B338: 2B8h6J5E-94-029-Cy-031-1-NWF-01-Oul | C338: '扣叮机器人赛项' | D338: 扣叮火星智造' | E338: 小学组 | F338: 编智二队 | G338: 南山外国语集团深圳香山里小学 | H338: 蒋亚杰 | I338: 潘泽轩|陈俞彤 | J338: 1050 | L338: 7 | M338: 二等奖
A339: 36372 | B339: 2B8h6aXy-94-029-gV-031-1-Aw2-01-JJG | C339: '扣叮机器人赛项' | D339: 扣叮火星智造' | E339: 小学组 | F339: 子程沅达队 | G339: 天津汇智创科课外培训学校 | H339: 王宏浩 | I339: 林子程|解沅达 | J339: 1025 | L339: 8 | M339: 二等奖
A340: 34105 | B340: 2B8h6aJy-94-029-Lm-031-1-lQB-01-3zJ | C340: '扣叮机器人赛项' | D340: 扣叮火星智造' | E340: 小学组 | F340: 原始人TNT | G340: 市北区台湛路小学、青岛第五十三中学基础部 | H340: 岳孟伟 | I340: 张嘉树|王文彬 | J340: 995 | L340: 9 | M340: 二等奖
A341: 36160 | B341: 2B8h6axO-94-029-um-031-1-ppO-01-3RC | C341: '扣叮机器人赛项' | D341: 扣叮火星智造' | E341: 小学组 | F341: 颂尧瀚霖队 | G341: 天津汇智创科课外培训学校 | H341: 李云娥 | I341: 张颂尧|张瀚霖 | J341: 960 | L341: 10 | M341: 二等奖
A342: 35891 | B342: 2B8h6J5u-94-029-d9-031-1-O40-01-hQV | C342: '扣叮机器人赛项' | D342: 扣叮火星智造' | E342: 小学组 | F342: 编智三队 | G342: 南山外国语（集团）香山里小学 | H342: 蒋亚杰 | I342: 谭皓玮|肖皓允 | J342: 940 | L342: 11 | M342: 二等奖
A343: 34448 | B343: 2B8h6aJ2-94-029-dh-031-1-t50-01-T6g | C343: '扣叮机器人赛项' | D343: 扣叮火星智造' | E343: 小学组 | F343: 博城队 | G343: 青岛市南区金门路小学 青岛福州路小学 | H343: 朱莉 | I343: 王书城|纪允博 | J343: 895 | L343: 12 | M343: 二等奖
A344: 34380 | B344: 2B8h6aJt-94-029-8V-031-1-Id0-01-zsr | C344: '扣叮机器人赛项' | D344: 扣叮火星智造' | E344: 小学组 | F344: 洞穴勇士 | G344: 南京路小学、镇江路小学 | H344: 祝鑫 | I344: 牟奥文|陈表润 | J344: 890 | L344: 13 | M344: 二等奖
A345: 34287 | B345: 2B8h6aJ5-94-029-QF-031-1-rcK-01-n5P | C345: '扣叮机器人赛项' | D345: 扣叮火星智造' | E345: 小学组 | F345: 原始人GO！GO！GO！ | G345: 青岛市崂山区麦岛小学 | H345: 段雪洁 | I345: 韩浩禄|王科茗 | J345: 775 | L345: 14 | M345: 二等奖
A346: 34326 | B346: 2B8h6aJU-94-029-Lk-031-1-MgD-01-JiS | C346: '扣叮机器人赛项' | D346: 扣叮火星智造' | E346: 小学组 | F346: 原始人就是牛 | G346: 青岛市市南区实验小学、青岛太平路小学 | H346: 张笑 | I346: 卞若骁|丁百承 | J346: 745 | L346: 15 | M346: 二等奖
A347: 35867 | B347: 2B8h6axk-94-029-F7-031-1-Ada-01-hVv | C347: '扣叮机器人赛项' | D347: 扣叮火星智造' | E347: 小学组 | F347: 梓晨睿哲队 | G347: 天津汇智创科课外培训学校 | H347: 岳林辉 | I347: 张睿哲|王梓晨 | J347: 740 | L347: 16 | M347: 三等奖
A348: 36075 | B348: 2B8h6ax8-94-029-VO-031-1-yEE-01-WAN | C348: '扣叮机器人赛项' | D348: 扣叮火星智造' | E348: 小学组 | F348: 子墨子涵队 | G348: 天津汇智创科课外培训学校 | H348: 岳林辉 | I348: 李子墨|张子涵 | J348: 730 | L348: 17 | M348: 三等奖
... A361: 36495 | B361: 2B8h6aSz-94-029-HV-031-1-LFp-01-HOe | C361: '扣叮机器人赛项' | D361: 扣叮火星智造' | E361: 小学组 | F361: 新未来4队 | G361: 郑州市金水区农科路小学 郑州大学实验小学 | H361: 徐周宇 | I361: 詹其燊|甄嘉树 | J361: 335 | L361: 30 | M361: 三等奖
A363: 33842 | B363: 2B8h6Jtx-94-029-MG-031-1-lZ1-02-OU8 | C363: '扣叮机器人赛项' | D363: '扣叮火星智造' | E363: 初中组 | F363: 教育学院附属中学队 | G363: 北京教育学院附属中学 | H363: 宋源鑫 | I363: 孟小楠|周广平 | J363: 1570 | L363: 1 | M363: 一等奖(冠军) | N363: 入围总决赛
A364: 34729 | B364: 2B8h6jtS-94-029-3R-031-1-eju-02-D0m | C364: '扣叮机器人赛项' | D364: '扣叮火星智造' | E364: 初中组 | F364: 清郑初中部二队 | G364: 清华附中郑州学校 | H364: 吴丹丹 | I364: 贺泓源|王励治 | J364: 1105 | L364: 2 | M364: 一等奖(亚军) | N364: 入围总决赛
A365: 36698 | B365: 2b8h6jtf-94-029-n8-031-1-kr7-02-obr | C365: '扣叮机器人赛项' | D365: '扣叮火星智造' | E365: 初中组 | F365: 无锡Coding3队 | G365: 无锡市梁溪区少年宫 | H365: 时旭龙 | I365: 郑博仁|肖昊然 | J365: 1005 | L365: 3 | M365: 一等奖(季军) | N365: 入围总决赛
A366: 35486 | B366: 2B8h6JtU-94-029-5s-031-1-aYy-02-MZZ | C366: '扣叮机器人赛项' | D366: '扣叮火星智造' | E366: 初中组 | F366: 惠州一中火星队 | G366: 惠州市第一中学 | H366: 魏法英 | I366: 叶俊廷|李沃庭 | J366: 940 | L366: 4 | M366: 二等奖
A367: 36623 | B367: 2b8h6jtg-94-029-6h-031-1-26e-02-b9j | C367: '扣叮机器人赛项' | D367: '扣叮火星智造' | E367: 初中组 | F367: 无锡市coding1队 | G367: 无锡市梁溪区少年宫 | H367: 时旭龙 | I367: 许一鸣|王禹焜 | J367: 935 | L367: 5 | M367: 二等奖
A368: 36673 | B368: 2b8h6jtt-94-029-ga-031-1-3tr-02-mxt | C368: '扣叮机器人赛项' | D368: '扣叮火星智造' | E368: 初中组 | F368: 无锡Coding2队 | G368: 无锡市梁溪区少年宫 | H368: 时旭龙 | I368: 李泽昊|周家齐 | J368: 890 | L368: 6 | M368: 二等奖
A369: 34748 | B369: 2B8h6aJx-94-029-B8-031-1-hZQ-02-4iA | C369: '扣叮机器人赛项' | D369: '扣叮火星智造' | E369: 初中组 | F369: 清郑初中部六队 | G369: 清华附中郑州学校 | H369: 吴丹丹 | I369: 崔铭辰|李哲涵 | J369: 875 | L369: 7 | M369: 二等奖
...

Sheet TAI挑战赛项
A1: 2024世界机器人大赛北京锦标赛-青少年机器人设计大赛-TAI挑战赛项获奖名单
A2: 报名编号 | B2: 激活码 | C2: 赛道 | D2: 赛项 | E2: 组别 | F2: 队伍名称 | G2: 申报单位 | H2: 教练信息 | I2: 学生信息 | J2: 比赛分数 | K2: 比赛用时 | L2: 成绩排名 | M2: 奖项 | N2: 备注
A3: 34546 | B3: 2B8h6fXu-94-033-ps-034-1-c5m-01-7It | C3: TAI挑战赛项' | D3: 'TAI智慧城市挑战赛' | E3: 小学组 | F3: 长庆八中 | G3: 长庆八中 | H3: 汶强 | I3: 王梓懿|魏宛莹 | J3: 260 | K3: 1分55秒 | L3: 1 | M3: 一等奖(冠军) | N3: 入围总决赛
A4: 28709 | B4: 2B8h6f69-94-033-67-034-1-1uP-01-1RQ | C4: 'TAI挑战赛项' | D4: 'TAI智慧城市挑战赛' | E4: 小学组 | F4: 南京市方兴小学和莫愁新寓联队 | G4: 南京市方兴小学|南京市莫愁新寓小学 | H4: 孟宇|阚莹莹 | I4: 陈千昱|高晋齐|高政韬 | J4: 260 | K4: 2分17秒 | L4: 2 | M4: 一等奖(亚军) | N4: 入围总决赛
A5: 28617 | B5: 2B8h6f6i-94-033-j1-034-1-xgj-01-v5m | C5: 'TAI挑战赛项' | D5: 'TAI智慧城市挑战赛' | E5: 小学组 | F5: 一中心金陵汇文1队 | G5: 南京市鼓楼区第一中心小学|南京市金陵汇文学校 | H5: 黄燕|王丽丽 | I5: 黄瑞麟|李思择|何安宜 | J5: 260 | K5: 2分19秒 | L5: 3 | M5: 一等奖(季军) | N5: 入围总决赛
A6: 28686 | B6: 2B8h6f6e-94-033-TO-034-1-XJi-01-meu | C6: 'TAI挑战赛项' | D6: 'TAI智慧城市挑战赛' | E6: 小学组 | F6: 南师附中仙小1队 | G6: 南京师范大学附属中学仙林学校小学部 | H6: 安娜|陈晓艺 | I6: 孙颢泽|赵恒|华振泽 | J6: 260 | K6: 2分25秒 | L6: 4 | M6: 一等奖 | N6: 入围总决赛
A7: 28794 | B7: 2B8h6fXw-94-033-tZ-034-1-I5l-01-zLc | C7: 'TAI挑战赛项' | D7: 'TAI智慧城市挑战赛' | E7: 小学组 | F7: 琅琊致远战队 | G7: 南京市琅琊路小学|南京致远外国语小学 | H7: 刘凯晨|王丽曼 | I7: 廖一阳|卞艺霖|房子昂 | J7: 260 | K7: 2分31秒 | L7: 5 | M7: 一等奖 | N7: 入围总决赛
A8: 33167 | B8: 2B8h6fXl-94-033-JY-034-1-t9r-01-z5Q | C8: 'TAI挑战赛项' | D8: 'TAI智慧城市挑战赛' | E8: 小学组 | F8: 钜蛋小学2队 | G8: 新一路小学、明珠学校、文化里小学 | H8: 张莹晖 | I8: 丁浩鹏|马颢轩|郑煜景 | J8: 260 | K8: 2分47秒 | L8: 6 | M8: 一等奖 | N8: 入围总决赛
A9: 30718 | B9: 2B8h6iWY-94-033-SI-034-1-6FR-01-kPy | C9: 'TAI挑战赛项' | D9: 'TAI智慧城市挑战赛' | E9: 小学组 | F9: 延安智慧小队 | G9: 芜湖市延安学校 | H9: 孙弋青 | I9: 张子萱|张杨一|梁书语 | J9: 255 | K9: 2分17秒 | L9: 7 | M9: 一等奖 | N9: 入围总决赛
A10: 34565 | B10: 2B8h6fX1-94-033-yJ-034-1-dlj-01-JdP | C10: 'TAI挑战赛项' | D10: 'TAI智慧城市挑战赛' | E10: 小学组 | F10: 长庆八中和太华路小学 | G10: 太华路小学/长庆八中 | H10: 汶强 | I10: 柏昱辰|曹塬雄 | J10: 250 | K10: 1分46秒 | L10: 8 | M10: 一等奖 | N10: 入围总决赛
A11: 28694 | B11: 2B8h6f6N-94-033-Ki-034-1-19u-01-9qh | C11: 'TAI挑战赛项' | D11: 'TAI智慧城市挑战赛' | E11: 小学组 | F11: 南京市赤壁路小学6队 | G11: 南京市赤壁路小学 | H11: 刘蜜 | I11: 白炜杰|周欣全|王浩骅 | J11: 250 | K11: 2分10秒 | L11: 9 | M11: 一等奖 | N11: 入围总决赛
A12: 28255 | B12: 2B8h6fNp-94-033-Oc-034-1-8So-01-OCk | C12: 'TAI挑战赛项' | D12: 'TAI智慧城市挑战赛' | E12: 小学组 | F12: 探索者队 | G12: 桦川县乐思机器人俱乐部 | H12: 王慧君 | I12: 张佐一|王若安|刘义麒 | J12: 250 | K12: 2分15秒 | L12: 10 | M12: 一等奖 | N12: 入围总决赛
A13: 33699 | B13: 2B8h6iWV-94-033-h6-034-1-xq1-01-xLK | C13: 'TAI挑战赛项' | D13: 'TAI智慧城市挑战赛' | E13: 小学组 | F13: 科技探索大队 | G13: 嘉兴懿轩科技俱乐部 | H13: 张佳 | I13: 鲁鑫磊|郭宇暄 | J13: 250 | K13: 2分23秒 | L13: 11 | M13: 一等奖 | N13: 入围总决赛
A14: 28841 | B14: 2B8h6fXL-94-033-HA-034-1-N2n-01-eEh | C14: 'TAI挑战赛项' | D14: 'TAI智慧城市挑战赛' | E14: 小学组 | F14: 琅琊路小学和北小阳光联队 | G14: 南京市琅琊路小学|北京东路小学阳光分校 | H14: 刘凯晨|闫正 | I14: 钱芃搏|刘浚廷|徐雯楠 | J14: 250 | K14: 2分25秒 | L14: 12 | M14: 一等奖 | N14: 入围总决赛
A15: 30270 | B15: 2B8h6fXT-94-033-As-034-1-RnN-01-CMy | C15: 'TAI挑战赛项' | D15: 'TAI智慧城市挑战赛' | E15: 小学组 | F15: 礼嘉实小机械革命队 | G15: 重庆两江新区礼嘉实验小学校 | H15: 黎晓红 | I15: 王酉珅|向芃阳|杜胤乐 | J15: 250 | K15: 2分31秒 | L15: 13 | M15: 二等奖
A16: 28729 | B16: 2B8h6f68-94-033-Kz-034-1-UWr-01-LOB | C16: TAI挑战赛项' | D16: 'TAI智慧城市挑战赛' | E16: 小学组 | F16: 赤壁路小学与方兴小学联队 | G16: 南京市赤壁路小学与南京市方兴小学 | H16: 刘蜜/孟宇 | I16: 潘炳辰|秦骏烨|代熙然 | J16: 250 | K16: 2分31秒 | L16: 13 | M16: 二等奖
A17: 28613 | B17: 2B8h6f6o-94-033-38-034-1-oz0-01-pOr | C17: 'TAI挑战赛项' | D17: 'TAI智慧城市挑战赛' | E17: 小学组 | F17: 琅琊路小学3队 | G17: 南京市琅琊路小学 | H17: 刘凯晨|闫正 | I17: 刘清晏|张奕天|周之恒 | J17: 250 | K17: 2分37秒 | L17: 15 | M17: 二等奖
A18: 28707 | B18: 2B8h6f6W-94-033-0j-034-1-k5p-01-Ntj | C18: 'TAI挑战赛项' | D18: 'TAI智慧城市挑战赛' | E18: 小学组 | F18: 二实小赤小1队 | G18: 南京市鼓楼区第二实验小学|南京市赤壁路小学 | H18: 刘蜜|颜文杰|虞继文 | I18: 王辰毅|王奕涵|毛睿文 | J18: 245 | K18: 2分16秒 | L18: 16 | M18: 二等奖
A19: 28782 | B19: 2B8h6f6C-94-033-Cz-034-1-8Rm-01-Oaj | C19: 'TAI挑战赛项' | D19: 'TAI智慧城市挑战赛' | E19: 小学组 | F19: 琅琊路小分队 | G19: 南京市琅琊路小学 | H19: 刘凯晨|闫正 | I19: 卞玥皓|吴欣洁|庄子阅 | J19: 230 | K19: 2分23秒 | L19: 17 | M19: 二等奖
A20: 28615 | B20: 2B8h6f6f-94-033-k9-034-1-HqW-01-w66 | C20: 'TAI挑战赛项' | D20: 'TAI智慧城市挑战赛' | E20: 小学组 | F20: 琅琊路小学1队 | G20: 南京市琅琊路小学 | H20: 刘凯晨|闫正 | I20: 张毅晨|古观心|王思婷 | J20: 230 | K20: 2分32秒 | L20: 18 | M20: 二等奖
A21: 34101 | B21: 2B8h6fab-94-033-jz-034-1-8GH-01-aG2 | C21: 'TAI挑战赛项' | D21: 'TAI智慧城市挑战赛' | E21: 小学组 | F21: 稳中求胜 | G21: 德州市实验小学 | H21: 李雪 | I21: 史兆晖 | J21: 225 | K21: 2分09秒 | L21: 19 | M21: 二等奖
A22: 28685 | B22: 2B8h6fX7-94-033-Of-034-1-Y0s-01-geO | C22: 'TAI挑战赛项' | D22: 'TAI智慧城市挑战赛' | E22: 小学组 | F22: 芳草园和雨花外国语联队 | G22: 南京市芳草园小学|南京外国语雨花国际学校 | H22: 徐慧娟|朱香豫|孙霞 | I22: 郜兴国|姜岑昊|何兆易 | J22: 220 | K22: 2分28秒 | L22: 20 | M22: 二等奖
A23: 28900 | B23: 2B8h6fX9-94-033-gp-034-1-VhQ-01-E3a | C23: 'TAI挑战赛项' | D23: 'TAI智慧城市挑战赛' | E23: 小学组 | F23: 蛋仔之力 | G23: 漳州市芗城区格物智教课外培训学校 | H23: 李逸斌 | I23: 曾泽宇|卢锌佑 | J23: 220 | K23: 2分35秒 | L23: 21 | M23: 二等奖
A24: 30728 | B24: 2B8h6iWO-94-033-cQ-034-1-rll-01-bB3 | C24: 'TAI挑战赛项' | D24: 'TAI智慧城市挑战赛' | E24: 小学组 | F24: 礼嘉实小1队 | G24: 重庆两江新区礼嘉实验小学校 | H24: 陶燚 | I24: 唐皓宁|姜昊廷|陈逸维 | J24: 220 | K24: 2分39秒 | L24: 22 | M24: 二等奖
A25: 44372 | B25: 2B8h6NdI-94-033-Fk-034-1-Lq2-01-rIF | C25: 'TAI挑战赛项' | D25: 'TAI智慧城市挑战赛' | E25: 小学组 | F25: 海阔天空 | G25: 藁城区酷吧机器人培训学校 | H25: 支昌泰 | I25: 李辰宇|边嘉霖 | J25: 220 | K25: 2分49秒 | L25: 23 | M25: 二等奖
A26: 34081 | B26: 2B8h6fa4-94-033-KM-034-1-lgR-01-AG1 | C26: 'TAI挑战赛项' | D26: 'TAI智慧城市挑战赛' | E26: 小学组 | F26: 莱凯TAI智能车二队 | G26: 德州市德城区第二实验小学 | H26: 明光军 | I26: 褚济铭|谢兴东 | J26: 215 | K26: 2分20秒 | L26: 24 | M26: 二等奖
... A85: 41615 | B85: 2B8h6Nd4-94-033-lU-034-1-LIy-01-Wax | C85: 'TAI挑战赛项' | D85: 'TAI智慧城市挑战赛' | E85: 小学组 | F85: 季月萍 | G85: 长兴县第一小学 | H85: 季月萍 | I85: 杨曼葭|严泽|顾羽开 | J85: 5 | K85: 0分55秒 | L85: 83 | M85: 三等奖
A87: 29154 | B87: 2B8h6fSb-94-033-At-034-1-wxz-02-Q35 | C87: 'TAI挑战赛项' | D87: 'TAI智慧城市挑战赛' | E87: 初中组 | F87: 南京第二十九中学|南京钟英中学 | G87: 南京市第二十九中学|南京市钟英中学 | H87: 朱洁 | I87: 李昕泽|殷梓航|徐淇朗 | J87: 300 | K87: 2分40秒 | L87: 1 | M87: 一等奖(冠军) | N87: 入围总决赛
A88: 27934 | B88: 2B8h6fSF-94-033-WP-034-1-uov-02-sSL | C88: 'TAI挑战赛项' | D88: 'TAI智慧城市挑战赛' | E88: 初中组 | F88: 五星延安2队 | G88: 芜湖一中教育集团延安学校 | H88: 杨姚 | I88: 林叶泽同|胡逸辰 | J88: 295 | K88: 2分45秒 | L88: 2 | M88: 一等奖(亚军) | N88: 入围总决赛
A89: 34369 | B89: 2B8h6fSE-94-033-hX-034-1-Zs9-02-knU | C89: 'TAI挑战赛项' | D89: 'TAI智慧城市挑战赛' | E89: 初中组 | F89: 儒林1队 | G89: 芜湖市第十二中学教育集团儒林中学 | H89: 金春雪 | I89: 闵峻祺|应镕缦 | J89: 290 | K89: 2分54秒 | L89: 3 | M89: 一等奖(季军) | N89: 入围总决赛
A90: 29150 | B90: 2B8h6fS7-94-033-6o-034-1-HHj-02-Doc | C90: 'TAI挑战赛项' | D90: 'TAI智慧城市挑战赛' | E90: 初中组 | F90: 南京市第三中学|南师附属中树人队 | G90: 南京市第三中学|南京师范大学附属中学树人学校 | H90: 周俊|葛昊 | I90: 薛睿|成宝宁|史睿祺 | J90: 285 | K90: 2分40秒 | L90: 4 | M90: 一等奖 | N90: 入围总决赛
A91: 35752 | B91: 2B8h6fXF-94-033-Xg-034-1-vKa-01-zSG | C91: 'TAI挑战赛项' | D91: 'TAI智慧城市挑战赛' | E91: 初中组 | F91: 南湖精英 | G91: 嘉兴懿轩科技俱乐部 | H91: 张佳 | I91: 翁以诚|宋陈轩 | J91: 275 | K91: 2分15秒 | L91: 5 | M91: 一等奖 | N91: 入围总决赛
A92: 33771 | B92: 2B8h6fST-94-033-Ba-034-1-toT-02-R4p | C92: 'TAI挑战赛项' | D92: 'TAI智慧城市挑战赛' | E92: 初中组 | F92: 天津市河东区太阳城学校代表队 | G92: 天津市河东区太阳城学校 | H92: 张童 | I92: 郭泰延|张浩萱|李兆宇 | J92: 275 | K92: 2分18秒 | L92: 6 | M92: 二等奖
A93: 29134 | B93: 2B8h6fS2-94-033-F8-034-1-GSm-02-so8 | C93: 'TAI挑战赛项' | D93: 'TAI智慧城市挑战赛' | E93: 初中组 | F93: 南京市金陵中学|求真中学 | G93: 南京市金陵中学仙林分校中学部|南京求真中学 | H93: 孙苗|杨俊捷 | I93: 卢嘉辰|李泽轩|徐洋 | J93: 270 | K93: 2分37秒 | L93: 7 | M93: 二等奖
A94: 29110 | B94: 2B8h6fas-94-033-Xv-034-1-NH4-02-lcA | C94: 'TAI挑战赛项' | D94: 'TAI智慧城市挑战赛' | E94: 初中组 | F94: 鼓楼实验中学|南京科利华中学联队 | G94: 南京市鼓楼实验中学|南京市科利华中学 | H94: 邵媛|黄兴磊 | I94: 孙墨潼|刘昱辰|韩启源 | J94: 260 | K94: 2分30秒 | L94: 8 | M94: 二等奖
A95: 44990 | B95: 2B8h6NdE-94-033-QK-034-1-LwH-02-Ba3 | C95: 'TAI挑战赛项' | D95: 'TAI智慧城市挑战赛' | E95: 初中组 | F95: 育新二队 | G95: 首都师范大学附属育新学校 | H95: 张蕴喆 | I95: 邓佳琪|陈浩荣 | J95: 255 | K95: 2分11秒 | L95: 9 | M95: 二等奖
A96: 29106 | B96: 2B8h6faD-94-033-At-034-1-AfK-02-4qi | C96: 'TAI挑战赛项' | D96: 'TAI智慧城市挑战赛' | E96: 初中组 | F96: 鼓实2队 | G96: 南京市鼓楼实验中学 | H96: 邵媛 | I96: 何启思|陈持|郭顾程 | J96: 255 | K96: 2分21秒 | L96: 10 | M96: 二等奖
A97: 28247 | B97: 2B8h6foU-94-033-kp-034-1-O3d-02-q8r | C97: 'TAI挑战赛项' | D97: 'TAI智慧城市挑战赛' | E97: 初中组 | F97: 勇者队 | G97: 桦川县乐思机器人俱乐部 | H97: 袁志敏 | I97: 王尚裕|刘亦乔|孔德熙 | J97: 255 | K97: 2分42秒 | L97: 11 | M97: 二等奖
A98: 44972 | B98: 2B8h6NdT-94-033-JN-034-1-9Ln-02-i8v | C98: 'TAI挑战赛项' | D98: 'TAI智慧城市挑战赛' | E98: 初中组 | F98: 育新一队 | G98: 首都师范大学附属育新学校 | H98: 韩宇男 | I98: 朱宇轩|杨冠霖 | J98: 250 | K98: 2分26秒 | L98: 12 | M98: 二等奖
A99: 30725 | B99: 2B8h6fSN-94-033-bJ-034-1-Uih-02-yPm | C99: 'TAI挑战赛项' | D99: 'TAI智慧城市挑战赛' | E99: 初中组 | F99: 新疆玫瑰战队 | G99: 新疆兵团第一中学 新疆兵团第十二师中学 乌鲁木齐市第126中学 | H99: 吕笃康 | I99: 钮志瑾瑜|刘瑾萱|陈姝伊 | J99: 245 | K99: 3分 | L99: 13 | M99: 二等奖
A100: 30707 | B100: 2B8h6fSo-94-033-sa-034-1-nJy-02-aag | C100: 'TAI挑战赛项' | D100: 'TAI智慧城市挑战赛' | E100: 初中组 | F100: 兵团二中昊语萱 | G100: 新疆生产建设兵团第二中学 | H100: 吕笃康 | I100: 薛炆昊|王乐萱|白滨语 | J100: 245 | K100: 3分 | L100: 13 | M100: 二等奖
A101: 33646 | B101: 2B8h6fSu-94-033-p8-034-1-4NI-02-Xp7 | C101: 'TAI挑战赛项' | D101: 'TAI智慧城市挑战赛' | E101: 初中组 | F101: 吉林七中梦想队 | G101: 吉林市第七中学 | H101: 陈增 | I101: 陈禹硕|姜玥竹|曹恩舶 | J101: 240 | K101: 2分42秒 | L101: 15 | M101: 二等奖
A102: 33715 | B102: 2B8h6fSi-94-033-2A-034-1-SkV-02-DbL | C102: 'TAI挑战赛项' | D102: 'TAI智慧城市挑战赛' | E102: 初中组 | F102: 钜蛋初中1队 | G102: 秦皇岛市第八中学 | H102: 张莹晖 | I102: 王梓行|张炜卓 | J102: 240 | K102: 3分 | L102: 16 | M102: 二等奖
A103: 28238 | B103: 2B8h6foL-94-033-ii-034-1-YaB-02-18k | C103: 'TAI挑战赛项' | D103: 'TAI智慧城市挑战赛' | E103: 初中组 | F103: 式守王之末路 | G103: 桦川县乐思机器人俱乐部 | H103: 耿佳珊 | I103: 杨竣博|朱星翰|章梓群 | J103: 230 | K103: 2分58秒 | L103: 17 | M103: 二等奖
... A121: 33272 | B121: 2B8h6fSO-94-033-br-034-1-OmJ-02-hXo | C121: 'TAI挑战赛项' | D121: 'TAI智慧城市挑战赛' | E121: 初中组 | F121: 乐搭A队 | G121: 西安市碑林区朗文科技培训中心 | H121: 鹿德翔 | I121: 成季阳|陈欣炜 | J121: 20 | K121: 59秒 | L121: 35 | M121: 三等奖
A123: 29085 | B123: 2B8h6fop-94-033-dh-034-1-QLa-03-2OE | C123: 'TAI挑战赛项' | D123: 'TAI智慧城市挑战赛' | E123: 高中组 | F123: 三高中一队 | G123: 无锡市第三高级中学 | H123: 王芒芒 | I123: 班澳禹|韩亚轩 | J123: 285 | K123: 2分13秒 | L123: 1 | M123: 一等奖(冠军) | N123: 入围总决赛
A124: 34536 | B124: 2B8h6iWS-94-033-ft-034-1-2ww-01-vCH | C124: 'TAI挑战赛项' | D124: 'TAI智慧城市挑战赛' | E124: 高中组 | F124: 联队狮山石门与南海实验学校 | G124: 佛山市南海区南海实验学校 | H124: 周佑光 | I124: 吴均豪|梁靖忻 | J124: 285 | K124: 2分16秒 | L124: 2 | M124: 一等奖(亚军) | N124: 入围总决赛
A125: 28991 | B125: 2B8h6foK-94-033-DG-034-1-geQ-03-ucg | C125: 'TAI挑战赛项' | D125: 'TAI智慧城市挑战赛' | E125: 高中组 | F125: 第九中学第一中学国际部联队 | G125: 南京市第九中学|南京市第一中学国际部 | H125: 戴沁余 | I125: 曹梓谦|刘樾|韩宛彤 | J125: 275 | K125: 2分59秒 | L125: 3 | M125: 一等奖(季军) | N125: 入围总决赛
A126: 30828 | B126: 2B8h6iWk-94-033-Vu-034-1-l25-03-2Gw | C126: 'TAI挑战赛项' | D126: 'TAI智慧城市挑战赛' | E126: 高中组 | F126: 吉林一中一队 | G126: 吉林市第一中学 | H126: 刘喜 | I126: 陈欣泽|林奥然 | J126: 270 | K126: 2分44秒 | L126: 4 | M126: 一等奖 | N126: 入围总决赛
A127: 34353 | B127: 2B8h6fo1-94-033-dH-034-1-1aI-03-6AE | C127: 'TAI挑战赛项' | D127: 'TAI智慧城市挑战赛' | E127: 高中组 | F127: 一中队 | G127: 珠海市第一中学 | H127: 邹青松 | I127: 陈奕凯|梁煜琪 | J127: 265 | K127: 2分12秒 | L127: 5 | M127: 二等奖
A128: 30062 | B128: 2B8h6foj-94-033-se-034-1-Y7H-03-RS7 | C128: 'TAI挑战赛项' | D128: 'TAI智慧城市挑战赛' | E128: 高中组 | F128: 三高中二队 | G128: 无锡市第三高级中学 | H128: 凌晨 | I128: 赵浩宇|周子韵|赵妍 | J128: 250 | K128: 2分42秒 | L128: 6 | M128: 二等奖
A129: 29044 | B129: 2B8h6fo9-94-033-LG-034-1-dg3-03-ucR | C129: 'TAI挑战赛项' | D129: 'TAI智慧城市挑战赛' | E129: 高中组 | F129: 南京九中南京一中联队1队 | G129: 南京市第一中学|南京市第九中学 | H129: 朱彬文 | I129: 刘佳赓|钱韵竹|吴静怡 | J129: 235 | K129: 2分32秒 | L129: 7 | M129: 二等奖
A130: 43825 | B130: 2B8h6Ng7-94-033-XI-034-1-f13-03-HuA | C130: 'TAI挑战赛项' | D130: 'TAI智慧城市挑战赛' | E130: 高中组 | F130: 贝小科四队 | G130: 南开（融侨）中学校 | H130: 钱立霞 | I130: 杨博为|朱栎然 | J130: 220 | K130: 3分00秒 | L130: 8 | M130: 二等奖
A131: 28225 | B131: 2B8h6fos-94-033-9d-034-1-tEA-03-8WQ | C131: 'TAI挑战赛项' | D131: 'TAI智慧城市挑战赛' | E131: 高中组 | F131: 战神队 | G131: 桦川县乐思机器人俱乐部 | H131: 张磊 | I131: 胡鸣轩 | J131: 205 | K131: 2分54秒 | L131: 9 | M131: 二等奖
A132: 43208 | B132: 2B8h6NgP-94-033-Va-034-1-IM1-03-nmZ | C132: 'TAI挑战赛项' | D132: 'TAI智慧城市挑战赛' | E132: 高中组 | F132: 贝小科三队 | G132: 重庆南开中学和重庆八中宏帆中学校 | H132: 钱立霞 | I132: 易顿杰|李亮呈 | J132: 205 | K132: 3分00秒 | L132: 10 | M132: 二等奖
A133: 30745 | B133: 2B8h6iWd-94-033-Xa-034-1-v2a-03-FT2 | C133: 'TAI挑战赛项' | D133: 'TAI智慧城市挑战赛' | E133: 高中组 | F133: 玄武与九中联队 | G133: 南京市玄武高级中学 | H133: 戴沁余 | I133: 范明皓|张凱翔|徐希雅 | J133: 200 | K133: 2分46秒 | L133: 11 | M133: 二等奖
A134: 44156 | B134: 2B8h6Nde-94-033-DD-034-1-Ivq-02-OoC | C134: 'TAI挑战赛项' | D134: 'TAI智慧城市挑战赛' | E134: 高中组 | F134: 融堉家未来旗舰战队5 | G134: 上海市文建中学、同济大学第一附属中学、上海市松江二中 | H134: 马一平 | I134: 颜靖岳|刘健行|张镡 | J134: 195 | K134: 3分00秒 | L134: 12 | M134: 二等奖
A135: 43263 | B135: 2B8h6Ndp-94-033-xe-034-1-hca-01-Kjy | C135: 'TAI挑战赛项' | D135: 'TAI智慧城市挑战赛' | E135: 高中组 | F135: 融堉家未来旗舰战队2 | G135: 上海师范大学附属中学宝山分校、同济大学第一附属中学、嘉定一中 | H135: 马一平 | I135: 余冉|顾晨妍|戴秋羽 | J135: 195 | K135: 3分00秒 | L135: 12 | M135: 二等奖
A136: 29774 | B136: 2B8h6foe-94-033-Iu-034-1-UXx-03-sL4 | C136: 'TAI挑战赛项' | D136: 'TAI智慧城市挑战赛' | E136: 高中组 | F136: 乘风破浪队 | G136: 淮南市文汇女子职业学校 | H136: 陶言成 | I136: 杨安心|宋林轩 | J136: 190 | K136: 2分32秒 | L136: 14 | M136: 二等奖
A137: 30945 | B137: 2B8h6iWs-94-033-EY-034-1-mm4-03-SNF | C137: 'TAI挑战赛项' | D137: 'TAI智慧城市挑战赛' | E137: 高中组 | F137: 吉林一中三队 | G137: 吉林市第一中学 | H137: 刘喜 | I137: 王嘉成|魏楚航|刘家铄 | J137: 175 | K137: 2分45秒 | L137: 15 | M137: 二等奖
A138: 44164 | B138: 2B8h6NdN-94-033-tf-034-1-1dT-01-pHd | C138: 'TAI挑战赛项' | D138: 'TAI智慧城市挑战赛' | E138: 高中组 | F138: 融堉家未来旗舰战队1 | G138: 上海市风华中学、上海市上南中学 | H138: 马一平 | I138: 孙开垣|江子玉 | J138: 145 | K138: 3分00秒 | L138: 16 | M138: 三等奖
... A151: 30167 | B151: 2B8h6fo8-94-033-WR-034-1-fLl-03-6i8 | C151: 'TAI挑战赛项' | D151: 'TAI智慧城市挑战赛' | E151: 高中组 | F151: 桂中智行先锋一队 | G151: 桂林市桂林中学 | H151: 范春花 | I151: 朱李恪|俸缘怀|潘泽宏 | J151: 5 | K151: 14秒 | L151: 29 | M151: 三等奖
A153: 报名编号 | B153: 激活码 | C153: 赛道 | D153: 赛项 | E153: 组别 | F153: 队伍名称 | G153: 申报单位 | H153: 教练信息 | I153: 学生信息 | L153: 成绩排名 | M153: 奖项
A154: 33894 | B154: 2B8h6fKZ-94-033-ed-035-1-v9j-01-i4v | C154: 'TAI挑战赛项' | D154: 'TAI抢滩登陆对抗赛' | E154: 小学组 | F154: 无锡市育红小学——抢滩登陆赛一队 | G154: 无锡市育红小学 | H154: 何景明 | I154: 韩昕泽|秦晨曦 | L154: 1 | M154: 一等奖(冠军) | N154: 入围总决赛
A155: 34582 | B155: 2B8h6fKd-94-033-tt-035-1-HUx-01-Q9w | C155: 'TAI挑战赛项' | D155: 'TAI抢滩登陆对抗赛' | E155: 小学组 | F155: 博岐双雄 | G155: 龙口市新民学校 | H155: 黄燕 | I155: 王艺博|姚幸岐 | L155: 2 | M155: 一等奖(亚军) | N155: 入围总决赛
A156: 30359 | B156: 2B8h6fCP-94-033-Ox-035-1-UA4-01-ham | C156: 'TAI挑战赛项' | D156: 'TAI抢滩登陆对抗赛' | E156: 小学组 | F156: 巾皓一诺小队 | G156: 湾里小学 | H156: 荆华南 | I156: 苏巾皓|王一诺 | L156: 3 | M156: 一等奖(季军) | N156: 入围总决赛
A157: 31862 | B157: 2B8h6fCL-94-033-DJ-035-1-QXz-01-Gxy | C157: 'TAI挑战赛项' | D157: 'TAI抢滩登陆对抗赛' | E157: 小学组 | F157: 雏鹰三队 | G157: 吉林市第一实验小学 | H157: 刘平安 | I157: 曲梓铭|刘宇枫 | L157: 4 | M157: 一等奖 | N157: 入围总决赛
A158: 28028 | B158: 2B8h6f9F-94-033-Dq-035-1-okD-01-G34 | C158: 'TAI挑战赛项' | D158: 'TAI抢滩登陆对抗赛' | E158: 小学组 | F158: 默默无闻小队 | G158: 安吉县第三小学 | H158: 叶云飞 | I158: 陈坤玲|阮乔安 | L158: 5 | M158: 一等奖 | N158: 入围总决赛
A159: 33799 | B159: 2B8h6f9x-94-033-CY-035-1-gOn-01-uPV | C159: 'TAI挑战赛项' | D159: 'TAI抢滩登陆对抗赛' | E159: 小学组 | F159: 长兴一小抢滩1队 | G159: 长兴县第一小学 | H159: 王铭彦 | I159: 周舟|韩湘喻 | L159: 6 | M159: 一等奖 | N159: 入围总决赛
A160: 31868 | B160: 2B8h6fCb-94-033-gA-035-1-Snp-01-BFn | C160: 'TAI挑战赛项' | D160: 'TAI抢滩登陆对抗赛' | E160: 小学组 | F160: 雏鹰四队 | G160: 吉林市第一实验小学 | H160: 刘平安 | I160: 吕皓哲|杨大成 | L160: 7 | M160: 一等奖 | N160: 入围总决赛
A161: 30999 | B161: 2B8h6fKE-94-033-LL-035-1-FOK-01-FJK | C161: 'TAI挑战赛项' | D161: 'TAI抢滩登陆对抗赛' | E161: 小学组 | F161: 怀柔拼搏队 | G161: 北京市怀柔区第一小学 北京市怀柔区第二小学 | H161: 孟凯 | I161: 朱恩泽|马一寒 | L161: 8 | M161: 二等奖
A162: 29583 | B162: 2B8h6f9c-94-033-ge-035-1-4sT-01-KG5 | C162: 'TAI挑战赛项' | D162: 'TAI抢滩登陆对抗赛' | E162: 小学组 | F162: 马到宸功 | G162: 湖州市凤凰小学 | H162: 徐明夏 | I162: 殷善宸|马管烨 | L162: 9 | M162: 二等奖
A163: 27999 | B163: 2B8h6f9B-94-033-RR-035-1-eJB-01-gQ8 | C163: 'TAI挑战赛项' | D163: 'TAI抢滩登陆对抗赛' | E163: 小学组 | F163: 神农架野人大队 | G163: 安吉县实验小学 | H163: 张文静 | I163: 顾熠晨|欧善省 | L163: 10 | M163: 二等奖
A164: 33824 | B164: 2B8h6f9T-94-033-H9-035-1-1aY-01-VcA | C164: 'TAI挑战赛项' | D164: 'TAI抢滩登陆对抗赛' | E164: 小学组 | F164: 博洋小队 | G164: 湾里小学 | H164: 宋慧敏 | I164: 刘博|涂锦洋 | L164: 11 | M164: 二等奖
A165: 44718 | B165: 2B8h6NgZ-94-033-RQ-035-1-7lq-01-JTK | C165: 'TAI挑战赛项' | D165: 'TAI抢滩登陆对抗赛' | E165: 小学组 | F165: 晨锐队 | G165: 周口好奇心机器人编程 | H165: 刘恒力 | I165: 宋晨希|许凯锐 | L165: 12 | M165: 二等奖
A166: 30307 | B166: 2B8h6fKy-94-033-FJ-035-1-TTI-01-nWA | C166: 'TAI挑战赛项' | D166: 'TAI抢滩登陆对抗赛' | E166: 小学组 | F166: 渤然桂彬小队 | G166: 湾里小学 | H166: 荆华南 | I166: 张桂彬|高渤然 | L166: 13 | M166: 二等奖
A167: 33766 | B167: 2B8h6f9Y-94-033-k2-035-1-vk7-01-cRh | C167: 'TAI挑战赛项' | D167: 'TAI抢滩登陆对抗赛' | E167: 小学组 | F167: 宏赫乾恩小队 | G167: 湾里小学 | H167: 荆华南 | I167: 慈宏赫|高乾恩 | L167: 14 | M167: 二等奖
A168: 33869 | B168: 2B8h6fKz-94-033-I7-035-1-hIq-01-42g | C168: 'TAI挑战赛项' | D168: 'TAI抢滩登陆对抗赛' | E168: 小学组 | F168: 无锡市育红小学—抢滩登陆赛二队 | G168: 无锡市育红小学 | H168: 何景明 | I168: 潘安然|李翔 | L168: 15 | M168: 二等奖
A169: 42415 | B169: 2B8h6Ngt-94-033-HP-035-1-396-01-eKO | C169: 'TAI挑战赛项' | D169: 'TAI抢滩登陆对抗赛' | E169: 小学组 | F169: 雏鹰五队 | G169: 吉林市第一实验小学 | H169: 刘平安 | I169: 王荣升|杨小成 | L169: 16 | M169: 二等奖
A170: 42362 | B170: 2B8h6NgM-94-033-mr-035-1-5tU-01-H2N | C170: 'TAI挑战赛项' | D170: 'TAI抢滩登陆对抗赛' | E170: 小学组 | F170: 飞鹰必胜 | G170: 藁城区酷吧机器人培训学校 | H170: 支昌泰 | I170: 王昊祺|刘凌柯 | L170: 17 | M170: 二等奖
A171: 31484 | B171: 2B8h6fKU-94-033-x7-035-1-7xp-01-Otk | C171: 'TAI挑战赛项' | D171: 'TAI抢滩登陆对抗赛' | E171: 小学组 | F171: 世纪城精英队 | G171: 雁塔世纪城小学 | H171: 李磊 | I171: 陈雨歆|霍英浩 | L171: 18 | M171: 二等奖
A172: 30991 | B172: 2B8h6fKT-94-033-4x-035-1-s0U-01-iyR | C172: 'TAI挑战赛项' | D172: 'TAI抢滩登陆对抗赛' | E172: 小学组 | F172: 怀柔奋勇队 | G172: 北京市怀柔区第一小学 | H172: 孟凯 | I172: 王梓烨|朱宸 | L172: 19 | M172: 二等奖
... A202: 42433 | B202: 2B8h6NgX-94-033-Ai-035-1-yE0-01-OVL | C202: 'TAI挑战赛项' | D202: 'TAI抢滩登陆对抗赛' | E202: 小学组 | F202: 勇往直前冲冲 | G202: 酷吧机器人培训学校 | H202: 宋天天 | I202: 乔千图|李梓睿 | L202: 49 | M202: 三等奖

Sheet Robot Dream系列赛项
A1: 2024世界机器人大赛北京锦标赛-青少年机器人设计大赛-Robot Dream系列赛项获奖名单
A2: 报名编号 | B2: 激活码 | C2: 赛道 | D2: 赛项 | E2: 组别 | F2: 队伍名称 | G2: 申报单位 | H2: 教练信息 | I2: 学生信息 | J2: 比赛分数 | K2: 比赛用时 | L2: 成绩排名 | M2: 奖项 | N2: 备注
A3: 50272 | B3: 2B8h6jsn-94-036-LL-037-1-KF2-05-0st | C3: Robot Dream系列赛项' | D3: 'Robot Dream智慧管家' | E3: 小学低龄组 | F3: 嘉明战队 | G3: 北京第二实验小学通州分校，梨园镇中心小学 | H3: 杨志雄 | I3: 郝微明|张嘉奕 | J3: 160 | K3: 70.71 | L3: 1 | M3: 一等奖(冠军) | N3: 入围总决赛
A4: 34451 | B4: 2B8h6iu9-94-036-er-037-1-686-05-y9v | C4: 'Robot Dream系列赛项' | D4: 'Robot Dream智慧管家' | E4: 小学低龄组 | F4: 星空战队 | G4: 北京通州区运河中学附属小学 北京通州教师研修中心实验小学 | H4: 李鸣 | I4: 崔野|陈星翰 | J4: 150 | K4: 62.07 | L4: 2 | M4: 一等奖(亚军) | N4: 入围总决赛
A5: 34387 | B5: 2B8h6fpn-94-036-tt-037-1-Xtk-05-e21 | C5: 'Robot Dream系列赛项' | D5: 'Robot Dream智慧管家' | E5: 小学低龄组 | F5: 奇迹创造队 | G5: 张家港市暨阳实验小学南校区和江阴市华士实验小学联队 | H5: 孙宇恒 | I5: 章萌语|刘禹丞 | J5: 150 | K5: 65 | L5: 3 | M5: 一等奖(季军) | N5: 入围总决赛
A6: 33890 | B6: 2B8h6iui-94-036-en-037-1-30f-05-t5H | C6: 'Robot Dream系列赛项' | D6: 'Robot Dream智慧管家' | E6: 小学低龄组 | F6: 宇宙无敌园队 | G6: 北京市通州区张湾镇民族小学 通州区台湖镇台湖学校小学部 | H6: 殷华蕊 | I6: 秦若语|张语轩 | J6: 150 | K6: 66.1 | L6: 4 | M6: 一等奖 | N6: 入围总决赛
A7: 32687 | B7: 2B8h6iuG-94-036-md-037-1-0vw-05-oy4 | C7: 'Robot Dream系列赛项' | D7: 'Robot Dream智慧管家' | E7: 小学低龄组 | F7: 天际乐园队 | G7: 通州区台湖镇台湖学校 教育科学研究院通州区第一实验小学 | H7: 殷华蕊 | I7: 于浩涵|赵珣 | J7: 150 | K7: 80.47 | L7: 5 | M7: 一等奖 | N7: 入围总决赛
A8: 30803 | B8: 2B8h6fpI-94-036-uK-037-1-jAg-05-g58 | C8: 'Robot Dream系列赛项' | D8: 'Robot Dream智慧管家' | E8: 小学低龄组 | F8: 乐比战队17 | G8: 来宾市祥和小学 | H8: 林树革 | I8: 林仕兴 | J8: 150 | K8: 86.35 | L8: 6 | M8: 一等奖 | N8: 入围总决赛
A9: 31915 | B9: 2B8h6imN-94-036-u3-037-1-PuL-05-W19 | C9: 'Robot Dream系列赛项' | D9: 'Robot Dream智慧管家' | E9: 小学低龄组 | F9: 贝乐5队 | G9: 江苏省运河师范附属小学 | H9: 李森雨 | I9: 刘九弦|王煦博 | J9: 150 | K9: 107 | L9: 7 | M9: 一等奖 | N9: 入围总决赛
A10: 32684 | B10: 2B8h6iuy-94-036-Wf-037-1-xqb-05-iod | C10: 'Robot Dream系列赛项' | D10: 'Robot Dream智慧管家' | E10: 小学低龄组 | F10: 星际野兽队 | G10: 北京市通州区运河中学附属小学 北京市史家小学通州分校 | H10: 殷华蕊 | I10: 李佑泽|李博涵 | J10: 140 | K10: 69.15 | L10: 8 | M10: 一等奖 | N10: 入围总决赛
A11: 30456 | B11: 2B8h6fpe-94-036-nP-037-1-DEK-05-TRz | C11: 'Robot Dream系列赛项' | D11: 'Robot Dream智慧管家' | E11: 小学低龄组 | F11: 乐舟01 | G11: 潜江江汉油田教育实业集团 | H11: 寇敏 | I11: 双泓亦 | J11: 140 | K11: 109.13 | L11: 9 | M11: 二等奖
A12: 32968 | B12: 2B8h6ims-94-036-jf-037-1-zGU-05-cLO | C12: 'Robot Dream系列赛项' | D12: 'Robot Dream智慧管家' | E12: 小学低龄组 | F12: 智慧队 | G12: 宜兴市湖滨实验小学 宜兴市湖滨实验小学 | H12: 史雪琴 | I12: 周目远|周奕成 | J12: 140 | K12: 115.54 | L12: 10 | M12: 二等奖
A13: 29234 | B13: 2B8h6fpf-94-036-7W-037-1-7Fe-05-YUE | C13: 'Robot Dream系列赛项' | D13: 'Robot Dream智慧管家' | E13: 小学低龄组 | F13: 惠州越战越勇队 | G13: 惠州市光彩小学 | H13: 黄红强|邢家恺 | I13: 张睿轩|王诗雯 | J13: 140 | K13: 120 | L13: 11 | M13: 二等奖
A14: 31870 | B14: 2B8h6f0L-94-036-eK-037-1-MuO-05-BBm | C14: 'Robot Dream系列赛项' | D14: 'Robot Dream智慧管家' | E14: 小学低龄组 | F14: 方舟06 | G14: 潜江江汉油田教育实业集团 | H14: 杨小飞 | I14: 肖锦天 | J14: 140 | K14: 120 | L14: 12 | M14: 二等奖
A15: 32679 | B15: 2B8h6f0b-94-036-Zl-037-1-DdM-05-V29 | C15: 'Robot Dream系列赛项' | D15: 'Robot Dream智慧管家' | E15: 小学低龄组 | F15: 阳光无限 | G15: 深圳外国语学校龙华学校、深圳市光明区红花山小学联队 | H15: 覃锦峰 | I15: 张鼎智|梅煜林 | J15: 140 | K15: 120 | L15: 13 | M15: 二等奖
A16: 34442 | B16: 2B8h6iuS-94-036-wn-037-1-iDN-05-OzJ | C16: 'Robot Dream系列赛项' | D16: 'Robot Dream智慧管家' | E16: 小学低龄组 | F16: 未来战队 | G16: 北京教育科学研究院通州区第一实验小学、通州区东方小学 | H16: 李鸣 | I16: 薛文泽|董潇然 | J16: 135 | K16: 67.79 | L16: 14 | M16: 二等奖
A17: 31799 | B17: 2B8h6f0P-94-036-iU-037-1-sTk-05-rFG | C17: 'Robot Dream系列赛项' | D17: 'Robot Dream智慧管家' | E17: 小学低龄组 | F17: 方舟03 | G17: 潜江江汉油田教育实业集团 | H17: 杨苗 | I17: 高鸿博 | J17: 135 | K17: 120 | L17: 15 | M17: 二等奖
A18: 50300 | B18: 2B8h6jse-94-036-OQ-037-1-b5x-05-x20 | C18: 'Robot Dream系列赛项' | D18: 'Robot Dream智慧管家' | E18: 小学低龄组 | F18: 一桐战队 | G18: 台湖学校.通州区教师研修中心实验学校 | H18: 吕萌萌 | I18: 李桐|王一鸣 | J18: 130 | K18: 66.38 | L18: 16 | M18: 二等奖
A19: 50284 | B19: 2B8h6js3-94-036-3s-037-1-mXV-05-gGO | C19: 'Robot Dream系列赛项' | D19: 'Robot Dream智慧管家' | E19: 小学低龄组 | F19: 思轩战队 | G19: 通州中山街小学永顺校区。育才小学通州分校 | H19: 吕萌萌 | I19: 武思宇|刘聿轩 | J19: 130 | K19: 89.25 | L19: 17 | M19: 二等奖
A20: 31939 | B20: 2B8h6imQ-94-036-tH-037-1-5dJ-05-GNf | C20: 'Robot Dream系列赛项' | D20: 'Robot Dream智慧管家' | E20: 小学低龄组 | F20: 贝乐7队 | G20: 江苏省邳州市青年路小学 | H20: 刘广飞 | I20: 王艺淇|李舒馨 | J20: 130 | K20: 113 | L20: 18 | M20: 二等奖
A21: 31808 | B21: 2B8h6f0Z-94-036-j7-037-1-Cbd-05-hqi | C21: 'Robot Dream系列赛项' | D21: 'Robot Dream智慧管家' | E21: 小学低龄组 | F21: 方舟05 | G21: 潜江江汉油田教育实业集团 | H21: 刘娟 | I21: 孙庶尧 | J21: 130 | K21: 113.78 | L21: 19 | M21: 二等奖
A22: 29227 | B22: 2B8h6fpG-94-036-HC-037-1-xrc-05-89P | C22: 'Robot Dream系列赛项' | D22: 'Robot Dream智慧管家' | E22: 小学低龄组 | F22: 惠州勇往直前队 | G22: 惠州市德威学校、惠州市南实小学 | H22: 黄红强|邢家恺 | I22: 张隽卿|陈祉滔 | J22: 130 | K22: 117.09 | L22: 20 | M22: 二等奖
... A54: 29189 | B54: 2B8h6fN1-94-036-im-037-1-A9O-05-pNZ | C54: 'Robot Dream系列赛项' | D54: 'Robot Dream智慧管家' | E54: 小学低龄组 | F54: 乐比战队01 | G54: RoboCode科创中心 | H54: 陈洪梅 | I54: 黄煜城 | J54: 30 | K54: 120 | L54: 52 | M54: 三等奖
A56: 34490 | B56: 2B8h6fOU-94-036-Fq-037-1-yaJ-06-Vwz | C56: 'Robot Dream系列赛项' | D56: 'Robot Dream智慧管家' | E56: 小学高龄组 | F56: 大饼小队 | G56: 深圳市怡翠实验学校、深圳小学联队 | H56: 覃锦峰 | I56: 黄子瀚|陈冠臻 | J56: 150 | K56: 111.09 | L56: 1 | M56: 一等奖(冠军) | N56: 入围总决赛
A57: 34517 | B57: 2B8h6fOq-94-036-2T-037-1-Lgg-06-DN3 | C57: 'Robot Dream系列赛项' | D57: 'Robot Dream智慧管家' | E57: 小学高龄组 | F57: 啊对对大队 | G57: 深圳市螺岭外国语实验学校、深圳市红岭小学联队 | H57: 覃锦峰 | I57: 陈炳樽|钟铠阳 | J57: 140 | K57: 103.31 | L57: 2 | M57: 一等奖(亚军) | N57: 入围总决赛
A58: 34600 | B58: 2B8h6iuT-94-036-TZ-037-1-FGd-06-EVH | C58: 'Robot Dream系列赛项' | D58: 'Robot Dream智慧管家' | E58: 小学高龄组 | F58: 深圳市宝安区实验学校五队 | G58: 深圳市宝安区实验学校 | H58: 林秀丽 | I58: 郑翊|严刘宸希 | J58: 140 | K58: 105.1 | L58: 3 | M58: 一等奖(季军) | N58: 入围总决赛
A59: 29207 | B59: 2B8h6f0W-94-036-6c-037-1-SAM-06-qGU | C59: 'Robot Dream系列赛项' | D59: 'Robot Dream智慧管家' | E59: 小学高龄组 | F59: 乐比战队15 | G59: RoboCode科创中心 | H59: 杨文跃 | I59: 张德亮 | J59: 140 | K59: 110 | L59: 4 | M59: 一等奖 | N59: 入围总决赛
A60: 31879 | B60: 2B8h6iun-94-036-u0-037-1-T5k-06-gqq | C60: 'Robot Dream系列赛项' | D60: 'Robot Dream智慧管家' | E60: 小学高龄组 | F60: 贝乐2队 | G60: 江苏省邳州市福州路小学 | H60: 刘广飞 | I60: 薛雅琪|杲煜斌 | J60: 120 | K60: 103.65 | L60: 5 | M60: 一等奖 | N60: 入围总决赛
A61: 34578 | B61: 2B8h6iu0-94-036-sn-037-1-Qcn-06-bsj | C61: 'Robot Dream系列赛项' | D61: 'Robot Dream智慧管家' | E61: 小学高龄组 | F61: 深圳市宝安区实验学校三队 | G61: 深圳市宝安区实验学校 | H61: 周炉忠 | I61: 周聂楷|刘乐语 | J61: 120 | K61: 111.56 | L61: 6 | M61: 一等奖 | N61: 入围总决赛
A62: 34428 | B62: 2B8h6fO2-94-036-oh-037-1-W45-06-RUF | C62: 'Robot Dream系列赛项' | D62: 'Robot Dream智慧管家' | E62: 小学高龄组 | F62: 秦始皇小队 | G62: 深圳市光明区长圳学校、深圳市龙华区锦华实验学校联队 | H62: 覃锦峰 | I62: 黄晨阳|覃瑞晨 | J62: 120 | K62: 120 | L62: 7 | M62: 二等奖
A63: 34558 | B63: 2B8h6iup-94-036-5w-037-1-X8D-06-vtj | C63: 'Robot Dream系列赛项' | D63: 'Robot Dream智慧管家' | E63: 小学高龄组 | F63: 深圳市宝安区实验学校二队 | G63: 深圳市宝安区实验学校 | H63: 周炉忠 | I63: 杜云泽|刘子赫 | J63: 120 | K63: 120 | L63: 8 | M63: 二等奖
A64: 34587 | B64: 2B8h6iul-94-036-kG-037-1-9jy-06-OOm | C64: 'Robot Dream系列赛项' | D64: 'Robot Dream智慧管家' | E64: 小学高龄组 | F64: 深圳市宝安区实验学校四队 | G64: 深圳市宝安区实验学校 | H64: 林秀丽 | I64: 陈宝睿|林子睿 | J64: 110 | K64: 104.6 | L64: 9 | M64: 二等奖
A65: 29229 | B65: 2B8h6f0g-94-036-i5-037-1-Wll-06-OZF | C65: 'Robot Dream系列赛项' | D65: 'Robot Dream智慧管家' | E65: 小学高龄组 | F65: 惠州未来之光队 | G65: 惠州市李瑞麟小学 | H65: 黄红强|邢家恺 | I65: 欧阳景臣|苏靖然 | J65: 110 | K65: 120 | L65: 10 | M65: 二等奖
A66: 30786 | B66: 2B8h6f0M-94-036-cy-037-1-9zD-06-C1K | C66: 'Robot Dream系列赛项' | D66: 'Robot Dream智慧管家' | E66: 小学高龄组 | F66: 硕安队 | G66: 玉山县瑾山小学 | H66: 吴国彪 | I66: 陈天硕|童诺安 | J66: 105 | K66: 120 | L66: 11 | M66: 二等奖
A67: 31888 | B67: 2B8h6iu3-94-036-BE-037-1-yFl-06-8Nh | C67: 'Robot Dream系列赛项' | D67: 'Robot Dream智慧管家' | E67: 小学高龄组 | F67: 贝乐3队 | G67: 江苏省邳州市青年路小学 | H67: 刘广飞 | I67: 杜沐泽|王昌义 | J67: 100 | K67: 112 | L67: 12 | M67: 二等奖
A68: 29191 | B68: 2B8h6f0d-94-036-6W-037-1-hzO-06-LkI | C68: 'Robot Dream系列赛项' | D68: 'Robot Dream智慧管家' | E68: 小学高龄组 | F68: 惠州王者之光队 | G68: 惠州市惠南学校 | H68: 黄红强|邢家恺 | I68: 周志祺|宋子锐 | J68: 100 | K68: 120 | L68: 13 | M68: 二等奖
A69: 30800 | B69: 2B8h6f0D-94-036-g6-037-1-Wxc-06-UtT | C69: 'Robot Dream系列赛项' | D69: 'Robot Dream智慧管家' | E69: 小学高龄组 | F69: 乐比战队10 | G69: RoboCode科创中心 | H69: 杨文跃 | I69: 蔡佩颖 | J69: 100 | K69: 120 | L69: 14 | M69: 二等奖
A70: 34338 | B70: 2B8h6iuC-94-036-Y5-037-1-PTM-06-PJD | C70: 'Robot Dream系列赛项' | D70: 'Robot Dream智慧管家' | E70: 小学高龄组 | F70: 深圳市宝安区实验学校一队 | G70: 深圳市宝安区实验学校 | H70: 周炉忠 | I70: 谈宸睿|赖皓洋 | J70: 100 | K70: 120 | L70: 15 | M70: 二等奖
A71: 34535 | B71: 2B8h6fOf-94-036-tG-037-1-kkb-06-nPK | C71: 'Robot Dream系列赛项' | D71: 'Robot Dream智慧管家' | E71: 小学高龄组 | F71: 周栋宇小队 | G71: 深圳市龙岗区坪东学校 | H71: 覃锦峰 | I71: 周栋宇 | J71: 100 | K71: 120 | L71: 16 | M71: 二等奖
A72: 29206 | B72: 2B8h6f0H-94-036-hs-037-1-xTb-06-eUA | C72: 'Robot Dream系列赛项' | D72: 'Robot Dream智慧管家' | E72: 小学高龄组 | F72: 乐比战队13 | G72: RoboCode科创中心 | H72: 陈慧 | I72: 何金泽 | J72: 95 | K72: 106.31 | L72: 17 | M72: 二等奖
A73: 30797 | B73: 2B8h6f0i-94-036-Aw-037-1-fgS-06-EM1 | C73: 'Robot Dream系列赛项' | D73: 'Robot Dream智慧管家' | E73: 小学高龄组 | F73: 创客嘉晨梓晨队 | G73: 玉山县瑾山小学 | H73: 吴国彪 | I73: 杨嘉晨|叶梓晨 | J73: 95 | K73: 117.9 | L73: 18 | M73: 二等奖
... A96: 29188 | B96: 2B8h6f0B-94-036-AU-037-1-xEO-06-N50 | C96: 'Robot Dream系列赛项' | D96: 'Robot Dream智慧管家' | E96: 小学高龄组 | F96: 惠州必胜队 | G96: 惠州市麦地小学 | H96: 黄红强|邢家恺 | I96: 卓品年|欧宗铨 | J96: 10 | K96: 95.37 | L96: 41 | M96: 三等奖
A98: 33274 | B98: 2B8h6fOe-94-036-Ws-038-1-5oX-05-q5V | C98: 'Robot Dream系列赛项' | D98: 'Robot Dream互联社区' | E98: 小学低龄组 | F98: 宸昕宸 | G98: 深圳市螺岭外国语实验学校 | H98: 邱艳珍 | I98: 袁子宸|柯依昕|柯依宸 | J98: 235 | K98: 87.19 | L98: 1 | M98: 一等奖(冠军) | N98: 入围总决赛
A99: 44423 | B99: 2B8h6flC-94-036-MG-038-1-AtS-05-Qij | C99: 'Robot Dream系列赛项' | D99: 'Robot Dream互联社区' | E99: 小学低龄组 | F99: 澳创思逸队 | G99: 大连市甘井子区金二小学 | H99: 全权 | I99: 于天逸|王思翰 | J99: 235 | K99: 90.66 | L99: 2 | M99: 一等奖(亚军) | N99: 入围总决赛
A100: 36076 | B100: 2B8h6fOF-94-036-mw-038-1-HWg-05-ewY | C100: 'Robot Dream系列赛项' | D100: 'Robot Dream互联社区' | E100: 小学低龄组 | F100: 联队灯三子轩与瀚文薇朵 | G100: 佛山市南海区桂城街道灯湖第三小学 | H100: 霍燕婷 | I100: 梅子轩|陈薇朵 | J100: 235 | K100: 90.86 | L100: 3 | M100: 一等奖(季军) | N100: 入围总决赛
A101: 32614 | B101: 2B8h6fjh-94-036-WJ-038-1-lPJ-05-QDl | C101: 'Robot Dream系列赛项' | D101: 'Robot Dream互联社区' | E101: 小学低龄组 | F101: 禹凡队 | G101: 广州市南沙区反斗星科技培训中心 | H101: 樊赵侠 | I101: 唐逸凡|冯钧禹 | J101: 235 | K101: 90.88 | L101: 4 | M101: 一等奖 | N101: 入围总决赛
A102: 43063 | B102: 2B8h6fl6-94-036-Tw-038-1-JvS-05-gtb | C102: 'Robot Dream系列赛项' | D102: 'Robot Dream互联社区' | E102: 小学低龄组 | F102: 澳创岳鸣队 | G102: 大连市甘井子区金二小学玉浓街校区 | H102: 全权 | I102: 张岳群|刘子鸣 | J102: 235 | K102: 92.21 | L102: 5 | M102: 一等奖 | N102: 入围总决赛
A103: 30557 | B103: 2B8h6fON-94-036-vf-038-1-nfJ-05-jmk | C103: 'Robot Dream系列赛项' | D103: 'Robot Dream互联社区' | E103: 小学低龄组 | F103: 清林小学、深圳中学龙岗小学联队 | G103: 深圳市龙岗区清林小学 深圳中学龙岗小学 | H103: 梁淑霞 | I103: 宋梓宁|郭镇僖 | J103: 235 | K103: 93.79 | L103: 6 | M103: 一等奖 | N103: 入围总决赛
A104: 44525 | B104: 2B8h6flY-94-036-4T-038-1-H3F-05-ppx | C104: 'Robot Dream系列赛项' | D104: 'Robot Dream互联社区' | E104: 小学低龄组 | F104: 澳创轩林队 | G104: 大连市甘井子区奥林小学 | H104: 全权 | I104: 刘轩阳|王宥霖 | J104: 235 | K104: 95.53 | L104: 7 | M104: 一等奖 | N104: 入围总决赛
A105: 44375 | B105: 2B8h6flS-94-036-oO-038-1-EV0-05-xQ1 | C105: 'Robot Dream系列赛项' | D105: 'Robot Dream互联社区' | E105: 小学低龄组 | F105: 澳创俊博队 | G105: 大连市甘井子区弘文小学 | H105: 全权 | I105: 林俊哲|王应博 | J105: 235 | K105: 96.85 | L105: 8 | M105: 一等奖 | N105: 入围总决赛
A106: 30271 | B106: 2B8h6fWK-94-036-Xk-038-1-dt7-05-cLF | C106: 'Robot Dream系列赛项' | D106: 'Robot Dream互联社区' | E106: 小学低龄组 | F106: 创联无界队 | G106: 深圳市北京师范大学南山附属学校小学部-育才教育集团第四小学联队 | H106: 吴柳晓 | I106: 吴亦然|杨墨谦 | J106: 235 | K106: 97.74 | L106: 9 | M106: 二等奖
A107: 32549 | B107: 2B8h6flD-94-036-qA-038-1-6iU-05-1rB | C107: 'Robot Dream系列赛项' | D107: 'Robot Dream互联社区' | E107: 小学低龄组 | F107: 乔升队 | G107: 广州市南沙区金隆小学 | H107: 樊赵侠|黄毓霞 | I107: 陈誉升|周士乔 | J107: 235 | K107: 100.1 | L107: 10 | M107: 二等奖
A108: 31221 | B108: 2B8h6fW3-94-036-5W-038-1-iGw-05-UTd | C108: 'Robot Dream系列赛项' | D108: 'Robot Dream互联社区' | E108: 小学低龄组 | F108: 战龙在野 | G108: 乐享科技中心 | H108: 赵启旺|张周鹏 | I108: 马千骁|徐欣辰 | J108: 235 | K108: 108.05 | L108: 11 | M108: 二等奖
A109: 30239 | B109: 2B8h6fWM-94-036-bz-038-1-y0O-05-4Qz | C109: 'Robot Dream系列赛项' | D109: 'Robot Dream互联社区' | E109: 小学低龄组 | F109: W齐家队 | G109: 南山区第二外国语学校学府二小-南山区第二外国语集团海德小学联队 | H109: 贺珍蓉 | I109: 巫家屹|王齐源 | J109: 235 | K109: 108.32 | L109: 12 | M109: 二等奖
A110: 32568 | B110: 2B8h6fls-94-036-3w-038-1-UEo-05-nsy | C110: 'Robot Dream系列赛项' | D110: 'Robot Dream互联社区' | E110: 小学低龄组 | F110: 小飞机队 | G110: 广州市南沙区反斗星科技培训中心 | H110: 樊赵侠 | I110: 冯允初|张淏诚 | J110: 235 | K110: 110.28 | L110: 13 | M110: 二等奖
A111: 42923 | B111: 2B8h6fli-94-036-4p-038-1-pFH-05-94Y | C111: 'Robot Dream系列赛项' | D111: 'Robot Dream互联社区' | E111: 小学低龄组 | F111: 澳创泽臣队 | G111: 大连市甘井子区金二小学玉浓街校区 | H111: 全权 | I111: 杨庆泽|滕珮臣 | J111: 235 | K111: 110.67 | L111: 14 | M111: 二等奖
A112: 42798 | B112: 2B8h6flx-94-036-nF-038-1-xHy-05-Q7f | C112: 'Robot Dream系列赛项' | D112: 'Robot Dream互联社区' | E112: 小学低龄组 | F112: 澳创淏叡队 | G112: 大连市甘井子区中心小学 | H112: 全权 | I112: 孙安叡|衣钲淏 | J112: 235 | K112: 111 | L112: 15 | M112: 二等奖
A113: 31202 | B113: 2B8h6fWT-94-036-iv-038-1-mOn-05-YTv | C113: 'Robot Dream系列赛项' | D113: 'Robot Dream互联社区' | E113: 小学低龄组 | F113: 飞龙在天 | G113: 乐享科技中心 | H113: 赵启旺|张周鹏 | I113: 施添祺|钱可嘉 | J113: 235 | K113: 117.29 | L113: 16 | M113: 二等奖
